 Dungeon Crawl Stone Soup version 0.27-a0-488-g88baaf19db (webtiles) character file.

Game seed: 8633592403514861987

7277003 Anon1729 the Talismancer (level 27, 246/246 HPs)
             Began as an Octopode Venom Mage on Feb 28, 2021.
             Was an Initiate of Gozag.
             Escaped with the Orb
             ... and 15 runes on Mar 1, 2021!
             The game lasted 22:05:48 (275033 turns).

Anon1729 the Talismancer (Octopode Venom Mage)    Turns: 275033, Time: 22:05:48

Health: 246/246    AC: 10    Str: 18    XL:     27
Magic:  72/72      EV: 87    Int: 54    God:    Gozag
Gold:   374919     SH: 24    Dex: 52    Spells: 1/80 levels left

rFire    + + +     SeeInvis +   a - +18 lance "Wyrmbane" {slay drac, rPois rF+ rC+ AC+3}
rCold    + + +     Faith    .   W - +2 shield of Resistance {rF++ rC++ Will++}
rNeg     + + +     Spirit   .   R - +2 hat "Vueroer" {Regen+ Int+2 Dex+3}
rPois    +         Reflect  .   d - amulet of the Air {Inacc +Fly rElec EV+5 RMsl}
rElec    +         Harm     .   D - ring of the Enemy {rC+ rN++ Str-2 Dex+2 SInv}
rCorr    +         Rampage  .   c - ring of Wuazad {Wiz MP+9 Dex+9}
Will     +++++                  T - ring of Vomiciwn {MP+9 Int+5 Dex+5}
Stlth    +++++++...             g - ring of Shadows {Umbra +Inv Stlth+}
HPRegen  1.51/turn              Q - ring "Gegutoteq" {Will+ Str+4 Int+4 Dex+9}
MPRegen  0.43/turn              e - ring of the Queen {*Drain rElec rCorr Int+8}
                                C - ring "Asonost" {rN+ Int+5 Dex+6}
                                f - ring "Goduissu" {*Drain rN+ Str+6 Int+2 Dex+8}

@: hasted, wreathed by umbra, studying 8 skills, repel missiles, very quick
A: almost no armour, stealthy swim, amphibious, 8 rings, constrict 8, tentacle
spike 1, iridescent scales 1, slimy green scales 1, camouflage 1, see invisible,
clumsy 1, robust 1, wild magic 1, gelatinous body 1
0: Orb of Zot
}: 15/15 runes: barnacled, slimy, silver, golden, iron, obsidian, icy, bone,
abyssal, demonic, glowing, magical, fiery, dark, gossamer
a: Renounce Religion, Evoke Invisibility, Evoke Flight, Potion Petition, Call
Merchant, Bribe Branch


You escaped.
You worshipped Gozag.
Gozag was exalted by your worship.
You visited 17 branches of the dungeon, and saw 88 of its levels.
You visited Pandemonium 1 time, and saw 17 of its levels.
You visited the Abyss 2 times.
You completed 14 ziggurats, and saw 378 of their levels.
You also visited: Bailey, Gauntlet and Ice Cave.

You collected 619677 gold pieces.
You spent 4519 gold pieces at shops.
You paid 240239 gold pieces to Gozag.

Inventory:

Hand Weapons
 a - the +18 lance "Wyrmbane" (weapon) {slay drac, rPois rF+ rC+ AC+3}
   (You found it on level 24 of a ziggurat)

   It affects your AC (+3).
   It protects you from fire.
   It protects you from cold.
   It protects you from poison.
 b - the +9 staff of Wucad Mu {*channel}
   (You found it on level 15 of a ziggurat)
 i - the +6 Majin-Bo {vamp, MP+6 Int+6}
   (You found it on level 26 of a ziggurat)

   It inflicts no extra harm, but heals its wielder when it wounds a living foe.
   It affects your intelligence (+6).
   It affects your magic capacity (+6).
 k - the +4 staff of Dispater
   (You took it off Dispater on level 7 of the Iron City of Dis)
Missiles
 w - 1719 silver javelins (quivered)
Armour
 R - the +2 hat "Vueroer" (worn) {Regen+ Int+2 Dex+3}
   (You acquired it on level 21 of a ziggurat)

   It affects your intelligence (+2).
   It affects your dexterity (+3).
   It increases your rate of regeneration.
 W - the +2 shield of Resistance (worn) {rF++ rC++ Will++}
   (You took it off a minotaur in a Gauntlet)

   It greatly protects you from fire.
   It greatly protects you from cold.
   It affects your willpower, your defense against some magical effects.
Jewellery
 c - the ring of Wuazad (right tentacle) {Wiz MP+9 Dex+9}
   (You found it on level 19 of a ziggurat)

   [ring of wizardry]

   It improves your spell success rate.
   It affects your dexterity (+9).
   It affects your magic capacity (+9).
 d - the amulet of the Air (around mantle) {Inacc +Fly rElec EV+5 RMsl}
   (You bought it in a shop on level 2 of the Orcish Mines)

   [amulet of nothing]

   It affects your evasion (+5).
   It insulates you from electricity.
   It lets you fly.
   It protects you from missiles.
 e - the ring of the Queen (on tentacle) {*Drain rElec rCorr Int+8}
   (You found it on level 10 of a ziggurat)

   [ring of resist corrosion]

   It affects your intelligence (+8).
   It insulates you from electricity.
   It provides partial protection from all sources of acid and corrosion.
   It causes draining when unequipped.
 f - the ring "Goduissu" (on tentacle) {*Drain rN+ Str+6 Int+2 Dex+8}
   (You found it on level 14 of a ziggurat)

   [ring of strength]

   It affects your strength (+6).
   It affects your intelligence (+2).
   It affects your dexterity (+8).
   It protects you from negative energy.
   It causes draining when unequipped.
 g - the ring of Shadows (on tentacle) {Umbra +Inv Stlth+}
   (You found it on level 7 of Cocytus)

   [ring of stealth]

   It lets you turn invisible.
   It makes you more stealthy.
 C - the ring "Asonost" (on tentacle) {rN+ Int+5 Dex+6}
   (You found it on level 12 of a ziggurat)

   [ring of dexterity]

   It affects your intelligence (+5).
   It affects your dexterity (+6).
   It protects you from negative energy.
 D - the ring of the Enemy (left tentacle) {rC+ rN++ Str-2 Dex+2 SInv}
   (You found it on level 13 of a ziggurat)

   [ring of see invisible]

   It affects your strength (-2).
   It affects your dexterity (+2).
   It protects you from cold.
   It greatly protects you from negative energy.
   It lets you see invisible.
 Q - the ring "Gegutoteq" (on tentacle) {Will+ Str+4 Int+4 Dex+9}
   (You found it on level 23 of a ziggurat)

   [ring of willpower]

   It affects your strength (+4).
   It affects your intelligence (+4).
   It affects your dexterity (+9).
   It affects your willpower, your defense against some magical effects.
 T - the ring of Vomiciwn (on tentacle) {MP+9 Int+5 Dex+5}
   (You found it on level 15 of a ziggurat)

   [ring of magical power]

   It affects your intelligence (+5).
   It affects your dexterity (+5).
   It affects your magic capacity (+9).
 Z - the ring of the Trilobite {*Drain rPois rF+++ rC+ Will+++ Stlth-}
   (You found it on level 27 of a ziggurat)

   [ring of protection from cold]

   It renders you almost immune to fire.
   It protects you from cold.
   It protects you from poison.
   It affects your willpower, your defense against some magical effects.
   It causes draining when unequipped.
   It makes you less stealthy.
Wands
 h - a wand of flame (54)
 q - a wand of paralysis (66)
 y - a wand of mindburst (262)
 A - a wand of acid (170)
 P - a wand of iceblast (194)
Scrolls
 l - 39 scrolls of vulnerability
 o - 366 scrolls of teleportation
 r - 34 scrolls of blinking
 t - 25 scrolls of fear
 u - 222 scrolls of fog
 H - 16 scrolls of summoning
 K - 76 scrolls of silence
 M - 28 scrolls of immolation
 N - 7 scrolls of magic mapping
 V - 71 scrolls of holy word
Potions
 j - 2 potions of ambrosia
 m - 296 potions of mutation
 s - 25 potions of brilliance
 v - 29 potions of might
 x - 37 potions of lignification
 B - 7 potions of resistance
 F - 74 potions of magic
 G - 89 potions of curing
 I - 83 potions of cancellation
 J - 12 potions of invisibility
 L - 23 potions of attraction
 O - 5 potions of flight
 S - 62 potions of haste
 U - 4 potions of berserk rage
 Y - 112 potions of heal wounds
Miscellaneous
 n - a lightning rod (4/4)
 p - a box of beasts
 z - a tin of tremorstones (2/2)
 E - a condenser vane
 X - a +14 figurine of a ziggurat


   Skills:
 O Level 27 Fighting
 O Level 27 Short Blades
 O Level 27 Long Blades
 O Level 27 Axes
 O Level 27 Maces & Flails
 O Level 27 Polearms
 O Level 27 Staves
 O Level 27 Slings
 O Level 27 Bows
 O Level 27 Crossbows
 O Level 27 Throwing
 O Level 27 Dodging
 O Level 27 Stealth
 O Level 27 Shields
 O Level 27 Unarmed Combat
 O Level 27 Spellcasting
 O Level 27 Conjurations
 O Level 27 Hexes
 O Level 27 Summonings
 O Level 27 Necromancy
 O Level 27 Translocations
 O Level 27 Transmutations
 O Level 27 Fire Magic
 O Level 27 Ice Magic
 O Level 27 Air Magic
 O Level 27 Earth Magic
 O Level 27 Poison Magic
 O Level 27 Invocations
 O Level 27 Evocations


You had one spell level left.
You knew the following spells:

 Your Spells              Type           Power        Failure   Level
a - Tornado               Air            84%          1%          9
b - Passage of Golubria   Tloc           N/A          1%          4
c - Ignite Poison         Fire/Tmut/Pois 100%         1%          3
d - Ignition              Fire           84%          1%          8
e - Ozocubu's Refrigerat  Ice            84%          1%          7
f - Shatter               Erth           84%          1%          9
g - Irradiate             Conj/Tmut      84%          1%          5
i - Absolute Zero         Ice            84%          1%          9
j - Statue Form           Tmut/Erth      100%         1%          6
n - Necromutation         Tmut/Necr      84%          1%          8
p - Discord               Hex            84%          1%          8
q - Blink                 Tloc           N/A          1%          2
z - Apportation           Tloc           100%         1%          1

Your spell library contained the following spells:

 Spells                   Type           Power        Failure   Level
 Animate Skeleton         Necr           100%         1%          1
 Beastly Appendage        Tmut           100%         1%          1
 Corona                   Hex            100%         1%          1
 Foxfire                  Conj/Fire      100%         1%          1
 Freeze                   Ice            100%         1%          1
 Magic Dart               Conj           100%         1%          1
 Pain                     Necr           100%         1%          1
 Sandblast                Erth           100%         1%          1
 Shock                    Conj/Air       100%         1%          1
 Sting                    Tmut/Pois      100%         1%          1
 Summon Small Mammal      Summ           100%         1%          1
 Call Imp                 Summ           100%         1%          2
 Corpse Rot               Necr/Air       N/A          1%          2
 Ensorcelled Hibernation  Hex/Ice        100%         1%          2
 Passwall                 Tmut/Erth      100%         1%          2
 Poisonous Vapours        Pois/Air       100%         1%          2
 Searing Ray              Conj           100%         1%          2
 Slow                     Hex            100%         1%          2
 Sublimation of Blood     Necr           84%          1%          2
 Swiftness                Air            100%         1%          2
 Wereblood                Tmut           100%         1%          2
 Call Canine Familiar     Summ           100%         1%          3
 Confusing Touch          Hex            100%         1%          3
 Conjure Flame            Conj/Fire      100%         1%          3
 Dazzling Flash           Conj/Hex       100%         1%          3
 Frozen Ramparts          Ice            100%         1%          3
 Gell's Gravitas          Tloc           84%          1%          3
 Inner Flame              Hex/Fire       100%         1%          3
 Lesser Beckoning         Tloc           84%          1%          3
 Mephitic Cloud           Conj/Pois/Air  100%         1%          3
 Ozocubu's Armour         Ice            100%         1%          3
 Portal Projectile        Hex/Tloc       100%         1%          3
 Spider Form              Tmut/Pois      84%          1%          3
 Static Discharge         Conj/Air       100%         1%          3
 Stone Arrow              Conj/Erth      100%         1%          3
 Summon Guardian Golem    Hex/Summ       100%         1%          3
 Teleport Other           Tloc           100%         1%          3
 Tukima's Dance           Hex            100%         1%          3
 Vampiric Draining        Necr           84%          1%          3
 Airstrike                Air            84%          1%          4
 Animate Dead             Necr           84%          1%          4
 Cause Fear               Hex            84%          1%          4
 Dispel Undead            Necr           100%         1%          4
 Fulminant Prism          Conj/Hex       84%          1%          4
 Hailstorm                Conj/Ice       100%         1%          4
 Ice Form                 Ice/Tmut       100%         1%          4
 Iskenderun's Mystic Bla  Conj/Tloc      100%         1%          4
 Leda's Liquefaction      Hex/Erth       84%          1%          4
 Manifold Assault         Tloc           100%         1%          4
 Olgreb's Toxic Radiance  Pois           100%         1%          4
 Petrify                  Tmut/Erth      100%         1%          4
 Sticky Flame             Conj/Fire      100%         1%          4
 Summon Ice Beast         Ice/Summ       100%         1%          4
 Summon Lightning Spire   Summ/Air       100%         1%          4
 Agony                    Necr           100%         1%          5
 Alistair's Intoxication  Tmut/Pois      100%         1%          5
 Blade Hands              Tmut           84%          1%          5
 Bolt of Magma            Conj/Fire/Erth 84%          1%          5
 Borgnjor's Vile Clutch   Necr/Erth      84%          1%          5
 Excruciating Wounds      Necr           84%          1%          5
 Fireball                 Conj/Fire      84%          1%          5
 Iskenderun's Battlesphe  Conj           100%         1%          5
 Lee's Rapid Deconstruct  Erth           84%          1%          5
 Lightning Bolt           Conj/Air       84%          1%          5
 Metabolic Englaciation   Hex/Ice        84%          1%          5
 Silence                  Hex/Air        84%          1%          5
 Summon Forest            Summ/Tloc      84%          1%          5
 Summon Mana Viper        Hex/Summ       100%         1%          5
 Yara's Violent Unravell  Hex/Tmut       84%          1%          5
 Conjure Ball Lightning   Conj/Air       84%          1%          6
 Death Channel            Necr           84%          1%          6
 Dispersal                Tloc           84%          1%          6
 Eringya's Noxious Bog    Tmut/Pois      84%          1%          6
 Freezing Cloud           Conj/Ice/Air   84%          1%          6
 Hydra Form               Tmut           84%          1%          6
 Invisibility             Hex            100%         1%          6
 Iron Shot                Conj/Erth      84%          1%          6
 Shadow Creatures         Summ           N/A          1%          6
 Simulacrum               Ice/Necr       84%          1%          6
 Starburst                Conj/Fire      84%          1%          6
 Dragon Form              Tmut           84%          1%          7
 Haunt                    Necr/Summ      84%          1%          7
 Malign Gateway           Summ/Tloc      84%          1%          7
 Monstrous Menagerie      Summ           84%          1%          7
 Orb of Destruction       Conj           84%          1%          7
 Spellforged Servitor     Conj/Summ      84%          1%          7
 Summon Hydra             Summ           84%          1%          7
 Borgnjor's Revivificati  Necr           84%          1%          8
 Chain Lightning          Conj/Air       84%          1%          8
 Disjunction              Tloc           84%          1%          8
 Infestation              Necr           84%          1%          8
 Lehudib's Crystal Spear  Conj/Erth      84%          1%          8
 Summon Horrible Things   Summ           84%          1%          8
 Death's Door             Necr           84%          1%          9
 Dragon's Call            Summ           84%          1%          9
 Fire Storm               Conj/Fire      84%          1%          9
 Animate Armour           Summ/Erth      Unusable     N/A         4

Dungeon Overview and Level Annotations

Branches:
Dungeon (15/15)            Temple (0/1) D:6            Lair (6/6) D:9
 Shoals (4/4) Lair:3       Spider (4/4) Lair:2        Slime (5/5) Lair:6
    Orc (2/2) D:11            Elf (3/3) Orc:2        Vaults (5/5) D:14
  Crypt (3/3) Vaults:3       Tomb (3/3) Crypt:3      Depths (5/5) D:15
   Hell (visited)             Dis (7/7) Hell            Geh (7/7) Hell
    Coc (7/7) Hell            Tar (7/7) Hell            Zot (5/5) Depths:5
 Bailey (visited)           IceCv (visited)         Gauntlet (visited)

Altars:
Ashenzari
Elyvilon
Gozag
Makhleb
Nemelex Xobeh
Qazlal
Ru
Trog
Uskayaw
Vehumet
Wu Jian
Xom
Yredelemnul
Zin
The Shining One
Beogh
Jiyva

Shops:
D:7 !   D:15 =[*=*:[[(   Orc:2 ===:   Elf:1 *   Shoals:1 =   Zot:5 *!*
Depths:3 =::

Portals:
Hell: Depths:1 Depths:2 Depths:3 Depths:4 Depths:5
Abyss: Depths:1 Depths:4
Pandemonium: Depths:1 Depths:2 Depths:3
Trove: D:11 (give 14 potions of heal wounds)

Annotations:
D:8 Harold
D:12 exclusion: hydra
Elf:2 5 runed translucent doors


Innate Abilities, Weirdness & Mutations

You cannot wear most types of armour.
You are very stealthy in the water. (Stealth+)
You are amphibious.
You can wear up to eight rings at the same time.
You can use your tentacles to constrict eight enemies at once.
Your skin changes colour to match your surroundings (Stealth+).
Your rubbery body absorbs attacks. (AC +1, EV +1)
One of your tentacles bears a spike.
You are partially covered in iridescent scales. (AC +2)
You are partially covered in slimy green scales. (AC +2)
You have supernaturally acute eyesight. (SInv)
You are clumsy. (Dex -2)
You are robust. (+10% HP)
Your spells are a little harder to cast, but a little more powerful.


Message History

As you read the scroll of blinking, it crumbles to dust.
Blink to where?
Press: ? - help, Dir - move target
As you read the scroll of blinking, it crumbles to dust.
Blink to where?
Press: ? - help, Dir - move target
As you read the scroll of blinking, it crumbles to dust.
You feel yourself slow down.
Blink to where?
Press: ? - help, Dir - move target
As you read the scroll of blinking, it crumbles to dust.
You feel yourself speed up.
Blink to where?
Press: ? - help, Dir - move target
As you read the scroll of blinking, it crumbles to dust.
You climb upwards.
There is a stone staircase leading down here.
Blink to where?
Press: ? - help, Dir - move target
As you read the scroll of blinking, it crumbles to dust.
A mysterious force pulls you upwards. The hatch slams shut behind you.
Blink to where?
Press: ? - help, Dir - move target
As you read the scroll of blinking, it crumbles to dust.
Blink to where?
Press: ? - help, Dir - move target
As you read the scroll of blinking, it crumbles to dust.
Blink to where?
Press: ? - help, Dir - move target
As you read the scroll of blinking, it crumbles to dust.
Blink to where?
Press: ? - help, Dir - move target
As you read the scroll of blinking, it crumbles to dust.
Blink to where?
Press: ? - help, Dir - move target
As you read the scroll of blinking, it crumbles to dust.
You feel an overwhelming desire to slay dragons!
a - the +18 lance "Wyrmbane" (weapon)
{slay drac, rPois rF+ rC+ AC+3} You can't go down here!
You have escaped!

#.##..# ##...## #.# #.###.##
##.....## ##.#### #...#..##
##.......## #.....# ##..##..#
#.........####.###.#
.....############....'....# #.#
#..........§....##...####.###.#
#...§..≈≈≈≈§§....#..## #)....#
#.....≈≈≈§§§§....#.## ###.###
#.....≈≈$>§≈≈...@### #.#
##....≈≈§§§§≈....# #.#
#.....≈§≈≈≈)....# #.#
#.......§§§....## #.#
#...############### #.#
##..####### #......# #.#
#...#.....# #......# #.#
#.###.###.###.#....########.#
#..)..##...##.#.............#


There were no monsters in sight!

Vanquished Creatures
  Cerebov (Pan)
  Asmodeus (Geh:7)
  Antaeus (Coc:7)
  the Royal Jelly (Slime:5)
  The ghost of Piash the Metallomancer, a master OgEE of Gozag (Zig:27)
  The ghost of Piash the Metallomancer, a master OgEE of Gozag (Zig:27)
  Ereshkigal (Tar:7)
  The ghost of Poalor the Merry Gnoll, a legendary GnWn of Qazlal (Zig:27)
  The ghost of Poalor the Merry Gnoll, a legendary GnWn of Qazlal (Zig:27)
  The ghost of Poalor the Merry Gnoll, a legendary GnWn of Qazlal (Zig:27)
  The ghost of Poalor the Merry Gnoll, a legendary GnWn of Qazlal (Zig:27)
  The ghost of Poalor the Merry Gnoll, a legendary GnWn of Qazlal (Zig:27)
  the Serpent of Hell (Tar:7)
  Gloorx Vloq (Pan)
  The ghost of Mong the Archmage, a legendary DESu of Ashenzari (Zig:27)
  The ghost of Mong the Archmage, a legendary DESu of Ashenzari (Zig:27)
  The ghost of Mong the Archmage, a legendary DESu of Ashenzari (Zig:27)
  The ghost of Neapotai the Annihilator, a veteran DsMo of Ru (Zig:27)
  The ghost of Neapotai the Annihilator, a veteran DsMo of Ru (Zig:27)
  The ghost of Neapotai the Annihilator, a veteran DsMo of Ru (Zig:27)
  The ghost of Neapotai the Annihilator, a veteran DsMo of Ru (Zig:27)
  The ghost of Neapotai the Annihilator, a veteran DsMo of Ru (Zig:27)
  Mnoleg (Pan)
  A seraph (Pan)
  The ghost of Jiheses the Archmage, a legendary DEAE of Vehumet (Zig:27)
  The ghost of Jiheses the Archmage, a legendary DEAE of Vehumet (Zig:27)
  The ghost of Jiheses the Archmage, a legendary DEAE of Vehumet (Zig:27)
  The ghost of Jiheses the Archmage, a legendary DEAE of Vehumet (Zig:27)
  The ghost of Jiheses the Archmage, a legendary DEAE of Vehumet (Zig:27)
  The ghost of Jiheses the Archmage, a legendary DEAE of Vehumet (Zig:27)
  335 dread liches
  Lom Lobon (Pan)
  The ghost of Betuluewk the Archmage, a legendary DESu of Vehumet (Zig:27)
  The ghost of Betuluewk the Archmage, a legendary DESu of Vehumet (Zig:27)
  The ghost of Betuluewk the Archmage, a legendary DESu of Vehumet (Zig:27)
  The ghost of Sayfri the Cloud Mage, a legendary DrTm of Cheibriados (Zig:27)
  The ghost of Sayfri the Cloud Mage, a legendary DrTm of Cheibriados (Zig:27)
  The ghost of Zycouta the Cloud Mage, a legendary DrTm of Cheibriados (Zig:27)
  The ghost of Sayfri the Cloud Mage, a legendary DrTm of Cheibriados (Zig:27)
  The ghost of Zycouta the Cloud Mage, a legendary DrTm of Cheibriados (Zig:27)
  The ghost of Sayfri the Cloud Mage, a legendary DrTm of Cheibriados (Zig:27)
  The ghost of Kyik Kue the Talismancer, a legendary DEFE of Vehumet (Zig:27)
  The ghost of Lonang the Archmage, a legendary DESu of Vehumet (Zig:27)
  The ghost of Kyik Kue the Talismancer, a legendary DEFE of Vehumet (Zig:27)
  The ghost of Kyik Kue the Talismancer, a legendary DEFE of Vehumet (Zig:27)
  The ghost of Kyik Kue the Talismancer, a legendary DEFE of Vehumet (Zig:27)
  The ghost of Lonang the Archmage, a legendary DESu of Vehumet (Zig:27)
  The ghost of Kyik Kue the Talismancer, a legendary DEFE of Vehumet (Zig:27)
  The ghost of Lonang the Archmage, a legendary DESu of Vehumet (Zig:27)
  Khufu (Crypt:2)
  The ghost of Eqatzuck the Axe Maniac, a legendary DDFi of Makhleb (Zig:27)
  The ghost of Eqatzuck the Axe Maniac, a legendary DDFi of Makhleb (Zig:27)
  The ghost of Eqatzuck the Axe Maniac, a legendary DDFi of Makhleb (Zig:27)
  The ghost of Eqatzuck the Axe Maniac, a legendary DDFi of Makhleb (Zig:27)
  The ghost of Eqatzuck the Axe Maniac, a legendary DDFi of Makhleb (Zig:27)
  The ghost of Eqatzuck the Axe Maniac, a legendary DDFi of Makhleb (Zig:27)
  Dispater (Dis:7)
  The ghost of Riogip the Archmage, a legendary DEFE of Vehumet (Zig:27)
  The ghost of Riogip the Archmage, a legendary DEFE of Vehumet (Zig:27)
  The ghost of Riogip the Archmage, a legendary DEFE of Vehumet (Zig:27)
  The ghost of Jataj the Acolyte, a legendary GrFi of the Shining One (Zig:27)
  The ghost of Jataj the Acolyte, a legendary GrFi of the Shining One (Zig:27)
  The ghost of Jataj the Acolyte, a legendary GrFi of the Shining One (Zig:27)
  The ghost of PeterLawrence the Conqueror, a legendary MiFi of Okawaru (Zig:27)
  The ghost of Qatt the Cursed, a legendary GnWn of Ashenzari (Zig:27)
  The ghost of Qatt the Cursed, a legendary GnWn of Ashenzari (Zig:27)
  The ghost of Zaib the Slayer, a legendary CeHu of the Shining One (Zig:27)
  The ghost of Zaib the Slayer, a legendary CeHu of the Shining One (Zig:27)
  The ghost of Zaib the Slayer, a legendary CeHu of the Shining One (Zig:27)
  The ghost of Zaib the Slayer, a legendary CeHu of the Shining One (Zig:27)
  329 ancient liches
  103 orbs of fire
  466 juggernauts
  The ghost of Hahenefa the Sensei, a legendary DsWn of Uskayaw (Zig:27)
  The ghost of Hahenefa the Sensei, a legendary DsWn of Uskayaw (Zig:27)
  The ghost of Hahenefa the Sensei, a legendary DsWn of Uskayaw (Zig:27)
  The ghost of Hahenefa the Sensei, a legendary DsWn of Uskayaw (Zig:27)
  The ghost of Hahenefa the Sensei, a legendary DsWn of Uskayaw (Zig:27)
  674 royal mummies
  The ghost of Diylu the Necromancer, a veteran DsCj of Gozag (Zig:27)
  The ghost of Diylu the Necromancer, a veteran DsCj of Gozag (Zig:27)
  The ghost of Diylu the Necromancer, a veteran DsCj of Gozag (Zig:27)
  Boris (thrice) (Vaults:5 Crypt:1 Tomb:2)
  The ghost of Xoveah the Impregnable, a master TeBr of Gozag (Zig:27)
  The ghost of Xoveah the Impregnable, a master TeBr of Gozag (Zig:27)
  The ghost of Xoveah the Impregnable, a master TeBr of Gozag (Zig:27)
  284 Killer Klowns
  258 shard shrikes
  The ghost of Megustar the Archmage, a legendary DECj of Vehumet (Zig:27)
  Bai Suzhen (Vaults:3)
  Saint Roka (Crypt:2)
  Geryon (Hell)
  The ghost of Megustar the Sorcerer, a veteran DEAE of Vehumet (Zig:27)
  3 golden dragons (shapeshifter)
  The ghost of Hiz Mun the Phalangite, a veteran MfGl of Yredelemnul (Zig:27)
  The ghost of Hiz Mun the Phalangite, a veteran MfGl of Yredelemnul (Zig:27)
  4 curse toes
  829 pandemonium lords
  129 caustic shrikes
  Xtahua (Depths:3)
  586 golden dragons
  104 pearl dragons
  Jory (Vaults:4)
  156 profane servitors
  127 electric golems
  332 bone dragons
  102 hellephants
  A doom hound (Tar:7)
  2 iron giants (shapeshifter)
  170 Tzitzimimeh
  227 Brimstone Fiends
  224 iron giants
  Jorgrun (Orc:1)
  492 Ice Fiends
  259 liches
  565 tentacled monstrosities
  251 Hell Sentinels
  242 quicksilver dragons
  Rupert (D:13)
  23 Orb Guardians
  421 deep elf blademasters
  640 titans
  16 quicksilver dragons (shapeshifter)
  A kraken (Shoals:3)
  1014 acid blobs
  2 acid blobs (shapeshifter)
  2 eldritch tentacles
  14 death cobs
  467 deep elf master archers
  318 ancient champions
  252 Executioners
  Agnes (Spider:4)
  119 tentacled starspawn
  26 tengu reavers
  19 sphinxes (shapeshifter)
  162 sphinxes
  The ghost of Dracia the Impaler, an adept MfGl of Okawaru (Shoals:4)
  170 storm dragons
  15 shadow dragons (shapeshifter)
  Kirke (D:13)
  Donald (Spider:1)
  54 shadow dragons
  199 draconian monks
  22 thorn hunters
  2 storm dragons (shapeshifter)
  209 warmongers
  20 fenstrider witches
  313 revenants
  17 fenstrider witches (shapeshifter)
  96 daevas
  2 ghost moths (shapeshifter) (Zig:26)
  220 frost giants
  371 azure jellies
  8 azure jellies (shapeshifter)
  17 fire giants (shapeshifter)
  246 fire giants
  205 cacodemons
  1278 nagarajas
  220 draconian scorchers
  An iron dragon (shapeshifter) (Zig:14)
  60 caustic shrike zombies
  2 emperor scorpions (shapeshifter)
  334 emperor scorpions
  269 draconian knights
  17 frost giants (shapeshifter)
  529 ghost moths
  778 orc warlords
  28 deep elf sorcerers
  89 iron dragons
  70 vault wardens
  69 ghouls
  278 curse skulls
  80 angels
  395 balrugs
  219 draconian shifters
  Aizul (Vaults:4)
  75 juggernaut zombies
  206 draconian annihilators
  4 elemental wellsprings
  69 juggernaut skeletons
  74 caustic shrike skeletons
  250 bennus
  206 draconian stormcallers
  404 reapers
  239 very ugly things
  93 ironheart preservers
  231 blood saints
  113 war gargoyles
  29 deep elf elementalists
  168 vampire knights
  75 ophanim
  413 corrupters
  21 stone giants (shapeshifter)
  436 stone giants
  3 spectral titans (Crypt:3)
  309 entropy weavers
  112 black draconians
  306 deep elf annihilators
  91 apis
  314 deep elf demonologists
  165 lorocyprocas
  50 dire elephants
  7 spark wasps (shapeshifter)
  132 yellow draconians
  137 green draconians
  84 bunyips
  125 purple draconians
  111 red draconians
  2 minotaurs (shapeshifter)
  An entropy weaver (shapeshifter) (Zig:26)
  99 white draconians
  226 black suns
  7 bunyips (shapeshifter)
  16 dire elephants (shapeshifter)
  140 spark wasps
  A minotaur (Gauntlet)
  35 crystal guardians
  435 green deaths
  485 mummy priests
  Snorg (Lair:6)
  3 ettins (shapeshifter)
  595 blizzard demons
  89 ettins
  125 fire dragons
  19 eleionomae (shapeshifter)
  129 deep elf death magi
  243 eidola
  103 merfolk impalers
  101 eleionomae
  375 shambling mangroves
  30 quicksilver dragon zombies
  41 death oozes
  A spectral quicksilver dragon (Crypt:3)
  314 merfolk javelineers
  A fire dragon (shapeshifter) (Zig:16)
  2 spectral krakens (Tar:7)
  464 deep elf high priests
  115 great orbs of eyes
  187 ice dragons
  4 ice dragons (shapeshifter)
  2 great orbs of eyes (shapeshifter)
  78 yaktaur captains
  241 naga warriors
  28 quicksilver dragon skeletons
  7 boulder beetles (shapeshifter)
  415 hydras
  22 vault guards
  37 jiangshi
  2 juggernaut simulacra
  6 caustic shrike simulacra
  36 rakshasas
  Fannar (Lair:2)
  123 spriggan air magi
  8 catoblepae (shapeshifter)
  22 monstrous demonspawn
  18 death knights
  A fenstrider witch skeleton (Crypt:2)
  16 centaur warriors
  142 hell beasts
  27 merfolk avatars
  11 anacondas (shapeshifter)
  7 hydras (shapeshifter)
  69 ogre magi
  74 boulder beetles
  18 alligator snapping turtles (shapeshifter)
  66 catoblepae
  2 spectral fire giants (Crypt:3)
  170 anacondas
  A tengu warrior (Depths:3)
  62 two-headed ogres
  609 merfolk aquamancers
  6 alligators (shapeshifter)
  4 death yaks (shapeshifter)
  56 ghost crabs
  84 alligators
  10 two-headed ogres (shapeshifter)
  3 satyrs (shapeshifter)
  Erica (D:8)
  19 death yaks
  32 satyrs
  84 alligator snapping turtles
  13 deep troll shamans
  237 vampire magi
  4 queen ants (shapeshifter)
  53 hell hogs
  260 death scarabs
  349 naga sharpshooters
  65 titan zombies
  128 thrashing horrors
  782 orc high priests
  2 spectral storm dragons (Crypt:3)
  51 storm dragon zombies
  5 deep troll earth magi
  392 shock serpents
  49 spriggans
  10 spriggan berserkers
  A spectral emperor scorpion (Crypt:3)
  41 iron golems
  393 deep elf knights
  26 iron trolls (shapeshifter)
  13 shock serpents (shapeshifter)
  88 hell knights
  Sonja (D:10)
  110 soul eaters
  72 sun demons
  271 wretched stars
  11 fire crabs (shapeshifter)
  134 shadow wraiths
  229 iron trolls
  61 spatial maelstroms
  65 salamander mystics
  11 anaconda zombies
  76 cherubim
  129 sixfirhies
  42 fire crabs
  19 sea snakes (shapeshifter)
  64 titan skeletons
  4 unseen horrors (shapeshifter)
  27 spark wasp zombies
  16 death drakes (shapeshifter)
  79 golden dragon zombies
  165 flayed ghosts
  62 goliath frogs
  210 skeletal warriors
  3 goliath frogs (shapeshifter)
  25 infernal demonspawn
  A spectral iron dragon (Crypt:3)
  34 deep trolls
  129 spriggan druids
  134 naga ritualists
  3 quicksilver dragon simulacra (Zig:20)
  55 storm dragon skeletons
  12 deep trolls (shapeshifter)
  13 unseen horrors
  44 bog bodies
  251 death drakes
  17 wizards
  24 gelid demonspawn
  An iron giant skeleton (Crypt:3)
  17 obsidian statues
  23 orange crystal statues
  114 sea snakes
  2 spectral anacondas (Crypt:3)
  95 ironbrand convokers
  25 torturous demonspawn
  7 swamp dragons (shapeshifter)
  A spectral hydra (Crypt:3)
  2 kraken simulacra (Hell)
  6 lindwurms
  9 lindwurms (shapeshifter)
  179 shadow demons
  4 anaconda skeletons
  44 glowing orange brains
  70 golden dragon skeletons
  317 swamp dragons
  345 deep elf archers
  56 shadow dragon zombies
  387 orb spiders
  102 phantasmal warriors
  65 tengu zombies
  6 glowing orange brains (shapeshifter)
  36 sphinx zombies
  198 harpies
  51 necromancers
  495 deep elf pyromancers
  3 wolf spider zombies
  52 iron dragon zombies
  515 deep elf zephyrmancers
  11 mana vipers (shapeshifter)
  5 harpies (shapeshifter)
  172 orc knights
  27 fire giant zombies
  62 fauns
  319 orc sorcerers
  116 manticores
  106 oklob plants
  13 orb spiders (shapeshifter)
  8 wolf spiders (shapeshifter)
  15 cyclopes (shapeshifter)
  30 frost giant zombies
  243 wolf spiders
  121 mana vipers
  41 sphinx skeletons
  70 shadow dragon skeletons
  14 shining eyes (shapeshifter)
  465 moths of wrath
  9 manticores (shapeshifter)
  14 fauns (shapeshifter)
  15 stone giant zombies
  111 shining eyes
  78 salamanders
  63 iron dragon skeletons
  129 cyclopes
  69 will-o-the-wisps
  A spectral shock serpent (Crypt:3)
  13 guardian serpents (shapeshifter)
  14 elephants (shapeshifter)
  12 moths of wrath (shapeshifter)
  6 salamanders (shapeshifter)
  28 worldbinders
  29 frost giant skeletons
  129 ugly things
  98 vault sentinels
  55 tengu skeletons
  785 black mambas
  A toenail golem (Zig:22)
  17 ice statues
  69 merfolk sirens
  385 guardian serpents
  14 elephants
  361 naga magi
  200 apocalypse crabs
  4 black mambas (shapeshifter)
  Joseph (Lair:1)
  A shock serpent zombie (Dis:2)
  31 fire giant skeletons
  134 rust devils
  474 large abominations
  269 torpor snails
  18 water nymphs (shapeshifter)
  15 torpor snails (shapeshifter)
  5 centaur skeletons
  5 stone giant skeletons
  65 spriggan zombies
  36 cane toads
  55 spriggan skeletons
  7 eyes of devastation (shapeshifter)
  7 titan simulacra
  108 orange demons
  2 storm dragon simulacra
  553 water nymphs
  9 cane toads (shapeshifter)
  68 eyes of devastation
  10 spectral swamp worms (Tar:7)
  20 gargoyles
  2 shock serpent skeletons
  205 smoke demons
  10 molten gargoyles (Geh:7)
  A white draconian zombie (Crypt:2)
  263 hellions
  6 rime drakes (shapeshifter)
  79 efreet
  2 dire elephant zombies (Geh:2)
  4 kobold demonologists
  A yellow draconian zombie (Crypt:3)
  3 anaconda simulacra
  8 dire elephant skeletons
  21 komodo dragons
  10 komodo dragons (shapeshifter)
  6 yaktaurs (shapeshifter)
  68 yaktaurs
  50 rime drakes
  A ghost moth simulacrum (Hell)
  417 tormentors
  288 ice devils
  2 tengu conjurers
  119 ancient zymes
  211 demonic crawlers
  350 freezing wraiths
  123 hellwings
  A redback zombie (D:14)
  A catoblepas skeleton (Pan)
  3 silent spectres
  A minotaur skeleton (Geh:7)
  225 jumping spiders
  15 jumping spiders (shapeshifter)
  114 red devils
  2 yellow draconian skeletons
  431 merfolk
  2 queen bees (shapeshifter)
  185 trolls
  7 tyrant leeches (shapeshifter)
  28 bloated husks
  6 meliai
  658 hornets
  874 guardian mummies
  3 harpy zombies
  16 merfolk (shapeshifter)
  61 tyrant leeches
  16 hydra zombies
  9 wind drakes (shapeshifter)
  A queen bee (Abyss:4)
  9 golden dragon simulacra
  11 polar bears
  10 meliai (shapeshifter)
  5 harpy skeletons
  A purple draconian skeleton (Coc:2)
  3 wolf spider simulacra
  8 hornets (shapeshifter)
  7 trolls (shapeshifter)
  6 polar bears (shapeshifter)
  4 raiju (shapeshifter)
  6 hydra skeletons
  6 tengu simulacra
  71 wind drakes
  2 shadow dragon simulacra
  5 iron dragon simulacra
  149 raiju
  4 sphinx simulacra
  7 dream sheep (shapeshifter)
  14 dream sheep
  4 frost giant simulacra
  A jumping spider zombie (Crypt:1)
  10 ettin zombies
  9 slime creatures (shapeshifter)
  477 slime creatures
  98 snapping turtles
  13 snapping turtles (shapeshifter)
  6 alligator zombies
  A blink frog (shapeshifter) (Zig:22)
  3 deep troll zombies
  3 fire giant simulacra
  3 fire dragon zombies
  4 ice dragon zombies
  27 blink frogs
  13 ettin skeletons
  A meliai zombie (Crypt:3)
  563 flying skulls
  7 fire dragon skeletons
  A spectral black mamba (Crypt:3)
  17 redbacks (shapeshifter)
  148 air elementals
  10 vampires
  Sigmund (D:5)
  33 shadows
  2 stone giant simulacra
  A dire elephant simulacrum (Coc:7)
  213 tarantellas
  235 water elementals
  153 wraiths
  A wyvern (shapeshifter) (Zig:16)
  3 yaks (shapeshifter)
  178 ynoxinuls
  6 alligator skeletons
  8 spriggans (shapeshifter)
  2 deep troll skeletons (Zig:2)
  4 hogs (shapeshifter)
  8 ice dragon skeletons
  272 redbacks
  10 tarantellas (shapeshifter)
  29 wyverns
  7 humans (shapeshifter)
  170 fire elementals
  73 yaks
  384 ushabtiu
  21 fire bats
  50 golden eyes
  A steam dragon (shapeshifter) (Zig:27)
  3 hogs (D:13)
  A black mamba skeleton (Coc:7)
  2 golden eyes (shapeshifter)
  19 basilisks
  218 chaos spawn
  A death yak simulacrum (IceCv)
  11 vampire mosquitoes
  168 elf zombies
  109 neqoxecs
  16 steam dragons
  3 fire bats (shapeshifter)
  A basilisk (shapeshifter) (Zig:23)
  11 swamp worms (shapeshifter)
  154 elf skeletons
  181 wargs
  2 spectral snapping turtles (Crypt:3)
  5 human zombies
  A minotaur simulacrum (Hell)
  9 spatial vortices
  2 wargs (shapeshifter)
  5 soldier ants (shapeshifter)
  An infernal demonspawn zombie (Crypt:2)
  233 nagas
  2 nagas (shapeshifter)
  49 water moccasins
  103 hell hounds
  2 acid dragons (shapeshifter)
  25 acid dragons
  15 cane toad zombies
  A merfolk skeleton (Tomb:1)
  65 floating eyes
  13 floating eyes (shapeshifter)
  769 orc warriors
  A torturous demonspawn skeleton (Crypt:3)
  An infernal demonspawn skeleton (Crypt:3)
  A water moccasin (shapeshifter) (Zig:20)
  2 fire dragon simulacra
  A black bear (D:12)
  3 cane toad skeletons
  An ice dragon simulacrum (Coc:7)
  A sky beast (shapeshifter) (Zig:25)
  40 swamp drakes
  51 ice beasts
  A hornet zombie (D:10)
  A manticore zombie (Geh:7)
  4 sky beasts
  2 alligator simulacra
  An ettin simulacrum (Coc:1)
  3 ice beasts (shapeshifter)
  3 snapping turtle zombies
  13 boggarts
  126 eyes of draining
  3 swamp dragon zombies
  5 black bears (shapeshifter)
  24 necrophages
  3 ogres (shapeshifter)
  407 ogres
  2 boggarts (shapeshifter)
  6 eyes of draining (shapeshifter)
  2 tengu (shapeshifter)
  16 wolves
  A wolf (shapeshifter) (Zig:27)
  4 snapping turtle skeletons
  A hog zombie (Crypt:2)
  4 swamp dragon skeletons
  34 centaurs
  4 phantoms
  4 bullfrogs (shapeshifter)
  5 kobold brigands
  22 bullfrogs
  140 earth elementals
  3 gnoll sergeants
  6 glowing shapeshifter simulacra
  A cane toad simulacrum (Hell)
  A wyvern skeleton (D:15)
  A yaktaur skeleton (Crypt:1)
  A water moccasin zombie (D:8)
  2 scorpions (shapeshifter) (Zig:27)
  6 scorpions
  An elephant simulacrum (IceCv)
  3 snapping turtle simulacra
  11 killer bees
  A troll skeleton (Tomb:3)
  52 wights
  A polar bear skeleton (Crypt:3)
  3 electric eels
  4 howler monkeys (D:11)
  A vampire bat (Lair:4)
  2 lava snakes (Zig:17)
  19 crimson imps
  3 quasits
  3 centaur zombies
  17 elf simulacra
  4 draconian simulacra (IceCv)
  5 hounds
  5 jellies
  267 starcursed masses
  A bullfrog zombie (D:12)
  2 bullfrog skeletons
  115 orc priests
  82 iron imps
  Natasha (thrice) (D:2)
  3 gnoll shamans
  2 demonspawn skeletons
  5 human skeletons
  142 orc wizards
  Ijyb (D:3)
  18 worker ants
  7 iguanas
  14 lightning spires
  A hell rat (D:9)
  10 spriggan simulacra
  A worker ant (shapeshifter) (Zig:23)
  4 troll simulacra
  A killer bee zombie (D:7)
  163 small abominations
  5 centaur simulacra (IceCv)
  A sky beast zombie (Crypt:3)
  An acid dragon skeleton (Crypt:1)
  A demigod skeleton (Crypt:2)
  3 hound skeletons
  1469 mummies
  3 worker ant zombies
  13 adders
  16 gnolls
  An adder (shapeshifter) (Zig:16)
  6 naga simulacra
  2 river rats (shapeshifter)
  An ogre simulacrum (IceCv)
  A steam dragon skeleton (Crypt:2)
  9 shadow imps
  229 white imps
  5 ufetubi
  An ooze (shapeshifter) (Zig:25)
  An ooze (D:1)
  An adder zombie (D:8)
  A lava snake skeleton (Crypt:3)
  A worm (shapeshifter) (Zig:18)
  A barachi skeleton (Crypt:1)
  A barachi zombie (Crypt:1)
  3 dart slugs
  5 leopard geckos
  126 orcs
  A ball python (D:6)
  A bat (shapeshifter) (Zig:14)
  15 bats
  4 giant cockroaches
  10 goblins
  A goblin (shapeshifter) (Zig:27)
  6 hobgoblins
  7 jackals
  7 quokkas
  5 frilled lizards
  A jackal zombie (Crypt:1)
  15 kobolds
  A kobold skeleton (Tomb:2)
  A leopard gecko skeleton (D:9)
  2 quokka skeletons
  A rat (shapeshifter) (Zig:27)
  10 rats
  A rat zombie (Crypt:2)
  14 ball lightnings
  50 briar patches
  A butterfly (D:6)
  46 fire vortices
  A lurking horror (Abyss:4)
  6 plants
  25 starspawn tentacles
  4 tentacles
59849 creatures vanquished.

Vanquished Creatures (collateral kills)
  An ancient lich (Zig:25)
  2 Killer Klowns
  6 caustic shrikes
  A Tzitzimitl (Zig:9)
  6 hellephants
  3 pandemonium lords
  A Hell Sentinel (Zig:9)
  8 acid blobs (Zig:20)
  A storm dragon (shapeshifter) (Zig:4)
  2 azure jellies (Zig:20)
  A fire giant (Zig:17)
  5 ghost moths
  4 emperor scorpions
  An angel (Zig:24)
  2 balrugs (Zig:17)
  An ironheart preserver (Zig:25)
  2 reapers
  2 ophanim (Zig:24)
  A war gargoyle (Zig:9)
  A stone giant (shapeshifter) (Zig:4)
  2 very ugly things (Zig:22)
  5 entropy weavers
  A red draconian (Zig:15)
  5 dire elephants (Zig:19)
  4 spark wasps
  A blizzard demon (Zig:9)
  A fire dragon (Zig:17)
  3 hydras (Zig:19)
  A boulder beetle (Zig:19)
  3 catoblepae (Zig:19)
  A shadow wraith (Zig:15)
  9 spriggan druids (Zig:19)
  A deep troll (shapeshifter) (Zig:4)
  An orange crystal statue (Zig:26)
  An orc knight (Zig:25)
  2 flayed ghosts (Zig:3)
  9 orb spiders
  3 wolf spiders
  A shining eye (Zig:20)
  2 moths of wrath
  3 black mambas (Zig:19)
  A water nymph (shapeshifter) (Zig:4)
  9 torpor snails
  An apocalypse crab (Zig:22)
  An eye of devastation (Zig:20)
  4 cane toads (Zig:19)
  A hellion (Zig:9)
  A freezing wraith (Zig:27)
  2 rime drakes
  3 komodo dragons (Zig:19)
  10 demonic crawlers
  A guardian mummy (Zig:18)
  9 jumping spiders
  A jumping spider (shapeshifter) (Zig:22)
  3 slime creatures (Zig:20)
  3 dream sheep (Zig:19)
  2 blink frogs (Zig:19)
  7 redbacks
  5 tarantellas
  3 yaks (Zig:19)
  A water elemental (Coc:1)
  A wyvern (Zig:19)
  3 fire elementals (Zig:17)
  A basilisk (Zig:19)
  A large abomination (Zig:6)
  2 swamp worms (shapeshifter)
  9 water moccasins (Zig:19)
  3 iron imps (Zig:9)
198 creatures vanquished.

Vanquished Creatures (others)
  12 pandemonium lords
  The ghost of Orphidia the Plutocrat, a legendary BaIE of Gozag (Zig:27)
  The ghost of Poalor the Merry Gnoll, a legendary GnWn of Qazlal (Zig:27)
  The ghost of Mong the Archmage, a legendary DESu of Ashenzari (Zig:27)
  The ghost of Mong the Archmage, a legendary DESu of Ashenzari (Zig:27)
  The ghost of Neapotai the Annihilator, a veteran DsMo of Ru (Zig:27)
  The ghost of Neapotai the Annihilator, a veteran DsMo of Ru (Zig:27)
  The ghost of Jiheses the Archmage, a legendary DEAE of Vehumet (Zig:27)
  The ghost of Megustar the Archmage, a legendary DECj of Vehumet (Zig:27)
  The ghost of Betuluewk the Archmage, a legendary DESu of Vehumet (Zig:27)
  The ghost of Betuluewk the Archmage, a legendary DESu of Vehumet (Zig:27)
  The ghost of Sayfri the Cloud Mage, a legendary DrTm of Cheibriados (Zig:27)
  The ghost of Zycouta the Cloud Mage, a legendary DrTm of Cheibriados (Zig:27)
  The ghost of Zycouta the Cloud Mage, a legendary DrTm of Cheibriados (Zig:27)
  The ghost of Zycouta the Cloud Mage, a legendary DrTm of Cheibriados (Zig:27)
  The ghost of Sayfri the Cloud Mage, a legendary DrTm of Cheibriados (Zig:27)
  The ghost of Zycouta the Cloud Mage, a legendary DrTm of Cheibriados (Zig:27)
  The ghost of Yllipt the Phalangite, a legendary GnWr of Cheibriados (Zig:27)
  The ghost of Eqatzuck the Axe Maniac, a legendary DDFi of Makhleb (Zig:27)
  The ghost of Eqatzuck the Axe Maniac, a legendary DDFi of Makhleb (Zig:27)
  The ghost of Jataj the Acolyte, a legendary GrFi of the Shining One (Zig:27)
  The ghost of Jataj the Acolyte, a legendary GrFi of the Shining One (Zig:27)
  2 juggernauts (Zig:26)
  The ghost of Hahenefa the Sensei, a legendary DsWn of Uskayaw (Zig:27)
  The ghost of Hahenefa the Sensei, a legendary DsWn of Uskayaw (Zig:27)
  A shard shrike (Zig:20)
  The ghost of Xoveah the Impregnable, a master TeBr of Gozag (Zig:27)
  5 Killer Klowns
  Margery (Vaults:5)
  2 curse toes (Zig:27)
  The ghost of Hiz Mun the Phalangite, a veteran MfGl of Yredelemnul (Zig:27)
  The ghost of Hiz Mun the Phalangite, a veteran MfGl of Yredelemnul (Zig:27)
  The ghost of Hiz Mun the Phalangite, a veteran MfGl of Yredelemnul (Zig:27)
  The ghost of Hiz Mun the Phalangite, a veteran MfGl of Yredelemnul (Zig:27)
  The ghost of Hiz Mun the Phalangite, a veteran MfGl of Yredelemnul (Zig:27)
  2 caustic shrikes (Zig:19)
  8 golden dragons
  19 tentacled monstrosities
  2 Orb Guardians (Zot:5)
  4 deep elf blademasters
  A quicksilver dragon (Zig:12)
  2 titans (Zig:26)
  A tentacled starspawn (Zig:18)
  2 sphinxes
  2 deep elf master archers
  5 eldritch tentacles
  5 acid blobs
  3 thorn hunters
  3 shadow dragons (Zig:27)
  5 nagarajas
  A fenstrider witch (shapeshifter) (Zig:20)
  A fire giant (shapeshifter) (Zig:4)
  A fenstrider witch (Zig:14)
  8 fire giants
  10 ghost moths
  4 revenants (Zig:27)
  A daeva (Zig:15)
  5 frost giants
  3 vault wardens
  2 corrupters
  A draconian knight (Zig:24)
  A draconian scorcher (Zig:15)
  A balrug (Zig:17)
  4 angels (Zig:15)
  An orc warlord (Zig:25)
  2 emperor scorpions (Zig:19)
  A draconian shifter (Zig:15)
  5 curse skulls (Zig:27)
  A draconian stormcaller (Zot:3)
  3 stone giants
  13 very ugly things
  4 ironheart preservers
  A vampire knight (Zig:22)
  3 spark wasps
  4 apis (Zig:15)
  3 black suns (Zig:27)
  11 entropy weavers
  A purple draconian (Depths:5)
  A minotaur (shapeshifter) (Zig:23)
  2 deep elf annihilators
  5 dire elephants
  2 red draconians (Zig:15)
  A fire dragon (shapeshifter) (Zig:22)
  A white draconian (Zot:4)
  4 deep elf death magi
  3 ettins
  2 merfolk javelineers
  5 eidola
  4 green deaths
  7 shambling mangroves
  4 eleionomae
  A blizzard demon (Zig:25)
  2 ettins (shapeshifter)
  An eleionoma (shapeshifter) (Zig:23)
  2 deep elf high priests
  2 merfolk impalers (Zig:13)
  6 fire dragons
  A death ooze (Slime:5)
  3 great orbs of eyes
  10 hydras
  An ice dragon (Zig:25)
  4 vault guards (Vaults:5)
  4 yaktaur captains
  2 ogre magi (Zig:17)
  A naga warrior (Zig:17)
  A hell beast (Zig:20)
  2 ghost crabs (Zig:27)
  A merfolk aquamancer (Zig:13)
  A two-headed ogre (Vaults:5)
  3 catoblepae (Zig:19)
  510 dancing weapons
  2 anacondas (shapeshifter)
  2 deep troll earth magi
  2 deep elf knights (Zig:12)
  12 hell knights
  A salamander mystic (Zig:18)
  A skeletal warrior (Coc:7)
  3 death drakes
  A goliath frog (Zig:20)
  A sixfirhy (Zig:25)
  10 spriggan druids
  6 swamp dragons
  2 bog bodies
  A deep elf archer (Zig:23)
  2 deep elf zephyrmancers (Zig:12)
  2 wizards (Vaults:3)
  An orb spider (Zig:21)
  3 cane toads
  3 orc knights
  3 ironbrand convokers
  A mana viper (shapeshifter) (Zig:23)
  3 deep elf pyromancers
  A mana viper (Zig:20)
  A manticore (Zig:19)
  5 wolf spiders
  2 ugly things (Vaults:2)
  2 orc sorcerers (Zig:8)
  A shining eye (shapeshifter) (Zig:20)
  A moth of wrath (shapeshifter) (Zig:13)
  5 will-o-the-wisps
  A moth of wrath (Zig:21)
  An elephant (Zig:19)
  A rust devil (Zig:9)
  11 apocalypse crabs
  4 vault sentinels
  A smoke demon (Zig:13)
  4 torpor snails
  4 black mambas (Zig:18)
  A molten gargoyle (Geh:7)
  An elf skeleton (Zig:25)
  A yaktaur (shapeshifter) (Zig:27)
  A hellion (Zig:22)
  2 ancient zymes
  2 efreet (Zig:17)
  2 komodo dragons (Zig:19)
  A rime drake (Zig:19)
  A freezing wraith (Zig:27)
  A yaktaur (Zig:25)
  A tormentor (Zig:9)
  2 demonic crawlers
  A guardian mummy (Zig:18)
  A merfolk (Zig:13)
  A red devil (Zig:9)
  A merfolk (shapeshifter) (Zig:23)
  5 jumping spiders
  3 bloated husks
  A tyrant leech (Zig:11)
  A blink frog (shapeshifter) (Zig:17)
  18 hornets
  A raiju (Zig:6)
  2 snapping turtles (Zig:13)
  19 slime creatures
  2 dream sheep (shapeshifter)
  7 spriggans
  A flying skull (Geh:7)
  A fire dragon skeleton (Geh:7)
  3 redbacks
  A shadow (Zig:25)
  4 air elementals
  2 tarantellas (shapeshifter)
  A yak (Zig:19)
  2 tarantellas
  16 water elementals
  2 wyverns (Zig:19)
  A redback (shapeshifter) (Zig:27)
  A large abomination (Zig:16)
  A basilisk (Zig:19)
  2 fire elementals
  A neqoxec (Zig:6)
  9 chaos spawn
  5 golden eyes
  An acid dragon (shapeshifter) (Zig:25)
  4 small abominations
  4 water moccasins
  A floating eye (shapeshifter) (Zig:14)
  A hell hound (Zig:17)
  A swamp drake (Zig:15)
  4 orc warriors
  3 ogres
  A swamp drake (shapeshifter) (Zig:21)
  A centaur (shapeshifter) (Zig:27)
  A bullfrog (D:15)
  3 iron imps
  2 white imps (Zig:10)
  2 orcs (Vaults:5)
  6 ball lightnings
  3 briar patches
  A bush (Lair:4)
  3 fire vortices
  45 foxfires
  45 fungi
  271 plants
  15 starspawn tentacles
  16 tentacles
  64 withered plants (Crypt:3)
1548 creatures vanquished.

Grand Total: 61595 creatures vanquished

Notes
Turn   | Place    | Note
-------+----------+-------------------------------------------
     0 | D:1      | Anon1729 the Octopode Venom Mage began the quest for the
                  | Orb.
     0 | D:1      | Reached XP level 1. HP: 11/11 MP: 3/3
   588 | D:1      | Reached XP level 2. HP: 17/17 MP: 0/5
  1166 | D:1      | Reached XP level 3. HP: 21/21 MP: 1/6
  2198 | D:2      | Noticed Natasha
  2211 | D:2      | Killed Natasha
  2212 | D:2      | Reached XP level 4. HP: 4/27 MP: 0/7
  2499 | D:2      | Noticed Natasha
  2504 | D:2      | Learned a level 2 spell: Poisonous Vapours
  2508 | D:2      | Learned a level 3 spell: Ignite Poison
  2512 | D:2      | Killed Natasha
  2522 | D:2      | Noticed Natasha
  2834 | D:2      | Reached XP level 5. HP: 31/31 MP: 6/9
  2911 | D:2      | Found a stormy altar of Qazlal.
  3097 | D:2      | Killed Natasha
  3098 | D:2      | Reached skill level 1 in Unarmed Combat
  4602 | D:3      | Noticed Ijyb
  4618 | D:3      | Killed Ijyb
  4619 | D:3      | Reached XP level 6. HP: 24/36 MP: 6/10
  4736 | D:3      | Reached skill level 5 in Poison Magic
  5777 | D:4      | Found a burning altar of Makhleb.
  6093 | D:4      | Learned a level 4 spell: Olgreb's Toxic Radiance
  6282 | D:5      | Entered Level 5 of the Dungeon
  6338 | D:5      | Noticed Sigmund
  6341 | D:5      | Found a broken altar of Ashenzari.
  6342 | D:5      | Killed Sigmund
  6343 | D:5      | Reached skill level 1 in Shields
  6343 | D:5      | Reached XP level 7. HP: 41/41 MP: 4/12
  6401 | D:5      | Found an opulent altar of Gozag.
  6401 | D:5      | Found a white marble altar of Elyvilon.
  6403 | D:5      | Found an ornate altar of the Wu Jian Council.
  6405 | D:5      | Found a basalt altar of Yredelemnul.
  6405 | D:5      | Found a sparkling altar of Nemelex Xobeh.
  6406 | D:5      | Found a hide-covered altar of Uskayaw.
  6409 | D:5      | Became a worshipper of Gozag Ym Sagoz the Greedy
  7350 | D:5      | Found a glowing golden altar of the Shining One.
  7564 | D:6      | Identified the +5 hunting sling "Qovip" {vorpal, +Blink
                  | rPois}
  7618 | D:6      | Found a staircase to the Ecumenical Temple.
  7724 | D:6      | Reached skill level 5 in Stealth
  7742 | D:5      | Reached skill level 1 in Fire Magic
  7956 | D:6      | Reached XP level 8. HP: 46/46 MP: 3/13
  8143 | D:6      | Found a bloodstained altar of Trog.
  8145 | D:6      | Found a sacrificial altar of Ru.
  8631 | D:7      | Found Fiuh's Distillery.
  8654 | D:7      | Bought a potion of degeneration for 14 gold pieces
  8654 | D:7      | Bought a potion of heal wounds for 70 gold pieces
  8654 | D:7      | Bought a potion of magic for 112 gold pieces
  8654 | D:7      | Bought a potion of lignification for 42 gold pieces
  9420 | D:8      | Noticed a purple ugly thing
  9423 | D:8      | Killed a purple ugly thing
  9424 | D:8      | Reached skill level 1 in Slings
  9424 | D:8      | Reached XP level 9. HP: 51/51 MP: 5/15
  9630 | D:8      | Noticed Erica
  9638 | D:8      | Killed Erica
 10028 | D:8      | Reached skill level 5 in Spellcasting
 10358 | D:8      | Reached skill level 5 in Dodging
 10358 | D:8      | Reached skill level 5 in Transmutations
 10554 | D:8      | Found an opulent altar of Gozag.
 10609 | D:8      | Noticed Harold
 10758 | D:9      | Learned a level 3 spell: Mephitic Cloud
 10761 | D:9      | Learned a level 2 spell: Blink
 10764 | D:9      | Learned a level 2 spell: Call Imp
 10869 | D:9      | Reached XP level 10. HP: 56/56 MP: 10/17
 11001 | D:9      | Found a shimmering altar of Xom.
 11025 | D:9      | Found a flagged portal.
 11052 | Bailey   | Entered a bailey
 11241 | Bailey   | Noticed an orc knight
 11247 | Bailey   | Killed an orc knight
 11289 | Bailey   | Noticed an orc knight
 11289 | Bailey   | Noticed an orc knight
 11293 | Bailey   | Killed an orc knight
 11294 | Bailey   | Reached skill level 10 in Poison Magic
 11301 | Bailey   | Killed an orc knight
 11306 | Bailey   | Noticed an orc knight
 11371 | Bailey   | Killed an orc knight
 11697 | D:9      | Noticed a death yak
 11700 | D:9      | Found a staircase to the Lair.
 11701 | D:9      | Noticed a death yak
 11702 | D:9      | Noticed a death yak
 11709 | D:9      | Killed a death yak
 11709 | D:9      | Killed a death yak
 11710 | D:9      | Reached XP level 11. HP: 58/61 MP: 4/20
 11763 | D:9      | Killed a death yak
 12418 | D:10     | Entered Level 10 of the Dungeon
 12676 | D:10     | Noticed Sonja
 12678 | D:10     | Killed Sonja
 12679 | D:10     | Reached skill level 5 in Slings
 13609 | D:11     | Noticed a two-headed ogre
 13614 | D:11     | Killed a two-headed ogre
 13615 | D:11     | Reached skill level 10 in Stealth
 13829 | D:11     | Found a staircase to the Orcish Mines.
 13838 | D:11     | Found a roughly hewn altar of Beogh.
 14032 | D:11     | Identified the +4 battleaxe of Punishment {venom, rF+
                  | Dex+3}
 14132 | D:11     | Reached XP level 12. HP: 51/66 MP: 9/22
 14376 | D:11     | Noticed a two-headed ogre
 14377 | D:11     | Noticed a two-headed ogre
 14386 | D:11     | Killed a two-headed ogre
 14386 | D:11     | Killed a two-headed ogre
 14852 | D:11     | Noticed a two-headed ogre
 14855 | D:11     | Killed a two-headed ogre
 14931 | D:11     | Found a portal to a secret trove of treasure.
 15114 | D:11     | You fall into a shaft and drop 2 floors!
 15346 | D:13     | Found a glowing silver altar of Zin.
 15582 | D:13     | Noticed Kirke
 15591 | D:13     | Killed Kirke
 16119 | D:13     | Noticed Rupert
 16135 | D:13     | Killed Rupert
 16695 | D:13     | Reached XP level 13. HP: 71/71 MP: 24/24
 19391 | Orc:1    | Entered Level 1 of the Orcish Mines
 19391 | Orc:1    | Noticed Jorgrun
 19400 | Orc:1    | Killed Jorgrun
 19692 | Orc:2    | Entered Level 2 of the Orcish Mines
 19692 | Orc:2    | Found a staircase to the Elven Halls.
 19972 | Orc:2    | Noticed an ettin
 20137 | Orc:2    | Killed an ettin
 20550 | Orc:2    | Paralysed by an orc sorcerer for 7 turns
 21159 | Orc:2    | Reached skill level 1 in Translocations
 21292 | Orc:2    | Noticed an orc warlord
 21312 | Orc:2    | Killed an orc warlord
 21617 | Orc:2    | Found Fejef's Jewellery Emporium.
 21617 | Orc:2    | Found Binkiymax's Jewellery Shoppe.
 21618 | Orc:2    | Found Ydwusim's Jewellery Shoppe.
 21621 | Orc:2    | Found Ihiarchah's Book Emporium.
 21657 | Orc:2    | Paralysed by an orc sorcerer for 2 turns
 21858 | Orc:2    | Noticed an orc warlord
 22292 | Orc:2    | Killed an orc warlord
 22293 | Orc:2    | Reached XP level 14. HP: 76/76 MP: 6/26
 23450 | Orc:1    | Found a roughly hewn altar of Beogh.
 23771 | Orc:1    | Reached skill level 15 in Poison Magic
 24116 | Elf:1    | Entered Level 1 of the Elven Halls
 24513 | Elf:1    | Found a radiant altar of Vehumet.
 24747 | Lair:1   | Entered Level 1 of the Lair of Beasts
 24882 | Orc:2    | Bought the amulet of the Air {Inacc +Fly rElec EV+5 RMsl}
                  | for 703 gold pieces
 24882 | Orc:2    | Found the amulet of the Air {Inacc +Fly rElec EV+5 RMsl}
 24888 | Orc:2    | Bought the ring of Zirph {rC+ EV+4} for 650 gold pieces
 24896 | Orc:2    | Bought a ring of poison resistance for 240 gold pieces
 25627 | Lair:1   | Noticed Joseph
 25632 | Lair:1   | Killed Joseph
 26813 | Lair:2   | Found a gate leading to a gauntlet.
 26830 | Gauntlet | Entered a Gauntlet
 26830 | Gauntlet | Found a transporter.
 26908 | Gauntlet | Found a transporter.
 26910 | Gauntlet | Found a transporter.
 26910 | Gauntlet | Found a transporter.
 26913 | Gauntlet | Found a transporter.
 26914 | Gauntlet | Found a transporter.
 26918 | Gauntlet | Found a runed translucent door.
 26920 | Gauntlet | Found a runed translucent door.
 26922 | Gauntlet | Found a transporter.
 26925 | Gauntlet | Found a transporter.
 26939 | Gauntlet | Noticed a reaper
 26942 | Gauntlet | Found a transporter.
 26950 | Gauntlet | Found a transporter.
 26950 | Gauntlet | Found a transporter.
 26958 | Gauntlet | Found a transporter.
 27366 | Gauntlet | Identified the +0 pair of gloves of the Moon {Regen+ Int+4
                  | Stlth+}
 27414 | Gauntlet | Learned a level 1 spell: Apportation
 27522 | Gauntlet | Identified the amulet of Brilliance {Spirit rC+ Dex+2}
 27908 | Gauntlet | Identified the +3 rapier "Wurros" {antimagic, rF+ SInv
                  | Stlth-}
 27908 | Gauntlet | Identified the +1 ring mail of the Morning Star {+Blink
                  | rPois rF++ Int-4}
 27914 | Gauntlet | Gained mutation: You tend to lose your temper in combat.
                  | [potion of mutation]
 27914 | Gauntlet | Lost mutation: You tend to lose your temper in combat.
                  | [potion of mutation]
 28127 | Lair:2   | Noticed Fannar
 28132 | Lair:2   | Killed Fannar
 28534 | Lair:2   | Found a hole to the Spider Nest.
 29520 | Lair:3   | Found a hide-covered altar of Uskayaw.
 29624 | Lair:3   | Reached skill level 10 in Transmutations
 30520 | Lair:3   | Found a staircase to the Shoals.
 30532 | Lair:3   | Reached skill level 10 in Dodging
 30532 | Lair:3   | Reached XP level 15. HP: 81/81 MP: 4/28
 31411 | Lair:4   | Found a frozen archway.
 31456 | IceCv    | Entered an ice cave
 32214 | IceCv    | Found an ancient bone altar of Kikubaaqudgha.
 32472 | IceCv    | Reached skill level 5 in Shields
 32710 | IceCv    | Learned a level 2 spell: Passwall
 33229 | Lair:4   | Found a hide-covered altar of Uskayaw.
 33230 | Lair:4   | Found an ornate altar of the Wu Jian Council.
 33501 | Lair:4   | Reached skill level 1 in Earth Magic
 33729 | Lair:4   | Learned a level 6 spell: Statue Form
 35218 | Lair:6   | Entered Level 6 of the Lair of Beasts
 35617 | Lair:6   | Reached skill level 1 in Conjurations
 35617 | Lair:6   | Reached skill level 1 in Air Magic
 36050 | Lair:6   | Noticed Snorg
 36062 | Lair:6   | Killed Snorg
 36063 | Lair:6   | Reached skill level 10 in Spellcasting
 36925 | Lair:6   | Found a viscous altar of Jiyva.
 36925 | Lair:6   | Found a staircase to the Slime Pits.
 37412 | Lair:6   | Identified 2 scrolls of acquirement
 37413 | Lair:6   | Acquired a Fen Folio
 37422 | Lair:6   | Learned a level 6 spell: Eringya's Noxious Bog
 37422 | Lair:6   | Acquired 1160 gold pieces
 37431 | Lair:6   | Identified the +1 robe "Wieroag" {+Fly Int+6}
 37638 | Lair:6   | Identified the +4 steam dragon scales "Haig" {rElec Regen+
                  | Str+9 Int-5}
 38754 | D:14     | Reached XP level 16. HP: 44/86 MP: 30/30
 39553 | D:14     | Found a gate to the Vaults.
 39958 | D:14     | Reached skill level 5 in Earth Magic
 40568 | D:15     | Entered Level 15 of the Dungeon
 40570 | D:15     | Found a burning altar of Makhleb.
 41335 | D:15     | Found a staircase to the Depths.
 41434 | D:15     | Found Raer's Weapon Shoppe.
 44369 | Elf:1    | Found Xocic's General Store.
 44481 | Elf:1    | Bought a scroll of blinking for 90 gold pieces
 44614 | Elf:2    | Learned a level 5 spell: Irradiate
 44926 | Elf:2    | Reached XP level 17. HP: 84/90 MP: 7/31
 45893 | Elf:2    | Found a huge runed translucent gate.
 45893 | Elf:2    | Found a huge runed translucent gate.
 45893 | Elf:2    | Found a huge runed translucent gate.
 45893 | Elf:2    | Found a huge runed translucent gate.
 45893 | Elf:2    | Found a huge runed translucent gate.
 45936 | Elf:3    | Entered Level 3 of the Elven Halls
 46743 | Elf:3    | Reached skill level 5 in Unarmed Combat
 47494 | Elf:3    | Noticed a deep elf blademaster
 47498 | Elf:3    | Noticed a deep elf blademaster
 47499 | Elf:3    | Reached skill level 5 in Conjurations
 47500 | Elf:3    | Killed a deep elf blademaster
 47503 | Elf:3    | Noticed a deep elf master archer
 47505 | Elf:3    | Noticed a deep elf master archer
 47508 | Elf:3    | Noticed a Brimstone Fiend
 47510 | Elf:3    | Killed a deep elf blademaster
 47511 | Elf:3    | Killed a deep elf master archer
 47514 | Elf:3    | Killed a deep elf master archer
 47534 | Elf:3    | Reached XP level 18. HP: 53/96 MP: 16/32
 47667 | Elf:3    | Identified the +7 glaive of Upheaval {protect, rPois Dex+3}
 47898 | Elf:3    | Identified the Guide on the Excruciating Mountains
 47909 | Elf:3    | Identified the ring "Fuamolyv" {+Fly Dex+6}
 47913 | Elf:3    | Identified Zakhaw's Handbook of Curses
 47917 | Elf:3    | Identified the +9 war axe of an ice cave {pain, *Rage
                  | +Blink rElec SInv}
 47918 | Elf:3    | Identified the Handbook of the Rocks and Heat
 47924 | Elf:3    | Identified the +4 ring mail of Distant Worlds {Dex+5}
 47929 | Elf:3    | Identified the +6 hand axe of the Distant Future {flame,
                  | Dex+4}
 48362 | Shoals:1 | Entered Level 1 of the Shoals
 48938 | Shoals:1 | Found Vethoqom's Jewellery Shop.
 49407 | Shoals:1 | Identified the +2 ring mail of the Weaver {rPois Dex+2}
 49700 | Shoals:1 | Reached skill level 10 in Shields
 49920 | Shoals:1 | Identified the +0 leather armour of Leapfrog {rF+ Regen+}
 53566 | Shoals:3 | Reached skill level 10 in Earth Magic
 54032 | Shoals:4 | Entered Level 4 of the Shoals
 54390 | Shoals:4 | Identified the ring "Wapualeg" {Fire Dex+4}
 54516 | Shoals:4 | Identified the +7 flail "Qaisyvot" {freeze, rC+}
 54996 | Shoals:4 | Reached XP level 19. HP: 68/100 MP: 12/34
 55300 | Shoals:4 | Reached skill level 10 in Conjurations
 55561 | Shoals:4 | Got a barnacled rune of Zot
 56821 | Shoals:4 | Found a runed translucent door.
 56823 | Shoals:4 | Noticed Dracia's ghost (adept MfGl)
 56886 | Shoals:4 | Killed Dracia's ghost
 56886 | Shoals:4 | Gained mutation: You are weak. (Str -2) [mutagenic glow]
 57240 | Spider:1 | Entered Level 1 of the Spider Nest
 57345 | Spider:1 | Noticed Donald
 57350 | Spider:1 | Killed Donald
 58845 | Orc:2    | Bought a ring of see invisible for 180 gold pieces
 62583 | Spider:4 | Entered Level 4 of the Spider Nest
 63134 | Spider:4 | Noticed Agnes
 63139 | Spider:4 | Killed Agnes
 63140 | Spider:4 | Reached skill level 15 in Transmutations
 63534 | Spider:4 | Reached XP level 20. HP: 106/106 MP: 19/36
 64645 | Spider:4 | Got a gossamer rune of Zot
 64977 | Slime:1  | Entered Level 1 of the Pits of Slime
 65527 | Slime:5  | Entered Level 5 of the Pits of Slime
 65575 | Slime:5  | Reached skill level 1 in Evocations
 66300 | Slime:5  | Noticed the Royal Jelly
 66312 | Slime:5  | Killed the Royal Jelly
 66734 | Slime:5  | Identified the +11 rapier of Ash {venom, *Noise rPois SInv
                  | Stlth+}
 66737 | Slime:5  | Identified the amulet "Zois" {rPois rN++ Regen+ Str-4 SInv}
 66739 | Slime:5  | Got a slimy rune of Zot
 67449 | Vaults:1 | Entered Level 1 of the Vaults
 67716 | Vaults:1 | Reached skill level 1 in Staves
 67964 | Vaults:1 | Reached XP level 21. HP: 71/110 MP: 3/37
 68981 | Vaults:1 | You fall into a shaft and drop 1 floor!
 69963 | Vaults:2 | Reached skill level 5 in Staves
 69970 | Vaults:2 | Reached skill level 5 in Evocations
 70928 | Vaults:2 | Gained mutation: Potions are less effective at restoring
                  | your health. [a neqoxec]
 70949 | Vaults:2 | Lost mutation: You are weak. (Str -2) [potion of mutation]
 70949 | Vaults:2 | Gained mutation: Your magical capacity is low. (-10% MP)
                  | [potion of mutation]
 70949 | Vaults:2 | Gained mutation: Your magical capacity is very low. (-20%
                  | MP) [potion of mutation]
 70949 | Vaults:2 | Gained mutation: You have a pair of small antennae on your
                  | head. [potion of mutation]
 70950 | Vaults:2 | Lost mutation: Your magical capacity is very low. (-20% MP)
                  | [potion of mutation]
 70950 | Vaults:2 | Lost mutation: Your magical capacity is low. (-10% MP)
                  | [potion of mutation]
 70950 | Vaults:2 | Lost mutation: Potions are less effective at restoring your
                  | health. [potion of mutation]
 70950 | Vaults:2 | Gained mutation: You are partially covered in yellow
                  | scales. (AC +2) [potion of mutation]
 70950 | Vaults:2 | Gained mutation: One of your tentacles bears a spike.
                  | [potion of mutation]
 71114 | Vaults:3 | Reached skill level 15 in Shields
 71130 | Vaults:3 | Noticed Bai Suzhen
 71142 | Vaults:3 | Killed Bai Suzhen
 71653 | Vaults:3 | Identified the +0 chain mail of Eternity {Str+4 SInv}
 72438 | Vaults:3 | Reached XP level 22. HP: 116/116 MP: 11/39
 72574 | Vaults:3 | Found a staircase to the Crypt.
 74908 | Vaults:4 | Reached skill level 15 in Conjurations
 75122 | Vaults:4 | Noticed Aizul
 75139 | Vaults:4 | Killed Aizul
 75284 | Vaults:5 | Entered Level 5 of the Vaults
 75477 | Vaults:5 | Noticed a golden dragon
 75769 | Vaults:5 | Killed a golden dragon
 75775 | Vaults:5 | Noticed an ancient lich
 76131 | Vaults:4 | Killed an ancient lich
 76132 | Vaults:4 | Reached XP level 23. HP: 120/120 MP: 10/40
 76297 | Vaults:5 | Noticed an ancient lich
 76422 | Vaults:5 | Killed an ancient lich
 76423 | Vaults:5 | Reached skill level 10 in Staves
 76955 | Vaults:5 | Noticed Margery
 77081 | Vaults:5 | Killed Margery
 77414 | Vaults:5 | Noticed Boris
 77425 | Vaults:5 | Killed Boris
 77885 | Vaults:5 | Noticed an ancient lich
 77886 | Vaults:5 | Noticed Jory
 77895 | Vaults:5 | Killed an ancient lich
 77915 | Vaults:4 | Killed Jory
 78370 | Vaults:5 | Noticed a golden dragon
 78420 | Vaults:5 | Killed a golden dragon
 78577 | Vaults:5 | Identified the +0 scale mail of Ylirizig {rN+ Will++
                  | Regen+}
 78994 | Vaults:5 | Got a silver rune of Zot
 79360 | Vaults:5 | Identified the Tome of Cloudy Heat
 79367 | Vaults:5 | Identified the +1 ring mail "Ingoxko" {Will++ Str+9 Dex-5}
 80025 | Depths:1 | Entered Level 1 of the Depths
 80025 | Depths:1 | Found a one-way gate to the infinite horrors of the Abyss.
 80232 | Depths:1 | Found a gateway to Hell.
 80293 | Depths:1 | Found a one-way gate leading to the halls of Pandemonium.
 80351 | Depths:1 | Found a burning altar of Makhleb.
 80680 | D:15     | Bought a glowing hat for 266 gold pieces
 80704 | D:15     | Bought a scroll of blinking for 135 gold pieces
 80704 | D:15     | Bought a scroll of magic mapping for 63 gold pieces
 80704 | D:15     | Bought a potion of mutation for 144 gold pieces
 81483 | Depths:1 | Reached XP level 24. HP: 126/126 MP: 19/41
 81496 | Depths:1 | Reached skill level 10 in Evocations
 82237 | Depths:1 | Learned a level 9 spell: Shatter
 82253 | Depths:1 | Learned a level 6 spell: Iron Shot
 82257 | Depths:1 | Noticed a juggernaut
 82325 | Depths:1 | Reached skill level 15 in Earth Magic
 82325 | Depths:1 | Killed a juggernaut
 82789 | Depths:2 | Found a gateway to a ziggurat.
 82943 | Depths:2 | Noticed an ancient lich
 82958 | Depths:2 | Killed an ancient lich
 82975 | Depths:2 | Noticed a caustic shrike
 82982 | Depths:2 | Killed a caustic shrike
 84073 | Depths:2 | Identified the amulet of Incredulity {Spirit Will+}
 84086 | Depths:2 | Noticed a caustic shrike
 84086 | Depths:2 | Noticed a juggernaut
 84093 | Depths:2 | Reached XP level 25. HP: 130/130 MP: 26/41
 84804 | Depths:2 | Reached skill level 1 in Fighting
 85260 | Depths:3 | Acquired 413 gold pieces
 86079 | Depths:3 | Identified the +2 leather armour of Kindness {rElec Regen+
                  | Dex+7}
 86250 | Depths:3 | Reached skill level 5 in Fighting
 86875 | Depths:3 | Found Teoggope's Jewellery Shop.
 86875 | Depths:3 | Found Mecalot's Book Emporium.
 86876 | Depths:3 | Found Qeesi's Book Emporium.
 87757 | Depths:4 | Found a runed translucent door.
 87897 | Depths:4 | Noticed a juggernaut
 87899 | Depths:4 | Noticed a juggernaut
 88075 | Depths:4 | Noticed Xtahua
 88098 | Depths:3 | Killed Xtahua
 88379 | Depths:4 | You fall into a shaft and drop 1 floor!
 88379 | Depths:5 | Entered Level 5 of the Depths
 88667 | Depths:5 | Reached XP level 26. HP: 162/162 MP: 32/41
 88978 | Depths:5 | Identified the +0 tower shield of Dust Devil {rPois MP+9}
 89488 | Depths:4 | Reached skill level 10 in Fighting
 90113 | Depths:4 | Found a runed translucent door.
 90132 | Depths:4 | Killed a juggernaut
 90148 | Depths:4 | Killed a juggernaut
 90367 | Depths:4 | Identified the +1 ring mail of the Kraken {rElec MP+9}
 93121 | Depths:5 | Found a gate to the Realm of Zot.
 93367 | Zot:1    | Entered Level 1 of the Realm of Zot
 94130 | Zot:1    | Reached XP level 27. HP: 176/178 MP: 23/41
 99824 | Zot:3    | Noticed an orb of fire
 99836 | Zot:3    | Gained mutation: You do not regenerate when monsters are
                  | visible. [an orb of fire]
 99940 | Zot:3    | Gained mutation: Your magical capacity is low. (-10% MP)
                  | [an orb of fire]
 99941 | Zot:3    | Gained mutation: Scrolls take you a little longer to read.
                  | [an orb of fire]
 99945 | Zot:3    | Killed an orb of fire
101728 | Zot:4    | Reached skill level 15 in Fighting
103077 | Zot:5    | Entered Level 5 of the Realm of Zot
103592 | Zot:5    | Identified the amulet "Heapnesa" {Reflect rPois Str+3 Int-4
                  | Dex+5 SH+5}
104402 | Zot:5    | Noticed a dread lich
104404 | Zot:5    | Noticed an orb of fire
104412 | Zot:5    | Killed a dread lich
104417 | Zot:5    | Gained mutation: You are frail. (-10% HP) [an orb of fire]
104417 | Zot:5    | Gained mutation: Scrolls take you longer to read. [an orb
                  | of fire]
104419 | Zot:5    | Gained mutation: You are very frail. (-20% HP) [an orb of
                  | fire]
104427 | Zot:5    | Gained mutation: You are clumsy. (Dex -2) [an orb of fire]
104430 | Zot:5    | Killed an orb of fire
104608 | Zot:5    | Noticed an orb of fire
104709 | Zot:5    | Noticed an orb of fire
104715 | Zot:5    | Gained mutation: You are extremely frail. (-30% HP) [an orb
                  | of fire]
104715 | Zot:5    | Gained mutation: Scrolls take you much longer to read. [an
                  | orb of fire]
104717 | Zot:5    | Killed an orb of fire
104981 | Zot:5    | Lost mutation: You are extremely frail. (-30% HP) [potion
                  | of mutation]
104981 | Zot:5    | Lost mutation: Your magical capacity is low. (-10% MP)
                  | [potion of mutation]
104981 | Zot:5    | Lost mutation: You have a pair of small antennae on your
                  | head. [potion of mutation]
104981 | Zot:5    | Lost mutation: Scrolls take you much longer to read.
                  | [potion of mutation]
104981 | Zot:5    | Lost mutation: You are clumsy. (Dex -2) [potion of
                  | mutation]
104981 | Zot:5    | Lost mutation: You are very frail. (-20% HP) [potion of
                  | mutation]
104981 | Zot:5    | Lost mutation: You are frail. (-10% HP) [potion of
                  | mutation]
104982 | Zot:5    | Lost mutation: Scrolls take you longer to read. [potion of
                  | mutation]
104982 | Zot:5    | Lost mutation: Scrolls take you a little longer to read.
                  | [potion of mutation]
104982 | Zot:5    | Lost mutation: One of your tentacles bears a spike. [potion
                  | of mutation]
104982 | Zot:5    | Gained mutation: Your muscles are strong. (Str +2) [potion
                  | of mutation]
104982 | Zot:5    | Gained mutation: Your mind is acute. (Int +2) [potion of
                  | mutation]
105151 | Zot:5    | Gained mutation: Your magical capacity is low. (-10% MP)
                  | [an orb of fire]
105152 | Zot:5    | Killed an orb of fire
105296 | Zot:5    | Noticed an orb of fire
105314 | Zot:5    | Noticed an orb of fire
105323 | Zot:5    | Killed an orb of fire
105368 | Zot:5    | Noticed an orb of fire
105403 | Zot:5    | Gained mutation: You are occasionally teleported next to
                  | monsters. [an orb of fire]
105404 | Zot:5    | Killed an orb of fire
105405 | Zot:5    | Reached skill level 15 in Spellcasting
105431 | Zot:5    | Noticed an orb of fire
105443 | Zot:5    | Gained mutation: Your body sometimes deteriorates upon
                  | taking damage. [an orb of fire]
105446 | Zot:5    | Noticed an ancient lich
105446 | Zot:5    | Noticed an orb of fire
105447 | Zot:5    | Noticed an orb of fire
105448 | Zot:5    | Gained mutation: You are clumsy. (Dex -2) [an orb of fire]
105448 | Zot:5    | Gained mutation: You tend to lose your temper in combat.
                  | [an orb of fire]
105448 | Zot:5    | Lost mutation: Your mind is acute. (Int +2) [an orb of
                  | fire]
105452 | Zot:4    | Killed an orb of fire
105452 | Zot:4    | Killed an orb of fire
105452 | Zot:4    | Gained mutation: You are sometimes teleported next to
                  | monsters. [mutagenic glow]
105461 | Zot:4    | Killed an ancient lich
105644 | Zot:5    | Gained mutation: You occasionally shout uncontrollably at
                  | your foes. [an orb of fire]
105649 | Zot:5    | Killed an orb of fire
105972 | Zot:5    | Cast into level 4 of the Abyss (Killer Klown)
105972 | Abyss:4  | Found a corrupted altar of Lugonu.
106022 | Abyss:4  | Got an abyssal rune of Zot
106128 | Zot:5    | Escaped the Abyss
106132 | Zot:5    | Gained mutation: You are dopey. (Int -2) [a cacodemon]
106369 | Zot:4    | Lost mutation: You do not regenerate when monsters are
                  | visible. [potion of mutation]
106369 | Zot:4    | Lost mutation: You are dopey. (Int -2) [potion of mutation]
106369 | Zot:4    | Lost mutation: You occasionally shout uncontrollably at
                  | your foes. [potion of mutation]
106369 | Zot:4    | Gained mutation: You are frail. (-10% HP) [potion of
                  | mutation]
106369 | Zot:4    | Gained mutation: You are partially covered in icy blue
                  | scales. (AC +2) [potion of mutation]
106370 | Zot:4    | Lost mutation: You are sometimes teleported next to
                  | monsters. [potion of mutation]
106370 | Zot:4    | Lost mutation: You tend to lose your temper in combat.
                  | [potion of mutation]
106370 | Zot:4    | Lost mutation: You are clumsy. (Dex -2) [potion of
                  | mutation]
106370 | Zot:4    | Gained mutation: You are agile. (Dex +2) [potion of
                  | mutation]
106371 | Zot:4    | Lost mutation: Your magical capacity is low. (-10% MP)
                  | [potion of mutation]
106371 | Zot:4    | Lost mutation: You are partially covered in icy blue
                  | scales. (AC +2) [potion of mutation]
106371 | Zot:4    | Gained mutation: Scrolls take you a little longer to read.
                  | [potion of mutation]
106371 | Zot:4    | Gained mutation: You evolve. [potion of mutation]
106372 | Zot:4    | Lost mutation: You are frail. (-10% HP) [potion of
                  | mutation]
106372 | Zot:4    | Lost mutation: Your body sometimes deteriorates upon taking
                  | damage. [potion of mutation]
106372 | Zot:4    | Lost mutation: Scrolls take you a little longer to read.
                  | [potion of mutation]
106373 | Zot:4    | Lost mutation: Your muscles are strong. (Str +2) [potion of
                  | mutation]
106373 | Zot:4    | Lost mutation: You are agile. (Dex +2) [potion of mutation]
106373 | Zot:4    | Lost mutation: You are occasionally teleported next to
                  | monsters. [potion of mutation]
106373 | Zot:4    | Gained mutation: You have a pair of small antennae on your
                  | head. [potion of mutation]
106373 | Zot:4    | Gained mutation: You have an increased reservoir of magic.
                  | (+10% MP) [potion of mutation]
106373 | Zot:4    | Gained mutation: Your system is resistant to poisons.
                  | (rPois) [potion of mutation]
106426 | Zot:5    | Noticed a dread lich
106531 | Zot:5    | Killed a dread lich
106644 | Zot:5    | Noticed a dread lich
106649 | Zot:5    | Killed a dread lich
106679 | Zot:5    | Gained mutation: You are frail. (-10% HP) [an orb of fire]
106682 | Zot:5    | Gained mutation: You are occasionally teleported next to
                  | monsters. [an orb of fire]
106684 | Zot:5    | Gained mutation: You occasionally shout uncontrollably at
                  | your foes. [an orb of fire]
106684 | Zot:5    | Lost mutation: You are frail. (-10% HP) [mutagenic glow]
106685 | Zot:5    | Killed an orb of fire
106690 | Zot:5    | Gained mutation: You possess an exceptional clarity of
                  | mind. [mutagenic glow]
107385 | Zot:5    | Lost mutation: You evolve. [potion of mutation]
107385 | Zot:5    | Lost mutation: Your system is resistant to poisons. (rPois)
                  | [potion of mutation]
107385 | Zot:5    | Lost mutation: You possess an exceptional clarity of mind.
                  | [potion of mutation]
107385 | Zot:5    | Lost mutation: You have a pair of small antennae on your
                  | head. [potion of mutation]
107385 | Zot:5    | Gained mutation: You possess an exceptional clarity of
                  | mind. [potion of mutation]
107385 | Zot:5    | Gained mutation: Your flesh is heat resistant. (rF+)
                  | [potion of mutation]
107385 | Zot:5    | Gained mutation: You are agile. (Dex +2) [potion of
                  | mutation]
107386 | Zot:5    | Lost mutation: You possess an exceptional clarity of mind.
                  | [potion of mutation]
107386 | Zot:5    | Lost mutation: You are partially covered in yellow scales.
                  | (AC +2) [potion of mutation]
107386 | Zot:5    | Lost mutation: You occasionally shout uncontrollably at
                  | your foes. [potion of mutation]
107386 | Zot:5    | Gained mutation: You possess an exceptional clarity of
                  | mind. [potion of mutation]
107386 | Zot:5    | Gained mutation: You are partially covered in thin metallic
                  | scales. (AC +2) [potion of mutation]
107386 | Zot:5    | Gained mutation: You expend magic power (3 MP) to
                  | strengthen your wands. [potion of mutation]
107387 | Zot:5    | Lost mutation: Your flesh is heat resistant. (rF+) [potion
                  | of mutation]
107387 | Zot:5    | Lost mutation: You possess an exceptional clarity of mind.
                  | [potion of mutation]
107387 | Zot:5    | Lost mutation: You have an increased reservoir of magic.
                  | (+10% MP) [potion of mutation]
107387 | Zot:5    | Gained mutation: One of your tentacles bears a spike.
                  | [potion of mutation]
107387 | Zot:5    | Gained mutation: Your magical capacity is low. (-10% MP)
                  | [potion of mutation]
107387 | Zot:5    | Gained mutation: You are very agile. (Dex +4) [potion of
                  | mutation]
107404 | Zot:5    | Bought 2 potions of heal wounds for 210 gold pieces
107410 | Zot:5    | Bought the +9 staff of Olgreb {rPois∞} for 1600 gold pieces
107410 | Zot:5    | Found the +9 staff of Olgreb {rPois∞}
107621 | Zig:1    | Entered Level 1 of a ziggurat
107647 | Zig:2    | Entered Level 2 of a ziggurat
107674 | Zig:3    | Entered Level 3 of a ziggurat
107804 | Zig:3    | Noticed Ywnom the pandemonium lord
107822 | Zig:3    | Killed Ywnom the pandemonium lord
107833 | Zig:3    | Identified the Compendium of Love and Death
107847 | Zig:4    | Entered Level 4 of a ziggurat
108020 | Zig:5    | Entered Level 5 of a ziggurat
108095 | Zig:5    | Identified the +7 hand axe of the Messenger {vorpal,
                  | *Corrode +Fly Int+5 Stlth+}
108136 | Zig:6    | Entered Level 6 of a ziggurat
108240 | Zig:6    | Identified the ring "Nodueg" {rPois SInv}
108263 | Zig:7    | Entered Level 7 of a ziggurat
108286 | Zig:7    | Identified the Volume of Necromancy and Venom
108299 | Zig:7    | Identified the ring of Ykkoxi {rPois MP+9 EV+4}
108400 | Zig:8    | Entered Level 8 of a ziggurat
108407 | Zig:8    | Noticed a juggernaut
108413 | Zig:8    | Reached skill level 1 in Necromancy
108413 | Zig:8    | Killed a juggernaut
108518 | Zig:8    | Reached skill level 5 in Necromancy
108526 | Zig:8    | Identified the +1 chain mail of Tiashe Lyah {Harm *Drain
                  | Regen+ Str+6}
108547 | Zig:9    | Entered Level 9 of a ziggurat
108754 | Zig:9    | Lost mutation: One of your tentacles bears a spike. [potion
                  | of mutation]
108754 | Zig:9    | Lost mutation: You expend magic power (3 MP) to strengthen
                  | your wands. [potion of mutation]
108754 | Zig:9    | Lost mutation: You are very agile. (Dex +4) [potion of
                  | mutation]
108754 | Zig:9    | Gained mutation: Your skin blends seamlessly with your
                  | surroundings (Stealth++). [potion of mutation]
108754 | Zig:9    | Gained mutation: You have a pair of small antennae on your
                  | head. [potion of mutation]
108754 | Zig:9    | Gained mutation: One of your tentacles bears a spike.
                  | [potion of mutation]
108761 | Zig:9    | Identified the +1 robe of Indomitability {+Inv rElec Slay-6
                  | Stlth-}
108776 | Zig:10   | Entered Level 10 of a ziggurat
108783 | Zig:10   | Noticed an ancient lich
108786 | Zig:10   | Noticed an ancient lich
108787 | Zig:10   | Noticed a dread lich
108789 | Zig:10   | Killed an ancient lich
108790 | Zig:10   | Killed an ancient lich
108791 | Zig:10   | Killed a dread lich
108902 | Zig:10   | Identified the +10 mace of Revolt {vorpal, MP+9 Str+3
                  | Int-5}
108904 | Zig:10   | Identified the amulet of Oteot {RegenMP rF- Int+6 Dex+7}
108930 | Zig:10   | Identified the +8 quarterstaff of Autumn {vamp, Will+ Str-2
                  | Dex+6}
108938 | Zig:11   | Entered Level 11 of a ziggurat
109063 | Zig:11   | Identified the ring of Ighiatt {Int+6 Dex+2}
109071 | Zig:11   | Lost mutation: You are partially covered in thin metallic
                  | scales. (AC +2) [potion of mutation]
109071 | Zig:11   | Lost mutation: Your magical capacity is low. (-10% MP)
                  | [potion of mutation]
109071 | Zig:11   | Lost mutation: Your skin blends seamlessly with your
                  | surroundings (Stealth++). [potion of mutation]
109071 | Zig:11   | Gained mutation: You are sometimes teleported next to
                  | monsters. [potion of mutation]
109071 | Zig:11   | Gained mutation: Your spells are a little harder to cast,
                  | but a little more powerful. [potion of mutation]
109071 | Zig:11   | Gained mutation: Your natural rate of healing is unusually
                  | fast. [potion of mutation]
109110 | Zig:11   | Identified the +2 scale mail of Courage {rElec rPois rN+}
109137 | Zig:12   | Entered Level 12 of a ziggurat
109262 | Zig:12   | Found the +8 demon trident "Rift" {distort, reach+}
109310 | Zig:12   | Identified the ring of the Lotus Blossom {rN+ Int+3 Dex+5}
109343 | Zig:13   | Entered Level 13 of a ziggurat
109443 | Zig:13   | Identified the Disquisition on the Poisonous Mountains
109453 | Zig:13   | Identified the ring "Iqecuc" {rF+ Will++ Str+6 Int-4 Dex+7}
109516 | Zig:14   | Entered Level 14 of a ziggurat
109527 | Zig:14   | Noticed a dread lich
109531 | Zig:14   | Killed a dread lich
109532 | Zig:14   | Reached skill level 10 in Necromancy
109557 | Zig:14   | Lost mutation: Your natural rate of healing is unusually
                  | fast. [potion of mutation]
109557 | Zig:14   | Lost mutation: One of your tentacles bears a spike. [potion
                  | of mutation]
109557 | Zig:14   | Lost mutation: You are agile. (Dex +2) [potion of mutation]
109557 | Zig:14   | Gained mutation: You are agile. (Dex +2) [potion of
                  | mutation]
109561 | Zig:14   | Lost mutation: Your spells are a little harder to cast, but
                  | a little more powerful. [potion of mutation]
109561 | Zig:14   | Lost mutation: You are sometimes teleported next to
                  | monsters. [potion of mutation]
109561 | Zig:14   | Lost mutation: You are agile. (Dex +2) [potion of mutation]
109561 | Zig:14   | Gained mutation: Your skin blends seamlessly with your
                  | surroundings (Stealth++). [potion of mutation]
109706 | Zig:14   | Lost mutation: You have a pair of small antennae on your
                  | head. [potion of mutation]
109706 | Zig:14   | Lost mutation: You are occasionally teleported next to
                  | monsters. [potion of mutation]
109706 | Zig:14   | Lost mutation: Your skin blends seamlessly with your
                  | surroundings (Stealth++). [potion of mutation]
109706 | Zig:14   | Gained mutation: You can translocate small distances at
                  | will. [potion of mutation]
109706 | Zig:14   | Gained mutation: You are partially covered in thin metallic
                  | scales. (AC +2) [potion of mutation]
109741 | Zig:15   | Entered Level 15 of a ziggurat
110347 | Zig:15   | Identified the ring of Vomiciwn {MP+9 Int+5 Dex+5}
110354 | Zig:15   | Identified the amulet "Uheyciri" {Acrobat rElec Slay+5}
110380 | Zig:15   | Identified the Incunabulum of Supportive Moulding
110392 | Zig:16   | Entered Level 16 of a ziggurat
110402 | Zig:16   | Noticed a dread lich
110403 | Zig:16   | Noticed a dread lich
110403 | Zig:16   | Noticed an ancient lich
110404 | Zig:16   | Noticed a dread lich
110406 | Zig:16   | Killed a dread lich
110406 | Zig:16   | Killed an ancient lich
110406 | Zig:16   | Killed a dread lich
110407 | Zig:16   | Killed a dread lich
110477 | Zig:16   | Identified the +14 gold dragon scales of Vaviseow {rElec
                  | rPois rF+ rC+ Str+2}
110494 | Zig:16   | Identified the ring of Maism {*Slow rElec rN++ Str+6}
110496 | Zig:16   | Identified the +11 long sword of Moral Flaws {antimagic,
                  | +Fly rC++ Str+2 Int-2}
110516 | Zig:17   | Entered Level 17 of a ziggurat
110628 | Zig:17   | Identified the +0 cloak of Divine Contentment {Will+ Int+3
                  | Slay+2}
110648 | Zig:18   | Entered Level 18 of a ziggurat
110852 | Zig:18   | Found the ring of the Octopus King
110913 | Zig:18   | Identified a ring of the Octopus King {Wiz AC+1 EV+1 Str+1
                  | Int+1 Dex+1}
110949 | Zig:19   | Entered Level 19 of a ziggurat
110962 | Zig:19   | Noticed a dread lich
110965 | Zig:19   | Reached skill level 15 in Necromancy
110965 | Zig:19   | Killed a dread lich
111127 | Zig:19   | Identified the +7 flail of Ubinouv {elec, +Inv}
111140 | Zig:19   | Identified the +1 scimitar of True Grit {vorpal, rF++ MP-9
                  | Str+6}
111146 | Zig:19   | Identified the +7 halberd "Impbane" {freeze, Str+4 Dex+4}
111173 | Zig:19   | Identified Sif Muna's Disquisition on Toxins
111183 | Zig:19   | Identified the +8 rapier "Jiyckept" {drain, rPois rC+ Dex-2
                  | SInv}
111226 | Zig:20   | Entered Level 20 of a ziggurat
111500 | Zig:20   | Identified the amulet of Fatigue {Spirit rF+}
111506 | Zig:20   | Identified the Tome of Contamination
111520 | Zig:20   | Identified the +5 dire flail of the Lurker {freeze, Int+4}
111527 | Zig:20   | Acquired 731 gold pieces
111536 | Zig:21   | Entered Level 21 of a ziggurat
111543 | Zig:21   | Noticed a royal mummy
111548 | Zig:21   | Noticed a royal mummy
111549 | Zig:21   | Noticed a royal mummy
111549 | Zig:21   | Noticed a royal mummy
111550 | Zig:21   | Noticed a dread lich
111551 | Zig:21   | Noticed a royal mummy
111552 | Zig:21   | Noticed a royal mummy
111552 | Zig:21   | Noticed a royal mummy
111552 | Zig:21   | Noticed a royal mummy
111553 | Zig:21   | Killed a royal mummy
111553 | Zig:21   | Killed a dread lich
111554 | Zig:21   | Killed a royal mummy
111554 | Zig:21   | Killed a royal mummy
111554 | Zig:21   | Killed a royal mummy
111555 | Zig:21   | Killed a royal mummy
111556 | Zig:21   | Killed a royal mummy
111556 | Zig:21   | Killed a royal mummy
111563 | Zig:21   | Killed a royal mummy
111759 | Zig:21   | Identified the ring "Vilukas" {rPois rF+}
111771 | Zig:21   | Identified the ring of Vityongo {Wiz Int+4 Dex+7}
111775 | Zig:21   | Identified the +7 fustibalus of the Eternal Warrior
                  | {vorpal, Str+2 Int+4}
111776 | Zig:21   | Identified the ring of Usimowk {+Fly rF++ rN+ Will-}
111803 | Zig:22   | Entered Level 22 of a ziggurat
112076 | Zig:22   | Identified the +8 halberd of Okawaru's Wrath {speed, rC-
                  | Str+4 Dex+6}
112081 | Zig:22   | Identified the +10 hand axe "Orb Guardian's Doom" {elec,
                  | rPois Will+ SInv}
112082 | Zig:22   | Identified the Disquisition on Nocuous Malediction
112085 | Zig:22   | Identified the +4 ring mail "Utacvep" {Int+2}
112088 | Zig:22   | Identified the Handbook of Shape Shifting and Air
112090 | Zig:22   | Identified the Disquisition on Transmigration and the
                  | Volcanoes
112100 | Zig:22   | Identified the +2 cloak "Paatt" {rPois Will- SInv}
112123 | Zig:22   | Learned a level 8 spell: Necromutation
112132 | Zig:22   | Learned a level 8 spell: Infestation
112137 | Zig:23   | Entered Level 23 of a ziggurat
112143 | Zig:23   | Noticed Qiaci the pandemonium lord
112144 | Zig:23   | Noticed Mynageomn the pandemonium lord
112144 | Zig:23   | Noticed Ypnogrit the pandemonium lord
112144 | Zig:23   | Noticed Nauzxaph the pandemonium lord
112150 | Zig:23   | Noticed Miluwia the pandemonium lord
112152 | Zig:23   | Killed Mynageomn the pandemonium lord
112153 | Zig:23   | Noticed Caffikau the pandemonium lord
112154 | Zig:23   | Noticed Xufoeresm the pandemonium lord
112155 | Zig:23   | Noticed Vuudwolu the pandemonium lord
112155 | Zig:23   | Killed Nauzxaph the pandemonium lord
112155 | Zig:23   | Noticed Yjau the pandemonium lord
112156 | Zig:23   | Killed Miluwia the pandemonium lord
112158 | Zig:23   | Noticed Upih the pandemonium lord
112159 | Zig:23   | Killed Qiaci the pandemonium lord
112160 | Zig:23   | Noticed Oruahah the pandemonium lord
112163 | Zig:23   | Killed Xufoeresm the pandemonium lord
112165 | Zig:23   | Noticed Nemn the pandemonium lord
112166 | Zig:23   | Killed Caffikau the pandemonium lord
112169 | Zig:23   | Killed Oruahah the pandemonium lord
112171 | Zig:23   | Killed Yjau the pandemonium lord
112180 | Zig:23   | Killed Upih the pandemonium lord
112180 | Zig:23   | Killed Vuudwolu the pandemonium lord
112191 | Zig:23   | Killed Ypnogrit the pandemonium lord
112210 | Zig:23   | Killed Nemn the pandemonium lord
112216 | Zig:23   | Gained mutation: Scrolls take you a little longer to read.
                  | [mutagenic glow]
112604 | Zig:23   | Lost mutation: You can translocate small distances at will.
                  | [potion of mutation]
112604 | Zig:23   | Lost mutation: Scrolls take you a little longer to read.
                  | [potion of mutation]
112604 | Zig:23   | Lost mutation: You are partially covered in thin metallic
                  | scales. (AC +2) [potion of mutation]
112604 | Zig:23   | Gained mutation: Your body sometimes deteriorates upon
                  | taking damage. [potion of mutation]
112604 | Zig:23   | Gained mutation: You are clumsy. (Dex -2) [potion of
                  | mutation]
112604 | Zig:23   | Gained mutation: One of your tentacles bears a spike.
                  | [potion of mutation]
112604 | Zig:23   | Gained mutation: Your spells are a little harder to cast,
                  | but a little more powerful. [potion of mutation]
112620 | Zig:23   | Identified Jeyts's Compendium of Scorching Air
112629 | Zig:23   | Identified the +11 quarterstaff of Xom's Esteem {flame,
                  | rF+++ Str+3 Int-3}
112634 | Zig:24   | Entered Level 24 of a ziggurat
112648 | Zig:24   | Identified the +2 buckler of Quaco {Regen+ Int+4}
112650 | Zig:24   | Reached skill level 15 in Staves
113151 | Zig:24   | Found the +7 sceptre of Torment {pain, torment}
113240 | Zig:24   | Identified the ring "Akhau" {+Fly rPois Int+2 Dex+6}
113250 | Zig:24   | Identified the ring "Vosaox" {rPois Dex+2}
113254 | Zig:24   | Identified the +7 hand axe of Diet Blood {flame, rPois
                  | Will+ MP-9}
113267 | Zig:24   | Identified the ring of the Mackerel {*Corrode rN+++ Str+6
                  | Int+4}
113278 | Zig:24   | Identified the +12 halberd "Anidet" {vorpal, Str+5}
113295 | Zig:24   | Acquired 514 gold pieces
113297 | Zig:24   | Acquired 1185 gold pieces
113314 | Zig:25   | Entered Level 25 of a ziggurat
113341 | Zig:25   | Reached skill level 15 in Evocations
113600 | Zig:25   | Identified the +3 robe "Zeipp" {rElec rF- Int+4 Stlth+}
113603 | Zig:25   | Identified Faozy's Catalogue of Companions
113613 | Zig:25   | Identified the +4 short sword "Ahilareu" {speed, Will+}
113619 | Zig:26   | Entered Level 26 of a ziggurat
113636 | Zig:26   | Reached skill level 5 in Air Magic
113992 | Zig:26   | Identified the amulet "Daosumoj" {Acrobat rN+ Stlth+}
114003 | Zig:26   | Identified the +12 great sword "Bootuer" {flame, +Blink
                  | rPois Will-}
114004 | Zig:26   | Identified the +10 falchion of the Twisting Viper {flame,
                  | Str+4 Dex+4}
114007 | Zig:26   | Acquired 1270 gold pieces
114013 | Zig:26   | Identified the +8 rapier "Janaryr" {freeze, +Inv rF+ Will+}
114015 | Zig:26   | Identified the +0 ice dragon scales of Nekhoimo {rF- rC++
                  | Dex+3 Stlth+}
114018 | Zig:26   | Identified the Collected Works on Destructive Flight
114023 | Zig:27   | Entered Level 27 of a ziggurat
114028 | Zig:27   | Noticed an orb of fire
114029 | Zig:27   | Noticed an orb of fire
114029 | Zig:27   | Noticed an orb of fire
114033 | Zig:27   | Noticed an orb of fire
114034 | Zig:27   | Gained mutation: You are occasionally teleported next to
                  | monsters. [an orb of fire]
114034 | Zig:27   | Gained mutation: Your body often deteriorates upon taking
                  | damage. [an orb of fire]
114035 | Zig:27   | Noticed an orb of fire
114036 | Zig:27   | Killed an orb of fire
114036 | Zig:27   | Gained mutation: Your magical capacity is low. (-10% MP)
                  | [an orb of fire]
114037 | Zig:27   | Reached skill level 10 in Air Magic
114038 | Zig:27   | Noticed an orb of fire
114039 | Zig:27   | Killed an orb of fire
114040 | Zig:27   | Killed an orb of fire
114041 | Zig:27   | Killed an orb of fire
114041 | Zig:27   | Noticed an orb of fire
114048 | Zig:27   | Noticed an orb of fire
114053 | Zig:27   | Gained mutation: You are frail. (-10% HP) [an orb of fire]
114054 | Zig:27   | Killed an orb of fire
114055 | Zig:27   | Killed an orb of fire
114061 | Zig:27   | Gained mutation: You are sometimes teleported next to
                  | monsters. [mutagenic glow]
114064 | Zig:27   | Killed an orb of fire
114064 | Zig:27   | Gained mutation: You are very clumsy. (Dex -4) [an orb of
                  | fire]
114065 | Zig:27   | Killed an orb of fire
114086 | Zig:27   | Gained mutation: You occasionally shout uncontrollably at
                  | your foes. [mutagenic glow]
114360 | Zig:27   | Lost mutation: You are very clumsy. (Dex -4) [potion of
                  | mutation]
114360 | Zig:27   | Lost mutation: Your body often deteriorates upon taking
                  | damage. [potion of mutation]
114360 | Zig:27   | Gained mutation: You are very clumsy. (Dex -4) [potion of
                  | mutation]
114360 | Zig:27   | Lost mutation: You are very clumsy. (Dex -4) [potion of
                  | mutation]
114360 | Zig:27   | Gained mutation: You have a pair of small antennae on your
                  | head. [potion of mutation]
114361 | Zig:27   | Lost mutation: You occasionally shout uncontrollably at
                  | your foes. [potion of mutation]
114361 | Zig:27   | Lost mutation: Your magical capacity is low. (-10% MP)
                  | [potion of mutation]
114361 | Zig:27   | Lost mutation: You are clumsy. (Dex -2) [potion of
                  | mutation]
114361 | Zig:27   | Lost mutation: You have a pair of small antennae on your
                  | head. [potion of mutation]
114361 | Zig:27   | Gained mutation: You have a pair of small antennae on your
                  | head. [potion of mutation]
114362 | Zig:27   | Lost mutation: You have a pair of small antennae on your
                  | head. [potion of mutation]
114362 | Zig:27   | Lost mutation: One of your tentacles bears a spike. [potion
                  | of mutation]
114362 | Zig:27   | Lost mutation: You are sometimes teleported next to
                  | monsters. [potion of mutation]
114362 | Zig:27   | Gained mutation: Your natural rate of healing is unusually
                  | fast. [potion of mutation]
114362 | Zig:27   | Gained mutation: Your mind is acute. (Int +2) [potion of
                  | mutation]
114362 | Zig:27   | Gained mutation: You are partially covered in yellow
                  | scales. (AC +2) [potion of mutation]
114363 | Zig:27   | Lost mutation: You are frail. (-10% HP) [potion of
                  | mutation]
114363 | Zig:27   | Lost mutation: Your body sometimes deteriorates upon taking
                  | damage. [potion of mutation]
114363 | Zig:27   | Gained mutation: Your muscles are strong. (Str +2) [potion
                  | of mutation]
114363 | Zig:27   | Gained mutation: You are strong-willed. (Will+) [potion of
                  | mutation]
114363 | Zig:27   | Gained mutation: You have an increased reservoir of magic.
                  | (+10% MP) [potion of mutation]
114364 | Zig:27   | Lost mutation: Your spells are a little harder to cast, but
                  | a little more powerful. [potion of mutation]
114364 | Zig:27   | Lost mutation: You are occasionally teleported next to
                  | monsters. [potion of mutation]
114364 | Zig:27   | Lost mutation: You have an increased reservoir of magic.
                  | (+10% MP) [potion of mutation]
114364 | Zig:27   | Gained mutation: Scrolls take you a little longer to read.
                  | [potion of mutation]
114364 | Zig:27   | Gained mutation: Your spells are a little harder to cast,
                  | but a little more powerful. [potion of mutation]
114365 | Zig:27   | Lost mutation: Your mind is acute. (Int +2) [potion of
                  | mutation]
114365 | Zig:27   | Lost mutation: You are partially covered in yellow scales.
                  | (AC +2) [potion of mutation]
114365 | Zig:27   | Gained mutation: You expend magic power (3 MP) to
                  | strengthen your wands. [potion of mutation]
114365 | Zig:27   | Gained mutation: You possess an exceptional clarity of
                  | mind. [potion of mutation]
114367 | Zig:27   | Identified Jucog's Grimoire of Creative Earth
114372 | Zig:27   | Identified the +10 halberd "Kemeekko" {venom, rC+ MP+9
                  | Int+3}
114375 | Zig:27   | Identified the ring "Uruy" {Str+5 Slay+4}
114376 | Zig:27   | Identified the +0 leather armour "Xusuycsubai" {rElec rC+
                  | Dex+8}
114388 | Zig:27   | Identified the +5 fire dragon scales of Evolution {rElec
                  | rF++ rC- rCorr}
114391 | Zig:27   | Lost mutation: Scrolls take you a little longer to read.
                  | [potion of mutation]
114391 | Zig:27   | Lost mutation: You possess an exceptional clarity of mind.
                  | [potion of mutation]
114391 | Zig:27   | Gained mutation: Scrolls take you a little longer to read.
                  | [potion of mutation]
114391 | Zig:27   | Gained mutation: You are partially covered in molten
                  | scales. (AC +2) [potion of mutation]
114392 | Zig:27   | Lost mutation: Your spells are a little harder to cast, but
                  | a little more powerful. [potion of mutation]
114392 | Zig:27   | Gained mutation: You are covered in fur. (AC +1) [potion of
                  | mutation]
114392 | Zig:27   | Gained mutation: Your flesh is heat resistant. (rF+)
                  | [potion of mutation]
114446 | Depths:2 | Killed a juggernaut
114745 | Crypt:1  | Entered Level 1 of the Crypt
114754 | Crypt:1  | Noticed Boris
114758 | Crypt:1  | Killed Boris
115677 | Crypt:1  | Reached skill level 15 in Air Magic
116463 | Crypt:2  | Noticed Khufu
116466 | Crypt:2  | Noticed a royal mummy
116474 | Crypt:3  | Entered Level 3 of the Crypt
116610 | Crypt:2  | Killed a royal mummy
116610 | Crypt:2  | Killed Khufu
116880 | Crypt:2  | Noticed Saint Roka
116885 | Crypt:2  | Killed Saint Roka
118025 | Crypt:3  | Found a staircase to the Tomb.
118071 | Crypt:3  | Noticed an ancient lich
119020 | Crypt:3  | Identified the +1 plate armour of the Eight Boll Weevils
                  | {Harm Str+3 Dex-2}
119067 | Crypt:3  | Found the ring of the Hare {EV+8}
119070 | Crypt:3  | Identified the ring "Jeontuin" {*Slow rN+ EV+4 Str-3 Int+9}
119071 | Crypt:3  | Identified the ring of Ampadghips {rF+ Dex+6 Stlth+}
119075 | Crypt:3  | Identified the +2 great sword of the Glowing Stork {pain,
                  | Dex+7}
119525 | Crypt:3  | Identified the +5 kite shield of the World {rN+ Dex-5
                  | Stlth+}
119965 | Tomb:1   | Entered Level 1 of the Tomb of the Ancients
121023 | Tomb:1   | Noticed a royal mummy
121058 | Tomb:1   | Noticed a royal mummy
121232 | Tomb:1   | Noticed a royal mummy
121254 | Tomb:1   | Killed a royal mummy
121413 | Tomb:1   | Noticed a royal mummy
121413 | Tomb:1   | Noticed a royal mummy
121424 | Tomb:1   | Killed a royal mummy
121427 | Tomb:1   | Killed a royal mummy
121593 | Tomb:1   | Noticed a royal mummy
121605 | Tomb:1   | Killed a royal mummy
121651 | Tomb:1   | Noticed a royal mummy
121691 | Tomb:1   | Killed a royal mummy
121691 | Tomb:1   | Noticed a royal mummy
121722 | Tomb:1   | Killed a royal mummy
121897 | Tomb:1   | Killed a royal mummy
121898 | Tomb:1   | Noticed a royal mummy
121900 | Tomb:1   | Killed a royal mummy
121904 | Tomb:1   | Killed a royal mummy
122074 | Tomb:1   | Noticed a royal mummy
122084 | Tomb:1   | Killed a royal mummy
122098 | Tomb:1   | Noticed a royal mummy
122104 | Tomb:1   | Killed a royal mummy
122274 | Tomb:1   | Noticed a royal mummy
122280 | Tomb:1   | Killed a royal mummy
122501 | Tomb:1   | Identified the amulet "Cile" {Reflect Will+ SH+5}
122548 | Tomb:1   | Noticed a royal mummy
122645 | Tomb:1   | Banished a royal mummy
122840 | Tomb:1   | Noticed a royal mummy
122846 | Tomb:1   | Killed a royal mummy
122847 | Tomb:1   | Reached skill level 1 in Polearms
122993 | Tomb:1   | Noticed a royal mummy
122994 | Tomb:1   | Noticed a royal mummy
123000 | Tomb:1   | Killed a royal mummy
123004 | Tomb:1   | Killed a royal mummy
123193 | Tomb:1   | Noticed a royal mummy
123204 | Tomb:1   | Killed a royal mummy
123467 | Tomb:1   | Noticed a royal mummy
123476 | Tomb:1   | Killed a royal mummy
123916 | Tomb:2   | Noticed a royal mummy
123916 | Tomb:2   | Noticed a royal mummy
123916 | Tomb:2   | Noticed a royal mummy
123919 | Tomb:2   | Killed a royal mummy
123920 | Tomb:2   | Reached skill level 5 in Polearms
123920 | Tomb:2   | Killed a royal mummy
123920 | Tomb:2   | Noticed a royal mummy
123921 | Tomb:2   | Killed a royal mummy
123927 | Tomb:2   | Killed a royal mummy
123976 | Tomb:2   | Noticed Boris
123986 | Tomb:2   | Killed Boris
125488 | Tomb:3   | Entered Level 3 of the Tomb of the Ancients
125501 | Tomb:3   | Noticed a royal mummy
125502 | Tomb:3   | Noticed a royal mummy
125508 | Tomb:3   | Killed a royal mummy
125508 | Tomb:3   | Killed a royal mummy
125511 | Tomb:3   | Noticed a royal mummy
125516 | Tomb:3   | Noticed a royal mummy
125521 | Tomb:3   | Noticed a royal mummy
125522 | Tomb:3   | Killed a royal mummy
125523 | Tomb:3   | Reached skill level 10 in Polearms
125523 | Tomb:3   | Noticed a royal mummy
125524 | Tomb:3   | Noticed a royal mummy
125668 | Tomb:3   | Noticed a royal mummy
125673 | Tomb:3   | Killed a royal mummy
125673 | Tomb:3   | Killed a royal mummy
125674 | Tomb:3   | Killed a royal mummy
125675 | Tomb:3   | Killed a royal mummy
125691 | Tomb:2   | Killed a royal mummy
125907 | Tomb:3   | Identified the ring "Paizao" {Int+2 Dex+6}
125909 | Tomb:3   | Identified the ring of Circularity {Wiz Int+4}
126085 | Tomb:3   | Identified the Tome of Sinister Secrets and Combat Magic
126309 | Tomb:3   | Got a golden rune of Zot
126840 | Hell     | Entered the Vestibule of Hell
126840 | Hell     | Noticed Geryon
127329 | Hell     | Killed Geryon
127660 | Hell     | Found a gateway to the ashen valley of Gehenna.
128042 | Hell     | Found a gateway to the freezing wastes of Cocytus.
128149 | Hell     | Found a gateway to the Iron City of Dis.
128276 | Hell     | Found a gateway to the decaying netherworld of Tartarus.
128790 | Geh:1    | Entered Level 1 of Gehenna
131357 | Geh:7    | Entered Level 7 of Gehenna
131778 | Geh:7    | Identified the +5 short sword "Aloips" {freeze, rC+ rN+
                  | Int+3}
132930 | Geh:7    | Learned a level 9 spell: Tornado
132932 | Geh:7    | Found the +7 sceptre of Asmodeus
132932 | Geh:7    | Noticed Asmodeus
132947 | Geh:7    | Killed Asmodeus
133018 | Geh:7    | Got an obsidian rune of Zot
133243 | Zig:1    | Entered Level 1 of a ziggurat
133277 | Zig:2    | Entered Level 2 of a ziggurat
133382 | Zig:3    | Entered Level 3 of a ziggurat
133385 | Zig:3    | Noticed a juggernaut
133391 | Zig:3    | Reached skill level 1 in Ice Magic
133392 | Zig:3    | Killed a juggernaut
133414 | Zig:4    | Entered Level 4 of a ziggurat
133460 | Zig:4    | Identified the +9 morningstar "Doqepsag" {venom, *Noise
                  | rPois Str+10 Int+4}
133464 | Zig:5    | Entered Level 5 of a ziggurat
133619 | Zig:5    | Identified the Disquisition on Doomed Arcane Weapons
133622 | Zig:5    | Identified the Collected Works on Snow and Ignition
133652 | Zig:6    | Entered Level 6 of a ziggurat
133781 | Zig:6    | Identified the +3 leather armour "Yhed" {Str+4 Int+5}
133789 | Zig:7    | Entered Level 7 of a ziggurat
133904 | Zig:7    | Identified the +5 dagger "Pyjeirum" {vorpal, Fragile +Fly
                  | Dex+3}
133939 | Zig:8    | Entered Level 8 of a ziggurat
133953 | Zig:8    | Reached skill level 5 in Ice Magic
134097 | Zig:9    | Entered Level 9 of a ziggurat
134227 | Zig:9    | Identified Sif Muna's Tome of Flying Black Secrets
134229 | Zig:9    | Identified the +0 cloak "Zaluiz" {Will+ MP+9 Slay+3 Stlth+}
134236 | Zig:9    | Identified the +6 rapier of Xaoseom {venom, Str+2 Dex+3}
134245 | Zig:10   | Entered Level 10 of a ziggurat
134254 | Zig:10   | Noticed an ancient lich
134256 | Zig:10   | Killed an ancient lich
134448 | Zig:10   | Identified the +1 scale mail "Hetuev" {Harm *Slow Str-5
                  | Dex+5}
134460 | Zig:11   | Entered Level 11 of a ziggurat
134550 | Zig:11   | Identified the amulet "Lagg" {Reflect rElec rPois rC- SH+5}
134608 | Zig:11   | Identified the +1 helmet of the Evil One {rPois rC- Int+2}
134611 | Zig:12   | Entered Level 12 of a ziggurat
134760 | Zig:12   | Identified the Volume of the Voyage and Changing
134790 | Zig:13   | Entered Level 13 of a ziggurat
134794 | Zig:13   | Noticed Gaunle the pandemonium lord
134794 | Zig:13   | Noticed Lonysoer the pandemonium lord
134798 | Zig:13   | Noticed Ysanoz the pandemonium lord
134800 | Zig:13   | Noticed Wopsof the pandemonium lord
134802 | Zig:13   | Killed Gaunle the pandemonium lord
134802 | Zig:13   | Killed Lonysoer the pandemonium lord
134804 | Zig:13   | Killed Ysanoz the pandemonium lord
134829 | Zig:13   | Killed Wopsof the pandemonium lord
134830 | Zig:13   | Reached skill level 10 in Ice Magic
135035 | Zig:13   | Identified the +4 quarterstaff of Cuofiguy {vorpal, Int+5}
135039 | Zig:14   | Entered Level 14 of a ziggurat
135208 | Zig:14   | Identified the amulet of Riuqairch {RegenMP +Inv Will+}
135212 | Zig:14   | Identified Lesefosk's Guide on Displacement and Evil
135218 | Zig:14   | Identified the +8 broad axe "Xitior" {protect, +Blink rC+
                  | Int+3}
135236 | Zig:15   | Entered Level 15 of a ziggurat
135245 | Zig:15   | Noticed an orb of fire
135245 | Zig:15   | Noticed an orb of fire
135245 | Zig:15   | Noticed an orb of fire
135253 | Zig:15   | Learned a level 4 spell: Passage of Golubria
135256 | Zig:15   | Noticed an orb of fire
135256 | Zig:15   | Noticed an orb of fire
135257 | Zig:15   | Found the +2 Maxwell's thermic engine {flame, freeze}
135259 | Zig:15   | Killed an orb of fire
135260 | Zig:15   | Killed an orb of fire
135260 | Zig:15   | Killed an orb of fire
135260 | Zig:15   | Killed an orb of fire
135262 | Zig:15   | Killed an orb of fire
135341 | Zig:15   | Identified the amulet of Qazlal's Benevolence {Acrobat
                  | *Contam rF+++ Will++}
135345 | Zig:15   | Identified the amulet "Ukhlad" {Reflect Dex+3 SH+5}
135358 | Zig:15   | Identified the Disquisition on Curses
135360 | Zig:15   | Identified the Volume of Summoning and Bewitchment
135364 | Zig:15   | Identified the +7 rapier "Spider's Death Toll" {vorpal,
                  | +Fly rN+ Int+4 Dex+5}
135369 | Zig:15   | Identified the amulet "Jiarph" {Faith rPois MP-9 Str+6}
135421 | Zig:15   | Identified the +4 shortbow of Cowardice {freeze, Dex+2}
135425 | Zig:15   | Identified the +7 whip of Transparent Integrity {flame,
                  | Str+8 Dex-5}
135426 | Zig:15   | Identified the +0 cloak of Uskayaw's Esteem {rF++ rC+
                  | Regen+}
135430 | Zig:16   | Entered Level 16 of a ziggurat
135443 | Zig:16   | Noticed a dread lich
135443 | Zig:16   | Noticed a dread lich
135443 | Zig:16   | Noticed an ancient lich
135443 | Zig:16   | Noticed an ancient lich
135444 | Zig:16   | Found the +10 Black Knight's barding {ponderous, rPois rN+}
135445 | Zig:16   | Killed an ancient lich
135445 | Zig:16   | Killed an ancient lich
135445 | Zig:16   | Killed a dread lich
135446 | Zig:16   | Killed a dread lich
135468 | Zig:16   | Identified the Collected Works on Venom and Moulding
135672 | Zig:17   | Entered Level 17 of a ziggurat
135850 | Zig:17   | Identified the ring "Susat" {*Slow Will+ Int+4 Dex+6}
135852 | Zig:17   | Identified the Handbook of Attacks and the Glacier
135856 | Zig:17   | Identified the ring of the Prince of Darkness {rPois Int+2
                  | Dex-2 SInv}
135995 | Zig:18   | Entered Level 18 of a ziggurat
136001 | Zig:18   | Noticed a royal mummy
136001 | Zig:18   | Noticed a royal mummy
136003 | Zig:18   | Noticed a royal mummy
136003 | Zig:18   | Noticed a royal mummy
136003 | Zig:18   | Noticed a royal mummy
136004 | Zig:18   | Noticed a royal mummy
136006 | Zig:18   | Killed a royal mummy
136007 | Zig:18   | Noticed a royal mummy
136009 | Zig:18   | Killed a royal mummy
136009 | Zig:18   | Killed a royal mummy
136009 | Zig:18   | Killed a royal mummy
136009 | Zig:18   | Killed a royal mummy
136010 | Zig:18   | Noticed a royal mummy
136011 | Zig:18   | Killed a royal mummy
136012 | Zig:18   | Noticed a royal mummy
136014 | Zig:18   | Killed a royal mummy
136016 | Zig:18   | Killed a royal mummy
136020 | Zig:18   | Killed a royal mummy
136258 | Zig:18   | Identified Kounihudgh's Papyrus of Supportive Black Rituals
136302 | Zig:18   | Identified Ececk's Collected Works on the Icy Escort
136304 | Zig:18   | Identified the ring of Tyosucu {rElec Will+ Slay+3}
136368 | Zig:19   | Entered Level 19 of a ziggurat
136372 | Zig:19   | Noticed a royal mummy
136373 | Zig:19   | Noticed a royal mummy
136375 | Zig:19   | Noticed a royal mummy
136377 | Zig:19   | Noticed a royal mummy
136378 | Zig:19   | Killed a royal mummy
136379 | Zig:19   | Noticed a royal mummy
136379 | Zig:19   | Noticed a royal mummy
136380 | Zig:19   | Killed a royal mummy
136380 | Zig:19   | Noticed a royal mummy
136382 | Zig:19   | Killed a royal mummy
136382 | Zig:19   | Noticed a royal mummy
136383 | Zig:19   | Reached skill level 15 in Ice Magic
136383 | Zig:19   | Killed a royal mummy
136383 | Zig:19   | Noticed a royal mummy
136383 | Zig:19   | Noticed a royal mummy
136384 | Zig:19   | Noticed a royal mummy
136385 | Zig:19   | Noticed a royal mummy
136388 | Zig:19   | Killed a royal mummy
136388 | Zig:19   | Killed a royal mummy
136388 | Zig:19   | Killed a royal mummy
136397 | Zig:19   | Killed a royal mummy
136397 | Zig:19   | Killed a royal mummy
136404 | Zig:19   | Killed a royal mummy
136407 | Zig:19   | Killed a royal mummy
136408 | Zig:19   | Reached skill level 27 in Evocations
136415 | Zig:19   | Killed a royal mummy
136570 | Zig:19   | Found the +5 demon whip "Spellbinder" {antimagic, Will+}
136579 | Zig:19   | Identified the amulet "Noposk" {Acrobat Str+5}
136587 | Zig:19   | Identified the ring "Doheem" {Ice Str+5 Int+2}
136769 | Zig:20   | Entered Level 20 of a ziggurat
136782 | Zig:20   | Gained mutation: You are partially covered in rugged brown
                  | scales. (AC +1, +3% HP) [a shining eye]
136783 | Zig:20   | Lost mutation: Your muscles are strong. (Str +2) [a shining
                  | eye]
136923 | Zig:20   | Identified the +2 robe "Ucvatig" {rC+ Regen+}
136932 | Zig:20   | Identified the Collected Works on Summoning and the Blaze
136934 | Zig:20   | Identified the +5 war axe of Dissatisfaction {vorpal, *Rage
                  | rC+ Str+2 Int+4}
136936 | Zig:20   | Identified the amulet of Beauty {Spirit +Fly rC+ Str+2}
136971 | Zig:21   | Entered Level 21 of a ziggurat
136980 | Zig:21   | Noticed a dread lich
136981 | Zig:21   | Noticed a dread lich
136987 | Zig:21   | Noticed a dread lich
136987 | Zig:21   | Noticed an ancient lich
136988 | Zig:21   | Reached skill level 27 in Spellcasting
136988 | Zig:21   | Killed a dread lich
136989 | Zig:21   | Killed a dread lich
136989 | Zig:21   | Noticed a dread lich
136990 | Zig:21   | Reached skill level 5 in Summonings
136991 | Zig:21   | Noticed an ancient lich
136993 | Zig:21   | Killed a dread lich
136993 | Zig:21   | Killed an ancient lich
136995 | Zig:21   | Killed a dread lich
136996 | Zig:21   | Killed an ancient lich
137128 | Zig:21   | Found the ring of the Mage {Wiz Will++ Int+3}
137243 | Zig:21   | Identified the ring "Feapim" {+Blink rC+ Str+3 Int+4
                  | Slay-3}
137257 | Zig:21   | Identified the +9 eveningstar of the Lesser Evil {freeze,
                  | rElec Str+3}
137274 | Zig:21   | Learned a level 9 spell: Absolute Zero
137275 | Zig:21   | Identified the +5 long sword of the Sun {flame, Str+4
                  | Dex+4}
137284 | Zig:22   | Entered Level 22 of a ziggurat
137294 | Zig:22   | Noticed a dread lich
137294 | Zig:22   | Noticed an ancient lich
137294 | Zig:22   | Noticed an ancient lich
137295 | Zig:22   | Noticed an ancient lich
137295 | Zig:22   | Noticed a dread lich
137297 | Zig:22   | Killed an ancient lich
137297 | Zig:22   | Noticed an ancient lich
137299 | Zig:22   | Killed a dread lich
137299 | Zig:22   | Killed an ancient lich
137299 | Zig:22   | Killed an ancient lich
137299 | Zig:22   | Killed a dread lich
137301 | Zig:22   | Killed an ancient lich
137303 | Zig:22   | Found the +6 shillelagh "Devastator" {shatter}
137478 | Zig:22   | Found the -2 hat of the Alchemist {rElec rPois rF+ rC+ rN+
                  | Will+ rMut rCorr}
137541 | Zig:22   | Identified the +7 hunting sling of Vugguc {venom, rElec
                  | rPois Str+3 Dex+4}
137543 | Zig:22   | Identified the ring of the Snail {+Fly Str+3}
137547 | Zig:22   | Identified the ring of Reimbursement {Will+ Stlth+}
137555 | Zig:22   | Identified the +4 morningstar "Ocveire" {freeze, +Inv
                  | Str+3}
137606 | Zig:23   | Entered Level 23 of a ziggurat
137621 | Zig:23   | Reached skill level 27 in Air Magic
137863 | Zig:23   | Identified the ring "Gousaose" {rN+ Will+ Slay+5}
137979 | Zig:23   | Learned a level 2 spell: Wereblood
137980 | Zig:24   | Entered Level 24 of a ziggurat
138278 | Zig:24   | Found the +8 lance "Wyrmbane" {slay drac, rPois rF+ rC+
                  | AC+3}
138278 | Zig:24   | Found the amulet of Vitality {Regen+ HP+15}
138288 | Zig:24   | Identified the Collected Works on Freezing Contamination
138293 | Zig:24   | Identified the +1 leather armour "Forget-Me-Not" {*Contam
                  | rN+ Int+2 Slay+3}
138294 | Zig:24   | Identified Sif Muna's Almanac of Fascination and Snow
138298 | Zig:24   | Identified the +5 morningstar of the Chickpea {vorpal,
                  | *Contam Str+3 Dex+5 SInv}
138303 | Zig:24   | Identified Leqesm's Reference Book on Blistering Arcane
                  | Weapons
138362 | Zig:25   | Entered Level 25 of a ziggurat
138380 | Zig:25   | Reached skill level 15 in Summonings
138592 | Zig:25   | Identified the Tome of Curses and the Escort
138600 | Zig:25   | Identified the ring "Weavuovi" {+Fly rElec rC+ Str+7 Int-4}
138752 | Zig:26   | Entered Level 26 of a ziggurat
138785 | Zig:26   | Found the +3 pair of gauntlets of War {Slay+5}
139093 | Zig:26   | Identified the ring "Gaff" {+Blink rF+ rN+ Int-5 Dex+2}
139105 | Zig:26   | Identified the +2 helmet "Roepta" {rElec Int+3 Dex-3}
139198 | Zig:27   | Entered Level 27 of a ziggurat
139599 | Zig:27   | Identified the ring "Heahuer" {*Corrode +Blink rPois
                  | Will+++ Dex+7}
139601 | Zig:27   | Identified the amulet "Peeczof" {Acrobat rElec rN+}
139613 | Zig:27   | Identified the +8 longbow of the Screaming Ancients
                  | {vorpal, Dex+4}
139722 | Hell     | Acquired the +3 sling "Punk" {acid, rCorr}
139722 | Hell     | Found the +3 sling "Punk" {acid, rCorr}
139729 | Hell     | Acquired a Grand Grimoire
139794 | Zig:1    | Entered Level 1 of a ziggurat
139840 | Zig:2    | Entered Level 2 of a ziggurat
139895 | Zig:3    | Entered Level 3 of a ziggurat
139994 | Zig:4    | Entered Level 4 of a ziggurat
140062 | Zig:5    | Entered Level 5 of a ziggurat
140067 | Zig:5    | Noticed Otaest the pandemonium lord
140075 | Zig:5    | Killed Otaest the pandemonium lord
140275 | Zig:6    | Entered Level 6 of a ziggurat
140392 | Zig:6    | Identified the amulet "Aquseh" {Spirit Int-3 Dex+5}
140394 | Zig:6    | Identified the ring "Noiblomp" {rElec rPois rCorr Int-5
                  | Dex+2}
140445 | Zig:7    | Entered Level 7 of a ziggurat
140609 | Zig:7    | Identified the ring of Caduroq {rPois rF+ Int+4 Dex-3
                  | Slay+4}
140611 | Zig:7    | Identified Eptunat's Guide on Excruciating Orientation
140641 | Zig:8    | Entered Level 8 of a ziggurat
140823 | Zig:9    | Entered Level 9 of a ziggurat
141081 | Zig:9    | Identified the ring of Lefu {Fire rElec rN+ Dex-3 Slay+6}
141098 | Zig:10   | Entered Level 10 of a ziggurat
141110 | Zig:10   | Reached skill level 1 in Invocations
141115 | Zig:10   | Reached skill level 27 in Conjurations
141288 | Zig:10   | Identified the +2 scale mail of Worhemalec {Rampage rC-
                  | Str+5}
141289 | Zig:10   | Identified Qieruph's Introduction to Spellcasting
141294 | Zig:10   | Identified Rulogure's Almanac of Creative Beguiling
141327 | Zig:11   | Entered Level 11 of a ziggurat
141345 | Zig:11   | Reached skill level 5 in Invocations
141440 | Zig:11   | Identified the Tome of the Shifting Birds
141448 | Zig:11   | Identified the Collected Works on Freezing Evil Magic
141470 | Zig:11   | Identified the +7 shortbow "Esetur" {vorpal, rC+ Int+3
                  | Dex+3}
141532 | Zig:12   | Entered Level 12 of a ziggurat
141558 | Zig:12   | Noticed Juyczayr the pandemonium lord
141560 | Zig:12   | Reached skill level 10 in Invocations
141564 | Zig:12   | Found the +3 giant club "Skullcrusher" {speed, Str+7}
141565 | Zig:12   | Killed Juyczayr the pandemonium lord
141849 | Zig:13   | Entered Level 13 of a ziggurat
141862 | Zig:13   | Noticed Sasuagao the pandemonium lord
141870 | Zig:13   | Reached skill level 15 in Invocations
141873 | Zig:13   | Killed Sasuagao the pandemonium lord
142098 | Zig:13   | Identified the Disquisition on Damage Dealing
142108 | Zig:13   | Identified the ring of Rausk {Fire rN+ Will- Stlth+}
142141 | Zig:14   | Entered Level 14 of a ziggurat
142159 | Zig:14   | Reached skill level 15 in Stealth
142362 | Zig:15   | Entered Level 15 of a ziggurat
142606 | Zig:15   | Identified the Catalogue of Nocuous Stones
142611 | Zig:15   | Identified Nuesketupn's Almanac of the Spatial Mountains
142716 | Zig:16   | Entered Level 16 of a ziggurat
142723 | Zig:16   | Noticed a royal mummy
142729 | Zig:16   | Noticed a royal mummy
142730 | Zig:16   | Noticed a royal mummy
142731 | Zig:16   | Noticed a royal mummy
142732 | Zig:16   | Reached skill level 15 in Polearms
142732 | Zig:16   | Noticed a royal mummy
142734 | Zig:16   | Killed a royal mummy
142734 | Zig:16   | Killed a royal mummy
142734 | Zig:16   | Killed a royal mummy
142734 | Zig:16   | Noticed a royal mummy
142735 | Zig:16   | Killed a royal mummy
142739 | Zig:16   | Killed a royal mummy
142742 | Zig:16   | Killed a royal mummy
142987 | Zig:16   | Identified the Compendium of the Dislocated Mountains
143002 | Zig:16   | Identified the +3 leather armour of Supple Strength {rPois}
143005 | Zig:16   | Identified the +2 robe "Heoloodgh" {rElec Regen+ Dex+8
                  | Slay-2}
143012 | Zig:16   | Identified the +5 shortbow "Potinum" {speed, Will+ Int+4}
143027 | Zig:17   | Entered Level 17 of a ziggurat
143046 | Zig:17   | Noticed Init the pandemonium lord
143053 | Zig:17   | Killed Init the pandemonium lord
143206 | Zig:17   | Identified the +7 broad axe of Kindness {pain, +Blink}
143220 | Zig:17   | Identified the Handbook of Evil Ice
143236 | Zig:17   | Identified the +3 scale mail "Teax" {rF+}
143240 | Zig:17   | Identified the +5 longbow of Dullness {flame, rF+ Str-3
                  | Int+3 Dex+6}
143331 | Zig:17   | Identified the +5 trident of the Dancing Fool {venom, rF+
                  | rN++ Str-2 Stlth+}
143335 | Zig:18   | Entered Level 18 of a ziggurat
143590 | Zig:18   | Identified the Almanac of Mutagenic Snow
143614 | Zig:18   | Identified the +3 ring mail of Leovvahu {rElec rPois rCorr
                  | Dex-5}
143620 | Zig:19   | Entered Level 19 of a ziggurat
143647 | Zig:19   | Found the +27 Lear's hauberk
143809 | Zig:19   | Identified Surreshri's Collected Works on Cloudy
                  | Conjuration
143941 | Zig:19   | Identified the +5 fustibalus "Omoghyc" {freeze, rElec rN++
                  | Str-2 SInv}
143957 | Zig:20   | Entered Level 20 of a ziggurat
143968 | Zig:20   | Noticed Venet the pandemonium lord
143973 | Zig:20   | Noticed Sasoodol the pandemonium lord
143973 | Zig:20   | Noticed Kiegipp the pandemonium lord
143973 | Zig:20   | Noticed Wyarij the pandemonium lord
143973 | Zig:20   | Noticed Ycsashar the pandemonium lord
143973 | Zig:20   | Noticed Paoj the pandemonium lord
143973 | Zig:20   | Noticed Myag the pandemonium lord
143973 | Zig:20   | Noticed Waamagu the pandemonium lord
143973 | Zig:20   | Noticed Xumir the pandemonium lord
143974 | Zig:20   | Noticed Eziow the pandemonium lord
143975 | Zig:20   | Noticed Telasm the pandemonium lord
143975 | Zig:20   | Noticed Ajoptily the pandemonium lord
143976 | Zig:20   | Noticed Aczosk the pandemonium lord
143976 | Zig:20   | Noticed Ceunai the pandemonium lord
143976 | Zig:20   | Noticed Nemixt the pandemonium lord
143976 | Zig:20   | Noticed Pawezat the pandemonium lord
143977 | Zig:20   | Killed Sasoodol the pandemonium lord
143977 | Zig:20   | Noticed Tosmit the pandemonium lord
143978 | Zig:20   | Noticed Oheuso the pandemonium lord
143978 | Zig:20   | Noticed Mopturov the pandemonium lord
143978 | Zig:20   | Killed Paoj the pandemonium lord
143979 | Zig:20   | Killed Telasm the pandemonium lord
143979 | Zig:20   | Killed Eziow the pandemonium lord
143979 | Zig:20   | Killed Myag the pandemonium lord
143979 | Zig:20   | Killed Venet the pandemonium lord
143979 | Zig:20   | Killed Waamagu the pandemonium lord
143979 | Zig:20   | Killed Wyarij the pandemonium lord
143979 | Zig:20   | Noticed Osycut the pandemonium lord
143979 | Zig:20   | Noticed Icarph the pandemonium lord
143980 | Zig:20   | Reached skill level 27 in Stealth
143980 | Zig:20   | Noticed Wygan the pandemonium lord
143980 | Zig:20   | Killed Ycsashar the pandemonium lord
143982 | Zig:20   | Killed Mopturov the pandemonium lord
143982 | Zig:20   | Killed Kiegipp the pandemonium lord
143989 | Zig:20   | Killed Tosmit the pandemonium lord
143991 | Zig:20   | Killed Aczosk the pandemonium lord
144001 | Zig:20   | Killed Ajoptily the pandemonium lord
144005 | Zig:20   | Killed Xumir the pandemonium lord
144007 | Zig:20   | Killed Ceunai the pandemonium lord
144008 | Zig:20   | Killed Wygan the pandemonium lord
144009 | Zig:20   | Killed Osycut the pandemonium lord
144011 | Zig:20   | Killed Nemixt the pandemonium lord
144020 | Zig:20   | Killed Pawezat the pandemonium lord
144025 | Zig:20   | Killed Icarph the pandemonium lord
144029 | Zig:20   | Killed Oheuso the pandemonium lord
144246 | Zig:20   | Found the +3 warlock's mirror {reflect}
144277 | Zig:20   | Identified the ring "Gapnit" {Wiz rElec Str-3 Dex+4 SInv}
144280 | Zig:20   | Identified the ring "Exzuonis" {*Contam rPois Int+6 Dex+3}
144282 | Zig:20   | Identified the Tome of Destructive Lightness
144287 | Zig:20   | Identified the +6 rapier of Feygohit {antimagic, rC+ SInv}
144345 | Zig:21   | Entered Level 21 of a ziggurat
144625 | Zig:21   | Found the +7 captain's cutlass {speed, disarm}
144775 | Zig:21   | Identified the +0 demon whip of the Desert {elec, +Rage
                  | +Inv rPois rF-}
144776 | Zig:21   | Identified the ring "Vuonkan" {+Fly rN+ Will+ MP+9 Str+2}
144781 | Zig:21   | Identified the +0 buckler of Defiance {Str+6}
144799 | Zig:21   | Identified the ring of Sofel {rPois Int+4 Slay+4}
144802 | Zig:21   | Identified the +11 plate armour "Hetacuek" {rF+ rN+ Str-5
                  | Int+4}
144857 | Zig:22   | Entered Level 22 of a ziggurat
144875 | Zig:22   | Noticed an ancient lich
144875 | Zig:22   | Killed an ancient lich
144877 | Zig:22   | Reached skill level 27 in Shields
144879 | Zig:22   | Noticed a dread lich
144880 | Zig:22   | Noticed an ancient lich
144882 | Zig:22   | Noticed an ancient lich
144886 | Zig:22   | Killed a dread lich
144886 | Zig:22   | Killed an ancient lich
144887 | Zig:22   | Killed an ancient lich
145193 | Zig:22   | Identified the ring of Qazlal's Outrage {rPois Dex+6}
145206 | Zig:22   | Identified the ring of Noivon {rPois Str+2 Dex+3}
145207 | Zig:22   | Identified the +5 short sword of the Philosopher {freeze,
                  | rC+}
145280 | Zig:23   | Entered Level 23 of a ziggurat
145294 | Zig:23   | Noticed a dread lich
145297 | Zig:23   | Killed a dread lich
145302 | Zig:23   | Noticed an ancient lich
145313 | Zig:23   | Killed an ancient lich
145315 | Zig:23   | Reached skill level 27 in Polearms
145541 | Zig:23   | Found the +7 Kryia's mail coat {PotionHeal*2 rC+}
145592 | Zig:23   | Identified Sif Muna's Grimoire of Transmutation
145600 | Zig:23   | Identified the ring of Beivar {rF+ Int+4 Dex+9}
145727 | Zig:23   | Identified the +9 whip "Egg" {flame, *Slow rPois SInv
                  | Stlth+}
145732 | Zig:23   | Identified the Grimoire of Lightness
145754 | Zig:24   | Entered Level 24 of a ziggurat
145772 | Zig:24   | Noticed a juggernaut
145779 | Zig:24   | Killed a juggernaut
146130 | Zig:24   | Identified Gabrucw's Guide on Sinister Transformation
146196 | Zig:24   | Identified the +2 robe of Panentheism {Str+4 Dex+2}
146207 | Zig:25   | Entered Level 25 of a ziggurat
146231 | Zig:25   | Reached skill level 27 in Fighting
146685 | Zig:25   | Identified the amulet "Goq Epye" {RegenMP *Drain rElec
                  | rPois}
146706 | Zig:25   | Identified the +5 short sword of Corporal Punishment
                  | {protect, Str-4 Int+9}
146708 | Zig:25   | Identified the ring of Jostul {rCorr Int+8}
146722 | Zig:25   | Identified the +2 scale mail "Hero's Friend" {+Inv rF+++
                  | Str-4 Dex+2}
146727 | Zig:25   | Identified the +5 halberd of Utykaom {freeze, Str+3}
146732 | Zig:26   | Entered Level 26 of a ziggurat
146749 | Zig:26   | Noticed a juggernaut
146753 | Zig:26   | Noticed a juggernaut
146756 | Zig:26   | Noticed a juggernaut
146756 | Zig:26   | Noticed a juggernaut
146756 | Zig:26   | Noticed a juggernaut
146756 | Zig:26   | Noticed a juggernaut
146756 | Zig:26   | Noticed a juggernaut
146756 | Zig:26   | Noticed a juggernaut
146756 | Zig:26   | Noticed a juggernaut
146757 | Zig:26   | Noticed a juggernaut
146759 | Zig:26   | Noticed a juggernaut
146760 | Zig:26   | Noticed a juggernaut
146760 | Zig:26   | Killed a juggernaut
146760 | Zig:26   | Killed a juggernaut
146760 | Zig:26   | Killed a juggernaut
146760 | Zig:26   | Killed a juggernaut
146760 | Zig:26   | Killed a juggernaut
146761 | Zig:26   | Killed a juggernaut
146761 | Zig:26   | Killed a juggernaut
146761 | Zig:26   | Noticed a juggernaut
146761 | Zig:26   | Killed a juggernaut
146762 | Zig:26   | Killed a juggernaut
146762 | Zig:26   | Killed a juggernaut
146765 | Zig:26   | Killed a juggernaut
146770 | Zig:26   | Killed a juggernaut
146770 | Zig:26   | Killed a juggernaut
146870 | Zig:26   | Found the +12 glaive of Prune {vorpal}
146954 | Zig:26   | Identified the ring of Pride {rElec rPois}
147014 | Zig:26   | Identified the +4 war axe "Gram" {freeze, rElec Will+
                  | Str+4}
147018 | Zig:26   | Identified the +4 mace "Xinyng" {freeze, rElec MP+9 Str+2
                  | Int+2}
147020 | Zig:26   | Identified the +0 pair of gloves of Entitlement {Will-
                  | Dex+6}
147116 | Zig:26   | Identified the +0 buckler of Vaimpisu {rN+ Str-4 Dex+5}
147120 | Zig:27   | Entered Level 27 of a ziggurat
147157 | Zig:27   | Reached skill level 27 in Invocations
147544 | Zig:27   | Identified the ring "Vytetsatouf" {Dex+3 SInv}
147545 | Zig:27   | Identified the +7 morningstar "Gyuq" {freeze, rElec Dex+7}
147549 | Zig:27   | Identified the amulet "Foazour" {Spirit rF+ Int+7 Dex-3}
147579 | Zig:27   | Identified the ring "Wyufeh" {Wiz +Blink Slay+2}
147588 | Zig:27   | Identified the +6 scale mail "Pienegg" {+Fly rC- rCorr
                  | Stlth+}
147762 | Zig:1    | Entered Level 1 of a ziggurat
147839 | Zig:2    | Entered Level 2 of a ziggurat
147848 | Zig:2    | Reached skill level 10 in Throwing
147848 | Zig:2    | Reached skill level 27 in Transmutations
147976 | Zig:3    | Entered Level 3 of a ziggurat
147976 | Zig:3    | Found the +10 tower shield of Ignorance {rN+ Int-4}
148087 | Zig:4    | Entered Level 4 of a ziggurat
148088 | Zig:4    | Noticed an orb of fire
148089 | Zig:4    | Noticed an orb of fire
148089 | Zig:4    | Noticed an orb of fire
148090 | Zig:4    | Gained mutation: You are frail. (-10% HP) [an orb of fire]
148093 | Zig:4    | Lost mutation: Your natural rate of healing is unusually
                  | fast. [an orb of fire]
148094 | Zig:4    | Killed an orb of fire
148095 | Zig:4    | Killed an orb of fire
148096 | Zig:4    | Killed an orb of fire
148175 | Zig:4    | Lost mutation: You are frail. (-10% HP) [potion of
                  | mutation]
148175 | Zig:4    | Lost mutation: You are strong-willed. (Will+) [potion of
                  | mutation]
148175 | Zig:4    | Gained mutation: You are dopey. (Int -2) [potion of
                  | mutation]
148175 | Zig:4    | Lost mutation: You are dopey. (Int -2) [potion of mutation]
148175 | Zig:4    | Gained mutation: You passively map a small area around you.
                  | [potion of mutation]
148175 | Zig:4    | Gained mutation: Your mind is acute. (Int +2) [potion of
                  | mutation]
148176 | Zig:4    | Lost mutation: Scrolls take you a little longer to read.
                  | [potion of mutation]
148176 | Zig:4    | Lost mutation: Your flesh is heat resistant. (rF+) [potion
                  | of mutation]
148176 | Zig:4    | Lost mutation: You are partially covered in molten scales.
                  | (AC +2) [potion of mutation]
148176 | Zig:4    | Lost mutation: Your mind is acute. (Int +2) [potion of
                  | mutation]
148176 | Zig:4    | Gained mutation: You evolve. [potion of mutation]
148176 | Zig:4    | Gained mutation: You are agile. (Dex +2) [potion of
                  | mutation]
148186 | Zig:5    | Entered Level 5 of a ziggurat
148477 | Zig:6    | Entered Level 6 of a ziggurat
148692 | Zig:6    | Identified the +1 robe of Upnukhal {rElec Dex+7 SInv}
148700 | Zig:7    | Entered Level 7 of a ziggurat
148941 | Zig:8    | Entered Level 8 of a ziggurat
149141 | Zig:9    | Entered Level 9 of a ziggurat
149151 | Zig:9    | Noticed a juggernaut
149153 | Zig:9    | Reached skill level 15 in Dodging
149160 | Zig:9    | Killed a juggernaut
149227 | Zig:9    | Lost mutation: You evolve. [end of evolution]
149279 | Zig:9    | Identified the ring "Tenusu" {Fire +Blink rN+ Will+ Str-2}
149282 | Zig:9    | Identified the ring "Ysagoumi" {Wiz Dex+3}
149284 | Zig:9    | Identified the +2 scale mail of Parts Unknown {*Contam
                  | Rampage rCorr Stlth+}
149325 | Zig:9    | Identified the +8 demon whip "Oneboh" {vorpal, Int+4 Dex-3
                  | Stlth+}
149329 | Zig:10   | Entered Level 10 of a ziggurat
149519 | Zig:10   | Identified the ring of the Queen {*Drain rElec rCorr Int+8}
149539 | Zig:10   | Identified the +1 leather armour of the Hart {Rampage rElec
                  | rC+++ Str-5}
149555 | Zig:10   | Identified the +5 shortbow of Famine {flame, *Slow rElec
                  | Str-3 SInv}
149570 | Zig:11   | Entered Level 11 of a ziggurat
149575 | Zig:11   | Noticed an ancient lich
149584 | Zig:11   | Killed an ancient lich
149746 | Zig:11   | Identified the Papyrus of Hexes
149748 | Zig:11   | Identified the ring of Xom's Wantonness {*Slow rElec Dex+6
                  | Slay+6 Stlth+}
149862 | Zig:12   | Entered Level 12 of a ziggurat
149882 | Zig:12   | Found the +8 autumn katana {vorpal, Clar}
149885 | Zig:12   | Found the +18 shield of the Gong {rElec rN+ Will+ EV-5}
149885 | Zig:12   | Found the +4 robe of Augmentation {Str+4 Int+4 Dex+4}
150250 | Zig:13   | Entered Level 13 of a ziggurat
150409 | Zig:13   | Identified Sif Muna's Disquisition on Mutagenic Conjuration
150416 | Zig:13   | Identified the amulet "Ulikovimp" {Fragile rElec rPois
                  | Regen+}
150428 | Zig:13   | Identified the ring of Ubloypp {Wiz rElec}
150512 | Zig:13   | Identified the ring of the Enemy {rC+ rN++ Str-2 Dex+2
                  | SInv}
150543 | Zig:14   | Entered Level 14 of a ziggurat
150553 | Zig:14   | Noticed a juggernaut
150554 | Zig:14   | Noticed a juggernaut
150560 | Zig:14   | Killed a juggernaut
150563 | Zig:14   | Killed a juggernaut
150768 | Zig:14   | Identified the ring of Discretion {+Inv Dex+6}
150775 | Zig:14   | Identified the Reference Book on the Snowflakes and Attacks
150781 | Zig:14   | Identified the +0 pair of gloves of the Other Side {*Drain
                  | rPois Regen+ Slay+3}
150782 | Zig:14   | Identified the +9 plate armour "Nav Pac" {+Inv MP+9}
150793 | Zig:15   | Entered Level 15 of a ziggurat
150955 | Zig:15   | Identified Sif Muna's Catalogue of Captivating Clay
150962 | Zig:15   | Identified the amulet "Xuamonen" {Faith *Drain rPois rN+++
                  | Slay-6}
151065 | Zig:15   | Identified the ring "Hemyplig" {Will+ EV+4 Dex+2 Stlth+}
151068 | Zig:15   | Identified the amulet "Heuv" {Spirit +Blink rC+}
151076 | Zig:15   | Identified the Papyrus of Confrontation and Curses
151085 | Zig:15   | Identified the +11 crystal plate armour "Juguibomm" {rPois
                  | Int+4}
151134 | Zig:16   | Entered Level 16 of a ziggurat
151483 | Zig:16   | Identified the ring "Worurphurr" {rPois rC+ rN+ Int+6 Dex-3
                  | Slay+2}
151493 | Zig:16   | Identified the Grimoire of Doomed Attacks
151495 | Zig:16   | Identified the ring of the Madman {*Slow rPois Str+6 Int+3}
151565 | Zig:16   | Identified the +8 shortbow "Beetlebane" {freeze, +Fly rC+
                  | Will+ Stlth+}
151570 | Zig:16   | Identified the +7 hand axe "Blob" {vorpal, +Fly rN+ Will+}
151575 | Zig:17   | Entered Level 17 of a ziggurat
151715 | Zig:17   | Identified the Catalogue of Freezing Companions
151718 | Zig:17   | Identified the ring of Emafrul {rElec rPois EV+4}
151720 | Zig:17   | Identified the ring "Xaighaij" {rF+ Int+4 Dex+6}
151903 | Zig:18   | Entered Level 18 of a ziggurat
151936 | Zig:18   | Reached skill level 27 in Dodging
152282 | Zig:19   | Entered Level 19 of a ziggurat
152298 | Zig:19   | Reached skill level 10 in Unarmed Combat
152482 | Zig:19   | Identified Netixkach's Papyrus of the Rocks
152528 | Zig:19   | Identified the +8 broad axe of Extermination {holy, Stlth+}
152775 | Zig:20   | Entered Level 20 of a ziggurat
152801 | Zig:20   | Gained mutation: You tend to lose your temper in combat. [a
                  | shining eye]
152803 | Zig:20   | Reached skill level 15 in Unarmed Combat
152805 | Zig:20   | Found the +6 lightning scales {swift rElec}
152805 | Zig:20   | Found the +8 orange crystal plate armour {Archmagi, Int+3
                  | Clar}
152805 | Zig:20   | Found the +8 Wrath of Trog {antimagic, *Rage}
152957 | Zig:20   | Identified the ring "Tycuh" {*Drain +Fly Int+4 Dex+6}
153081 | Zig:20   | Identified the +9 short sword of Ugrouty {vorpal, rC+}
153082 | Zig:20   | Identified the +2 helmet of Beogh's Supremacy {Str+4}
153091 | Zig:20   | Identified the amulet of Tempters {Reflect Dex+4 SH+5}
153181 | Zig:21   | Entered Level 21 of a ziggurat
153872 | Zig:21   | Found the +5 scythe "Finisher" {speed, eviscerate}
153877 | Zig:21   | Identified Diytyul's Incunabulum of Frigorific Orientation
153894 | Zig:21   | Identified the ring of the Five Orbs {rPois rF- Will+ Str+5
                  | Slay+3 SInv}
153896 | Zig:21   | Identified the +7 demon blade of Popular Demand {elec,
                  | Will+ Int+3}
153900 | Zig:21   | Acquired the +2 hat "Vueroer" {Regen+ Int+2 Dex+3}
153927 | Zig:21   | Identified the +6 rapier of Suicidal Tendencies {drain,
                  | Dex+2}
153933 | Zig:22   | Entered Level 22 of a ziggurat
153964 | Zig:22   | Noticed a dread lich
153968 | Zig:22   | Killed a dread lich
154340 | Zig:22   | Found the +7 lajatang of Order {silver, rMut}
154437 | Zig:22   | Identified the +8 scythe of the Solstice {venom, rElec
                  | Int+2}
154492 | Zig:23   | Entered Level 23 of a ziggurat
154914 | Zig:23   | Identified Sif Muna's Compendium of Shifting Ice
154941 | Zig:23   | Identified the Almanac of Displaced Creation
154943 | Zig:23   | Identified the +0 cloak "Acecwoop" {Str+4}
154946 | Zig:23   | Identified the +1 ice dragon scales "Ruumoev" {*Corrode
                  | rElec rF- rC++ Regen+ Str+7}
154951 | Zig:24   | Entered Level 24 of a ziggurat
154971 | Zig:24   | Reached skill level 27 in Unarmed Combat
154996 | Zig:24   | Found the +10 morningstar "Eos" {elec, Halo rElec}
155325 | Zig:24   | Identified the +0 falchion "Raizyomm" {drain, rN+ Str+4
                  | SInv}
155339 | Zig:24   | Identified the ring "Fegrer" {Wiz rPois rF- Stlth+}
155350 | Zig:24   | Identified the +0 pair of boots of Tomorrow {Int+3}
155357 | Zig:24   | Lost mutation: You expend magic power (3 MP) to strengthen
                  | your wands. [potion of mutation]
155357 | Zig:24   | Lost mutation: You are agile. (Dex +2) [potion of mutation]
155357 | Zig:24   | Lost mutation: You tend to lose your temper in combat.
                  | [potion of mutation]
155357 | Zig:24   | Gained mutation: Your magical capacity is low. (-10% MP)
                  | [potion of mutation]
155357 | Zig:24   | Gained mutation: You expend magic power (3 MP) to
                  | strengthen your wands. [potion of mutation]
155358 | Zig:24   | Lost mutation: You expend magic power (3 MP) to strengthen
                  | your wands. [potion of mutation]
155358 | Zig:24   | Lost mutation: Your magical capacity is low. (-10% MP)
                  | [potion of mutation]
155358 | Zig:24   | Gained mutation: Your spells are a little easier to cast,
                  | but a little less powerful. [potion of mutation]
155358 | Zig:24   | Gained mutation: You are agile. (Dex +2) [potion of
                  | mutation]
155359 | Zig:24   | Lost mutation: You passively map a small area around you.
                  | [potion of mutation]
155359 | Zig:24   | Lost mutation: You are agile. (Dex +2) [potion of mutation]
155359 | Zig:24   | Gained mutation: You possess an exceptional clarity of
                  | mind. [potion of mutation]
155359 | Zig:24   | Gained mutation: One of your tentacles bears a spike.
                  | [potion of mutation]
155360 | Zig:24   | Lost mutation: One of your tentacles bears a spike. [potion
                  | of mutation]
155360 | Zig:24   | Lost mutation: You are covered in fur. (AC +1) [potion of
                  | mutation]
155360 | Zig:24   | Gained mutation: You are agile. (Dex +2) [potion of
                  | mutation]
155360 | Zig:24   | Gained mutation: You occasionally shout uncontrollably at
                  | your foes. [potion of mutation]
155360 | Zig:24   | Gained mutation: You expend magic power (3 MP) to
                  | strengthen your wands. [potion of mutation]
155361 | Zig:24   | Lost mutation: You expend magic power (3 MP) to strengthen
                  | your wands. [potion of mutation]
155361 | Zig:24   | Lost mutation: You occasionally shout uncontrollably at
                  | your foes. [potion of mutation]
155361 | Zig:24   | Lost mutation: You possess an exceptional clarity of mind.
                  | [potion of mutation]
155361 | Zig:24   | Gained mutation: You are mostly covered in rugged brown
                  | scales. (AC +2, +5% HP) [potion of mutation]
155361 | Zig:24   | Gained mutation: You tend to lose your temper in combat.
                  | [potion of mutation]
155361 | Zig:24   | Gained mutation: You have a pair of small antennae on your
                  | head. [potion of mutation]
155362 | Zig:24   | Lost mutation: You tend to lose your temper in combat.
                  | [potion of mutation]
155362 | Zig:24   | Gained mutation: You are frail. (-10% HP) [potion of
                  | mutation]
155362 | Zig:24   | Lost mutation: Your spells are a little easier to cast, but
                  | a little less powerful. [potion of mutation]
155362 | Zig:24   | Gained mutation: Your mind is acute. (Int +2) [potion of
                  | mutation]
155385 | Zig:25   | Entered Level 25 of a ziggurat
155642 | Zig:25   | Identified the amulet of Aschinuq {Spirit SInv}
155781 | Zig:25   | Identified the ring "Umpoh" {rN+ Will+ Str+5 Stlth-}
155788 | Zig:25   | Identified the ring "Iryshrot" {*Drain rN+ Dex+7 Slay+3
                  | Stlth-}
155848 | Zig:26   | Entered Level 26 of a ziggurat
155868 | Zig:26   | Noticed an ancient lich
155870 | Zig:26   | Noticed a dread lich
155873 | Zig:26   | Noticed a dread lich
155873 | Zig:26   | Noticed a dread lich
155874 | Zig:26   | Killed an ancient lich
155874 | Zig:26   | Noticed a dread lich
155876 | Zig:26   | Noticed an ancient lich
155877 | Zig:26   | Noticed a dread lich
155877 | Zig:26   | Killed a dread lich
155878 | Zig:26   | Reached skill level 27 in Earth Magic
155878 | Zig:26   | Killed a dread lich
155878 | Zig:26   | Noticed a dread lich
155879 | Zig:26   | Noticed a dread lich
155880 | Zig:26   | Noticed an ancient lich
155880 | Zig:26   | Noticed a dread lich
155880 | Zig:26   | Killed a dread lich
155880 | Zig:26   | Noticed a dread lich
155881 | Zig:26   | Noticed an ancient lich
155882 | Zig:26   | Killed an ancient lich
155882 | Zig:26   | Killed a dread lich
155882 | Zig:26   | Killed a dread lich
155882 | Zig:26   | Killed a dread lich
155882 | Zig:26   | Killed a dread lich
155882 | Zig:26   | Killed a dread lich
155883 | Zig:26   | Noticed a dread lich
155886 | Zig:26   | Noticed a dread lich
155887 | Zig:26   | Killed an ancient lich
155887 | Zig:26   | Killed a dread lich
155888 | Zig:26   | Found the +8 glaive of the Guard {elec, spectral, AC+5}
155889 | Zig:26   | Killed a dread lich
155889 | Zig:26   | Killed an ancient lich
155897 | Zig:26   | Killed a dread lich
156017 | Zig:26   | Found the +9 sword of Zonguldrok {reap}
156199 | Zig:26   | Identified the Handbook of Curses
156201 | Zig:26   | Identified the ring "Lyum" {rPois rC+ Slay+3 SInv}
156297 | Zig:26   | Identified the Collected Works on the Creative Arsonist
156305 | Zig:26   | Identified the +5 shortbow "Nyfamedgh" {vorpal, Stlth+}
156309 | Zig:26   | Identified the +3 plate armour "Acewal" {Int+6}
156310 | Zig:26   | Identified the +3 chain mail of Asceticism {rCorr MP-9
                  | Int+8}
156332 | Zig:26   | Acquired a manual of Slings
156333 | Zig:26   | Acquired a manual of Slings
156343 | Zig:26   | Acquired a manual of Translocations
156344 | Zig:26   | Acquired a manual of Staves
156365 | Zig:27   | Entered Level 27 of a ziggurat
156389 | Zig:27   | Noticed a juggernaut
156390 | Zig:27   | Noticed a juggernaut
156391 | Zig:27   | Noticed a juggernaut
156392 | Zig:27   | Noticed a juggernaut
156393 | Zig:27   | Killed a juggernaut
156393 | Zig:27   | Noticed a juggernaut
156394 | Zig:27   | Noticed a juggernaut
156399 | Zig:27   | Killed a juggernaut
156399 | Zig:27   | Killed a juggernaut
156401 | Zig:27   | Killed a juggernaut
156401 | Zig:27   | Killed a juggernaut
156402 | Zig:27   | Killed a juggernaut
156403 | Zig:27   | Reached skill level 15 in Translocations
156658 | Zig:27   | Identified the +11 mace of Autumn {vorpal, rPois rN+++
                  | Int-4 Stlth-}
156668 | Zig:27   | Identified the ring "Taqao" {rN+ Int+3}
156686 | Zig:27   | Identified the ring "Yfaog" {rF+ Str+2}
156689 | Zig:27   | Identified the Collected Works on Creative Stones
156988 | Zig:1    | Entered Level 1 of a ziggurat
156988 | Zig:1    | Noticed an ancient lich
156992 | Zig:1    | Killed an ancient lich
157019 | Zig:2    | Entered Level 2 of a ziggurat
157113 | Zig:3    | Entered Level 3 of a ziggurat
157161 | Zig:3    | Identified the ring of Cheibriados's Hope {Will+ Str-4
                  | Int+6 SInv}
157200 | Zig:4    | Entered Level 4 of a ziggurat
157263 | Zig:4    | Identified the amulet "Itefuh" {RegenMP Str+4}
157280 | Zig:5    | Entered Level 5 of a ziggurat
157388 | Zig:5    | Identified the Papyrus of Feathers
157392 | Zig:5    | Identified the +10 morningstar of Regicide {flame, Str-5
                  | Int+7 Dex+5}
157404 | Zig:5    | Identified the +0 scale mail "Qaybb" {rPois Str+2 Int+4}
157406 | Zig:5    | Identified the amulet "Wyofurie" {RegenMP Int+3}
157436 | Zig:6    | Entered Level 6 of a ziggurat
157437 | Zig:6    | Noticed a juggernaut
157444 | Zig:6    | Killed a juggernaut
157513 | Zig:6    | Identified the Handbook of the Damaging Rocks
157595 | Zig:7    | Entered Level 7 of a ziggurat
157714 | Zig:7    | Identified the +3 leather armour "Ipoasmyz" {Will+ Str+4}
157742 | Zig:8    | Entered Level 8 of a ziggurat
157970 | Zig:8    | Identified the +7 war axe of Vozxaoch {flame, Dex+2}
157991 | Zig:9    | Entered Level 9 of a ziggurat
157999 | Zig:9    | Found the +13 scythe of Curses {drain, *Drain}
158210 | Zig:10   | Entered Level 10 of a ziggurat
158375 | Zig:10   | Identified the +1 leather armour "Doywoiprese" {+Blink
                  | rPois Dex+2}
158466 | Zig:11   | Entered Level 11 of a ziggurat
158471 | Zig:11   | Noticed a dread lich
158474 | Zig:11   | Noticed a dread lich
158476 | Zig:11   | Noticed an ancient lich
158477 | Zig:11   | Killed a dread lich
158477 | Zig:11   | Killed an ancient lich
158478 | Zig:11   | Noticed a dread lich
158479 | Zig:11   | Killed a dread lich
158481 | Zig:11   | Noticed a dread lich
158481 | Zig:11   | Noticed an ancient lich
158483 | Zig:11   | Killed a dread lich
158485 | Zig:11   | Killed an ancient lich
158486 | Zig:11   | Found the +7 mace of Variability {chain chaos}
158486 | Zig:11   | Killed a dread lich
158660 | Zig:11   | Identified the Incunabulum of Cynicism
158663 | Zig:11   | Identified the ring of Nuskann {rElec rN+ Slay+3}
158665 | Zig:11   | Identified The Arcane Secrets of Casting
158754 | Zig:12   | Entered Level 12 of a ziggurat
159223 | Zig:12   | Identified the ring of Xasazan {+Fly Int+6 Dex+3}
159231 | Zig:12   | Identified the +0 ring mail of the Dropbear {Stlth+}
159232 | Zig:12   | Identified the ring of Serendipity {Fire rPois Dex+4}
159236 | Zig:12   | Identified the Catalogue of Sinister Arts and the Mountains
159250 | Zig:13   | Entered Level 13 of a ziggurat
159256 | Zig:13   | Learned a level 4 spell: Manifold Assault
159416 | Zig:13   | Identified the +8 war axe of Kitesinu {drain, rPois MP+9
                  | Str-2 Dex+5}
159418 | Zig:13   | Identified the ring of Linearity {EV+4 Int+2}
159424 | Zig:13   | Identified the ring of Vyustico {Will++ EV+4 Int+4 Dex-2}
159426 | Zig:13   | Identified the +3 ring mail of Heresy {Harm}
159586 | Zig:14   | Entered Level 14 of a ziggurat
159828 | Zig:14   | Identified Atofrel's Compendium of Envenoming and Damage
                  | Dealing
159838 | Zig:14   | Identified the +3 kite shield "Qifoif" {rC+}
159840 | Zig:14   | Identified the Volume of Flames and Transmigration
159900 | Zig:15   | Entered Level 15 of a ziggurat
159928 | Zig:15   | Found the ring of the Tortoise {AC+8}
159985 | Zig:15   | Found the +14 obsidian axe {vorpal, *Drain +Fly SInv}
159996 | Zig:15   | Identified the Almanac of the Birds and the Snowflakes
160007 | Zig:15   | Identified the ring of Ymugraf {rF+ Str+6 Int+4 SInv}
160244 | Zig:16   | Entered Level 16 of a ziggurat
160264 | Zig:16   | Noticed a dread lich
160266 | Zig:16   | Killed a dread lich
160272 | Zig:16   | Paralysed by accursed screaming for 2 turns
160273 | Zig:16   | Found the +1 cloak of Starlight {*Dazzle EV+4 Stlth--}
160615 | Zig:16   | Reached skill level 27 in Necromancy
160638 | Zig:16   | Identified the ring of Harmony {Fire +Blink +Fly Will-
                  | Stlth+}
160640 | Zig:16   | Identified the +9 war axe "Haorphere" {vamp, *Contam MP+9
                  | Str+8 Stlth-}
160676 | Zig:16   | Acquired 916 gold pieces
160683 | Zig:17   | Entered Level 17 of a ziggurat
160887 | Zig:17   | Identified the ring of Daniup {rElec rC- Will+ Str+6 SInv}
160889 | Zig:17   | Identified the ring of Qynexah {rPois rF+ Int+2}
160894 | Zig:17   | Identified Kyam's Handbook of Shifting Contamination
160903 | Zig:17   | Identified Filumuiluq's Incunabulum of Curses and Stones
160908 | Zig:17   | Acquired a manual of Fire Magic
161090 | Zig:18   | Entered Level 18 of a ziggurat
161111 | Zig:18   | Reached skill level 27 in Poison Magic
161476 | Zig:18   | Identified Sif Muna's Guide on Shifting Confrontation
161590 | Zig:19   | Entered Level 19 of a ziggurat
161611 | Zig:19   | Noticed an ancient lich
161614 | Zig:19   | Noticed an ancient lich
161614 | Zig:19   | Noticed a dread lich
161615 | Zig:19   | Noticed an ancient lich
161615 | Zig:19   | Noticed a dread lich
161616 | Zig:19   | Noticed an ancient lich
161617 | Zig:19   | Killed an ancient lich
161617 | Zig:19   | Killed an ancient lich
161617 | Zig:19   | Killed a dread lich
161617 | Zig:19   | Killed a dread lich
161617 | Zig:19   | Killed an ancient lich
161617 | Zig:19   | Noticed a dread lich
161618 | Zig:19   | Reached skill level 27 in Ice Magic
161618 | Zig:19   | Noticed an ancient lich
161618 | Zig:19   | Noticed a dread lich
161619 | Zig:19   | Killed a dread lich
161619 | Zig:19   | Noticed a dread lich
161619 | Zig:19   | Noticed an ancient lich
161620 | Zig:19   | Killed an ancient lich
161620 | Zig:19   | Killed an ancient lich
161620 | Zig:19   | Killed a dread lich
161620 | Zig:19   | Noticed an ancient lich
161620 | Zig:19   | Noticed an ancient lich
161622 | Zig:19   | Noticed a dread lich
161624 | Zig:19   | Killed an ancient lich
161624 | Zig:19   | Killed a dread lich
161624 | Zig:19   | Noticed an ancient lich
161627 | Zig:19   | Killed an ancient lich
161628 | Zig:19   | Killed an ancient lich
161629 | Zig:19   | Reached skill level 15 in Fire Magic
161630 | Zig:19   | Killed a dread lich
161630 | Zig:19   | Killed an ancient lich
161892 | Zig:19   | Identified the ring of Wuazad {Wiz MP+9 Dex+9}
161918 | Zig:19   | Identified the +11 long sword "Qun Zieh" {pain, Int+4}
162030 | Zig:20   | Entered Level 20 of a ziggurat
162061 | Zig:20   | Found the +3 robe of Folly {Archmagi, Will-- Int+5}
162443 | Zig:20   | Identified the Tome of Aerial Moulding
162447 | Zig:20   | Identified the +3 swamp dragon scales of Devauklemi {rPois
                  | Stlth+}
162481 | Zig:20   | Identified the Incunabulum of Hurtful Intoxication
162491 | Zig:20   | Identified the amulet of Otedizoc {*Drain rElec rPois
                  | Regen+ Slay+6}
162495 | Zig:20   | Identified the ring of Xottoergh {Fire rElec Int+5}
162532 | Zig:20   | Identified the +3 plate armour of Ticilehi {rPois rC+ SInv}
162537 | Zig:21   | Entered Level 21 of a ziggurat
162546 | Zig:21   | Noticed an orb of fire
162562 | Zig:21   | Noticed an orb of fire
162567 | Zig:21   | Killed an orb of fire
162575 | Zig:21   | Noticed an orb of fire
162581 | Zig:21   | Killed an orb of fire
162582 | Zig:21   | Noticed an orb of fire
162582 | Zig:21   | Noticed an orb of fire
162583 | Zig:21   | Noticed an orb of fire
162583 | Zig:21   | Noticed an orb of fire
162583 | Zig:21   | Gained mutation: You are occasionally teleported next to
                  | monsters. [an orb of fire]
162585 | Zig:21   | Noticed an orb of fire
162585 | Zig:21   | Noticed an orb of fire
162585 | Zig:21   | Noticed an orb of fire
162586 | Zig:21   | Noticed an orb of fire
162586 | Zig:21   | Killed an orb of fire
162587 | Zig:21   | Noticed an orb of fire
162587 | Zig:21   | Noticed an orb of fire
162587 | Zig:21   | Killed an orb of fire
162587 | Zig:21   | Gained mutation: Your magical capacity is low. (-10% MP)
                  | [an orb of fire]
162588 | Zig:21   | Noticed an orb of fire
162588 | Zig:21   | Killed an orb of fire
162588 | Zig:21   | Noticed an orb of fire
162590 | Zig:21   | Noticed an orb of fire
162590 | Zig:21   | Killed an orb of fire
162590 | Zig:21   | Killed an orb of fire
162592 | Zig:21   | Noticed an orb of fire
162592 | Zig:21   | Noticed an orb of fire
162592 | Zig:21   | Noticed an orb of fire
162592 | Zig:21   | Killed an orb of fire
162593 | Zig:21   | Noticed an orb of fire
162594 | Zig:21   | Killed an orb of fire
162596 | Zig:21   | Killed an orb of fire
162596 | Zig:21   | Killed an orb of fire
162596 | Zig:21   | Killed an orb of fire
162596 | Zig:21   | Killed an orb of fire
162596 | Zig:21   | Gained mutation: Your spells are a little easier to cast,
                  | but a little less powerful. [an orb of fire]
162597 | Zig:21   | Noticed an orb of fire
162597 | Zig:21   | Noticed an orb of fire
162598 | Zig:21   | Killed an orb of fire
162598 | Zig:21   | Killed an orb of fire
162598 | Zig:21   | Killed an orb of fire
162598 | Zig:21   | Killed an orb of fire
162598 | Zig:21   | Killed an orb of fire
162598 | Zig:21   | Gained mutation: You are weak. (Str -2) [an orb of fire]
162600 | Zig:21   | Killed an orb of fire
162601 | Zig:21   | Killed an orb of fire
162601 | Zig:21   | Killed an orb of fire
162602 | Zig:21   | Killed an orb of fire
162856 | Zig:21   | Identified the +2 great sword of Evisceration {venom,
                  | +Blink Int+8 Dex-5}
162875 | Zig:21   | Lost mutation: Your spells are a little easier to cast, but
                  | a little less powerful. [potion of mutation]
162875 | Zig:21   | Lost mutation: Your mind is acute. (Int +2) [potion of
                  | mutation]
162875 | Zig:21   | Lost mutation: You are agile. (Dex +2) [potion of mutation]
162875 | Zig:21   | Gained mutation: One of your tentacles bears a spike.
                  | [potion of mutation]
162875 | Zig:21   | Gained mutation: Your mind is acute. (Int +2) [potion of
                  | mutation]
162875 | Zig:21   | Gained mutation: Your mind is very acute. (Int +4) [potion
                  | of mutation]
162876 | Zig:21   | Lost mutation: One of your tentacles bears a spike. [potion
                  | of mutation]
162876 | Zig:21   | Lost mutation: Your magical capacity is low. (-10% MP)
                  | [potion of mutation]
162876 | Zig:21   | Gained mutation: You are sometimes teleported next to
                  | monsters. [potion of mutation]
162876 | Zig:21   | Gained mutation: You are partially covered in thin metallic
                  | scales. (AC +2) [potion of mutation]
162876 | Zig:21   | Gained mutation: You are covered in fur. (AC +1) [potion of
                  | mutation]
162877 | Zig:21   | Lost mutation: You are weak. (Str -2) [potion of mutation]
162877 | Zig:21   | Lost mutation: You are mostly covered in rugged brown
                  | scales. (AC +2, +5% HP) [potion of mutation]
162877 | Zig:21   | Lost mutation: You are sometimes teleported next to
                  | monsters. [potion of mutation]
162877 | Zig:21   | Gained mutation: You are mostly covered in rugged brown
                  | scales. (AC +2, +5% HP) [potion of mutation]
162884 | Zig:21   | Identified the +0 pair of boots of the Wary Nightcaps
                  | {*Contam +Blink Will+ Dex+3}
162892 | Zig:22   | Entered Level 22 of a ziggurat
162920 | Zig:22   | Noticed a dread lich
162921 | Zig:22   | Noticed an ancient lich
162923 | Zig:22   | Noticed a dread lich
162924 | Zig:22   | Noticed an ancient lich
162924 | Zig:22   | Killed an ancient lich
162925 | Zig:22   | Reached skill level 27 in Fire Magic
162925 | Zig:22   | Noticed an ancient lich
162925 | Zig:22   | Killed a dread lich
162925 | Zig:22   | Killed a dread lich
162925 | Zig:22   | Killed an ancient lich
162926 | Zig:22   | Noticed a dread lich
162926 | Zig:22   | Noticed a dread lich
162927 | Zig:22   | Noticed a dread lich
162928 | Zig:22   | Noticed an ancient lich
162928 | Zig:22   | Noticed an ancient lich
162929 | Zig:22   | Noticed a dread lich
162929 | Zig:22   | Killed an ancient lich
162930 | Zig:22   | Noticed an ancient lich
162931 | Zig:22   | Killed a dread lich
162931 | Zig:22   | Killed a dread lich
162942 | Zig:22   | Killed a dread lich
162950 | Zig:22   | Killed an ancient lich
162950 | Zig:22   | Killed a dread lich
162951 | Zig:22   | Killed an ancient lich
162952 | Zig:22   | Killed an ancient lich
163464 | Zig:22   | Identified the amulet of the Scavenger {RegenMP +Blink
                  | Str-5 Dex+5 Slay+2}
163468 | Zig:22   | Identified the Disquisition on Noxious Ignition
163470 | Zig:22   | Identified the amulet "Inuiwep" {Regen+ Int+8 Dex-4 SInv}
163480 | Zig:22   | Identified the +10 halberd "Boukymakk" {speed, rPois rC+
                  | Str+2}
163491 | Zig:23   | Entered Level 23 of a ziggurat
163507 | Zig:23   | Reached skill level 27 in Summonings
163519 | Zig:23   | Reached skill level 27 in Translocations
163519 | Zig:23   | Reached skill level 1 in Hexes
163932 | Zig:23   | Identified the Disquisition on Ashen Dislocation
164017 | Zig:24   | Entered Level 24 of a ziggurat
164049 | Zig:24   | Reached skill level 5 in Hexes
164066 | Zig:24   | Reached skill level 10 in Hexes
164164 | Zig:24   | Reached skill level 15 in Hexes
164545 | Zig:24   | Identified Sif Muna's Catalogue of the Birds and Sinister
                  | Rituals
164549 | Zig:24   | Identified the +12 short sword "Icafusyp" {flame, rF+ rN++}
164552 | Zig:24   | Identified the ring "Xefanu" {Will+ Dex+3}
164555 | Zig:24   | Identified the amulet of Cusch {RegenMP Int+4}
164561 | Zig:24   | Identified the +7 trident of the Salmon {vorpal, +Blink
                  | rElec}
164562 | Zig:24   | Identified the ring "Kaofuur" {Will++ Slay+4}
164563 | Zig:24   | Identified the ring of Farhior {Will+ Dex+6}
164568 | Zig:24   | Identified Sif Muna's Volume of Transmigration
164578 | Zig:25   | Entered Level 25 of a ziggurat
164650 | Zig:25   | Noticed an ancient lich
164651 | Zig:25   | Noticed an ancient lich
164656 | Zig:25   | Noticed a dread lich
164658 | Zig:25   | Noticed an ancient lich
164663 | Zig:25   | Noticed an ancient lich
164664 | Zig:25   | Noticed an ancient lich
164665 | Zig:25   | Noticed a dread lich
164666 | Zig:25   | Killed an ancient lich
164666 | Zig:25   | Killed an ancient lich
164666 | Zig:25   | Killed an ancient lich
164666 | Zig:25   | Killed an ancient lich
164666 | Zig:25   | Killed an ancient lich
164666 | Zig:25   | Noticed an ancient lich
164667 | Zig:25   | Killed a dread lich
164668 | Zig:25   | Noticed a dread lich
164669 | Zig:25   | Killed a dread lich
164669 | Zig:25   | Noticed a dread lich
164670 | Zig:25   | Noticed an ancient lich
164671 | Zig:25   | Noticed a dread lich
164671 | Zig:25   | Killed a dread lich
164672 | Zig:25   | Noticed an ancient lich
164672 | Zig:25   | Noticed a dread lich
164672 | Zig:25   | Noticed an ancient lich
164673 | Zig:25   | Noticed an ancient lich
164673 | Zig:25   | Noticed an ancient lich
164675 | Zig:25   | Killed an ancient lich
164676 | Zig:25   | Killed an ancient lich
164677 | Zig:25   | Killed an ancient lich
164677 | Zig:25   | Killed a dread lich
164677 | Zig:25   | Killed a dread lich
164679 | Zig:25   | Noticed an ancient lich
164679 | Zig:25   | Killed an ancient lich
164679 | Zig:25   | Killed a dread lich
164679 | Zig:25   | Killed an ancient lich
164679 | Zig:25   | Killed an ancient lich
164685 | Zig:25   | Killed an ancient lich
165046 | Zig:25   | Found the +4 dagger "Morg" {pain, Will+ Int+5}
165051 | Zig:25   | Found the +3 Elemental Staff {rElec rF++ rC++ Will++ AC+5}
165061 | Zig:25   | Identified Sif Muna's Guide on Spatial Shape Shifting
165068 | Zig:25   | Identified the +7 scythe "Ralul" {freeze, Will+ Str+2 Int+4
                  | Dex+4}
165072 | Zig:25   | Identified the Grimoire of the Evil Snowflakes
165080 | Zig:25   | Identified the amulet "Biblonuo" {rElec rN+ Regen+ Slay-4
                  | SInv}
165081 | Zig:25   | Identified the +8 arbalest "Bath" {vorpal, Str+5}
165085 | Zig:25   | Identified the +4 battleaxe of the Foremost Knives {vorpal,
                  | rElec rPois rC+}
165097 | Zig:25   | Identified the +8 great mace "Bofarocy" {vorpal, rF+ Will+}
165098 | Zig:25   | Identified Secass's Compendium of Enchantment and Moulding
165167 | Zig:26   | Entered Level 26 of a ziggurat
165275 | Zig:26   | Reached skill level 27 in Hexes
165276 | Zig:26   | Reached skill level 1 in Axes
165276 | Zig:26   | Reached skill level 1 in Maces & Flails
165279 | Zig:26   | Reached skill level 5 in Axes
165279 | Zig:26   | Reached skill level 5 in Maces & Flails
165292 | Zig:26   | Noticed Kofo the pandemonium lord
165302 | Zig:26   | Killed Kofo the pandemonium lord
165801 | Zig:26   | Identified the ring of Vir Zeba {*Drain rElec rCorr Slay+6
                  | SInv}
165804 | Zig:26   | Identified the +2 glaive of Duohieg {flame, *Rage rF++
                  | Str+5}
165806 | Zig:26   | Identified the +7 spear of an ossuary {vorpal, rF+ rC++}
165822 | Zig:26   | Identified the amulet "Zaduec" {Spirit +Blink rElec Dex-5}
165842 | Zig:26   | Identified the +9 hand axe "Hod Ittu" {chaos, Int+5}
165844 | Zig:27   | Entered Level 27 of a ziggurat
165877 | Zig:27   | Reached skill level 10 in Axes
165877 | Zig:27   | Reached skill level 10 in Maces & Flails
166071 | Zig:27   | Found the ring of the Octopus King
166398 | Zig:27   | Identified the amulet "Nostrusou" {Acrobat Dex+8}
166469 | Zig:27   | Reached skill level 15 in Axes
166489 | Zig:27   | Identified the ring of Ekleth {Fire rN+ Str+2 Int+2 SInv}
166503 | Zig:27   | Identified a ring of the Octopus King {rN+ AC+1 EV+1 Str+1
                  | Int+1 Dex+1}
166506 | Zig:27   | Identified the Guide on Transformation
166513 | Zig:27   | Identified the amulet "Pett" {Faith rN+ Will- Int+4}
166710 | Hell     | Learned a level 8 spell: Discord
166721 | Zig:1    | Entered Level 1 of a ziggurat
166728 | Zig:1    | Identified the amulet of Maph {Acrobat Int+5}
166749 | Zig:2    | Entered Level 2 of a ziggurat
166837 | Zig:2    | Identified the +0 chain mail "Nynkes" {*Drain rElec rN+++
                  | SInv}
166849 | Zig:3    | Entered Level 3 of a ziggurat
166849 | Zig:3    | Noticed an ancient lich
166857 | Zig:3    | Killed an ancient lich
166858 | Zig:3    | Reached skill level 15 in Maces & Flails
166974 | Zig:4    | Entered Level 4 of a ziggurat
166974 | Zig:4    | Noticed Kunluro the pandemonium lord
166976 | Zig:4    | Noticed Heelosinti the pandemonium lord
166983 | Zig:4    | Killed Heelosinti the pandemonium lord
166984 | Zig:4    | Killed Kunluro the pandemonium lord
167106 | Zig:4    | Identified the Disquisition on Unholy Magic and
                  | Translocation
167110 | Zig:4    | Identified the amulet "Nerudur" {RegenMP rElec rC- Str+4}
167139 | Zig:5    | Entered Level 5 of a ziggurat
167284 | Zig:5    | Identified the Collected Works on the Glacial Escort
167325 | Zig:6    | Entered Level 6 of a ziggurat
167332 | Zig:6    | Found the +2 hat of the Bear Spirit {Spirit, +Rage rN+
                  | Will++}
167524 | Zig:6    | Identified the +7 shortbow of Wehimu {flame, rElec rN+
                  | SInv}
167563 | Zig:6    | Identified the ring "Bunwof" {Int+2 Dex+6}
167570 | Zig:7    | Entered Level 7 of a ziggurat
167572 | Zig:7    | Noticed Itiniaps the pandemonium lord
167573 | Zig:7    | Noticed Ellu Ruyl the pandemonium lord
167573 | Zig:7    | Noticed Wocsa Bewad the pandemonium lord
167575 | Zig:7    | Noticed Umuhuk the pandemonium lord
167576 | Zig:7    | Noticed Exzewku the pandemonium lord
167579 | Zig:7    | Killed Exzewku the pandemonium lord
167579 | Zig:7    | Killed Wocsa Bewad the pandemonium lord
167579 | Zig:7    | Killed Ellu Ruyl the pandemonium lord
167580 | Zig:7    | Killed Itiniaps the pandemonium lord
167582 | Zig:7    | Killed Umuhuk the pandemonium lord
167801 | Zig:8    | Entered Level 8 of a ziggurat
168006 | Zig:8    | Identified the ring of Myexuef {Ice +Inv rPois}
168016 | Zig:8    | Identified the ring of the Baking Queen {Wiz rN+}
168074 | Zig:9    | Entered Level 9 of a ziggurat
168075 | Zig:9    | Acquired 717 gold pieces
168082 | Zig:9    | Noticed Xohozxan the pandemonium lord
168090 | Zig:9    | Killed Xohozxan the pandemonium lord
168318 | Zig:10   | Entered Level 10 of a ziggurat
168568 | Zig:10   | Identified the Volume of the Supportive Rocks
168580 | Zig:10   | Identified the +8 dagger "Woraxtam" {vorpal, +Blink Str-4
                  | Int+6 SInv}
168594 | Zig:11   | Entered Level 11 of a ziggurat
168594 | Zig:11   | Noticed a dread lich
168604 | Zig:11   | Killed a dread lich
168954 | Zig:12   | Entered Level 12 of a ziggurat
168965 | Zig:12   | Found the +4 moon troll leather armour {Spirit, Regen++
                  | MP+5}
168972 | Zig:12   | Reached skill level 27 in Staves
169187 | Zig:12   | Identified the ring of the Lost Heavens {EV+4 Dex+2}
169189 | Zig:12   | Identified the Almanac of the Lizard
169195 | Zig:12   | Identified the ring of Waus Uma {rPois rC+ Int+4 SInv
                  | Stlth+}
169221 | Zig:12   | Identified the ring of Vojagi {+Inv rF++ Int-3 Dex+6
                  | Slay+2}
169223 | Zig:12   | Identified the Compendium of the Learner
169235 | Zig:12   | Identified Sif Muna's Compendium of Saltpetre
169240 | Zig:12   | Identified the +1 leather armour "Foilus" {Str-2 Dex+4}
169325 | Zig:13   | Entered Level 13 of a ziggurat
169330 | Zig:13   | Noticed a juggernaut
169330 | Zig:13   | Noticed a juggernaut
169332 | Zig:13   | Noticed a juggernaut
169332 | Zig:13   | Noticed a juggernaut
169333 | Zig:13   | Noticed a juggernaut
169334 | Zig:13   | Noticed a juggernaut
169335 | Zig:13   | Killed a juggernaut
169338 | Zig:13   | Killed a juggernaut
169339 | Zig:13   | Killed a juggernaut
169339 | Zig:13   | Killed a juggernaut
169339 | Zig:13   | Killed a juggernaut
169341 | Zig:13   | Killed a juggernaut
169546 | Zig:13   | Identified the +0 chain mail "Sarotz" {rN+}
169552 | Zig:13   | Identified Sif Muna's Handbook of the Entourage and the
                  | Blaze
169556 | Zig:13   | Identified the Handbook of Kismet
169560 | Zig:13   | Identified Xaenlusi's Lost Secrets of Witchery
169564 | Zig:13   | Identified the ring of Kalymu {EV+4 Str+3 Slay+2 SInv}
169566 | Zig:13   | Identified the Volume of Venom and the Arsonist
169707 | Zig:14   | Entered Level 14 of a ziggurat
169716 | Zig:14   | Noticed an ancient lich
169718 | Zig:14   | Noticed an ancient lich
169718 | Zig:14   | Noticed an ancient lich
169718 | Zig:14   | Noticed an ancient lich
169719 | Zig:14   | Found the macabre finger necklace {rN+}
169720 | Zig:14   | Killed an ancient lich
169720 | Zig:14   | Killed an ancient lich
169720 | Zig:14   | Killed an ancient lich
169721 | Zig:14   | Killed an ancient lich
169877 | Zig:14   | Identified the Grimoire of Necromancy and Poisoning
169879 | Zig:14   | Identified the Guide on the Excruciating Snowflakes
169880 | Zig:14   | Identified the Almanac of Gliding Creation
169892 | Zig:14   | Identified the amulet "Qedwus" {Spirit rPois Str-2 SInv}
169930 | Zig:14   | Identified the +1 leather armour of Beever {Harm *Drain
                  | Int+2}
169931 | Zig:14   | Identified the +6 bardiche of Bahiz {antimagic, Str+4}
170015 | Zig:14   | Identified the +3 war axe of the Pariah {drain, Str+3}
170377 | Zig:15   | Entered Level 15 of a ziggurat
170393 | Zig:15   | Identified the +0 tower shield of the Gravedigger {Int+2
                  | Stlth+}
170448 | Zig:15   | Reached skill level 10 in Slings
170453 | Zig:15   | Reached skill level 15 in Throwing
170751 | Zig:15   | Identified the +1 leather armour of the Heavens {rF- Regen+
                  | Dex+2}
170755 | Zig:15   | Reached skill level 15 in Slings
170761 | Zig:16   | Entered Level 16 of a ziggurat
170774 | Zig:16   | Found the +8 frozen axe "Frostbite" {freezing cloud, *Noise
                  | +Fly rC+}
170784 | Zig:16   | Found the +2 ratskin cloak {*Rats rPois rN+ Str-1 Int-1
                  | Dex+1}
171089 | Zig:16   | Identified the +5 quarterstaff of the Dove {pain, +Fly
                  | rElec rC+++ Str-4 Dex-4}
171090 | Zig:16   | Identified the +6 shortbow of the Establishment {flame,
                  | rPois rF- rC- Stlth+}
171097 | Zig:17   | Entered Level 17 of a ziggurat
171569 | Zig:17   | Identified Ofuviep's Incunabulum of Summoning and
                  | Contamination
171613 | Zig:18   | Entered Level 18 of a ziggurat
171644 | Zig:18   | Found the +3 salamander hide armour {Flames rF++ rC--}
171658 | Zig:18   | Paralysed by accursed screaming for 1 turns
171680 | Zig:18   | Killed a starcursed mass
171983 | Zig:18   | Identified the ring "Mieli" {rElec rPois rC+ Str+6 Dex-5}
171993 | Zig:18   | Identified the +5 scale mail of Heted {rN+}
171997 | Zig:18   | Identified the +2 hand crossbow of Inuak {speed, Str-4
                  | Dex+8}
172076 | Zig:19   | Entered Level 19 of a ziggurat
172591 | Zig:19   | Identified the +7 dagger of Arori {freeze, rC+}
172608 | Zig:19   | Identified Sif Muna's Volume of Envenoming and Stones
172621 | Zig:20   | Entered Level 20 of a ziggurat
172948 | Zig:20   | Identified the ring "Foney" {Will- Str+2 Int+9 SInv Stlth+}
172952 | Zig:20   | Identified the +6 war axe "Giepsava" {drain, +Rage rF+
                  | SInv}
173002 | Zig:20   | Identified the Volume of Pathos
173006 | Zig:20   | Identified the ring of Existentialism {rC+ Str+4 Dex+2}
173069 | Zig:20   | Acquired a manual of Bows
173189 | Zig:21   | Entered Level 21 of a ziggurat
173200 | Zig:21   | Noticed a juggernaut
173203 | Zig:21   | Noticed a juggernaut
173204 | Zig:21   | Reached skill level 10 in Bows
173207 | Zig:21   | Noticed a juggernaut
173207 | Zig:21   | Noticed a juggernaut
173208 | Zig:21   | Killed a juggernaut
173208 | Zig:21   | Noticed a juggernaut
173209 | Zig:21   | Noticed a juggernaut
173210 | Zig:21   | Noticed a juggernaut
173210 | Zig:21   | Killed a juggernaut
173210 | Zig:21   | Noticed a juggernaut
173211 | Zig:21   | Reached skill level 5 in Crossbows
173211 | Zig:21   | Noticed a juggernaut
173213 | Zig:21   | Killed a juggernaut
173214 | Zig:21   | Noticed a juggernaut
173215 | Zig:21   | Killed a juggernaut
173215 | Zig:21   | Killed a juggernaut
173215 | Zig:21   | Killed a juggernaut
173215 | Zig:21   | Killed a juggernaut
173216 | Zig:21   | Reached skill level 10 in Crossbows
173219 | Zig:21   | Killed a juggernaut
173219 | Zig:21   | Killed a juggernaut
173220 | Zig:21   | Killed a juggernaut
173390 | Zig:21   | Found the +8 longbow "Zephyr" {speed, Dex+3 SInv}
173471 | Zig:21   | Identified the ring "Qitiedgh" {rN+ Str+2}
173629 | Zig:21   | Identified the ring "Uprio" {rN+ MP-9 AC+4 Int+3}
173633 | Zig:21   | Identified the ring of Ulog {*Slow +Inv rElec Will- Str+6}
173634 | Zig:21   | Identified the ring "Zimis" {rElec Dex+6}
173681 | Zig:22   | Entered Level 22 of a ziggurat
173713 | Zig:22   | Noticed Hahoh the pandemonium lord
173719 | Zig:22   | Noticed Jusemuor the pandemonium lord
173719 | Zig:22   | Noticed Zik Gaesch the pandemonium lord
173719 | Zig:22   | Noticed Moaxkuch the pandemonium lord
173719 | Zig:22   | Noticed Ysocon the pandemonium lord
173719 | Zig:22   | Noticed Qiofutue the pandemonium lord
173719 | Zig:22   | Noticed Itufeet the pandemonium lord
173720 | Zig:22   | Noticed Juntyblo the pandemonium lord
173721 | Zig:22   | Noticed Soomumpy the pandemonium lord
173721 | Zig:22   | Noticed Gotse the pandemonium lord
173721 | Zig:22   | Noticed Zuteghep the pandemonium lord
173721 | Zig:22   | Noticed Vitun the pandemonium lord
173723 | Zig:22   | Noticed Wahuvawi the pandemonium lord
173724 | Zig:22   | Noticed Eta Urovah the pandemonium lord
173724 | Zig:22   | Noticed Mein the pandemonium lord
173724 | Zig:22   | Noticed Xuppuy the pandemonium lord
173725 | Zig:22   | Noticed Laomn the pandemonium lord
173725 | Zig:22   | Killed Gotse the pandemonium lord
173725 | Zig:22   | Killed Zik Gaesch the pandemonium lord
173725 | Zig:22   | Killed Qiofutue the pandemonium lord
173725 | Zig:22   | Noticed Kaestrub the pandemonium lord
173725 | Zig:22   | Noticed Waikot the pandemonium lord
173726 | Zig:22   | Reached skill level 27 in Slings
173726 | Zig:22   | Reached skill level 15 in Bows
173726 | Zig:22   | Killed Laomn the pandemonium lord
173726 | Zig:22   | Killed Soomumpy the pandemonium lord
173726 | Zig:22   | Noticed Pagh the pandemonium lord
173727 | Zig:22   | Noticed Jampant the pandemonium lord
173728 | Zig:22   | Killed Vitun the pandemonium lord
173728 | Zig:22   | Killed Juntyblo the pandemonium lord
173728 | Zig:22   | Killed Jusemuor the pandemonium lord
173728 | Zig:22   | Noticed Seomup the pandemonium lord
173728 | Zig:22   | Gained mutation: You are very frail. (-20% HP) [mutagenic
                  | glow]
173729 | Zig:22   | Noticed Bupnoke the pandemonium lord
173729 | Zig:22   | Killed Zuteghep the pandemonium lord
173729 | Zig:22   | Killed Ysocon the pandemonium lord
173729 | Zig:22   | Noticed Tenast the pandemonium lord
173730 | Zig:22   | Reached skill level 27 in Throwing
173731 | Zig:22   | Noticed Veuwop the pandemonium lord
173732 | Zig:22   | Noticed Ogolie the pandemonium lord
173732 | Zig:22   | Killed Wahuvawi the pandemonium lord
173732 | Zig:22   | Killed Moaxkuch the pandemonium lord
173732 | Zig:22   | Killed Itufeet the pandemonium lord
173732 | Zig:22   | Noticed Zyigal the pandemonium lord
173732 | Zig:22   | Noticed Qesior the pandemonium lord
173732 | Zig:22   | Noticed Ekhlyipadd the pandemonium lord
173733 | Zig:22   | Noticed Rocuitap the pandemonium lord
173733 | Zig:22   | Noticed Giedod the pandemonium lord
173733 | Zig:22   | Noticed Atrav the pandemonium lord
173734 | Zig:22   | Noticed Zarchet the pandemonium lord
173734 | Zig:22   | Killed Mein the pandemonium lord
173734 | Zig:22   | Killed Eta Urovah the pandemonium lord
173734 | Zig:22   | Noticed Zonuv the pandemonium lord
173735 | Zig:22   | Killed Xuppuy the pandemonium lord
173735 | Zig:22   | Killed Jampant the pandemonium lord
173736 | Zig:22   | Noticed Nequecky the pandemonium lord
173736 | Zig:22   | Noticed Qyassev the pandemonium lord
173736 | Zig:22   | Killed Hahoh the pandemonium lord
173736 | Zig:22   | Noticed Daiweuq the pandemonium lord
173736 | Zig:22   | Noticed Cettauruda the pandemonium lord
173737 | Zig:22   | Reached skill level 15 in Crossbows
173737 | Zig:22   | Killed Seomup the pandemonium lord
173737 | Zig:22   | Noticed Bunugh the pandemonium lord
173737 | Zig:22   | Noticed Poch the pandemonium lord
173738 | Zig:22   | Noticed Zuamamm the pandemonium lord
173739 | Zig:22   | Noticed Utsyaff the pandemonium lord
173740 | Zig:22   | Killed Kaestrub the pandemonium lord
173740 | Zig:22   | Killed Ogolie the pandemonium lord
173740 | Zig:22   | Noticed Yxiof the pandemonium lord
173741 | Zig:22   | Gained mutation: You are strong-willed. (Will+) [mutagenic
                  | glow]
173749 | Zig:22   | Killed Zyigal the pandemonium lord
173749 | Zig:22   | Killed Cettauruda the pandemonium lord
173751 | Zig:22   | Killed Nequecky the pandemonium lord
173751 | Zig:22   | Killed Zuamamm the pandemonium lord
173751 | Zig:22   | Gained mutation: Scrolls take you a little longer to read.
                  | [mutagenic glow]
173752 | Zig:22   | Killed Bupnoke the pandemonium lord
173766 | Zig:22   | Gained mutation: Your spells are a little easier to cast,
                  | but a little less powerful. [mutagenic glow]
173770 | Zig:22   | Killed Veuwop the pandemonium lord
173772 | Zig:22   | Noticed Gueruc the pandemonium lord
173773 | Zig:22   | Noticed Rurr the pandemonium lord
173780 | Zig:22   | Gained mutation: You are clumsy. (Dex -2) [mutagenic glow]
173782 | Zig:22   | Killed Atrav the pandemonium lord
173782 | Zig:22   | Killed Daiweuq the pandemonium lord
173782 | Zig:22   | Killed Zonuv the pandemonium lord
173782 | Zig:22   | Killed Pagh the pandemonium lord
173782 | Zig:22   | Killed Waikot the pandemonium lord
173782 | Zig:22   | Killed Giedod the pandemonium lord
173783 | Zig:22   | Killed Rocuitap the pandemonium lord
173783 | Zig:22   | Killed Qyassev the pandemonium lord
173783 | Zig:22   | Killed Tenast the pandemonium lord
173785 | Zig:22   | Killed Qesior the pandemonium lord
173785 | Zig:22   | Killed Bunugh the pandemonium lord
173786 | Zig:22   | Killed Rurr the pandemonium lord
173790 | Zig:22   | Killed Zarchet the pandemonium lord
173792 | Zig:22   | Killed Poch the pandemonium lord
173794 | Zig:22   | Killed Yxiof the pandemonium lord
173796 | Zig:22   | Killed Utsyaff the pandemonium lord
173806 | Zig:22   | Killed Gueruc the pandemonium lord
173810 | Zig:22   | Killed Ekhlyipadd the pandemonium lord
174171 | Zig:22   | Identified the +8 trident "Toolucs" {drain, Will+ Dex+4}
174182 | Zig:22   | Identified the +8 hand axe of Equilibrium {elec, rC+}
174183 | Zig:22   | Identified Daohuja's Collected Works on the Arsonist and
                  | Summoning
174190 | Zig:22   | Identified the +6 rapier "Otsox" {holy, *Contam +Blink rF+
                  | Int+4}
174193 | Zig:23   | Entered Level 23 of a ziggurat
174688 | Zig:23   | Identified Udyczub's Disquisition on Flying Dark Rites
174705 | Zig:23   | Identified the Reference Book on Curses
174710 | Zig:23   | Identified the +4 broad axe of the Fulmar {freeze, rF+}
174711 | Zig:23   | Identified the +2 bardiche of Hospitality {vamp, rF- Will+
                  | Str+3}
174754 | Zig:24   | Entered Level 24 of a ziggurat
175336 | Zig:24   | Identified the ring of Zobleleu {*Slow rElec Str+4 SInv}
175344 | Zig:24   | Identified the ring "Amadumus" {*Drain rF- MP+9 Str+6 SInv}
175351 | Zig:24   | Identified the ring "Gops" {+Fly rPois rN+ Will+}
175359 | Zig:24   | Identified the +7 mace "Esudghoump" {flame, MP+9}
175365 | Zig:24   | Identified the ring "Vetripn" {Wiz rElec Str+2 Dex+5}
175368 | Zig:24   | Identified the Tome of Doomed Conjuration
175370 | Zig:24   | Identified the +8 scimitar of Plague {vorpal, Stlth+}
175375 | Zig:24   | Identified the +5 hunting sling of Linearity {flame, rElec
                  | rC+}
175380 | Zig:24   | Identified the +1 shortbow of Death {freeze, rF- Will+
                  | Int+2}
175424 | Zig:25   | Entered Level 25 of a ziggurat
175446 | Zig:25   | Noticed a dread lich
175450 | Zig:25   | Noticed an ancient lich
175455 | Zig:25   | Noticed an ancient lich
175455 | Zig:25   | Killed a dread lich
175456 | Zig:25   | Killed an ancient lich
175456 | Zig:25   | Killed an ancient lich
175457 | Zig:25   | Noticed an ancient lich
175457 | Zig:25   | Noticed a dread lich
175458 | Zig:25   | Noticed an ancient lich
175458 | Zig:25   | Noticed an ancient lich
175458 | Zig:25   | Noticed a dread lich
175459 | Zig:25   | Noticed a dread lich
175460 | Zig:25   | Noticed an ancient lich
175461 | Zig:25   | Noticed a dread lich
175463 | Zig:25   | Killed an ancient lich
175464 | Zig:25   | Noticed an ancient lich
175464 | Zig:25   | Noticed a dread lich
175465 | Zig:25   | Noticed an ancient lich
175465 | Zig:25   | Noticed an ancient lich
175466 | Zig:25   | Noticed an ancient lich
175466 | Zig:25   | Killed a dread lich
175467 | Zig:25   | Killed an ancient lich
175467 | Zig:25   | Killed an ancient lich
175467 | Zig:25   | Killed an ancient lich
175467 | Zig:25   | Killed an ancient lich
175467 | Zig:25   | Killed an ancient lich
175467 | Zig:25   | Killed an ancient lich
175467 | Zig:25   | Noticed an ancient lich
175468 | Zig:25   | Reached skill level 27 in Axes
175468 | Zig:25   | Reached skill level 27 in Maces & Flails
175468 | Zig:25   | Killed a dread lich
175468 | Zig:25   | Killed a dread lich
175468 | Zig:25   | Killed an ancient lich
175468 | Zig:25   | Killed a dread lich
175469 | Zig:25   | Noticed an ancient lich
175469 | Zig:25   | Noticed an ancient lich
175469 | Zig:25   | Noticed a dread lich
175470 | Zig:25   | Killed a dread lich
175470 | Zig:25   | Noticed a dread lich
175475 | Zig:25   | Killed an ancient lich
175475 | Zig:25   | Killed an ancient lich
175477 | Zig:25   | Killed a dread lich
175478 | Zig:25   | Killed an ancient lich
175478 | Zig:25   | Killed a dread lich
175794 | Zig:25   | Identified the Guide on Slavery and Orientation
175804 | Zig:25   | Acquired 338 gold pieces
175813 | Zig:25   | Identified the ring of Balance {rPois Str+4 Int+2 Dex+3}
175814 | Zig:25   | Identified the +1 robe "Ladd" {Stlth+}
175827 | Zig:25   | Identified the Guide on the Mountains
175840 | Zig:25   | Identified the +4 spear "Kodghisu" {pain, *Corrode rElec
                  | Will+ Int+3}
176030 | Zig:25   | Identified the +6 hand crossbow "Oryss" {speed, rPois
                  | Int+2}
176035 | Zig:26   | Entered Level 26 of a ziggurat
176197 | Zig:26   | Reached skill level 27 in Bows
176714 | Zig:26   | Found the ring of the Octopus King
176727 | Zig:26   | Identified a ring of the Octopus King {MP+9 AC+1 EV+1 Str+1
                  | Int+1 Dex+1}
176729 | Zig:26   | Identified the ring "Joskoniff" {rPois rCorr Int+4 Slay+2
                  | SInv}
176762 | Zig:26   | Identified Sif Muna's Tome of Stones and the Entourage
176778 | Zig:26   | Acquired 886 gold pieces
176888 | Zig:26   | Identified the +2 robe of Valour {Will- Int+7 SInv}
176892 | Zig:27   | Entered Level 27 of a ziggurat
176918 | Zig:27   | Noticed a dread lich
176918 | Zig:27   | Noticed a dread lich
176918 | Zig:27   | Noticed an ancient lich
176918 | Zig:27   | Noticed an ancient lich
176919 | Zig:27   | Noticed an ancient lich
176919 | Zig:27   | Noticed an ancient lich
176919 | Zig:27   | Noticed an ancient lich
176920 | Zig:27   | Noticed an ancient lich
176921 | Zig:27   | Noticed an ancient lich
176921 | Zig:27   | Noticed a dread lich
176921 | Zig:27   | Noticed a dread lich
176922 | Zig:27   | Noticed an ancient lich
176922 | Zig:27   | Noticed a dread lich
176922 | Zig:27   | Noticed a dread lich
176922 | Zig:27   | Noticed an ancient lich
176923 | Zig:27   | Noticed a dread lich
176924 | Zig:27   | Killed an ancient lich
176924 | Zig:27   | Killed an ancient lich
176924 | Zig:27   | Killed an ancient lich
176924 | Zig:27   | Killed a dread lich
176924 | Zig:27   | Noticed a dread lich
176925 | Zig:27   | Reached skill level 27 in Crossbows
176925 | Zig:27   | Reached skill level 1 in Short Blades
176925 | Zig:27   | Reached skill level 1 in Long Blades
176925 | Zig:27   | Killed an ancient lich
176925 | Zig:27   | Killed a dread lich
176925 | Zig:27   | Killed an ancient lich
176925 | Zig:27   | Killed an ancient lich
176925 | Zig:27   | Killed an ancient lich
176925 | Zig:27   | Killed a dread lich
176925 | Zig:27   | Killed an ancient lich
176925 | Zig:27   | Killed a dread lich
176925 | Zig:27   | Killed a dread lich
176925 | Zig:27   | Killed a dread lich
176925 | Zig:27   | Killed a dread lich
176925 | Zig:27   | Killed an ancient lich
176925 | Zig:27   | Killed a dread lich
176926 | Zig:27   | Noticed an ancient lich
176927 | Zig:27   | Noticed an ancient lich
176927 | Zig:27   | Noticed an ancient lich
176927 | Zig:27   | Noticed a dread lich
176928 | Zig:27   | Noticed a dread lich
176928 | Zig:27   | Noticed a dread lich
176928 | Zig:27   | Noticed an ancient lich
176929 | Zig:27   | Noticed a dread lich
176929 | Zig:27   | Noticed an ancient lich
176929 | Zig:27   | Noticed an ancient lich
176930 | Zig:27   | Killed a dread lich
176930 | Zig:27   | Killed an ancient lich
176931 | Zig:27   | Killed an ancient lich
176931 | Zig:27   | Killed a dread lich
176931 | Zig:27   | Killed an ancient lich
176931 | Zig:27   | Killed an ancient lich
176931 | Zig:27   | Killed a dread lich
176931 | Zig:27   | Killed an ancient lich
176931 | Zig:27   | Killed a dread lich
176934 | Zig:27   | Killed an ancient lich
177272 | Zig:27   | Identified the amulet "Kudas" {Reflect +Fly Int+5 SH+5}
177273 | Zig:27   | Identified the Compendium of Flames and Snow
177274 | Zig:27   | Identified the ring "Lucyi" {rElec rF- Str+6 Slay-3 Stlth+}
177277 | Zig:27   | Identified the ring of Lixal {rF+ Will+}
177278 | Zig:27   | Identified the ring "Lahitoka" {rPois Will+ rCorr Str+3}
177279 | Zig:27   | Identified the Incunabulum of Beguiling and Toxins
177299 | Zig:27   | Identified the +2 longbow of Foung {freeze, Int+5 Dex-4}
177445 | Hell     | Upgraded the game from 0.27-a0-460-g297a19dbdb to
                  | 0.27-a0-488-g88baaf19db
177486 | Hell     | Lost mutation: Your mind is very acute. (Int +4) [potion of
                  | mutation]
177486 | Hell     | Lost mutation: You are very frail. (-20% HP) [potion of
                  | mutation]
177486 | Hell     | Lost mutation: Scrolls take you a little longer to read.
                  | [potion of mutation]
177486 | Hell     | Lost mutation: You are strong-willed. (Will+) [potion of
                  | mutation]
177486 | Hell     | Gained mutation: Your body sometimes deteriorates upon
                  | taking damage. [potion of mutation]
177486 | Hell     | Gained mutation: You evolve. [potion of mutation]
177487 | Hell     | Lost mutation: You are frail. (-10% HP) [potion of
                  | mutation]
177487 | Hell     | Lost mutation: Your body sometimes deteriorates upon taking
                  | damage. [potion of mutation]
177487 | Hell     | Lost mutation: Your mind is acute. (Int +2) [potion of
                  | mutation]
177487 | Hell     | Lost mutation: You are clumsy. (Dex -2) [potion of
                  | mutation]
177487 | Hell     | Gained mutation: Your system is resistant to poisons.
                  | (rPois) [potion of mutation]
177488 | Hell     | Lost mutation: You evolve. [potion of mutation]
177488 | Hell     | Lost mutation: Your spells are a little easier to cast, but
                  | a little less powerful. [potion of mutation]
177488 | Hell     | Lost mutation: You are occasionally teleported next to
                  | monsters. [potion of mutation]
177488 | Hell     | Lost mutation: You are covered in fur. (AC +1) [potion of
                  | mutation]
177488 | Hell     | Gained mutation: You are frail. (-10% HP) [potion of
                  | mutation]
177488 | Hell     | Gained mutation: Your spells are a little easier to cast,
                  | but a little less powerful. [potion of mutation]
177488 | Hell     | Gained mutation: You have an increased reservoir of magic.
                  | (+10% MP) [potion of mutation]
177489 | Hell     | Lost mutation: Your system is resistant to poisons. (rPois)
                  | [potion of mutation]
177489 | Hell     | Lost mutation: You have a pair of small antennae on your
                  | head. [potion of mutation]
177489 | Hell     | Lost mutation: Your spells are a little easier to cast, but
                  | a little less powerful. [potion of mutation]
177489 | Hell     | Gained mutation: Your skin blends seamlessly with your
                  | surroundings (Stealth++). [potion of mutation]
177489 | Hell     | Gained mutation: You can translocate small distances at
                  | will. [potion of mutation]
177502 | Zig:1    | Entered Level 1 of a ziggurat
177503 | Zig:1    | Noticed Agixe the pandemonium lord
177510 | Zig:1    | Killed Agixe the pandemonium lord
177569 | Zig:2    | Entered Level 2 of a ziggurat
177649 | Zig:3    | Entered Level 3 of a ziggurat
177869 | Zig:4    | Entered Level 4 of a ziggurat
177872 | Zig:4    | Noticed Muwkydas the pandemonium lord
177881 | Zig:4    | Killed Muwkydas the pandemonium lord
178001 | Zig:4    | Identified the Catalogue of the Unholy Birds
178090 | Zig:5    | Entered Level 5 of a ziggurat
178099 | Zig:5    | Noticed Foriz the pandemonium lord
178105 | Zig:5    | Killed Foriz the pandemonium lord
178148 | Zig:5    | Identified Sif Muna's Almanac of Quantum Confrontation
178340 | Zig:6    | Entered Level 6 of a ziggurat
178383 | Zig:6    | Identified Lukhuihi's Handbook of the Displaced Volcanoes
178579 | Zig:7    | Entered Level 7 of a ziggurat
178682 | Zig:7    | Identified the +0 plate armour "Trusted Companion" {Dex+3}
178691 | Zig:7    | Identified the +3 mace of Due Proportion {freeze, Dex+4}
178871 | Zig:8    | Entered Level 8 of a ziggurat
178871 | Zig:8    | Noticed a royal mummy
178871 | Zig:8    | Noticed a royal mummy
178871 | Zig:8    | Noticed a royal mummy
178871 | Zig:8    | Noticed a royal mummy
178871 | Zig:8    | Noticed a royal mummy
178874 | Zig:8    | Noticed a royal mummy
178876 | Zig:8    | Killed a royal mummy
178876 | Zig:8    | Noticed a royal mummy
178877 | Zig:8    | Noticed a royal mummy
178878 | Zig:8    | Killed a royal mummy
178878 | Zig:8    | Killed a royal mummy
178878 | Zig:8    | Killed a royal mummy
178878 | Zig:8    | Killed a royal mummy
178880 | Zig:8    | Noticed a royal mummy
178881 | Zig:8    | Noticed a royal mummy
178884 | Zig:8    | Killed a royal mummy
178885 | Zig:8    | Killed a royal mummy
178885 | Zig:8    | Killed a royal mummy
178887 | Zig:8    | Killed a royal mummy
178887 | Zig:8    | Killed a royal mummy
179190 | Zig:8    | Identified the +5 flail "Fareawei" {vorpal, +Blink rElec
                  | Dex-5}
179213 | Zig:9    | Entered Level 9 of a ziggurat
179443 | Zig:9    | Identified the ring "Xocwiaq" {rElec rF- rC+ rN++ Will+
                  | SInv}
179479 | Zig:9    | Identified the +3 broad axe "Tongoce" {vorpal, *Noise +Rage
                  | Dex+4 Stlth+}
179564 | Zig:10   | Entered Level 10 of a ziggurat
179564 | Zig:10   | Noticed a royal mummy
179564 | Zig:10   | Noticed a royal mummy
179565 | Zig:10   | Noticed a royal mummy
179566 | Zig:10   | Noticed a royal mummy
179567 | Zig:10   | Noticed a royal mummy
179570 | Zig:10   | Noticed a royal mummy
179570 | Zig:10   | Noticed a royal mummy
179571 | Zig:10   | Noticed a royal mummy
179572 | Zig:10   | Killed a royal mummy
179572 | Zig:10   | Killed a royal mummy
179572 | Zig:10   | Killed a royal mummy
179572 | Zig:10   | Killed a royal mummy
179572 | Zig:10   | Noticed a royal mummy
179573 | Zig:10   | Killed a royal mummy
179573 | Zig:10   | Killed a royal mummy
179576 | Zig:10   | Killed a royal mummy
179577 | Zig:10   | Killed a royal mummy
179578 | Zig:10   | Killed a royal mummy
179905 | Zig:10   | Learned a level 8 spell: Ignition
179928 | Zig:11   | Entered Level 11 of a ziggurat
180171 | Zig:11   | Identified the Incunabulum of Destructive Sinister Secrets
180185 | Zig:11   | Identified the ring of Kyulus {rElec rPois rN+}
180201 | Zig:12   | Entered Level 12 of a ziggurat
180316 | Zig:12   | Identified the ring "Asonost" {rN+ Int+5 Dex+6}
180319 | Zig:12   | Identified the +4 hunting sling "Loiff" {venom, rPois Int+6
                  | Dex-3}
180486 | Zig:12   | Reached skill level 27 in Long Blades
180488 | Zig:12   | Identified the ring "Wataic" {Dex+6 Slay+3}
180517 | Zig:13   | Entered Level 13 of a ziggurat
180525 | Zig:13   | Reached skill level 27 in Short Blades
180693 | Zig:13   | Found the ring of the Octopus King
180701 | Zig:13   | Identified the +7 shortbow of Kyucea {speed, rC- Will-
                  | Str+3 Dex+7}
180704 | Zig:13   | Identified Jaeva's Incunabulum of Congealing Air
180708 | Zig:13   | Identified the amulet "Veoredej" {Reflect MP+9 Int+2 Slay+3
                  | SH+5 Stlth+}
180710 | Zig:13   | Identified the +1 leather armour "Bicwefof" {+Fly rPois
                  | Int-5 Dex-5}
180726 | Zig:13   | Identified a ring of the Octopus King {rCorr AC+1 EV+1
                  | Str+1 Int+1 Dex+1}
180831 | Zig:14   | Entered Level 14 of a ziggurat
181332 | Zig:14   | Identified the +2 chain mail of the Moon {+Blink}
181345 | Zig:14   | Identified the Volume of Poisoning and Flames
181357 | Zig:14   | Identified the +8 rapier "Teexephi" {drain, *Drain rPois
                  | rF++}
181363 | Zig:14   | Identified the +2 robe of Eternity {rF+ Stlth+}
181471 | Zig:15   | Entered Level 15 of a ziggurat
181756 | Zig:15   | Identified the amulet "Udduhug" {RegenMP rElec rF- Will-
                  | Str+8}
181767 | Zig:15   | Identified the +3 great sword "Asus Xotz" {freeze, Fragile
                  | rF+ rN++}
181849 | Zig:16   | Entered Level 16 of a ziggurat
182169 | Zig:16   | Identified the +1 scale mail of the Shoals {+Inv Dex+2}
182211 | Zig:16   | Identified Upuim's Volume of the Excruciating Entourage
182221 | Zig:16   | Identified the +5 longbow "Jumin" {venom, rElec Str+2 Dex+5
                  | Stlth+}
182226 | Zig:16   | Identified the +5 ring mail of the Eternal Fruit {+Inv rC-
                  | Str+4 Slay+2}
182236 | Zig:16   | Identified the +6 falchion "Concordance" {flame, rF+}
182241 | Zig:17   | Entered Level 17 of a ziggurat
182261 | Zig:17   | Found the +0 staff of Battle
182464 | Zig:17   | Identified the amulet "Ivoots" {RegenMP rPois rF+++ Int-2
                  | Dex-3}
182712 | Zig:17   | Identified the +0 buckler of the Arcane {Dex+10}
182715 | Zig:17   | Identified the +6 hand crossbow "Xepsucw" {speed, Will++
                  | Int-2}
182727 | Zig:18   | Entered Level 18 of a ziggurat
182732 | Zig:18   | Noticed Huis the pandemonium lord
182733 | Zig:18   | Noticed Jiagutes the pandemonium lord
182733 | Zig:18   | Noticed Menav the pandemonium lord
182733 | Zig:18   | Noticed Ypnukot the pandemonium lord
182733 | Zig:18   | Noticed Heozanid the pandemonium lord
182736 | Zig:18   | Paralysed by a floating eye for 2 turns
182736 | Zig:18   | Noticed Igriragy the pandemonium lord
182736 | Zig:18   | Noticed Olol the pandemonium lord
182737 | Zig:18   | Noticed Lonyegraap the pandemonium lord
182738 | Zig:18   | Noticed Malilykh the pandemonium lord
182738 | Zig:18   | Noticed Onuqev the pandemonium lord
182738 | Zig:18   | Noticed Asoj the pandemonium lord
182738 | Zig:18   | Noticed Hideix the pandemonium lord
182738 | Zig:18   | Noticed Xadoki the pandemonium lord
182738 | Zig:18   | Noticed Woicuf the pandemonium lord
182738 | Zig:18   | Noticed Fykkikil the pandemonium lord
182738 | Zig:18   | Noticed Punk the pandemonium lord
182739 | Zig:18   | Noticed Xeyr the pandemonium lord
182739 | Zig:18   | Noticed Hiov the pandemonium lord
182740 | Zig:18   | Noticed Munugh the pandemonium lord
182740 | Zig:18   | Noticed Medist the pandemonium lord
182740 | Zig:18   | Killed Heozanid the pandemonium lord
182740 | Zig:18   | Killed Medist the pandemonium lord
182740 | Zig:18   | Killed Hiov the pandemonium lord
182740 | Zig:18   | Killed Igriragy the pandemonium lord
182740 | Zig:18   | Killed Xadoki the pandemonium lord
182740 | Zig:18   | Noticed Gimp the pandemonium lord
182740 | Zig:18   | Noticed Telyqiwe the pandemonium lord
182740 | Zig:18   | Killed Huis the pandemonium lord
182742 | Zig:18   | Noticed Daizxafo the pandemonium lord
182742 | Zig:18   | Killed Munugh the pandemonium lord
182742 | Zig:18   | Killed Ypnukot the pandemonium lord
182742 | Zig:18   | Killed Woicuf the pandemonium lord
182742 | Zig:18   | Killed Onuqev the pandemonium lord
182742 | Zig:18   | Killed Daizxafo the pandemonium lord
182742 | Zig:18   | Killed Xeyr the pandemonium lord
182742 | Zig:18   | Killed Lonyegraap the pandemonium lord
182742 | Zig:18   | Killed Punk the pandemonium lord
182742 | Zig:18   | Noticed Deit the pandemonium lord
182742 | Zig:18   | Noticed Utiqih the pandemonium lord
182743 | Zig:18   | Noticed Archual the pandemonium lord
182743 | Zig:18   | Noticed Ehaxuwod the pandemonium lord
182743 | Zig:18   | Noticed Paequin the pandemonium lord
182743 | Zig:18   | Killed Hideix the pandemonium lord
182743 | Zig:18   | Noticed Saeduhoxi the pandemonium lord
182743 | Zig:18   | Noticed Hadepuc the pandemonium lord
182743 | Zig:18   | Noticed Loplai Pookk the pandemonium lord
182743 | Zig:18   | Noticed Fusicax the pandemonium lord
182744 | Zig:18   | Noticed Buagij the pandemonium lord
182745 | Zig:18   | Killed Jiagutes the pandemonium lord
182745 | Zig:18   | Killed Menav the pandemonium lord
182745 | Zig:18   | Noticed Qoil Syru the pandemonium lord
182747 | Zig:18   | Killed Olol the pandemonium lord
182748 | Zig:18   | Noticed Idiuph the pandemonium lord
182749 | Zig:18   | Noticed Lineu the pandemonium lord
182750 | Zig:18   | Killed Loplai Pookk the pandemonium lord
182750 | Zig:18   | Killed Utiqih the pandemonium lord
182750 | Zig:18   | Noticed Liqed the pandemonium lord
182750 | Zig:18   | Noticed Salad the pandemonium lord
182751 | Zig:18   | Noticed Utelio the pandemonium lord
182751 | Zig:18   | Killed Gimp the pandemonium lord
182751 | Zig:18   | Killed Deit the pandemonium lord
182751 | Zig:18   | Killed Telyqiwe the pandemonium lord
182751 | Zig:18   | Killed Malilykh the pandemonium lord
182751 | Zig:18   | Killed Fusicax the pandemonium lord
182753 | Zig:18   | Killed Utelio the pandemonium lord
182753 | Zig:18   | Killed Idiuph the pandemonium lord
182753 | Zig:18   | Killed Qoil Syru the pandemonium lord
182756 | Zig:18   | Killed Ehaxuwod the pandemonium lord
182756 | Zig:18   | Killed Asoj the pandemonium lord
182757 | Zig:18   | Killed Buagij the pandemonium lord
182758 | Zig:18   | Killed Lineu the pandemonium lord
182758 | Zig:18   | Killed Fykkikil the pandemonium lord
182759 | Zig:18   | Killed Hadepuc the pandemonium lord
182759 | Zig:18   | Killed Saeduhoxi the pandemonium lord
182759 | Zig:18   | Noticed Leottauwk the pandemonium lord
182760 | Zig:18   | Killed Liqed the pandemonium lord
182760 | Zig:18   | Killed Archual the pandemonium lord
182765 | Zig:18   | Killed Salad the pandemonium lord
182767 | Zig:18   | Found the +0 mask of the Dragon {Will+ Slay+3 SInv}
182769 | Zig:18   | Killed Paequin the pandemonium lord
182798 | Zig:18   | Killed Leottauwk the pandemonium lord
183100 | Zig:18   | Identified the ring "Atimoss" {AC+4 Int-5 Dex+2 SInv}
183124 | Zig:18   | Identified the +4 war axe "Rudus" {venom, *Noise Will+
                  | Str-2 Dex+8}
183148 | Zig:19   | Entered Level 19 of a ziggurat
183233 | Zig:19   | Found the ring of the Octopus King
183239 | Zig:19   | Found the +0 pair of fencer's gloves {Riposte Dex+3}
183252 | Zig:19   | Identified a ring of the Octopus King {AC+1 EV+1 Str+1
                  | Int+1 Dex+1 SInv}
183258 | Zig:19   | Identified the +4 morningstar of Innu {drain, Str+2 Dex+3}
183734 | Zig:19   | Identified the ring "Riqaz" {rElec rC+ Int+2 Stlth-}
183816 | Zig:19   | Identified Luge's Disquisition on the Blistering Entourage
183838 | Zig:19   | Identified the Collected Works on the Freezing Oath
183844 | Zig:19   | Identified the +0 leather armour of Voif {Rampage rC+}
183861 | Zig:20   | Entered Level 20 of a ziggurat
183862 | Zig:20   | Noticed a juggernaut
183862 | Zig:20   | Noticed a juggernaut
183864 | Zig:20   | Noticed a juggernaut
183865 | Zig:20   | Noticed a juggernaut
183865 | Zig:20   | Noticed a juggernaut
183866 | Zig:20   | Killed a juggernaut
183866 | Zig:20   | Killed a juggernaut
183867 | Zig:20   | Killed a juggernaut
183867 | Zig:20   | Killed a juggernaut
183867 | Zig:20   | Noticed a juggernaut
183868 | Zig:20   | Noticed a juggernaut
183868 | Zig:20   | Noticed a juggernaut
183868 | Zig:20   | Noticed a juggernaut
183870 | Zig:20   | Noticed a juggernaut
183870 | Zig:20   | Noticed a juggernaut
183870 | Zig:20   | Noticed a juggernaut
183871 | Zig:20   | Noticed a juggernaut
183871 | Zig:20   | Noticed a juggernaut
183872 | Zig:20   | Noticed a juggernaut
183872 | Zig:20   | Noticed a juggernaut
183876 | Zig:20   | Killed a juggernaut
183876 | Zig:20   | Killed a juggernaut
183876 | Zig:20   | Killed a juggernaut
183876 | Zig:20   | Killed a juggernaut
183877 | Zig:20   | Killed a juggernaut
183877 | Zig:20   | Killed a juggernaut
183878 | Zig:20   | Killed a juggernaut
183878 | Zig:20   | Killed a juggernaut
183878 | Zig:20   | Killed a juggernaut
183879 | Zig:20   | Killed a juggernaut
183880 | Zig:20   | Killed a juggernaut
183880 | Zig:20   | Killed a juggernaut
183884 | Zig:20   | Found the +7 great mace "Firestarter" {inner flame, rF++}
184283 | Zig:20   | Found the +8 demon blade "Leech" {vamp, *Rage +Rage rN+}
184343 | Zig:20   | Identified the Reference Book on Burning Transformation
184370 | Zig:20   | Identified the +1 robe of Limitation {+Blink}
184410 | Zig:21   | Entered Level 21 of a ziggurat
184427 | Zig:21   | Noticed Xaskasar the pandemonium lord
184451 | Zig:21   | Killed Xaskasar the pandemonium lord
184496 | Zig:21   | Identified Witchcraft, Part Five
184498 | Zig:21   | Identified Qiabulih's Almanac of Captivating Weightlessness
184509 | Zig:21   | Identified the amulet of Temptation {Faith +Blink Will+
                  | Str+3 Stlth-}
184522 | Zig:21   | Identified the +10 short sword of Jeoq {freeze, SInv}
184585 | Zig:21   | Identified the Almanac of Igneous Envenoming
184740 | Zig:21   | Identified the ring of Guulul {rPois rN+}
184741 | Zig:21   | Identified the ring of the Shining Light {Fire rElec Int+2}
184754 | Zig:22   | Entered Level 22 of a ziggurat
184774 | Zig:22   | Found the +8 storm bow {elec, penet}
185053 | Zig:22   | Identified the Volume of Icy Creation
185111 | Zig:22   | Identified the Almanac of Unstable Battle Magic
185113 | Zig:22   | Identified the Grimoire of Dominance
185127 | Zig:22   | Identified the +6 flail "Qaxzy" {drain, rC+ Int+4}
185133 | Zig:23   | Entered Level 23 of a ziggurat
185327 | Zig:23   | Identified the +3 leather armour "Wohaxiem" {+Inv rCorr
                  | Str-2 Stlth+}
185329 | Zig:23   | Identified the +8 rapier of the Ship {speed, Fragile rElec
                  | rC++ Dex+2}
185347 | Zig:23   | Identified the +5 demon blade "Ygehec" {pain, rC+ Str+3}
185365 | Zig:23   | Identified the +4 chain mail of the Morning {Rampage Str-4
                  | Dex+4}
185369 | Zig:23   | Identified the Guide on Hurtful Calling
185553 | Zig:23   | Identified the ring of Uzias {Wiz rN+ Will- MP+9 Dex+4}
185596 | Zig:23   | Identified the +1 leather armour of Winter {rC+ Str+2}
185599 | Zig:23   | Identified the ring "Joinu" {*Slow rElec rN+ Str+2 Int+6}
185614 | Zig:24   | Entered Level 24 of a ziggurat
185622 | Zig:24   | Noticed a dread lich
185623 | Zig:24   | Noticed a dread lich
185623 | Zig:24   | Noticed an ancient lich
185623 | Zig:24   | Noticed a dread lich
185623 | Zig:24   | Noticed a dread lich
185623 | Zig:24   | Noticed a dread lich
185624 | Zig:24   | Noticed an ancient lich
185624 | Zig:24   | Noticed a dread lich
185625 | Zig:24   | Killed a dread lich
185625 | Zig:24   | Killed a dread lich
185625 | Zig:24   | Killed a dread lich
185626 | Zig:24   | Noticed an ancient lich
185626 | Zig:24   | Noticed an ancient lich
185627 | Zig:24   | Killed a dread lich
185627 | Zig:24   | Killed an ancient lich
185627 | Zig:24   | Killed an ancient lich
185627 | Zig:24   | Noticed an ancient lich
185628 | Zig:24   | Noticed a dread lich
185631 | Zig:24   | Noticed an ancient lich
185631 | Zig:24   | Noticed a dread lich
185632 | Zig:24   | Noticed a dread lich
185634 | Zig:24   | Killed an ancient lich
185634 | Zig:24   | Killed an ancient lich
185634 | Zig:24   | Killed an ancient lich
185634 | Zig:24   | Killed a dread lich
185635 | Zig:24   | Killed a dread lich
185635 | Zig:24   | Killed an ancient lich
185635 | Zig:24   | Killed a dread lich
185635 | Zig:24   | Killed a dread lich
185635 | Zig:24   | Killed a dread lich
185896 | Zig:24   | Identified the ring "Vopritos" {*Corrode rPois Dex+6 SInv}
185923 | Zig:24   | Identified the +1 leather armour "Solimu" {+Blink rElec
                  | rPois rF-}
185940 | Zig:24   | Identified the ring "Deptan" {Fire Dex+4}
185944 | Zig:24   | Identified the ring "Nucoh" {rElec rCorr MP+9 Dex-4 SInv}
185962 | Zig:24   | Identified the +5 dagger "Miekle" {vorpal, +Fly rF+ rC+
                  | rN+}
185969 | Zig:24   | Identified the ring "Juguh" {Will+ Int+4 Dex+3}
185974 | Zig:25   | Entered Level 25 of a ziggurat
185977 | Zig:25   | Noticed a juggernaut
185978 | Zig:25   | Noticed a juggernaut
185978 | Zig:25   | Noticed a juggernaut
185979 | Zig:25   | Noticed a juggernaut
185980 | Zig:25   | Noticed a juggernaut
185981 | Zig:25   | Noticed a juggernaut
185982 | Zig:25   | Killed a juggernaut
185982 | Zig:25   | Noticed a juggernaut
185982 | Zig:25   | Noticed a juggernaut
185983 | Zig:25   | Noticed a juggernaut
185983 | Zig:25   | Noticed a juggernaut
185983 | Zig:25   | Killed a juggernaut
185984 | Zig:25   | Noticed a juggernaut
185984 | Zig:25   | Killed a juggernaut
185985 | Zig:25   | Noticed a juggernaut
185985 | Zig:25   | Noticed a juggernaut
185985 | Zig:25   | Killed a juggernaut
185986 | Zig:25   | Noticed a juggernaut
185987 | Zig:25   | Noticed a juggernaut
185988 | Zig:25   | Noticed a juggernaut
185988 | Zig:25   | Noticed a juggernaut
185988 | Zig:25   | Noticed a juggernaut
185989 | Zig:25   | Noticed a juggernaut
185990 | Zig:25   | Noticed a juggernaut
185991 | Zig:25   | Noticed a juggernaut
185991 | Zig:25   | Killed a juggernaut
185991 | Zig:25   | Killed a juggernaut
185991 | Zig:25   | Killed a juggernaut
185992 | Zig:25   | Killed a juggernaut
185992 | Zig:25   | Killed a juggernaut
185992 | Zig:25   | Killed a juggernaut
185992 | Zig:25   | Killed a juggernaut
185992 | Zig:25   | Killed a juggernaut
185992 | Zig:25   | Killed a juggernaut
185992 | Zig:25   | Killed a juggernaut
185992 | Zig:25   | Killed a juggernaut
185994 | Zig:25   | Killed a juggernaut
185995 | Zig:25   | Killed a juggernaut
185995 | Zig:25   | Killed a juggernaut
185996 | Zig:25   | Killed a juggernaut
185996 | Zig:25   | Killed a juggernaut
185996 | Zig:25   | Killed a juggernaut
185999 | Zig:25   | Found the ring of the Octopus King
186093 | Zig:25   | Identified a ring of the Octopus King {rF+ AC+1 EV+1 Str+1
                  | Int+1 Dex+1}
186316 | Zig:25   | Identified Sif Muna's Collected Works on Summoning
186479 | Zig:26   | Entered Level 26 of a ziggurat
186502 | Zig:26   | Found the +6 arbalest "Damnation" {damnation}
186916 | Zig:26   | Identified the +10 spear of Melee {drain, MP+9 Str+3 Dex+2
                  | SInv}
186934 | Zig:26   | Identified the +4 ring mail of Ashenzari's Hope {rPois rN+
                  | Regen+}
186953 | Zig:27   | Entered Level 27 of a ziggurat
186994 | Zig:27   | Identified the Collected Works on Beguiling
187151 | Zig:27   | Identified the +5 halberd "Ogreslayer" {freeze, rF- Str+10}
187157 | Zig:27   | Identified the +1 war axe of Guile {freeze, rF- Str+5
                  | Dex+4}
187323 | Zig:27   | Identified the +0 helmet of the Evil One {Will++ Dex-3
                  | Slay+2}
187341 | Zig:27   | Identified the +4 glaive of Expedience {flame, rN++ Str+3}
187357 | Zig:27   | Identified the +7 rapier of Feas {speed, rF++ Int+4}
187361 | Zig:27   | Identified the +0 robe of Amelioration {rElec rC- Will++
                  | Regen+}
187526 | Zig:27   | Identified the +1 ring mail "Xuiguymorph" {rElec}
187569 | Zig:27   | Identified the +4 mace "Ceriff" {speed, Dex+5 Stlth+}
187588 | Zig:27   | Identified the +2 leather armour of Mumblety Peg {rElec
                  | Str+4}
187796 | Zig:1    | Entered Level 1 of a ziggurat
187820 | Zig:2    | Entered Level 2 of a ziggurat
187986 | Zig:3    | Entered Level 3 of a ziggurat
188039 | Zig:4    | Entered Level 4 of a ziggurat
188039 | Zig:4    | Noticed Estischouno the pandemonium lord
188039 | Zig:4    | Noticed Remyen the pandemonium lord
188041 | Zig:4    | Noticed Vafupus the pandemonium lord
188042 | Zig:4    | Noticed Rotiv the pandemonium lord
188047 | Zig:4    | Killed Remyen the pandemonium lord
188048 | Zig:4    | Killed Rotiv the pandemonium lord
188048 | Zig:4    | Killed Estischouno the pandemonium lord
188055 | Zig:4    | Killed Vafupus the pandemonium lord
188264 | Zig:5    | Entered Level 5 of a ziggurat
188318 | Zig:5    | Identified the +7 scale mail of the Game of Life {rElec
                  | Str-3 Stlth+}
188407 | Zig:6    | Entered Level 6 of a ziggurat
188543 | Zig:6    | Identified the +5 rapier "Vyod" {vorpal, rF+ Int+4}
188575 | Zig:7    | Entered Level 7 of a ziggurat
188577 | Zig:7    | Noticed a dread lich
188577 | Zig:7    | Noticed a dread lich
188577 | Zig:7    | Noticed a dread lich
188578 | Zig:7    | Noticed a dread lich
188579 | Zig:7    | Noticed an ancient lich
188580 | Zig:7    | Killed a dread lich
188581 | Zig:7    | Killed a dread lich
188581 | Zig:7    | Killed a dread lich
188581 | Zig:7    | Killed a dread lich
188588 | Zig:7    | Killed an ancient lich
188778 | Zig:7    | Identified the +8 morningstar "Dahotali" {holy, Dex+4}
188784 | Zig:8    | Entered Level 8 of a ziggurat
189043 | Zig:8    | Identified the +2 leather armour "Qoevur" {rF+ rN+ Stlth+}
189071 | Zig:9    | Entered Level 9 of a ziggurat
189229 | Zig:9    | Identified the ring of Cubaupt {Will+ Dex+4}
189320 | Zig:10   | Entered Level 10 of a ziggurat
189453 | Zig:10   | Identified the +5 long sword of Crawling {freeze, *Slow
                  | Str+5 Int+3}
189551 | Zig:11   | Entered Level 11 of a ziggurat
189657 | Zig:11   | Identified the +0 scimitar of Xud Ovosm {distort, *Noise
                  | Dex+7}
189864 | Zig:11   | Identified the +0 ring mail of Sif Muna's Envy {Str+6
                  | Dex-5}
189869 | Zig:12   | Entered Level 12 of a ziggurat
190070 | Zig:12   | Identified the Almanac of the Snowflakes and Malediction
190128 | Zig:12   | Identified the ring of Zin's Fury {rElec rC+ MP+9}
190133 | Zig:12   | Identified the ring "Wuadosaf" {rPois MP+9}
190185 | Zig:13   | Entered Level 13 of a ziggurat
190193 | Zig:13   | Found the +8 arc blade {discharge, rElec}
190250 | Zig:13   | Identified Sif Muna's Papyrus of Enthralling Stones
190258 | Zig:13   | Identified the amulet of the Failed Coup {Faith Int+4}
190465 | Zig:14   | Entered Level 14 of a ziggurat
190472 | Zig:14   | Noticed Jucvin Otyb the pandemonium lord
190472 | Zig:14   | Noticed Baff the pandemonium lord
190473 | Zig:14   | Noticed Toruan the pandemonium lord
190476 | Zig:14   | Noticed Paoff the pandemonium lord
190477 | Zig:14   | Noticed Gooce the pandemonium lord
190477 | Zig:14   | Noticed Qidux the pandemonium lord
190477 | Zig:14   | Noticed Astas the pandemonium lord
190479 | Zig:14   | Noticed Uzecusakk the pandemonium lord
190479 | Zig:14   | Killed Qidux the pandemonium lord
190480 | Zig:14   | Noticed Sofunap the pandemonium lord
190480 | Zig:14   | Noticed Lequlius the pandemonium lord
190480 | Zig:14   | Noticed Mohadic the pandemonium lord
190480 | Zig:14   | Killed Gooce the pandemonium lord
190480 | Zig:14   | Noticed Cemapuo the pandemonium lord
190481 | Zig:14   | Noticed Dotefadgh the pandemonium lord
190481 | Zig:14   | Noticed Wusuteck the pandemonium lord
190481 | Zig:14   | Noticed Ahobegok the pandemonium lord
190482 | Zig:14   | Killed Toruan the pandemonium lord
190482 | Zig:14   | Killed Jucvin Otyb the pandemonium lord
190482 | Zig:14   | Killed Paoff the pandemonium lord
190482 | Zig:14   | Killed Baff the pandemonium lord
190482 | Zig:14   | Noticed Fuetieps the pandemonium lord
190482 | Zig:14   | Noticed Geaseicw the pandemonium lord
190483 | Zig:14   | Noticed Irhivumm the pandemonium lord
190485 | Zig:14   | Noticed Jopoor Sotus the pandemonium lord
190486 | Zig:14   | Noticed Ijuquam the pandemonium lord
190486 | Zig:14   | Killed Geaseicw the pandemonium lord
190486 | Zig:14   | Killed Focviaj the pandemonium lord
190486 | Zig:14   | Noticed Deotwe the pandemonium lord
190487 | Zig:14   | Noticed Xonas the pandemonium lord
190487 | Zig:14   | Noticed Dosches the pandemonium lord
190487 | Zig:14   | Noticed Radwoes the pandemonium lord
190487 | Zig:14   | Noticed Idghu Hom the pandemonium lord
190487 | Zig:14   | Noticed Ifocow the pandemonium lord
190487 | Zig:14   | Noticed Mosoar the pandemonium lord
190488 | Zig:14   | Noticed Hosafy the pandemonium lord
190490 | Zig:14   | Killed Uzecusakk the pandemonium lord
190491 | Zig:14   | Killed Sofunap the pandemonium lord
190491 | Zig:14   | Noticed Zyl Awn the pandemonium lord
190492 | Zig:14   | Killed Jopoor Sotus the pandemonium lord
190492 | Zig:14   | Killed Wusuteck the pandemonium lord
190492 | Zig:14   | Noticed Taujav the pandemonium lord
190493 | Zig:14   | Killed Fuetieps the pandemonium lord
190493 | Zig:14   | Killed Ijuquam the pandemonium lord
190493 | Zig:14   | Noticed Ocubluin the pandemonium lord
190493 | Zig:14   | Noticed Munic the pandemonium lord
190496 | Zig:14   | Noticed Notuh the pandemonium lord
190502 | Zig:14   | Noticed Fiakhiel the pandemonium lord
190505 | Zig:14   | Noticed Weerive the pandemonium lord
190514 | Zig:14   | Killed Taujav the pandemonium lord
190515 | Zig:14   | Noticed Fomac the pandemonium lord
190516 | Zig:14   | Killed Astas the pandemonium lord
190516 | Zig:14   | Killed Munic the pandemonium lord
190516 | Zig:14   | Noticed Taoxt the pandemonium lord
190517 | Zig:14   | Killed Ocubluin the pandemonium lord
190520 | Zig:14   | Killed Mohadic the pandemonium lord
190520 | Zig:14   | Killed Deotwe the pandemonium lord
190521 | Zig:14   | Killed Dotefadgh the pandemonium lord
190521 | Zig:14   | Killed Mosoar the pandemonium lord
190524 | Zig:14   | Killed Weerive the pandemonium lord
190524 | Zig:14   | Killed Lequlius the pandemonium lord
190524 | Zig:14   | Killed Ifocow the pandemonium lord
190524 | Zig:14   | Noticed Uklumud the pandemonium lord
190525 | Zig:14   | Killed Taoxt the pandemonium lord
190525 | Zig:14   | Killed Fomac the pandemonium lord
190525 | Zig:14   | Killed Radwoes the pandemonium lord
190525 | Zig:14   | Killed Ahobegok the pandemonium lord
190526 | Zig:14   | Killed Irhivumm the pandemonium lord
190526 | Zig:14   | Killed Zyl Awn the pandemonium lord
190527 | Zig:14   | Killed Idghu Hom the pandemonium lord
190527 | Zig:14   | Killed Cemapuo the pandemonium lord
190527 | Zig:14   | Killed Notuh the pandemonium lord
190528 | Zig:14   | Killed Uklumud the pandemonium lord
190528 | Zig:14   | Killed Fiakhiel the pandemonium lord
190528 | Zig:14   | Killed Xonas the pandemonium lord
190533 | Zig:14   | Killed Hosafy the pandemonium lord
190541 | Zig:14   | Noticed Hesics the pandemonium lord
190543 | Zig:14   | Killed Dosches the pandemonium lord
190549 | Zig:14   | Killed Hesics the pandemonium lord
190761 | Zig:14   | Identified the +1 rapier "Hell-Harrower" {flame, Str+4}
190777 | Zig:15   | Entered Level 15 of a ziggurat
190846 | Zig:15   | Identified the Incunabulum of the Shifting Mountains
190852 | Zig:15   | Identified the +7 trident of Moral Flaws {vorpal, Int+3}
190856 | Zig:15   | Identified the Compendium of Blows and Bruises and
                  | Lightness
191104 | Zig:15   | Identified the ring of the Sixty-Six Things {rElec rF- rN+
                  | Will+ Dex+8}
191107 | Zig:16   | Entered Level 16 of a ziggurat
191115 | Zig:16   | Noticed a juggernaut
191117 | Zig:16   | Noticed a juggernaut
191117 | Zig:16   | Noticed a juggernaut
191118 | Zig:16   | Noticed a juggernaut
191119 | Zig:16   | Noticed a juggernaut
191120 | Zig:16   | Noticed a juggernaut
191120 | Zig:16   | Killed a juggernaut
191120 | Zig:16   | Killed a juggernaut
191120 | Zig:16   | Killed a juggernaut
191120 | Zig:16   | Noticed a juggernaut
191122 | Zig:16   | Noticed a juggernaut
191123 | Zig:16   | Noticed a juggernaut
191123 | Zig:16   | Noticed a juggernaut
191123 | Zig:16   | Killed a juggernaut
191124 | Zig:16   | Noticed a juggernaut
191124 | Zig:16   | Noticed a juggernaut
191124 | Zig:16   | Noticed a juggernaut
191126 | Zig:16   | Killed a juggernaut
191126 | Zig:16   | Killed a juggernaut
191126 | Zig:16   | Killed a juggernaut
191126 | Zig:16   | Killed a juggernaut
191129 | Zig:16   | Killed a juggernaut
191130 | Zig:16   | Killed a juggernaut
191131 | Zig:16   | Killed a juggernaut
191134 | Zig:16   | Killed a juggernaut
191134 | Zig:16   | Killed a juggernaut
191396 | Zig:16   | Identified the +11 falchion of the Absolute Madman {vorpal,
                  | Str+4 SInv}
191472 | Zig:16   | Identified the ring "Leabbuel" {+Inv rPois rF+ Dex-4}
191479 | Zig:16   | Identified the +2 helmet of Memunkam {SInv}
191483 | Zig:16   | Identified the +9 hand axe of the Forest {freeze, Int+3
                  | Dex+2}
191513 | Zig:16   | Identified Ruuluzo's Papyrus of Supportive Attacks
191523 | Zig:17   | Entered Level 17 of a ziggurat
191680 | Zig:17   | Identified the Tome of Dusty Displacement
191682 | Zig:17   | Identified the +10 longbow of Truth {vorpal, +Inv rElec
                  | Int+3 Dex+4}
191720 | Zig:17   | Identified the +6 flail of Fimbulwinter {vorpal, +Blink rF+
                  | Dex+5}
191744 | Zig:17   | Identified the +9 long sword of Yhoemm {venom, rF++ rC+
                  | Str-5 Stlth+}
191879 | Zig:18   | Entered Level 18 of a ziggurat
192193 | Zig:18   | Identified Wipy Anam's Papyrus of Shape Shifting and the
                  | Entourage
192209 | Zig:18   | Identified the ring of Idauklum {rC+ EV+4 Dex+3 Stlth+}
192279 | Zig:19   | Entered Level 19 of a ziggurat
192525 | Zig:19   | Identified the ring "Zazog" {rN+ Dex+5}
192527 | Zig:19   | Identified the +1 robe of Ushida {Rampage +Inv rF+ Stlth-}
192799 | Zig:19   | Identified the ring "Vuna" {rElec rF+ rC+ Will+ Dex+2}
192804 | Zig:20   | Entered Level 20 of a ziggurat
193291 | Zig:20   | Identified the Disquisition on Heat
193296 | Zig:20   | Identified the +3 dagger of Fatigue {vorpal, Dex+6}
193297 | Zig:20   | Identified the +3 plate armour "Xutic" {rF+}
193316 | Zig:20   | Identified the +0 helmet "Ysix" {Will+}
193328 | Zig:21   | Entered Level 21 of a ziggurat
193340 | Zig:21   | Noticed a dread lich
193416 | Zig:21   | Killed a dread lich
193429 | Zig:21   | Paralysed by accursed screaming for 2 turns
193523 | Zig:21   | Killed a starcursed mass
193528 | Zig:21   | Found the +9 heavy crossbow "Sniper" {vorpal, Acc+∞ SInv}
193549 | Zig:21   | Identified the +7 giant spiked club of Tortfeasance {venom,
                  | *Contam rF+ Int+3}
193552 | Zig:21   | Identified the ring of Tyvoket {rC+ rN+ Str-3 Int+3 Slay+5}
193953 | Zig:22   | Entered Level 22 of a ziggurat
193973 | Zig:22   | Identified the +0 tower shield of Demonic Knowledge {Harm
                  | rElec rC-}
193974 | Zig:22   | Identified the +3 buckler "Xynitraps" {rN+ Dex+7}
193974 | Zig:22   | Identified the +6 tower shield of the Doldrums {rF+}
193985 | Zig:22   | Identified the +0 tower shield of Least Resistance {Dex+2}
193988 | Zig:22   | Identified the +2 tower shield "Moilui" {rElec rCorr SInv}
                  | (You took it off a daeva on level 22 of a ziggurat)
194046 | Zig:22   | Found the +7 Singing Sword {vorpal, sonic wave}
194206 | Zig:22   | Identified the +1 robe of Dishonour {+Fly rN++ Str-3 Dex+2}
194234 | Zig:22   | Identified the +5 falchion of Foul Odors {freeze, rElec
                  | rPois Str-3 Stlth+}
194250 | Zig:22   | Identified the +1 scale mail of Maeff {rPois}
194283 | Zig:22   | Identified Tuadeneu's Reference Book on Orientation and the
                  | Entourage
194418 | Zig:22   | Identified the amulet "Uqal" {Spirit Will+ Str+3}
194433 | Zig:23   | Entered Level 23 of a ziggurat
194438 | Zig:23   | Noticed a royal mummy
194447 | Zig:23   | Noticed a royal mummy
194448 | Zig:23   | Noticed a royal mummy
194448 | Zig:23   | Noticed a royal mummy
194449 | Zig:23   | Noticed a royal mummy
194449 | Zig:23   | Noticed a royal mummy
194449 | Zig:23   | Noticed a royal mummy
194450 | Zig:23   | Killed a royal mummy
194451 | Zig:23   | Noticed a royal mummy
194451 | Zig:23   | Noticed a royal mummy
194452 | Zig:23   | Noticed a royal mummy
194452 | Zig:23   | Noticed a royal mummy
194452 | Zig:23   | Noticed a royal mummy
194453 | Zig:23   | Killed a royal mummy
194453 | Zig:23   | Killed a royal mummy
194453 | Zig:23   | Killed a royal mummy
194453 | Zig:23   | Killed a royal mummy
194453 | Zig:23   | Noticed a royal mummy
194454 | Zig:23   | Killed a royal mummy
194455 | Zig:23   | Killed a royal mummy
194455 | Zig:23   | Killed a royal mummy
194455 | Zig:23   | Killed a royal mummy
194455 | Zig:23   | Noticed a royal mummy
194455 | Zig:23   | Noticed a royal mummy
194456 | Zig:23   | Noticed a royal mummy
194456 | Zig:23   | Noticed a royal mummy
194456 | Zig:23   | Killed a royal mummy
194456 | Zig:23   | Noticed a royal mummy
194456 | Zig:23   | Noticed a royal mummy
194456 | Zig:23   | Noticed a royal mummy
194456 | Zig:23   | Noticed a royal mummy
194457 | Zig:23   | Noticed a royal mummy
194457 | Zig:23   | Noticed a royal mummy
194457 | Zig:23   | Noticed a royal mummy
194458 | Zig:23   | Killed a royal mummy
194458 | Zig:23   | Killed a royal mummy
194458 | Zig:23   | Killed a royal mummy
194458 | Zig:23   | Killed a royal mummy
194458 | Zig:23   | Killed a royal mummy
194459 | Zig:23   | Killed a royal mummy
194459 | Zig:23   | Killed a royal mummy
194459 | Zig:23   | Killed a royal mummy
194459 | Zig:23   | Killed a royal mummy
194459 | Zig:23   | Killed a royal mummy
194459 | Zig:23   | Noticed a royal mummy
194459 | Zig:23   | Noticed a royal mummy
194460 | Zig:23   | Killed a royal mummy
194460 | Zig:23   | Killed a royal mummy
194460 | Zig:23   | Killed a royal mummy
194460 | Zig:23   | Noticed a royal mummy
194460 | Zig:23   | Noticed a royal mummy
194460 | Zig:23   | Noticed a royal mummy
194463 | Zig:23   | Noticed a royal mummy
194464 | Zig:23   | Killed a royal mummy
194464 | Zig:23   | Killed a royal mummy
194464 | Zig:23   | Killed a royal mummy
194465 | Zig:23   | Noticed a royal mummy
194465 | Zig:23   | Noticed a royal mummy
194466 | Zig:23   | Killed a royal mummy
194466 | Zig:23   | Killed a royal mummy
194466 | Zig:23   | Killed a royal mummy
194466 | Zig:23   | Noticed a royal mummy
194467 | Zig:23   | Noticed a royal mummy
194467 | Zig:23   | Noticed a royal mummy
194468 | Zig:23   | Killed a royal mummy
194468 | Zig:23   | Noticed a royal mummy
194473 | Zig:23   | Noticed a royal mummy
194474 | Zig:23   | Noticed a royal mummy
194476 | Zig:23   | Noticed a royal mummy
194476 | Zig:23   | Noticed a royal mummy
194477 | Zig:23   | Killed a royal mummy
194477 | Zig:23   | Killed a royal mummy
194477 | Zig:23   | Killed a royal mummy
194477 | Zig:23   | Killed a royal mummy
194477 | Zig:23   | Killed a royal mummy
194479 | Zig:23   | Killed a royal mummy
194479 | Zig:23   | Killed a royal mummy
194479 | Zig:23   | Killed a royal mummy
194479 | Zig:23   | Killed a royal mummy
194479 | Zig:23   | Killed a royal mummy
194479 | Zig:23   | Noticed a royal mummy
194479 | Zig:23   | Noticed a royal mummy
194479 | Zig:23   | Noticed a royal mummy
194479 | Zig:23   | Noticed a royal mummy
194482 | Zig:23   | Killed a royal mummy
194486 | Zig:23   | Killed a royal mummy
194487 | Zig:23   | Killed a royal mummy
194494 | Zig:23   | Killed a royal mummy
194496 | Zig:23   | Noticed a royal mummy
194497 | Zig:23   | Noticed a royal mummy
194498 | Zig:23   | Noticed a royal mummy
194498 | Zig:23   | Noticed a royal mummy
194498 | Zig:23   | Noticed a royal mummy
194500 | Zig:23   | Noticed a royal mummy
194501 | Zig:23   | Killed a royal mummy
194501 | Zig:23   | Killed a royal mummy
194501 | Zig:23   | Killed a royal mummy
194502 | Zig:23   | Noticed a royal mummy
194503 | Zig:23   | Killed a royal mummy
194503 | Zig:23   | Killed a royal mummy
194503 | Zig:23   | Killed a royal mummy
194511 | Zig:23   | Killed a royal mummy
194716 | Zig:23   | Identified Nainwoucro's Compendium of Heat and Dark Rites
194718 | Zig:23   | Identified the amulet of Dino {Reflect rF+ rC- Int+2 Dex+3
                  | SH+5}
194719 | Zig:23   | Identified Motal's Volume of the Flamy Entourage
194728 | Zig:23   | Identified the +0 scale mail of Doraror {rCorr Slay+2}
194735 | Zig:23   | Identified the +5 quarterstaff of the Piercing Traitor
                  | {vorpal, rElec}
195189 | Zig:23   | Identified the amulet "Durau" {Acrobat *Drain rN+ Dex+4}
195196 | Zig:23   | Identified the amulet of Piceig {Acrobat rC+ Int+2}
195201 | Zig:23   | Identified the ring "Gegutoteq" {Will+ Str+4 Int+4 Dex+9}
195210 | Zig:24   | Entered Level 24 of a ziggurat
195265 | Zig:24   | Identified Sif Muna's Thorough Guide to Wizardry
195267 | Zig:24   | Identified the Handbook of the Floating Compass
195289 | Zig:24   | Identified the +0 demon trident of Mana {drain, rElec rC+}
195548 | Zig:24   | Identified Poc Goad's Tome of Dislocated Clay
195577 | Zig:24   | Identified the ring "Tonaigad" {rPois rC+ Str+6 Dex-4}
195581 | Zig:24   | Identified the ring "Xalox" {+Fly rPois Str-3 Slay+2}
195585 | Zig:24   | Identified the +0 pair of gloves "Vaus" {Rampage}
195590 | Zig:24   | Identified the +10 falchion "Fireil" {vamp, *Contam Will+
                  | Int+7}
195647 | Zig:25   | Entered Level 25 of a ziggurat
195677 | Zig:25   | Noticed Gues the pandemonium lord
195681 | Zig:25   | Killed Gues the pandemonium lord
195722 | Zig:25   | Identified the Grimoire of Ignition and Transmutation
195728 | Zig:25   | Identified Bulo's Reference Book on Heat and Displacement
195784 | Zig:25   | Identified the +3 flail "Weiguot" {speed, Str+5 Stlth+}
195799 | Zig:25   | Identified the ring of Qussoeng {rN+ MP+9 Dex+3}
196289 | Zig:25   | Identified the +6 hand crossbow of the Horn {venom, *Drain
                  | Will++ Int+3 Stlth+}
196293 | Zig:25   | Identified the ring "Kocom" {rF+ rC+ rN+}
196294 | Zig:25   | Identified the ring of the Devil's Advocate {rF+ Str-3
                  | Dex+5}
196299 | Zig:25   | Identified the amulet "Ibaq Kue" {Faith Str+7}
196304 | Zig:26   | Entered Level 26 of a ziggurat
196596 | Zig:26   | Found the +6 Majin-Bo {vamp, MP+6 Int+6}
196761 | Zig:26   | Identified Sif Muna's Guide on Orientation
196788 | Zig:26   | Identified the Compendium of Hurtful Dislocation
196800 | Zig:26   | Identified the Catalogue of Orientation and Clay
196807 | Zig:26   | Identified the Guide on Snow
196812 | Zig:26   | Identified the +12 plate armour "Lemm" {rCorr Slay+3}
196825 | Zig:26   | Identified Jega's Handbook of Attacks
196839 | Zig:26   | Identified the ring of Meczasisch {rPois Dex+6}
196855 | Zig:26   | Identified the +5 plate armour of Ashenzari's Anger {Harm
                  | rF+ SInv}
196989 | Zig:27   | Entered Level 27 of a ziggurat
197113 | Zig:27   | Found the +3 hat of Pondering {ponderous, Will+ MP+10
                  | Int+5}
197589 | Zig:27   | Identified the Reference Book on Cold and Enchantment
197605 | Zig:27   | Identified the +6 plate armour "Dotau" {rPois Str+2}
197619 | Zig:27   | Identified the amulet "Peteic" {RegenMP rElec rPois Int+2}
197778 | Zig:1    | Entered Level 1 of a ziggurat
197890 | Zig:2    | Entered Level 2 of a ziggurat
197933 | Zig:2    | Identified the +7 plate armour "Niahilim" {Stlth+}
198052 | Zig:3    | Entered Level 3 of a ziggurat
198125 | Zig:4    | Entered Level 4 of a ziggurat
198125 | Zig:4    | Noticed Nafrawe the pandemonium lord
198125 | Zig:4    | Noticed Dablagy the pandemonium lord
198125 | Zig:4    | Noticed Asoismot the pandemonium lord
198126 | Zig:4    | Noticed Qece Xit the pandemonium lord
198132 | Zig:4    | Killed Asoismot the pandemonium lord
198135 | Zig:4    | Killed Dablagy the pandemonium lord
198135 | Zig:4    | Killed Nafrawe the pandemonium lord
198141 | Zig:4    | Killed Qece Xit the pandemonium lord
198239 | Zig:5    | Entered Level 5 of a ziggurat
198239 | Zig:5    | Found the +10 dark maul {vorpal}
198239 | Zig:5    | Noticed a juggernaut
198240 | Zig:5    | Noticed a juggernaut
198246 | Zig:5    | Killed a juggernaut
198249 | Zig:5    | Killed a juggernaut
198267 | Zig:5    | Identified the Grimoire of the Shifting Escort
198405 | Zig:6    | Entered Level 6 of a ziggurat
198421 | Zig:6    | Identified the +5 battleaxe "Killer Klown's Foe" {spect,
                  | rElec Str+2 Stlth-}
198520 | Zig:7    | Entered Level 7 of a ziggurat
198575 | Zig:8    | Entered Level 8 of a ziggurat
198751 | Zig:8    | Identified Cigotuvi's Catalogue of Mutagenic Necromancy
198804 | Zig:9    | Entered Level 9 of a ziggurat
198876 | Zig:9    | Identified the Collected Works on Displaced Evil Rites
198915 | Zig:9    | Identified the +1 cloak of Gongoona {Will+}
199086 | Zig:10   | Entered Level 10 of a ziggurat
199270 | Zig:10   | Identified the +7 hand axe of Desperation {pain, Str+2
                  | Int+4}
199276 | Zig:10   | Identified the +11 battleaxe of the Hills {spect, rN+}
199298 | Zig:10   | Identified the +1 chain mail "Afahauq" {Str+2 Dex+6}
199316 | Zig:11   | Entered Level 11 of a ziggurat
199321 | Zig:11   | Paralysed by accursed screaming for 2 turns
199370 | Zig:11   | Identified the ring "Enasizer" {+Blink +Fly rElec Str+4
                  | Dex-4}
199386 | Zig:11   | Identified the +1 robe of Vanity {rElec rN+ Str+4}
199392 | Zig:11   | Identified the +4 morningstar "Socic" {vorpal, +Rage +Fly
                  | Stlth-}
199420 | Zig:11   | Identified the Papyrus of Supportive Execration
199582 | Zig:11   | Identified the +8 double sword of False Hope {elec, rN+
                  | Str+3 Int+2}
199586 | Zig:11   | Identified the +7 quick blade "Ulieng" {vorpal, Str+3
                  | Dex+3}
199599 | Zig:12   | Entered Level 12 of a ziggurat
199746 | Zig:12   | Identified the Guide on Quantum Shape Shifting
199786 | Zig:12   | Identified the ring "Qoloil Vame" {rElec rC+ rN++ Int+2
                  | Stlth-}
199904 | Zig:13   | Entered Level 13 of a ziggurat
199919 | Zig:13   | Noticed Plog the pandemonium lord
199921 | Zig:13   | Killed Plog the pandemonium lord
200143 | Zig:13   | Identified the ring of Discord {Fire rPois Int+4}
200145 | Zig:13   | Identified the Papyrus of Creative Shape Shifting
200147 | Zig:13   | Identified Itwoxuetya's Almanac of the Rocks and
                  | Intoxication
200266 | Zig:13   | Identified the +3 plate armour "Irorghoah" {rPois Regen+
                  | SInv}
200267 | Zig:13   | Identified the +8 battleaxe of the Valley {vorpal, rElec
                  | Str+7 Dex-3}
200269 | Zig:13   | Identified the +9 short sword of Circular Logic {freeze,
                  | rElec rC+ Will- Str+3}
200276 | Zig:13   | Identified the +3 whip "Puem Vao" {vorpal, rF+ Will+ Str-2
                  | Int+3}
200277 | Zig:13   | Identified Loatewk's Almanac of Black Magic and the Escort
200295 | Zig:13   | Identified the +8 arbalest of Nalinal {venom, Str+4}
200312 | Zig:14   | Entered Level 14 of a ziggurat
200447 | Zig:14   | Found the +5 robe of Night {Dark Will+ SInv}
200524 | Zig:14   | Identified the ring "Goduissu" {*Drain rN+ Str+6 Int+2
                  | Dex+8}
200534 | Zig:14   | Identified The Intricacies of Thaumaturgy
200562 | Zig:14   | Identified Sif Muna's Handbook of Congealing Lightness
200654 | Zig:15   | Entered Level 15 of a ziggurat
200659 | Zig:15   | Noticed a dread lich
200660 | Zig:15   | Noticed an ancient lich
200660 | Zig:15   | Noticed a dread lich
200661 | Zig:15   | Noticed an ancient lich
200661 | Zig:15   | Noticed a dread lich
200661 | Zig:15   | Noticed a dread lich
200663 | Zig:15   | Noticed a dread lich
200663 | Zig:15   | Noticed a dread lich
200663 | Zig:15   | Noticed a dread lich
200664 | Zig:15   | Killed a dread lich
200664 | Zig:15   | Killed a dread lich
200664 | Zig:15   | Noticed an ancient lich
200665 | Zig:15   | Killed a dread lich
200665 | Zig:15   | Killed an ancient lich
200665 | Zig:15   | Killed a dread lich
200665 | Zig:15   | Killed a dread lich
200665 | Zig:15   | Killed a dread lich
200665 | Zig:15   | Killed an ancient lich
200665 | Zig:15   | Killed a dread lich
200665 | Zig:15   | Killed an ancient lich
200666 | Zig:15   | Noticed a dread lich
200666 | Zig:15   | Noticed an ancient lich
200666 | Zig:15   | Noticed a dread lich
200668 | Zig:15   | Noticed a dread lich
200668 | Zig:15   | Noticed an ancient lich
200668 | Zig:15   | Noticed a dread lich
200669 | Zig:15   | Noticed a dread lich
200669 | Zig:15   | Noticed an ancient lich
200670 | Zig:15   | Killed an ancient lich
200670 | Zig:15   | Noticed a dread lich
200671 | Zig:15   | Killed a dread lich
200671 | Zig:15   | Killed a dread lich
200671 | Zig:15   | Killed a dread lich
200671 | Zig:15   | Killed a dread lich
200671 | Zig:15   | Killed an ancient lich
200671 | Zig:15   | Killed an ancient lich
200671 | Zig:15   | Killed a dread lich
200672 | Zig:15   | Killed a dread lich
200674 | Zig:15   | Noticed an ancient lich
200675 | Zig:15   | Noticed a dread lich
200675 | Zig:15   | Noticed a dread lich
200678 | Zig:15   | Found the +7 pair of quick blades "Gyre" and "Gimble"
                  | {protect}
200679 | Zig:15   | Killed a dread lich
200679 | Zig:15   | Killed an ancient lich
200697 | Zig:15   | Killed a dread lich
200794 | Zig:15   | Identified the +3 great sword "Ittunkid" {drain, rElec}
201006 | Zig:16   | Entered Level 16 of a ziggurat
201033 | Zig:16   | Identified the +10 scythe "Qamaxeid" {vorpal, *Drain +Rage
                  | +Inv}
201216 | Zig:16   | Identified the +1 fustibalus of Past Mistakes {freeze, +Inv
                  | rPois Dex+3}
201224 | Zig:16   | Identified the +4 hand crossbow "Gutah" {flame, +Fly rC+++
                  | rN+}
201243 | Zig:16   | Identified the +9 spear "Erek" {protect, rF+ Will++}
201335 | Zig:16   | Identified the ring "Heusixt" {Str+6 Stlth+}
201339 | Zig:17   | Entered Level 17 of a ziggurat
201701 | Zig:18   | Entered Level 18 of a ziggurat
201710 | Zig:18   | Noticed an ancient lich
201712 | Zig:18   | Noticed an ancient lich
201713 | Zig:18   | Noticed an ancient lich
201714 | Zig:18   | Killed an ancient lich
201714 | Zig:18   | Noticed an ancient lich
201714 | Zig:18   | Noticed an ancient lich
201715 | Zig:18   | Noticed an ancient lich
201716 | Zig:18   | Noticed an ancient lich
201716 | Zig:18   | Noticed a dread lich
201716 | Zig:18   | Noticed an ancient lich
201716 | Zig:18   | Noticed a dread lich
201717 | Zig:18   | Noticed an ancient lich
201718 | Zig:18   | Noticed a dread lich
201718 | Zig:18   | Killed an ancient lich
201718 | Zig:18   | Killed an ancient lich
201718 | Zig:18   | Killed an ancient lich
201718 | Zig:18   | Killed an ancient lich
201718 | Zig:18   | Noticed a dread lich
201719 | Zig:18   | Noticed an ancient lich
201719 | Zig:18   | Noticed an ancient lich
201719 | Zig:18   | Killed an ancient lich
201720 | Zig:18   | Noticed a dread lich
201720 | Zig:18   | Killed an ancient lich
201720 | Zig:18   | Killed an ancient lich
201721 | Zig:18   | Killed a dread lich
201721 | Zig:18   | Killed a dread lich
201721 | Zig:18   | Killed an ancient lich
201721 | Zig:18   | Killed a dread lich
201721 | Zig:18   | Killed a dread lich
201721 | Zig:18   | Noticed an ancient lich
201722 | Zig:18   | Killed an ancient lich
201722 | Zig:18   | Killed an ancient lich
201725 | Zig:18   | Killed an ancient lich
201725 | Zig:18   | Killed a dread lich
201956 | Zig:18   | Identified the amulet of Lesser Demons {Spirit rC+ Dex+4}
201960 | Zig:18   | Identified the +6 great sword of Oenomania {antimagic,
                  | Dex+3}
201974 | Zig:18   | Identified the Guide on Warped Ignition
202072 | Zig:19   | Entered Level 19 of a ziggurat
202111 | Zig:19   | Found the +12 Vampire's Tooth {vamp}
202112 | Zig:19   | Found the +5 sword of Power {vorpal}
202116 | Zig:19   | Found the +4 skin of Zhor {Englaciate rC+++ SInv}
202145 | Zig:19   | Identified the Compendium of Harmful Dislocation
202205 | Zig:19   | Identified Agem's Handbook of Heat and Transmigration
202593 | Zig:19   | Identified the ring "Goago" {Ice Dex+4}
202595 | Zig:19   | Identified The Lost Secrets of the Arcane Arts
202600 | Zig:19   | Identified the +0 pair of gloves of Gravitas {rElec rN+++
                  | Will- Int-5}
202603 | Zig:19   | Identified the +1 halberd "Hydrabane" {antimagic, rN+}
202627 | Zig:19   | Learned a level 8 spell: Disjunction
202637 | Zig:19   | Acquired 864 gold pieces
202638 | Zig:19   | Acquired 803 gold pieces
202639 | Zig:19   | Acquired 966 gold pieces
202640 | Zig:19   | Acquired 844 gold pieces
202649 | Zig:20   | Entered Level 20 of a ziggurat
202658 | Zig:20   | Noticed an ancient lich
202659 | Zig:20   | Noticed an ancient lich
202659 | Zig:20   | Noticed an ancient lich
202659 | Zig:20   | Noticed a dread lich
202659 | Zig:20   | Noticed a dread lich
202660 | Zig:20   | Noticed an ancient lich
202660 | Zig:20   | Noticed an ancient lich
202660 | Zig:20   | Noticed an ancient lich
202660 | Zig:20   | Noticed a dread lich
202660 | Zig:20   | Noticed a dread lich
202660 | Zig:20   | Noticed an ancient lich
202660 | Zig:20   | Noticed an ancient lich
202662 | Zig:20   | Noticed a dread lich
202662 | Zig:20   | Killed a dread lich
202662 | Zig:20   | Killed an ancient lich
202662 | Zig:20   | Killed an ancient lich
202662 | Zig:20   | Killed a dread lich
202662 | Zig:20   | Noticed a dread lich
202662 | Zig:20   | Noticed an ancient lich
202663 | Zig:20   | Killed an ancient lich
202663 | Zig:20   | Killed an ancient lich
202663 | Zig:20   | Killed a dread lich
202663 | Zig:20   | Killed an ancient lich
202663 | Zig:20   | Killed an ancient lich
202663 | Zig:20   | Killed an ancient lich
202664 | Zig:20   | Killed an ancient lich
202664 | Zig:20   | Killed a dread lich
202664 | Zig:20   | Killed a dread lich
202664 | Zig:20   | Killed a dread lich
202664 | Zig:20   | Noticed an ancient lich
202664 | Zig:20   | Noticed an ancient lich
202664 | Zig:20   | Noticed a dread lich
202665 | Zig:20   | Noticed a dread lich
202665 | Zig:20   | Noticed a dread lich
202665 | Zig:20   | Noticed an ancient lich
202666 | Zig:20   | Noticed an ancient lich
202666 | Zig:20   | Noticed a dread lich
202667 | Zig:20   | Noticed an ancient lich
202667 | Zig:20   | Noticed a dread lich
202668 | Zig:20   | Found the +11 plutonium sword {*Contam Stlth-}
202668 | Zig:20   | Noticed a dread lich
202669 | Zig:20   | Found the +8 trident of the Octopus King {venom, rElec
                  | rPois Will+}
202669 | Zig:20   | Found the amulet of the Four Winds {rN+ Will+++ Clar}
202672 | Zig:20   | Killed an ancient lich
202672 | Zig:20   | Killed an ancient lich
202672 | Zig:20   | Killed a dread lich
202673 | Zig:20   | Killed an ancient lich
202673 | Zig:20   | Killed an ancient lich
202673 | Zig:20   | Killed an ancient lich
202673 | Zig:20   | Killed a dread lich
202673 | Zig:20   | Killed an ancient lich
202673 | Zig:20   | Killed a dread lich
202673 | Zig:20   | Killed a dread lich
202674 | Zig:20   | Killed a dread lich
202674 | Zig:20   | Killed a dread lich
202915 | Zig:20   | Identified the +6 whip of Symmetry {vorpal, MP+9 Dex-4
                  | Stlth+}
202985 | Zig:20   | Identified the Papyrus of Creation
202995 | Zig:20   | Identified the +7 trident "Xiestruum" {drain, rF++}
202997 | Zig:20   | Identified the +4 great sword of Nofiu {drain, rPois Int+4
                  | Dex+5 Stlth+}
203019 | Zig:20   | Identified the ring of Mainin {Wiz Str+4}
203025 | Zig:20   | Identified the +7 hunting sling of Ynkeelat {flame, *Drain
                  | rPois Int+7}
203035 | Zig:20   | Identified the +0 cloak of the Okapi {rElec rPois rCorr
                  | Stlth+}
203037 | Zig:20   | Identified Sif Muna's Incunabulum of the Dislocated
                  | Entourage
203063 | Zig:20   | Identified the ring of Tiemadel {EV+4 Int+2}
203123 | Zig:21   | Entered Level 21 of a ziggurat
203251 | Zig:21   | Identified the Disquisition on Evil Rituals and
                  | Weightlessness
203421 | Zig:21   | Identified the ring "Ugowak" {rF- rN+++ Will+ Dex-2 SInv}
203425 | Zig:21   | Identified Cuicwamn's Catalogue of Attacks and Enchantment
203427 | Zig:21   | Identified the Collected Works on Battle Magic
203435 | Zig:21   | Identified the amulet of Fesafat {*Drain rPois rC+ Regen+
                  | Str+4}
203745 | Zig:22   | Entered Level 22 of a ziggurat
204246 | Zig:22   | Identified the +5 rapier of Iwattezo {speed, rC+}
204248 | Zig:22   | Identified the +7 glaive "Beheunt" {vorpal, rPois Will++
                  | Str-5 SInv}
204250 | Zig:23   | Entered Level 23 of a ziggurat
204270 | Zig:23   | Noticed Nuciby the pandemonium lord
204270 | Zig:23   | Noticed Wunleakk the pandemonium lord
204270 | Zig:23   | Noticed Annytola the pandemonium lord
204270 | Zig:23   | Noticed Astes the pandemonium lord
204270 | Zig:23   | Noticed Lerhuren the pandemonium lord
204270 | Zig:23   | Noticed Giuwn the pandemonium lord
204270 | Zig:23   | Noticed Ceusubb the pandemonium lord
204270 | Zig:23   | Noticed Vesaebb the pandemonium lord
204270 | Zig:23   | Noticed Woysury the pandemonium lord
204270 | Zig:23   | Noticed Moyssep the pandemonium lord
204270 | Zig:23   | Noticed Gexi the pandemonium lord
204270 | Zig:23   | Noticed Den Momm the pandemonium lord
204270 | Zig:23   | Noticed Muthrunio the pandemonium lord
204270 | Zig:23   | Noticed Egizid the pandemonium lord
204270 | Zig:23   | Noticed Negavi the pandemonium lord
204270 | Zig:23   | Noticed Aranup the pandemonium lord
204270 | Zig:23   | Noticed Usesao the pandemonium lord
204270 | Zig:23   | Noticed Wuewas the pandemonium lord
204270 | Zig:23   | Noticed Ecurassa the pandemonium lord
204270 | Zig:23   | Noticed Dant the pandemonium lord
204270 | Zig:23   | Noticed Webooc the pandemonium lord
204270 | Zig:23   | Noticed Icsuen the pandemonium lord
204270 | Zig:23   | Noticed Ohoufae the pandemonium lord
204270 | Zig:23   | Noticed Deir the pandemonium lord
204270 | Zig:23   | Noticed Iqyjaqa the pandemonium lord
204270 | Zig:23   | Noticed Ushrushruevi the pandemonium lord
204270 | Zig:23   | Noticed Gossaxui the pandemonium lord
204270 | Zig:23   | Noticed Teapue the pandemonium lord
204270 | Zig:23   | Noticed Lash the pandemonium lord
204270 | Zig:23   | Noticed Tyky the pandemonium lord
204270 | Zig:23   | Noticed Xybofu the pandemonium lord
204270 | Zig:23   | Noticed Seydgh Mass the pandemonium lord
204271 | Zig:23   | Noticed Vakifohi the pandemonium lord
204271 | Zig:23   | Noticed Ughauc the pandemonium lord
204271 | Zig:23   | Noticed Voishrylo the pandemonium lord
204271 | Zig:23   | Noticed Tauzxi the pandemonium lord
204272 | Zig:23   | Noticed Miubb the pandemonium lord
204272 | Zig:23   | Noticed Akawn the pandemonium lord
204272 | Zig:23   | Noticed Sont the pandemonium lord
204273 | Zig:23   | Killed Gexi the pandemonium lord
204273 | Zig:23   | Killed Cihumammit the pandemonium lord
204273 | Zig:23   | Killed Muthrunio the pandemonium lord
204273 | Zig:23   | Killed Ughauc the pandemonium lord
204273 | Zig:23   | Killed Lash the pandemonium lord
204273 | Zig:23   | Killed Ohoufae the pandemonium lord
204273 | Zig:23   | Killed Giuwn the pandemonium lord
204273 | Zig:23   | Killed Tauzxi the pandemonium lord
204273 | Zig:23   | Killed Aranup the pandemonium lord
204273 | Zig:23   | Killed Tyky the pandemonium lord
204273 | Zig:23   | Killed Icsuen the pandemonium lord
204273 | Zig:23   | Noticed Qidwoar the pandemonium lord
204273 | Zig:23   | Noticed Nastraell the pandemonium lord
204274 | Zig:23   | Noticed Suomeph the pandemonium lord
204274 | Zig:23   | Noticed Himaadeg the pandemonium lord
204274 | Zig:23   | Noticed Qenutepy the pandemonium lord
204274 | Zig:23   | Noticed Afey the pandemonium lord
204274 | Zig:23   | Noticed Ipry the pandemonium lord
204274 | Zig:23   | Noticed Tischaetu the pandemonium lord
204275 | Zig:23   | Killed Wuewas the pandemonium lord
204275 | Zig:23   | Killed Wunleakk the pandemonium lord
204275 | Zig:23   | Killed Gossaxui the pandemonium lord
204275 | Zig:23   | Killed Den Momm the pandemonium lord
204275 | Zig:23   | Killed Teapue the pandemonium lord
204275 | Zig:23   | Killed Vesaebb the pandemonium lord
204275 | Zig:23   | Noticed Ivej the pandemonium lord
204275 | Zig:23   | Noticed Beamaseg the pandemonium lord
204276 | Zig:23   | Noticed Jimelo the pandemonium lord
204276 | Zig:23   | Noticed Kaittoll the pandemonium lord
204276 | Zig:23   | Killed Negavi the pandemonium lord
204276 | Zig:23   | Killed Webooc the pandemonium lord
204276 | Zig:23   | Killed Vakifohi the pandemonium lord
204276 | Zig:23   | Killed Egizid the pandemonium lord
204276 | Zig:23   | Killed Astes the pandemonium lord
204276 | Zig:23   | Killed Ipry the pandemonium lord
204276 | Zig:23   | Killed Deir the pandemonium lord
204276 | Zig:23   | Killed Woysury the pandemonium lord
204276 | Zig:23   | Killed Usesao the pandemonium lord
204276 | Zig:23   | Killed Ushrushruevi the pandemonium lord
204276 | Zig:23   | Noticed Void Rish the pandemonium lord
204276 | Zig:23   | Noticed Juwotsuh the pandemonium lord
204276 | Zig:23   | Noticed Quigremm the pandemonium lord
204277 | Zig:23   | Noticed Wakhlevet the pandemonium lord
204277 | Zig:23   | Noticed Voraropt the pandemonium lord
204277 | Zig:23   | Killed Dant the pandemonium lord
204277 | Zig:23   | Killed Nuciby the pandemonium lord
204277 | Zig:23   | Killed Moyssep the pandemonium lord
204277 | Zig:23   | Killed Lerhuren the pandemonium lord
204277 | Zig:23   | Killed Annytola the pandemonium lord
204277 | Zig:23   | Noticed Cukoe the pandemonium lord
204277 | Zig:23   | Noticed Likutom the pandemonium lord
204277 | Zig:23   | Noticed Esom the pandemonium lord
204277 | Zig:23   | Noticed Reoruoj the pandemonium lord
204277 | Zig:23   | Noticed Zuigisei the pandemonium lord
204278 | Zig:23   | Noticed Hoytsan the pandemonium lord
204278 | Zig:23   | Noticed Qomo the pandemonium lord
204278 | Zig:23   | Noticed Qomm the pandemonium lord
204278 | Zig:23   | Noticed Qarit Uwye the pandemonium lord
204278 | Zig:23   | Noticed Peqonoos the pandemonium lord
204278 | Zig:23   | Noticed Soicsan the pandemonium lord
204279 | Zig:23   | Noticed Zuaraismamn the pandemonium lord
204279 | Zig:23   | Killed Xybofu the pandemonium lord
204279 | Zig:23   | Killed Himaadeg the pandemonium lord
204279 | Zig:23   | Killed Juwotsuh the pandemonium lord
204279 | Zig:23   | Killed Miubb the pandemonium lord
204279 | Zig:23   | Killed Ivej the pandemonium lord
204279 | Zig:23   | Killed Qidwoar the pandemonium lord
204279 | Zig:23   | Noticed Ossed the pandemonium lord
204279 | Zig:23   | Noticed Womah the pandemonium lord
204279 | Zig:23   | Noticed Guzosh the pandemonium lord
204280 | Zig:23   | Killed Qomm the pandemonium lord
204280 | Zig:23   | Killed Akawn the pandemonium lord
204280 | Zig:23   | Killed Iqyjaqa the pandemonium lord
204280 | Zig:23   | Killed Reoruoj the pandemonium lord
204280 | Zig:23   | Killed Wakhlevet the pandemonium lord
204280 | Zig:23   | Killed Void Rish the pandemonium lord
204280 | Zig:23   | Killed Ossed the pandemonium lord
204280 | Zig:23   | Killed Esom the pandemonium lord
204280 | Zig:23   | Killed Seydgh Mass the pandemonium lord
204280 | Zig:23   | Killed Voishrylo the pandemonium lord
204280 | Zig:23   | Noticed Etacrifu the pandemonium lord
204280 | Zig:23   | Noticed Ixau the pandemonium lord
204280 | Zig:23   | Noticed Atyc the pandemonium lord
204281 | Zig:23   | Killed Ecurassa the pandemonium lord
204281 | Zig:23   | Killed Likutom the pandemonium lord
204281 | Zig:23   | Killed Atyc the pandemonium lord
204281 | Zig:23   | Killed Peqonoos the pandemonium lord
204281 | Zig:23   | Killed Cukoe the pandemonium lord
204281 | Zig:23   | Killed Ceusubb the pandemonium lord
204281 | Zig:23   | Killed Suomeph the pandemonium lord
204281 | Zig:23   | Noticed Suapes the pandemonium lord
204282 | Zig:23   | Noticed Diutiq the pandemonium lord
204282 | Zig:23   | Noticed Zamur the pandemonium lord
204282 | Zig:23   | Noticed Wuoleir the pandemonium lord
204282 | Zig:23   | Killed Nastraell the pandemonium lord
204282 | Zig:23   | Killed Beamaseg the pandemonium lord
204282 | Zig:23   | Killed Afey the pandemonium lord
204282 | Zig:23   | Killed Zuigisei the pandemonium lord
204282 | Zig:23   | Noticed Lejaorih the pandemonium lord
204282 | Zig:23   | Noticed Oshranan the pandemonium lord
204283 | Zig:23   | Killed Qenutepy the pandemonium lord
204283 | Zig:23   | Killed Diutiq the pandemonium lord
204284 | Zig:23   | Killed Hoytsan the pandemonium lord
204284 | Zig:23   | Killed Ixau the pandemonium lord
204284 | Zig:23   | Killed Suapes the pandemonium lord
204284 | Zig:23   | Killed Lejaorih the pandemonium lord
204284 | Zig:23   | Noticed Utismet the pandemonium lord
204284 | Zig:23   | Noticed Dakk the pandemonium lord
204284 | Zig:23   | Noticed Somnuwa the pandemonium lord
204285 | Zig:23   | Killed Soicsan the pandemonium lord
204285 | Zig:23   | Killed Zamur the pandemonium lord
204285 | Zig:23   | Killed Oshranan the pandemonium lord
204285 | Zig:23   | Noticed Muutumyu the pandemonium lord
204285 | Zig:23   | Noticed Citoskey the pandemonium lord
204286 | Zig:23   | Killed Wuoleir the pandemonium lord
204286 | Zig:23   | Killed Somnuwa the pandemonium lord
204286 | Zig:23   | Killed Dakk the pandemonium lord
204286 | Zig:23   | Killed Guzosh the pandemonium lord
204286 | Zig:23   | Noticed Wyuluog the pandemonium lord
204286 | Zig:23   | Noticed Qamalo Baku the pandemonium lord
204286 | Zig:23   | Noticed Qoustret the pandemonium lord
204287 | Zig:23   | Killed Kibly the pandemonium lord
204287 | Zig:23   | Noticed Ysets the pandemonium lord
204287 | Zig:23   | Noticed Jobizu the pandemonium lord
204288 | Zig:23   | Killed Zuaraismamn the pandemonium lord
204288 | Zig:23   | Killed Ysets the pandemonium lord
204288 | Zig:23   | Noticed Roosm the pandemonium lord
204289 | Zig:23   | Noticed Ceivyrro the pandemonium lord
204292 | Zig:23   | Noticed Lyim the pandemonium lord
204294 | Zig:23   | Noticed Ujuany the pandemonium lord
204294 | Zig:23   | Killed Qoustret the pandemonium lord
204294 | Zig:23   | Killed Qarit Uwye the pandemonium lord
204294 | Zig:23   | Killed Moxkurr Fuabb the pandemonium lord
204295 | Zig:23   | Killed Jimelo the pandemonium lord
204295 | Zig:23   | Killed Jobizu the pandemonium lord
204295 | Zig:23   | Killed Qamalo Baku the pandemonium lord
204295 | Zig:23   | Killed Citoskey the pandemonium lord
204295 | Zig:23   | Killed Roosm the pandemonium lord
204295 | Zig:23   | Killed Etacrifu the pandemonium lord
204295 | Zig:23   | Killed Sont the pandemonium lord
204297 | Zig:23   | Killed Tischaetu the pandemonium lord
204298 | Zig:23   | Killed Muutumyu the pandemonium lord
204298 | Zig:23   | Killed Womah the pandemonium lord
204299 | Zig:23   | Killed Ceivyrro the pandemonium lord
204305 | Zig:23   | Killed Qomo the pandemonium lord
204305 | Zig:23   | Noticed Atso the pandemonium lord
204312 | Zig:23   | Killed Kaittoll the pandemonium lord
204320 | Zig:23   | Killed Voraropt the pandemonium lord
204324 | Zig:23   | Noticed Riateih the pandemonium lord
204328 | Zig:23   | Killed Utismet the pandemonium lord
204341 | Zig:23   | Killed Wyuluog the pandemonium lord
204345 | Zig:23   | Killed Quigremm the pandemonium lord
204357 | Zig:23   | Killed Lyim the pandemonium lord
204359 | Zig:23   | Killed Riateih the pandemonium lord
204363 | Zig:23   | Killed Atso the pandemonium lord
204368 | Zig:23   | Killed Ujuany the pandemonium lord
204449 | Zig:23   | Identified Locet's Almanac of Damaging Intoxication
204453 | Zig:23   | Identified the ring of Wilofrac {Ice rN+ Will+}
204457 | Zig:23   | Identified the ring of Bafopyukh {rElec rN+ Will- rCorr
                  | Dex+5}
204475 | Zig:23   | Identified the +10 short sword of Chaos {antimagic, rElec
                  | Int+2 Dex+4}
204477 | Zig:23   | Identified San Asak's Reference Book on Weightlessness and
                  | Envenoming
204495 | Zig:23   | Identified the +7 double sword of Pyecy {flame, rC+ Str-2
                  | Dex+4}
204527 | Zig:23   | Identified the +1 plate armour of Beogh's Hatred {Int+5}
204539 | Zig:23   | Identified the +0 robe of Coomucvi {Str-4 Dex+8}
204543 | Zig:23   | Identified the Guide on the Mutagenic Compass
204549 | Zig:23   | Identified Noek's Almanac of Noxious Cold
204559 | Zig:23   | Identified the Compendium of Nihilism
204566 | Zig:23   | Identified Sif Muna's Tome of Glacial Shape Shifting
204787 | Zig:24   | Entered Level 24 of a ziggurat
204822 | Zig:24   | Found the +8 whip "Snakebite" {curare, rPois}
205035 | Zig:24   | Identified the Volume of Snow and Confrontation
205039 | Zig:24   | Identified the Papyrus of Icy Transmigration
205041 | Zig:24   | Identified the +7 mace "Giantbane" {vorpal, Fragile Int-5
                  | Dex+6}
205440 | Zig:24   | Identified the ring of Grontol {rC- Will+ MP+9 Slay+3 SInv}
205458 | Zig:25   | Entered Level 25 of a ziggurat
205465 | Zig:25   | Noticed a juggernaut
205466 | Zig:25   | Noticed a juggernaut
205467 | Zig:25   | Noticed a juggernaut
205470 | Zig:25   | Noticed a juggernaut
205471 | Zig:25   | Noticed a juggernaut
205471 | Zig:25   | Noticed a juggernaut
205471 | Zig:25   | Noticed a juggernaut
205472 | Zig:25   | Noticed a juggernaut
205472 | Zig:25   | Killed a juggernaut
205472 | Zig:25   | Killed a juggernaut
205472 | Zig:25   | Killed a juggernaut
205472 | Zig:25   | Killed a juggernaut
205473 | Zig:25   | Noticed a juggernaut
205473 | Zig:25   | Noticed a juggernaut
205474 | Zig:25   | Noticed a juggernaut
205474 | Zig:25   | Killed a juggernaut
205474 | Zig:25   | Killed a juggernaut
205474 | Zig:25   | Killed a juggernaut
205474 | Zig:25   | Noticed a juggernaut
205475 | Zig:25   | Noticed a juggernaut
205476 | Zig:25   | Noticed a juggernaut
205476 | Zig:25   | Killed a juggernaut
205477 | Zig:25   | Noticed a juggernaut
205478 | Zig:25   | Killed a juggernaut
205479 | Zig:25   | Noticed a juggernaut
205479 | Zig:25   | Noticed a juggernaut
205479 | Zig:25   | Noticed a juggernaut
205479 | Zig:25   | Killed a juggernaut
205480 | Zig:25   | Killed a juggernaut
205480 | Zig:25   | Killed a juggernaut
205481 | Zig:25   | Noticed a juggernaut
205481 | Zig:25   | Noticed a juggernaut
205481 | Zig:25   | Killed a juggernaut
205481 | Zig:25   | Noticed a juggernaut
205482 | Zig:25   | Killed a juggernaut
205482 | Zig:25   | Killed a juggernaut
205482 | Zig:25   | Killed a juggernaut
205482 | Zig:25   | Killed a juggernaut
205482 | Zig:25   | Killed a juggernaut
205482 | Zig:25   | Killed a juggernaut
205482 | Zig:25   | Noticed a juggernaut
205482 | Zig:25   | Noticed a juggernaut
205484 | Zig:25   | Noticed a juggernaut
205484 | Zig:25   | Noticed a juggernaut
205486 | Zig:25   | Killed a juggernaut
205486 | Zig:25   | Killed a juggernaut
205486 | Zig:25   | Killed a juggernaut
205487 | Zig:25   | Killed a juggernaut
205487 | Zig:25   | Killed a juggernaut
205487 | Zig:25   | Killed a juggernaut
205510 | Zig:25   | Found the +7 great mace "Undeadhunter" {disrupt, rN+}
205516 | Zig:25   | Found the +2 cloak of the Thief {*Fog Slay-2 SInv Stlth+}
205532 | Zig:25   | Identified the Tome of the Mountains and Poisoning
205537 | Zig:25   | Identified the +7 fustibalus of Wyrd {vorpal, rF- Str+5}
205547 | Zig:25   | Identified the ring "Riluzoyf" {+Blink rC+ Str-4 Dex+4
                  | Stlth-}
205551 | Zig:25   | Identified the ring "Jit Asum" {Str-4 Int+2 Slay+4 Stlth+}
205552 | Zig:25   | Identified the +0 robe of Makhleb's Supremacy {rPois Int+3}
205560 | Zig:25   | Identified the ring of Lady Luck {rElec rF+ Int+2 Stlth-}
205564 | Zig:26   | Entered Level 26 of a ziggurat
205628 | Zig:26   | Noticed an ancient lich
205630 | Zig:26   | Killed an ancient lich
205635 | Zig:26   | Noticed an ancient lich
205637 | Zig:26   | Noticed a dread lich
205638 | Zig:26   | Killed an ancient lich
205639 | Zig:26   | Killed a dread lich
205646 | Zig:26   | Noticed a dread lich
205648 | Zig:26   | Killed a dread lich
205648 | Zig:26   | Killed a starcursed mass
206165 | Zig:26   | Identified the +6 double sword "Zeevy" {vorpal, Stlth+}
206171 | Zig:26   | Acquired 635 gold pieces
206180 | Zig:26   | Identified the Catalogue of Flying Malediction
206226 | Zig:26   | Identified the amulet of Sin {Spirit Str+6 Slay-5}
206227 | Zig:26   | Identified the ring of Oghuku {Ice rElec Str+3 Dex-3
                  | Stlth-}
206279 | Zig:27   | Entered Level 27 of a ziggurat
206291 | Zig:27   | Noticed Xoveah's ghost (master TeBr)
206291 | Zig:27   | Noticed Diylu's ghost (veteran DsCj)
206292 | Zig:27   | Noticed Poalor's ghost (legendary GnWn)
206292 | Zig:27   | Noticed Eqatzuck's ghost (legendary DDFi)
206295 | Zig:27   | Noticed Mong's ghost (legendary DESu)
206295 | Zig:27   | Noticed Qatt's ghost (legendary GnWn)
206295 | Zig:27   | Noticed Jiheses's ghost (legendary DEAE)
206295 | Zig:27   | Noticed Hahenefa's ghost (legendary DsWn)
206295 | Zig:27   | Noticed Eqatzuck's ghost (legendary DDFi)
206295 | Zig:27   | Noticed Jiheses's ghost (legendary DEAE)
206295 | Zig:27   | Noticed Neapotai's ghost (veteran DsMo)
206295 | Zig:27   | Noticed Sayfri's ghost (legendary DrTm)
206295 | Zig:27   | Noticed Riogip's ghost (legendary DEFE)
206295 | Zig:27   | Noticed Zycouta's ghost (legendary DrTm)
206295 | Zig:27   | Noticed Eqatzuck's ghost (legendary DDFi)
206295 | Zig:27   | Noticed Hiz Mun's ghost (veteran MfGl)
206295 | Zig:27   | Noticed Riogip's ghost (legendary DEFE)
206295 | Zig:27   | Noticed Sayfri's ghost (legendary DrTm)
206295 | Zig:27   | Noticed Eqatzuck's ghost (legendary DDFi)
206295 | Zig:27   | Noticed Diylu's ghost (veteran DsCj)
206295 | Zig:27   | Noticed Betuluewk's ghost (legendary DESu)
206295 | Zig:27   | Noticed Jataj's ghost (legendary GrFi)
206295 | Zig:27   | Noticed Zaib's ghost (legendary CeHu)
206295 | Zig:27   | Noticed Piash's ghost (master OgEE)
206295 | Zig:27   | Noticed Piash's ghost (master OgEE)
206295 | Zig:27   | Noticed Mong's ghost (legendary DESu)
206296 | Zig:27   | Killed Riogip's ghost
206296 | Zig:27   | Noticed Zycouta's ghost (legendary DrTm)
206296 | Zig:27   | Noticed Eqatzuck's ghost (legendary DDFi)
206296 | Zig:27   | Noticed Kyik Kue's ghost (legendary DEFE)
206297 | Zig:27   | Killed Piash's ghost
206297 | Zig:27   | Noticed Jataj's ghost (legendary GrFi)
206297 | Zig:27   | Noticed Poalor's ghost (legendary GnWn)
206298 | Zig:27   | Noticed Mong's ghost (legendary DESu)
206298 | Zig:27   | Noticed Sayfri's ghost (legendary DrTm)
206298 | Zig:27   | Noticed Lonang's ghost (legendary DESu)
206298 | Zig:27   | Noticed Hahenefa's ghost (legendary DsWn)
206299 | Zig:27   | Noticed Xoveah's ghost (master TeBr)
206299 | Zig:27   | Noticed Jataj's ghost (legendary GrFi)
206300 | Zig:27   | Killed Riogip's ghost
206300 | Zig:27   | Noticed Zycouta's ghost (legendary DrTm)
206300 | Zig:27   | Noticed Hiz Mun's ghost (veteran MfGl)
206301 | Zig:27   | Killed Mong's ghost
206301 | Zig:27   | Killed Jiheses's ghost
206301 | Zig:27   | Killed Mong's ghost
206301 | Zig:27   | Noticed Poalor's ghost (legendary GnWn)
206301 | Zig:27   | Noticed Zycouta's ghost (legendary DrTm)
206302 | Zig:27   | Killed Hiz Mun's ghost
206302 | Zig:27   | Killed Piash's ghost
206302 | Zig:27   | Killed Xoveah's ghost
206303 | Zig:27   | Killed Diylu's ghost
206303 | Zig:27   | Killed Diylu's ghost
206303 | Zig:27   | Killed Zycouta's ghost
206303 | Zig:27   | Killed Kyik Kue's ghost
206303 | Zig:27   | Killed Betuluewk's ghost
206303 | Zig:27   | Killed Qatt's ghost
206303 | Zig:27   | Noticed Zaib's ghost (legendary CeHu)
206303 | Zig:27   | Noticed Hiz Mun's ghost (veteran MfGl)
206303 | Zig:27   | Noticed Jiheses's ghost (legendary DEAE)
206303 | Zig:27   | Noticed Poalor's ghost (legendary GnWn)
206303 | Zig:27   | Noticed Riogip's ghost (legendary DEFE)
206303 | Zig:27   | Noticed Neapotai's ghost (veteran DsMo)
206303 | Zig:27   | Noticed Neapotai's ghost (veteran DsMo)
206303 | Zig:27   | Noticed Kyik Kue's ghost (legendary DEFE)
206303 | Zig:27   | Noticed Jiheses's ghost (legendary DEAE)
206303 | Zig:27   | Noticed Betuluewk's ghost (legendary DESu)
206304 | Zig:27   | Noticed Neapotai's ghost (veteran DsMo)
206304 | Zig:27   | Noticed Hiz Mun's ghost (veteran MfGl)
206304 | Zig:27   | Noticed Mong's ghost (legendary DESu)
206304 | Zig:27   | Noticed Jiheses's ghost (legendary DEAE)
206304 | Zig:27   | Noticed Zycouta's ghost (legendary DrTm)
206304 | Zig:27   | Noticed Jataj's ghost (legendary GrFi)
206304 | Zig:27   | Noticed Betuluewk's ghost (legendary DESu)
206304 | Zig:27   | Noticed Hiz Mun's ghost (veteran MfGl)
206304 | Zig:27   | Noticed Hiz Mun's ghost (veteran MfGl)
206304 | Zig:27   | Noticed Eqatzuck's ghost (legendary DDFi)
206304 | Zig:27   | Noticed Hahenefa's ghost (legendary DsWn)
206304 | Zig:27   | Noticed Jataj's ghost (legendary GrFi)
206304 | Zig:27   | Noticed Jiheses's ghost (legendary DEAE)
206304 | Zig:27   | Noticed Zaib's ghost (legendary CeHu)
206304 | Zig:27   | Noticed Xoveah's ghost (master TeBr)
206304 | Zig:27   | Noticed Kyik Kue's ghost (legendary DEFE)
206304 | Zig:27   | Killed Jiheses's ghost
206304 | Zig:27   | Killed Mong's ghost
206304 | Zig:27   | Killed Riogip's ghost
206304 | Zig:27   | Killed Jataj's ghost
206304 | Zig:27   | Noticed Qatt's ghost (legendary GnWn)
206305 | Zig:27   | Killed Mong's ghost
206306 | Zig:27   | Killed Jiheses's ghost
206306 | Zig:27   | Killed Sayfri's ghost
206306 | Zig:27   | Killed Jiheses's ghost
206306 | Zig:27   | Killed Hahenefa's ghost
206306 | Zig:27   | Noticed Sayfri's ghost (legendary DrTm)
206306 | Zig:27   | Noticed Hahenefa's ghost (legendary DsWn)
206307 | Zig:27   | Noticed Eqatzuck's ghost (legendary DDFi)
206307 | Zig:27   | Noticed Zycouta's ghost (legendary DrTm)
206307 | Zig:27   | Noticed Zycouta's ghost (legendary DrTm)
206307 | Zig:27   | Noticed Yllipt's ghost (legendary GnWr)
206307 | Zig:27   | Noticed Jiheses's ghost (legendary DEAE)
206307 | Zig:27   | Noticed Kyik Kue's ghost (legendary DEFE)
206307 | Zig:27   | Killed Poalor's ghost
206307 | Zig:27   | Noticed Lonang's ghost (legendary DESu)
206309 | Zig:27   | Noticed Zaib's ghost (legendary CeHu)
206309 | Zig:27   | Killed Jiheses's ghost
206309 | Zig:27   | Killed Betuluewk's ghost
206310 | Zig:27   | Killed Sayfri's ghost
206310 | Zig:27   | Killed Qatt's ghost
206310 | Zig:27   | Killed Poalor's ghost
206310 | Zig:27   | Killed Hahenefa's ghost
206310 | Zig:27   | Killed Jiheses's ghost
206310 | Zig:27   | Killed Hiz Mun's ghost
206311 | Zig:27   | Noticed Eqatzuck's ghost (legendary DDFi)
206312 | Zig:27   | Killed Betuluewk's ghost
206312 | Zig:27   | Noticed PeterLawrence's ghost (legendary MiFi)
206312 | Zig:27   | Killed Hiz Mun's ghost
206313 | Zig:27   | Noticed Mong's ghost (legendary DESu)
206313 | Zig:27   | Noticed Neapotai's ghost (veteran DsMo)
206313 | Zig:27   | Noticed Diylu's ghost (veteran DsCj)
206313 | Zig:27   | Noticed Sayfri's ghost (legendary DrTm)
206313 | Zig:27   | Noticed Betuluewk's ghost (legendary DESu)
206313 | Zig:27   | Killed Neapotai's ghost
206315 | Zig:27   | Killed Neapotai's ghost
206315 | Zig:27   | Killed Hahenefa's ghost
206315 | Zig:27   | Killed Xoveah's ghost
206315 | Zig:27   | Killed Hiz Mun's ghost
206315 | Zig:27   | Killed Zycouta's ghost
206315 | Zig:27   | Killed Hiz Mun's ghost
206316 | Zig:27   | Killed Xoveah's ghost
206316 | Zig:27   | Killed Hiz Mun's ghost
206316 | Zig:27   | Killed Yllipt's ghost
206316 | Zig:27   | Killed Zycouta's ghost
206316 | Zig:27   | Noticed Sayfri's ghost (legendary DrTm)
206318 | Zig:27   | Killed Zycouta's ghost
206318 | Zig:27   | Killed Sayfri's ghost
206337 | Zig:27   | Noticed Megustar's ghost (legendary DECj)
206338 | Zig:27   | Noticed Hahenefa's ghost (legendary DsWn)
206339 | Zig:27   | Noticed Orphidia's ghost (legendary BaIE)
206339 | Zig:27   | Noticed Zaib's ghost (legendary CeHu)
206339 | Zig:27   | Killed Hahenefa's ghost
206341 | Zig:27   | Noticed Hahenefa's ghost (legendary DsWn)
206342 | Zig:27   | Killed Eqatzuck's ghost
206343 | Zig:27   | Killed Lonang's ghost
206343 | Zig:27   | Killed Megustar's ghost
206343 | Zig:27   | Killed Mong's ghost
206343 | Zig:27   | Killed Hahenefa's ghost
206343 | Zig:27   | Killed Sayfri's ghost
206343 | Zig:27   | Noticed Neapotai's ghost (veteran DsMo)
206343 | Zig:27   | Noticed Poalor's ghost (legendary GnWn)
206343 | Zig:27   | Noticed Kyik Kue's ghost (legendary DEFE)
206343 | Zig:27   | Noticed Lonang's ghost (legendary DESu)
206343 | Zig:27   | Noticed Poalor's ghost (legendary GnWn)
206343 | Zig:27   | Noticed Neapotai's ghost (veteran DsMo)
206343 | Zig:27   | Noticed Hahenefa's ghost (legendary DsWn)
206344 | Zig:27   | Noticed Megustar's ghost (legendary DECj)
206344 | Zig:27   | Noticed Xoveah's ghost (master TeBr)
206344 | Zig:27   | Noticed Hiz Mun's ghost (veteran MfGl)
206344 | Zig:27   | Noticed Betuluewk's ghost (legendary DESu)
206344 | Zig:27   | Killed Kyik Kue's ghost
206344 | Zig:27   | Killed Eqatzuck's ghost
206344 | Zig:27   | Killed Jiheses's ghost
206344 | Zig:27   | Killed Eqatzuck's ghost
206344 | Zig:27   | Killed Lonang's ghost
206344 | Zig:27   | Killed Poalor's ghost
206344 | Zig:27   | Killed Neapotai's ghost
206345 | Zig:27   | Killed Sayfri's ghost
206345 | Zig:27   | Killed Zaib's ghost
206345 | Zig:27   | Killed Jataj's ghost
206346 | Zig:27   | Killed Eqatzuck's ghost
206346 | Zig:27   | Noticed Megustar's ghost (veteran DEAE)
206347 | Zig:27   | Noticed Eqatzuck's ghost (legendary DDFi)
206348 | Zig:27   | Killed Neapotai's ghost
206348 | Zig:27   | Killed Xoveah's ghost
206349 | Zig:27   | Killed Megustar's ghost
206349 | Zig:27   | Killed Hahenefa's ghost
206349 | Zig:27   | Killed Zycouta's ghost
206349 | Zig:27   | Killed Orphidia's ghost
206350 | Zig:27   | Killed Megustar's ghost
206353 | Zig:27   | Killed PeterLawrence's ghost
206353 | Zig:27   | Killed Neapotai's ghost
206353 | Zig:27   | Killed Betuluewk's ghost
206354 | Zig:27   | Killed Zycouta's ghost
206360 | Zig:27   | Killed Eqatzuck's ghost
206362 | Zig:27   | Killed Eqatzuck's ghost
206362 | Zig:27   | Killed Poalor's ghost
206363 | Zig:27   | Killed Neapotai's ghost
206365 | Zig:27   | Killed Neapotai's ghost
206372 | Zig:27   | Killed Zaib's ghost
206372 | Zig:27   | Killed Zaib's ghost
206372 | Zig:27   | Killed Kyik Kue's ghost
206372 | Zig:27   | Killed Hahenefa's ghost
206373 | Zig:27   | Killed Zaib's ghost
206394 | Zig:27   | Killed Jataj's ghost
206397 | Zig:27   | Killed Betuluewk's ghost
206412 | Zig:27   | Killed Sayfri's ghost
206417 | Zig:27   | Killed Kyik Kue's ghost
206418 | Zig:27   | Killed Hiz Mun's ghost
206423 | Zig:27   | Killed Poalor's ghost
206431 | Zig:27   | Killed Eqatzuck's ghost
206432 | Zig:27   | Killed Lonang's ghost
206447 | Zig:27   | Killed Kyik Kue's ghost
206450 | Zig:27   | Killed Eqatzuck's ghost
206459 | Zig:27   | Killed Diylu's ghost
206461 | Zig:27   | Killed Jataj's ghost
206463 | Zig:27   | Killed Jataj's ghost
206517 | Zig:27   | Killed Poalor's ghost
206868 | Zig:27   | Identified the ring "Houwa" {rPois rF+ Str+6}
206872 | Zig:27   | Identified Sif Muna's Catalogue of Mutagenic Envenoming
206879 | Zig:27   | Identified the +9 spear of Bloody Death {antimagic, +Inv
                  | MP+9 Str+3}
206884 | Zig:27   | Identified the Almanac of Igneous Clay
206891 | Zig:27   | Identified the +11 battleaxe "Cel Vycu" {freeze, *Corrode
                  | rC+++ rN+ Str+4}
206897 | Zig:27   | Identified the +10 flail "Direip" {vorpal, Will++}
207260 | Pan      | Entered Pandemonium
207724 | Pan      | Gained mutation: You are clumsy. (Dex -2) [a neqoxec]
207814 | Pan      | Noticed Osur the pandemonium lord
207817 | Pan      | Killed Osur the pandemonium lord
208061 | Pan      | Found a glowing silver altar of Zin.
208287 | Pan      | Noticed a seraph
208293 | Pan      | Killed a seraph
208310 | Pan      | Found a glowing golden altar of the Shining One.
208382 | Pan      | Got a demonic rune of Zot
208386 | Pan      | Identified the +1 broad axe "Hydrabane" {venom, rC+}
208762 | Pan      | Found a white marble altar of Elyvilon.
209771 | Pan      | Found an exit through the horrors of the Abyss.
209942 | Pan      | Noticed Ysaan the pandemonium lord
209949 | Pan      | Killed Ysaan the pandemonium lord
210156 | Pan      | Found a transporter.
210451 | Pan      | Found a transporter.
210456 | Pan      | Identified the ring of the Invisible Hand {Fire *Drain
                  | Int+2 SInv}
210471 | Pan      | Identified the ring of the Tick {EV+4 Str+2 Int+3}
210517 | Pan      | Entered the realm of Mnoleg.
210517 | Pan      | Found an exit through the horrors of the Abyss.
210622 | Pan      | Gained mutation: Scrolls take you a little longer to read.
                  | [a cacodemon]
211036 | Pan      | Noticed Mnoleg
211038 | Pan      | Killed Mnoleg
211053 | Pan      | Got a glowing rune of Zot
211201 | Pan      | Gained mutation: Your skin perfectly mimics your
                  | surroundings (Stealth+++). [a neqoxec]
211202 | Pan      | Gained mutation: One of your tentacles bears a spike. [a
                  | neqoxec]
211222 | Pan      | Lost mutation: You can translocate small distances at will.
                  | [potion of mutation]
211222 | Pan      | Lost mutation: Scrolls take you a little longer to read.
                  | [potion of mutation]
211222 | Pan      | Lost mutation: You have an increased reservoir of magic.
                  | (+10% MP) [potion of mutation]
211222 | Pan      | Gained mutation: You possess an exceptional clarity of
                  | mind. [potion of mutation]
211222 | Pan      | Gained mutation: You are somewhat resistant to further
                  | mutation. [potion of mutation]
211227 | Pan      | Noticed Qusoacuu the pandemonium lord
211415 | Pan      | Entered the realm of Gloorx Vloq.
211568 | Pan      | Found an exit through the horrors of the Abyss.
212259 | Pan      | Noticed Gloorx Vloq
212267 | Pan      | Killed Gloorx Vloq
212331 | Pan      | Got a dark rune of Zot
212654 | Pan      | Entered the realm of Cerebov.
212977 | Pan      | Found the +6 sword of Cerebov {flame}
212977 | Pan      | Noticed Cerebov
212991 | Pan      | Killed Cerebov
213046 | Pan      | Identified the +2 spear of Ziklotia {venom, MP-9 Dex+5}
213047 | Pan      | Identified the +7 whip of Foolhardiness {speed, rElec rF+
                  | Int+3}
213078 | Pan      | Identified Qeceggep's Collected Works on Captivating
                  | Changing
213141 | Pan      | Got a fiery rune of Zot
213216 | Pan      | Found an exit through the horrors of the Abyss.
213249 | Pan      | Entered the realm of Lom Lobon.
214090 | Pan      | Noticed Lom Lobon
214100 | Pan      | Killed Lom Lobon
214162 | Pan      | Got a magical rune of Zot
214665 | Pan      | Noticed Zoholit the pandemonium lord
214676 | Pan      | Killed Zoholit the pandemonium lord
215197 | Pan      | Noticed Zaiwkieh the pandemonium lord
215212 | Pan      | Killed Zaiwkieh the pandemonium lord
215292 | Depths:3 | Escaped Pandemonium
215327 | Hell     | Acquired 551 gold pieces
215440 | Zig:1    | Entered Level 1 of a ziggurat
215554 | Zig:2    | Entered Level 2 of a ziggurat
215554 | Zig:2    | Noticed a dread lich
215554 | Zig:2    | Noticed a dread lich
215554 | Zig:2    | Noticed an ancient lich
215555 | Zig:2    | Killed a dread lich
215557 | Zig:2    | Killed a dread lich
215557 | Zig:2    | Killed an ancient lich
215602 | Zig:3    | Entered Level 3 of a ziggurat
215602 | Zig:3    | Noticed an orb of fire
215602 | Zig:3    | Noticed an orb of fire
215602 | Zig:3    | Noticed an orb of fire
215602 | Zig:3    | Noticed an orb of fire
215602 | Zig:3    | Noticed an orb of fire
215602 | Zig:3    | Noticed an orb of fire
215602 | Zig:3    | Noticed an orb of fire
215603 | Zig:3    | Noticed an orb of fire
215608 | Zig:3    | Killed an orb of fire
215608 | Zig:3    | Killed an orb of fire
215608 | Zig:3    | Killed an orb of fire
215608 | Zig:3    | Killed an orb of fire
215608 | Zig:3    | Killed an orb of fire
215609 | Zig:3    | Killed an orb of fire
215610 | Zig:3    | Killed an orb of fire
215610 | Zig:3    | Killed an orb of fire
215727 | Zig:4    | Entered Level 4 of a ziggurat
215766 | Zig:4    | Identified the amulet "Suydwy" {Spirit Int-3 Dex+6}
215786 | Zig:4    | Identified the +7 scythe "Okydao" {vorpal, Dex+4}
215802 | Zig:4    | Identified the +9 great mace of Miwosam {flame, rElec rC-
                  | Str+6 Stlth+}
215817 | Zig:4    | Identified the ring "Botujay" {+Inv rF+ Int-4 Slay+4
                  | Stlth+}
215837 | Zig:5    | Entered Level 5 of a ziggurat
215837 | Zig:5    | Noticed an ancient lich
215837 | Zig:5    | Noticed an ancient lich
215837 | Zig:5    | Noticed an ancient lich
215838 | Zig:5    | Noticed an ancient lich
215838 | Zig:5    | Noticed a dread lich
215839 | Zig:5    | Noticed a dread lich
215839 | Zig:5    | Noticed an ancient lich
215839 | Zig:5    | Noticed an ancient lich
215840 | Zig:5    | Noticed a dread lich
215840 | Zig:5    | Noticed an ancient lich
215840 | Zig:5    | Noticed an ancient lich
215840 | Zig:5    | Noticed an ancient lich
215841 | Zig:5    | Killed a dread lich
215841 | Zig:5    | Killed an ancient lich
215841 | Zig:5    | Killed an ancient lich
215841 | Zig:5    | Noticed an ancient lich
215842 | Zig:5    | Killed an ancient lich
215842 | Zig:5    | Killed an ancient lich
215842 | Zig:5    | Killed a dread lich
215842 | Zig:5    | Killed an ancient lich
215842 | Zig:5    | Killed an ancient lich
215842 | Zig:5    | Killed an ancient lich
215842 | Zig:5    | Killed an ancient lich
215842 | Zig:5    | Killed a dread lich
215844 | Zig:5    | Killed an ancient lich
215845 | Zig:5    | Killed an ancient lich
215897 | Zig:5    | Identified the Catalogue of Venomous Combat Magic
215951 | Zig:6    | Entered Level 6 of a ziggurat
216078 | Zig:6    | Identified the +11 falchion "Bouxa" {vorpal, Will- Str+2
                  | SInv}
216081 | Zig:6    | Identified Ozxaices's Incunabulum of Supportive
                  | Weightlessness
216088 | Zig:6    | Identified the ring of Qoajizxa {*Contam +Inv rF+ rC+
                  | Str+5}
216107 | Zig:7    | Entered Level 7 of a ziggurat
216109 | Zig:7    | Identified the +2 tower shield "Xamaech" {Str+4 Slay+2}
216155 | Zig:7    | Identified the +8 lajatang of Armageddon {elec, Str+3}
216268 | Zig:8    | Entered Level 8 of a ziggurat
216276 | Zig:8    | Found the +5 robe of Misfortune {*Contam Harm *Corrode
                  | *Drain *Slow EV+5}
216396 | Zig:8    | Identified the +1 scale mail of the Tuna {+Inv rC+ Regen+}
216398 | Zig:8    | Identified the +9 great sword of the Apocalypse {spect,
                  | rF+}
216427 | Zig:8    | Identified the +8 shortbow "Newt's Nightmare" {vorpal, rN+
                  | Will++ SInv Stlth-}
216447 | Zig:8    | Identified the Grimoire of Rotation
216457 | Zig:9    | Entered Level 9 of a ziggurat
216512 | Zig:9    | Identified the Almanac of the Vanishing Songs
216514 | Zig:9    | Identified Humepsuo's Handbook of Vitriolic Attacks
216528 | Zig:9    | Identified the +2 plate armour of Sin {rF+ rC- Dex+5}
216650 | Zig:9    | Identified the amulet "Oddoator" {RegenMP rC+}
216656 | Zig:10   | Entered Level 10 of a ziggurat
216720 | Zig:10   | Found the +2 hood of the Assassin {Detection Stab+ Stlth++}
216915 | Zig:10   | Identified the Disquisition on Feathery Bewitchment
216917 | Zig:10   | Identified the Guide on Intoxication
216949 | Zig:11   | Entered Level 11 of a ziggurat
216953 | Zig:11   | Noticed an ancient lich
216953 | Zig:11   | Noticed an ancient lich
216953 | Zig:11   | Noticed an ancient lich
216953 | Zig:11   | Noticed a dread lich
216958 | Zig:11   | Noticed an ancient lich
216958 | Zig:11   | Noticed an ancient lich
216958 | Zig:11   | Noticed an ancient lich
216958 | Zig:11   | Noticed a dread lich
216958 | Zig:11   | Noticed an ancient lich
216958 | Zig:11   | Noticed an ancient lich
216958 | Zig:11   | Noticed a dread lich
216958 | Zig:11   | Noticed a dread lich
216958 | Zig:11   | Noticed a dread lich
216958 | Zig:11   | Noticed an ancient lich
216958 | Zig:11   | Noticed an ancient lich
216958 | Zig:11   | Noticed an ancient lich
216959 | Zig:11   | Killed a dread lich
216959 | Zig:11   | Noticed an ancient lich
216959 | Zig:11   | Noticed a dread lich
216960 | Zig:11   | Killed an ancient lich
216960 | Zig:11   | Killed an ancient lich
216960 | Zig:11   | Killed a dread lich
216960 | Zig:11   | Killed an ancient lich
216960 | Zig:11   | Killed an ancient lich
216960 | Zig:11   | Killed a dread lich
216960 | Zig:11   | Killed an ancient lich
216960 | Zig:11   | Killed an ancient lich
216960 | Zig:11   | Killed a dread lich
216960 | Zig:11   | Killed a dread lich
216960 | Zig:11   | Killed an ancient lich
216960 | Zig:11   | Killed an ancient lich
216960 | Zig:11   | Killed an ancient lich
216960 | Zig:11   | Killed an ancient lich
216960 | Zig:11   | Killed an ancient lich
216962 | Zig:11   | Noticed a dread lich
216962 | Zig:11   | Noticed a dread lich
216962 | Zig:11   | Noticed a dread lich
216963 | Zig:11   | Killed a dread lich
216963 | Zig:11   | Killed an ancient lich
216963 | Zig:11   | Killed a dread lich
216973 | Zig:11   | Killed a dread lich
216977 | Zig:11   | Killed a dread lich
216999 | Zig:11   | Identified the +10 dagger of Resourcefulness {vorpal,
                  | rPois}
217005 | Zig:11   | Identified the +6 shortbow of Experimentation {freeze, rF+
                  | Will- MP-9 Int+9}
217195 | Zig:11   | Identified the +4 long sword of Uncertain Death {freeze,
                  | rPois rN++ Dex-4 Stlth-}
217200 | Zig:11   | Identified the ring "Rieqos" {rC++ rN+ Will++ Int-4}
217205 | Zig:12   | Entered Level 12 of a ziggurat
217250 | Zig:12   | Identified the ring of Liberty {+Inv rPois Dex+4}
217409 | Zig:12   | Identified the Incunabulum of Feathers and the Arsonist
217503 | Zig:12   | Identified the +1 hat "Soim" {Dex+5}
217513 | Zig:12   | Identified the amulet of Tender Moments {Faith Will+ Dex+5}
217519 | Zig:13   | Entered Level 13 of a ziggurat
217592 | Zig:13   | Identified the +5 whip "Hydrabane" {freeze, +Blink rF+}
217600 | Zig:13   | Identified Sif Muna's Incunabulum of Conjuration and the
                  | Snowflakes
217849 | Zig:14   | Entered Level 14 of a ziggurat
217858 | Zig:14   | Noticed a dread lich
217858 | Zig:14   | Noticed an ancient lich
217858 | Zig:14   | Noticed an ancient lich
217858 | Zig:14   | Noticed a dread lich
217858 | Zig:14   | Noticed a dread lich
217858 | Zig:14   | Noticed a dread lich
217859 | Zig:14   | Noticed a dread lich
217860 | Zig:14   | Killed an ancient lich
217860 | Zig:14   | Killed a dread lich
217860 | Zig:14   | Killed a dread lich
217860 | Zig:14   | Killed an ancient lich
217861 | Zig:14   | Killed a dread lich
217861 | Zig:14   | Killed a dread lich
217861 | Zig:14   | Killed a dread lich
217863 | Zig:14   | Noticed a dread lich
217863 | Zig:14   | Noticed a dread lich
217863 | Zig:14   | Noticed a dread lich
217863 | Zig:14   | Noticed an ancient lich
217864 | Zig:14   | Noticed a dread lich
217865 | Zig:14   | Noticed an ancient lich
217870 | Zig:14   | Noticed a dread lich
217870 | Zig:14   | Killed a dread lich
217871 | Zig:14   | Killed a dread lich
217871 | Zig:14   | Killed an ancient lich
217871 | Zig:14   | Killed an ancient lich
217871 | Zig:14   | Killed a dread lich
217871 | Zig:14   | Killed a dread lich
217876 | Zig:14   | Killed a dread lich
218043 | Zig:14   | Identified the +8 battleaxe "Efuraytz" {freeze, rElec rF+
                  | Int+2}
218047 | Zig:14   | Identified the +1 plate armour of the Several Dances {*Slow
                  | rElec rC++ rCorr}
218160 | Zig:14   | Identified the ring "Seiddor" {Fire Str+3 Stlth+}
218165 | Zig:15   | Entered Level 15 of a ziggurat
218168 | Zig:15   | Noticed a juggernaut
218168 | Zig:15   | Noticed a juggernaut
218168 | Zig:15   | Noticed a juggernaut
218172 | Zig:15   | Noticed a juggernaut
218172 | Zig:15   | Noticed a juggernaut
218173 | Zig:15   | Noticed a juggernaut
218173 | Zig:15   | Noticed a juggernaut
218173 | Zig:15   | Noticed a juggernaut
218174 | Zig:15   | Killed a juggernaut
218174 | Zig:15   | Killed a juggernaut
218174 | Zig:15   | Killed a juggernaut
218174 | Zig:15   | Noticed a juggernaut
218174 | Zig:15   | Noticed a juggernaut
218174 | Zig:15   | Noticed a juggernaut
218175 | Zig:15   | Noticed a juggernaut
218175 | Zig:15   | Noticed a juggernaut
218175 | Zig:15   | Noticed a juggernaut
218176 | Zig:15   | Killed a juggernaut
218176 | Zig:15   | Noticed a juggernaut
218177 | Zig:15   | Noticed a juggernaut
218178 | Zig:15   | Killed a juggernaut
218178 | Zig:15   | Killed a juggernaut
218178 | Zig:15   | Killed a juggernaut
218178 | Zig:15   | Killed a juggernaut
218179 | Zig:15   | Noticed a juggernaut
218179 | Zig:15   | Noticed a juggernaut
218180 | Zig:15   | Killed a juggernaut
218180 | Zig:15   | Killed a juggernaut
218180 | Zig:15   | Killed a juggernaut
218180 | Zig:15   | Killed a juggernaut
218180 | Zig:15   | Killed a juggernaut
218182 | Zig:15   | Killed a juggernaut
218182 | Zig:15   | Killed a juggernaut
218182 | Zig:15   | Killed a juggernaut
218183 | Zig:15   | Killed a juggernaut
218183 | Zig:15   | Killed a juggernaut
218201 | Zig:15   | Found the +8 mithril axe "Arga" {speed, Will+}
218201 | Zig:15   | Found the +7 Spriggan's Knife {stab, EV+4 Stlth+}
218245 | Zig:15   | Found the +9 staff of Wucad Mu {*channel}
218564 | Zig:16   | Entered Level 16 of a ziggurat
218578 | Zig:16   | Noticed a juggernaut
218578 | Zig:16   | Noticed a juggernaut
218578 | Zig:16   | Noticed a juggernaut
218578 | Zig:16   | Noticed a juggernaut
218578 | Zig:16   | Noticed a juggernaut
218578 | Zig:16   | Noticed a juggernaut
218579 | Zig:16   | Killed a juggernaut
218579 | Zig:16   | Killed a juggernaut
218579 | Zig:16   | Killed a juggernaut
218579 | Zig:16   | Noticed a juggernaut
218580 | Zig:16   | Noticed a juggernaut
218581 | Zig:16   | Noticed a juggernaut
218581 | Zig:16   | Noticed a juggernaut
218582 | Zig:16   | Noticed a juggernaut
218582 | Zig:16   | Noticed a juggernaut
218582 | Zig:16   | Noticed a juggernaut
218582 | Zig:16   | Noticed a juggernaut
218582 | Zig:16   | Killed a juggernaut
218582 | Zig:16   | Killed a juggernaut
218582 | Zig:16   | Noticed a juggernaut
218583 | Zig:16   | Noticed a juggernaut
218583 | Zig:16   | Noticed a juggernaut
218584 | Zig:16   | Killed a juggernaut
218584 | Zig:16   | Killed a juggernaut
218584 | Zig:16   | Killed a juggernaut
218584 | Zig:16   | Killed a juggernaut
218584 | Zig:16   | Noticed a juggernaut
218584 | Zig:16   | Noticed a juggernaut
218585 | Zig:16   | Noticed a juggernaut
218587 | Zig:16   | Found the +2 robe of Vines {NoPotionHeal Regen+++}
218587 | Zig:16   | Killed a juggernaut
218587 | Zig:16   | Killed a juggernaut
218587 | Zig:16   | Killed a juggernaut
218587 | Zig:16   | Killed a juggernaut
218587 | Zig:16   | Killed a juggernaut
218587 | Zig:16   | Killed a juggernaut
218587 | Zig:16   | Killed a juggernaut
218587 | Zig:16   | Killed a juggernaut
218589 | Zig:16   | Killed a juggernaut
218589 | Zig:16   | Killed a juggernaut
218591 | Zig:16   | Found the +15 Maxwell's patent armour {-Cast -Tele rElec
                  | Will+ rCorr}
218592 | Zig:16   | Killed a juggernaut
218602 | Zig:16   | Identified the ring "Romna" {rPois Dex+6 Slay+2}
218920 | Zig:16   | Identified the +5 flail of Income {elec, rC+ SInv}
218960 | Zig:16   | Identified the +11 eveningstar "Baeqyt" {flame, MP+9 Int+3}
218998 | Zig:16   | Identified the Reference Book on Enchanting Poison
219038 | Zig:16   | Identified the +6 quarterstaff of the Thing {venom,
                  | *Corrode rPois rF+}
219042 | Zig:17   | Entered Level 17 of a ziggurat
219489 | Zig:18   | Entered Level 18 of a ziggurat
219495 | Zig:18   | Noticed a dread lich
219496 | Zig:18   | Noticed an ancient lich
219501 | Zig:18   | Noticed an ancient lich
219501 | Zig:18   | Noticed an ancient lich
219501 | Zig:18   | Noticed an ancient lich
219501 | Zig:18   | Noticed an ancient lich
219502 | Zig:18   | Noticed an ancient lich
219502 | Zig:18   | Noticed a dread lich
219504 | Zig:18   | Noticed a dread lich
219504 | Zig:18   | Killed an ancient lich
219504 | Zig:18   | Killed an ancient lich
219505 | Zig:18   | Killed a dread lich
219505 | Zig:18   | Killed an ancient lich
219505 | Zig:18   | Killed a dread lich
219505 | Zig:18   | Killed a dread lich
219506 | Zig:18   | Killed an ancient lich
219506 | Zig:18   | Noticed a dread lich
219507 | Zig:18   | Noticed a dread lich
219507 | Zig:18   | Noticed an ancient lich
219507 | Zig:18   | Killed an ancient lich
219507 | Zig:18   | Noticed an ancient lich
219507 | Zig:18   | Noticed a dread lich
219508 | Zig:18   | Noticed an ancient lich
219509 | Zig:18   | Noticed a dread lich
219509 | Zig:18   | Noticed a dread lich
219509 | Zig:18   | Noticed an ancient lich
219509 | Zig:18   | Noticed an ancient lich
219510 | Zig:18   | Noticed a dread lich
219510 | Zig:18   | Noticed a dread lich
219511 | Zig:18   | Noticed an ancient lich
219511 | Zig:18   | Killed an ancient lich
219512 | Zig:18   | Killed a dread lich
219512 | Zig:18   | Killed an ancient lich
219512 | Zig:18   | Killed an ancient lich
219512 | Zig:18   | Killed an ancient lich
219512 | Zig:18   | Killed a dread lich
219512 | Zig:18   | Killed a dread lich
219512 | Zig:18   | Killed a dread lich
219512 | Zig:18   | Killed an ancient lich
219512 | Zig:18   | Killed an ancient lich
219512 | Zig:18   | Killed a dread lich
219512 | Zig:18   | Killed a dread lich
219513 | Zig:18   | Noticed a dread lich
219513 | Zig:18   | Noticed a dread lich
219516 | Zig:18   | Noticed an ancient lich
219516 | Zig:18   | Noticed a dread lich
219518 | Zig:18   | Killed a dread lich
219518 | Zig:18   | Killed an ancient lich
219524 | Zig:18   | Killed a dread lich
219527 | Zig:18   | Killed a dread lich
219530 | Zig:18   | Killed a dread lich
219538 | Zig:18   | Killed an ancient lich
219788 | Zig:18   | Identified the +11 bardiche of Analysis {venom, +Blink
                  | +Rage rPois Str-5}
219794 | Zig:18   | Identified the Papyrus of Blistering Snow
219845 | Zig:18   | Identified the Catalogue of the Postmodern Knaves
219856 | Zig:18   | Identified the ring of the Death Scarab {Str+6 Int+6}
219860 | Zig:18   | Identified the ring of Pialebe {rElec Int+3 Dex+6 Slay-3}
219868 | Zig:18   | Identified the Volume of Flamy Transmigration
219919 | Zig:19   | Entered Level 19 of a ziggurat
219947 | Zig:19   | Lost mutation: You are somewhat resistant to further
                  | mutation. [a shining eye]
219997 | Zig:19   | Identified the +7 mace "Qejiuts" {protect, rN+ Str+8 Int-4
                  | Dex-3}
220013 | Zig:19   | Identified the ring of Sif Muna's Benevolence {AC+4 Str+5
                  | Dex-4}
220015 | Zig:19   | Identified the +0 scale mail "Nomeh" {Int+4 SInv}
220309 | Zig:19   | Identified the +7 quarterstaff of Hoppic {freeze, rElec}
220349 | Zig:19   | Identified the ring "Ocur" {rElec rN+ Will- Str+5 Int+6}
220377 | Zig:19   | Identified the +4 dagger "Killer Bee's Curse" {chaos,
                  | +Blink rPois Dex+2}
220391 | Zig:20   | Entered Level 20 of a ziggurat
220398 | Zig:20   | Noticed a royal mummy
220398 | Zig:20   | Noticed a royal mummy
220399 | Zig:20   | Noticed a royal mummy
220402 | Zig:20   | Noticed a royal mummy
220402 | Zig:20   | Noticed a royal mummy
220402 | Zig:20   | Noticed a royal mummy
220402 | Zig:20   | Noticed a royal mummy
220402 | Zig:20   | Noticed a royal mummy
220402 | Zig:20   | Noticed a royal mummy
220403 | Zig:20   | Noticed a royal mummy
220403 | Zig:20   | Noticed a royal mummy
220403 | Zig:20   | Noticed a royal mummy
220404 | Zig:20   | Noticed a royal mummy
220405 | Zig:20   | Killed a royal mummy
220405 | Zig:20   | Killed a royal mummy
220405 | Zig:20   | Killed a royal mummy
220405 | Zig:20   | Killed a royal mummy
220405 | Zig:20   | Killed a royal mummy
220405 | Zig:20   | Killed a royal mummy
220405 | Zig:20   | Killed a royal mummy
220405 | Zig:20   | Killed a royal mummy
220405 | Zig:20   | Killed a royal mummy
220406 | Zig:20   | Noticed a royal mummy
220406 | Zig:20   | Noticed a royal mummy
220406 | Zig:20   | Killed a royal mummy
220406 | Zig:20   | Killed a royal mummy
220406 | Zig:20   | Noticed a royal mummy
220407 | Zig:20   | Noticed a royal mummy
220407 | Zig:20   | Noticed a royal mummy
220407 | Zig:20   | Noticed a royal mummy
220407 | Zig:20   | Killed a royal mummy
220407 | Zig:20   | Noticed a royal mummy
220407 | Zig:20   | Noticed a royal mummy
220408 | Zig:20   | Noticed a royal mummy
220408 | Zig:20   | Noticed a royal mummy
220408 | Zig:20   | Noticed a royal mummy
220408 | Zig:20   | Killed a royal mummy
220408 | Zig:20   | Noticed a royal mummy
220409 | Zig:20   | Noticed a royal mummy
220410 | Zig:20   | Noticed a royal mummy
220410 | Zig:20   | Noticed a royal mummy
220410 | Zig:20   | Noticed a royal mummy
220410 | Zig:20   | Noticed a royal mummy
220411 | Zig:20   | Noticed a royal mummy
220411 | Zig:20   | Noticed a royal mummy
220411 | Zig:20   | Noticed a royal mummy
220411 | Zig:20   | Noticed a royal mummy
220411 | Zig:20   | Noticed a royal mummy
220413 | Zig:20   | Killed a royal mummy
220413 | Zig:20   | Killed a royal mummy
220413 | Zig:20   | Killed a royal mummy
220413 | Zig:20   | Killed a royal mummy
220413 | Zig:20   | Killed a royal mummy
220413 | Zig:20   | Killed a royal mummy
220413 | Zig:20   | Killed a royal mummy
220413 | Zig:20   | Killed a royal mummy
220413 | Zig:20   | Killed a royal mummy
220413 | Zig:20   | Killed a royal mummy
220413 | Zig:20   | Killed a royal mummy
220413 | Zig:20   | Killed a royal mummy
220413 | Zig:20   | Killed a royal mummy
220413 | Zig:20   | Killed a royal mummy
220414 | Zig:20   | Killed a royal mummy
220414 | Zig:20   | Killed a royal mummy
220414 | Zig:20   | Noticed a royal mummy
220414 | Zig:20   | Noticed a royal mummy
220415 | Zig:20   | Killed a royal mummy
220415 | Zig:20   | Killed a royal mummy
220415 | Zig:20   | Killed a royal mummy
220415 | Zig:20   | Killed a royal mummy
220415 | Zig:20   | Killed a royal mummy
220415 | Zig:20   | Noticed a royal mummy
220417 | Zig:20   | Noticed a royal mummy
220418 | Zig:20   | Noticed a royal mummy
220422 | Zig:20   | Noticed a royal mummy
220423 | Zig:20   | Killed a royal mummy
220423 | Zig:20   | Killed a royal mummy
220423 | Zig:20   | Killed a royal mummy
220424 | Zig:20   | Noticed a royal mummy
220424 | Zig:20   | Noticed a royal mummy
220424 | Zig:20   | Noticed a royal mummy
220424 | Zig:20   | Noticed a royal mummy
220424 | Zig:20   | Noticed a royal mummy
220425 | Zig:20   | Noticed a royal mummy
220427 | Zig:20   | Noticed a royal mummy
220428 | Zig:20   | Killed a royal mummy
220428 | Zig:20   | Killed a royal mummy
220428 | Zig:20   | Killed a royal mummy
220428 | Zig:20   | Killed a royal mummy
220428 | Zig:20   | Killed a royal mummy
220428 | Zig:20   | Killed a royal mummy
220428 | Zig:20   | Killed a royal mummy
220428 | Zig:20   | Noticed a royal mummy
220429 | Zig:20   | Killed a royal mummy
220429 | Zig:20   | Killed a royal mummy
220429 | Zig:20   | Killed a royal mummy
220437 | Zig:20   | Killed a royal mummy
220437 | Zig:20   | Killed a royal mummy
220445 | Zig:20   | Noticed a royal mummy
220480 | Zig:20   | Killed a royal mummy
220940 | Zig:20   | Identified the amulet of Nakh {Spirit Str+2}
220952 | Zig:20   | Identified the ring of Serendipity {rElec EV+4}
220999 | Zig:20   | Identified the amulet of the Gastropod {Faith Will+ MP+9}
221004 | Zig:20   | Identified the Grimoire of Lightness
221070 | Zig:20   | Identified the +5 quick blade "Latughet" {vorpal, Int+3}
221076 | Zig:21   | Entered Level 21 of a ziggurat
221179 | Zig:21   | Identified the ring of Dattie Wemok {Ice *Contam rN+ Dex+4}
221695 | Zig:21   | Identified the ring "Kalo Wuf" {+Blink Will+ Str+6}
221700 | Zig:21   | Identified Sif Muna's Tome of the Snowflakes and Necromancy
221714 | Zig:22   | Entered Level 22 of a ziggurat
222096 | Zig:22   | Identified the +0 helmet of Lyxaplan {+Blink rC+ Stlth-}
222100 | Zig:22   | Identified the Catalogue of the Supportive Snowflakes
222271 | Zig:22   | Identified the +4 scale mail of Anwoelli {-Tele rF++ Int+5}
222272 | Zig:22   | Identified the +10 trident of Neurosis {protect, +Blink}
222273 | Zig:22   | Identified the ring of the Gastropod {rF+ rC+ MP+9 Int+3}
222294 | Zig:23   | Entered Level 23 of a ziggurat
222313 | Zig:23   | Paralysed by accursed screaming for 2 turns
222363 | Zig:23   | Found the +9 scales of the Dragon King {rPois rF+ rC+
                  | Will+}
222441 | Zig:23   | Identified the +4 scimitar of Rubbish {freeze, rF++}
222455 | Zig:23   | Identified the +1 cloak of Inference {rElec Will+}
222465 | Zig:23   | Identified the ring "Xohuento" {Int+6 SInv}
222720 | Zig:23   | Identified the +5 mace of Munlo {antimagic, +Inv rPois rF-
                  | rN+}
222748 | Zig:23   | Identified Otixaosu's Collected Works on the Dusty Glacier
222924 | Zig:23   | Identified the ring of Feif {rElec Will+ Str+6 Dex-3
                  | Slay-5}
222931 | Zig:24   | Entered Level 24 of a ziggurat
223000 | Zig:24   | Identified the Guide on Spatial Venom
223251 | Zig:24   | Identified the Incunabulum of the Beginning
223253 | Zig:24   | Identified the Volume of Conjuration
223284 | Zig:24   | Identified the Tome of Virous Changing
223289 | Zig:24   | Identified the Grimoire of Dried Tears
223315 | Zig:24   | Identified Sif Muna's Papyrus of the Entourage
223354 | Zig:24   | Identified the ring "Duarch" {rElec AC+4}
223514 | Zig:25   | Entered Level 25 of a ziggurat
223536 | Zig:25   | Noticed an ancient lich
223573 | Zig:25   | Killed an ancient lich
223709 | Zig:25   | Found the brooch of Shielding {Spirit SH+8}
223770 | Zig:25   | Identified the Almanac of Transmutation
223774 | Zig:25   | Identified the Incunabulum of Lightness
223778 | Zig:25   | Identified the +2 troll leather armour "Oho Tew" {rN+
                  | Regen+}
223781 | Zig:25   | Identified the Compendium of Changing
223790 | Zig:25   | Identified the Volume of Shifting Dark Arts
223800 | Zig:25   | Acquired 716 gold pieces
223801 | Zig:25   | Acquired 800 gold pieces
223802 | Zig:25   | Acquired 1296 gold pieces
224288 | Zig:25   | Identified the ring of Eptah {+Fly rF+}
224293 | Zig:25   | Identified the ring of Xom's Malicious Joy {Fire +Fly
                  | rElec}
224294 | Zig:25   | Identified the +6 hunting sling of Mayhem {flame, +Inv
                  | rElec rC+ Int-2}
224304 | Zig:26   | Entered Level 26 of a ziggurat
224352 | Zig:26   | Noticed Mifas the pandemonium lord
224359 | Zig:26   | Killed Mifas the pandemonium lord
224387 | Zig:26   | Found the +3 robe of Clouds {+Thunder rCloud rElec}
224937 | Zig:26   | Identified the +3 fustibalus "Mowko" {vorpal, +Inv Int+3}
224952 | Zig:26   | Acquired 787 gold pieces
224965 | Zig:26   | Identified the ring of Xom's Bemusement {rF+ rN+ MP+9
                  | Stlth+}
224971 | Zig:26   | Identified Sif Muna's Compendium of Ensnaring Conjuration
224980 | Zig:27   | Entered Level 27 of a ziggurat
224991 | Zig:27   | Noticed a dread lich
224992 | Zig:27   | Noticed an ancient lich
224994 | Zig:27   | Noticed an ancient lich
224996 | Zig:27   | Noticed a dread lich
224996 | Zig:27   | Noticed an ancient lich
224996 | Zig:27   | Noticed a dread lich
224996 | Zig:27   | Noticed an ancient lich
224997 | Zig:27   | Killed an ancient lich
224997 | Zig:27   | Killed an ancient lich
224997 | Zig:27   | Killed an ancient lich
224998 | Zig:27   | Noticed an ancient lich
224998 | Zig:27   | Noticed a dread lich
225000 | Zig:27   | Killed a dread lich
225000 | Zig:27   | Killed a dread lich
225000 | Zig:27   | Killed an ancient lich
225000 | Zig:27   | Noticed a dread lich
225001 | Zig:27   | Killed a dread lich
225001 | Zig:27   | Killed an ancient lich
225001 | Zig:27   | Killed a dread lich
225001 | Zig:27   | Killed a dread lich
225002 | Zig:27   | Noticed a dread lich
225002 | Zig:27   | Noticed an ancient lich
225002 | Zig:27   | Noticed an ancient lich
225003 | Zig:27   | Noticed a dread lich
225003 | Zig:27   | Noticed a dread lich
225003 | Zig:27   | Noticed an ancient lich
225004 | Zig:27   | Noticed a dread lich
225004 | Zig:27   | Noticed a dread lich
225005 | Zig:27   | Noticed a dread lich
225007 | Zig:27   | Noticed an ancient lich
225007 | Zig:27   | Noticed an ancient lich
225008 | Zig:27   | Noticed a dread lich
225009 | Zig:27   | Killed an ancient lich
225009 | Zig:27   | Noticed a dread lich
225010 | Zig:27   | Killed a dread lich
225010 | Zig:27   | Killed a dread lich
225010 | Zig:27   | Killed a dread lich
225010 | Zig:27   | Killed a dread lich
225010 | Zig:27   | Killed an ancient lich
225010 | Zig:27   | Killed a dread lich
225010 | Zig:27   | Killed an ancient lich
225011 | Zig:27   | Killed an ancient lich
225011 | Zig:27   | Killed a dread lich
225012 | Zig:27   | Noticed an ancient lich
225016 | Zig:27   | Noticed an ancient lich
225017 | Zig:27   | Killed an ancient lich
225017 | Zig:27   | Killed a dread lich
225018 | Zig:27   | Killed an ancient lich
225018 | Zig:27   | Killed a dread lich
225018 | Zig:27   | Killed an ancient lich
225082 | Zig:27   | Identified the +7 hunting sling of Plague {flame, rC+
                  | Dex+4}
225087 | Zig:27   | Identified the +3 dagger of Havoc {elec, Will+ Str+4 Int-4
                  | Stlth+}
225094 | Zig:27   | Identified the +0 buckler "Goiraf" {rPois rF+ Dex-5}
225099 | Zig:27   | Identified the +0 buckler of Zuiteru {*Drain rPois rF+
                  | Dex+3}
225119 | Zig:27   | Identified the +7 mace of Atiung {vorpal, *Corrode rF++
                  | rC+++ Dex-5}
225120 | Zig:27   | Identified the +7 hand crossbow "Citazimm" {venom, Will+
                  | Str+2 Int-3}
225330 | Hell     | Learned a level 4 spell: Manifold Assault
225411 | Coc:1    | Entered Level 1 of Cocytus
227336 | Zig:1    | Entered Level 1 of a ziggurat
227380 | Zig:2    | Entered Level 2 of a ziggurat
227380 | Zig:2    | Noticed Ekhaat the pandemonium lord
227380 | Zig:2    | Noticed Poezeby the pandemonium lord
227380 | Zig:2    | Noticed Gukhlos the pandemonium lord
227380 | Zig:2    | Noticed Faunaec the pandemonium lord
227380 | Zig:2    | Noticed Mackimeh the pandemonium lord
227380 | Zig:2    | Noticed Owausk the pandemonium lord
227382 | Zig:2    | Killed Owausk the pandemonium lord
227383 | Zig:2    | Killed Poezeby the pandemonium lord
227383 | Zig:2    | Killed Faunaec the pandemonium lord
227384 | Zig:2    | Killed Gukhlos the pandemonium lord
227385 | Zig:2    | Killed Ekhaat the pandemonium lord
227386 | Zig:2    | Killed Mackimeh the pandemonium lord
227574 | Zig:3    | Entered Level 3 of a ziggurat
227574 | Zig:3    | Noticed Kokheumo the pandemonium lord
227574 | Zig:3    | Noticed Mitrujubb the pandemonium lord
227574 | Zig:3    | Noticed Yriaff the pandemonium lord
227574 | Zig:3    | Noticed Giho the pandemonium lord
227574 | Zig:3    | Noticed Maboch the pandemonium lord
227585 | Zig:3    | Cast into level 4 of the Abyss (Giho)
227624 | Zig:3    | Escaped the Abyss
227625 | Zig:3    | Killed Giho the pandemonium lord
227626 | Zig:3    | Killed Maboch the pandemonium lord
227627 | Zig:3    | Killed Kokheumo the pandemonium lord
227629 | Zig:3    | Killed Mitrujubb the pandemonium lord
227632 | Zig:3    | Killed Yriaff the pandemonium lord
227644 | Zig:3    | Identified the +7 rapier of Summer {speed, Int+5}
227677 | Zig:4    | Entered Level 4 of a ziggurat
227693 | Zig:4    | Identified the +3 spear "Grom" {speed, *Slow rElec rC+
                  | Dex+4}
227698 | Zig:4    | Identified the Compendium of Execration
227730 | Zig:4    | Identified the +4 scale mail "Yziwk" {Int+4}
227761 | Zig:4    | Identified the +2 quarterstaff of the Ship {freeze, rPois
                  | Int+6}
227905 | Zig:5    | Entered Level 5 of a ziggurat
227945 | Zig:5    | Identified the +0 leather armour of the Trees {*Slow Int+3}
228163 | Zig:6    | Entered Level 6 of a ziggurat
228189 | Zig:6    | Identified the +0 plate armour "Beza" {Will- rCorr Dex+6}
228248 | Zig:6    | Identified the +1 buckler "Ujic Xugann" {Regen+ Dex+5
                  | Stlth-}
228251 | Zig:6    | Identified the +7 short sword of Yesterday {drain, rPois
                  | rN+ Stlth+}
228280 | Zig:6    | Identified the +6 scimitar "Sarcophage" {venom, rC++}
228453 | Zig:7    | Entered Level 7 of a ziggurat
228456 | Zig:7    | Noticed Nybre the pandemonium lord
228460 | Zig:7    | Killed Nybre the pandemonium lord
228494 | Zig:7    | Identified the ring of Darkness {rC++ rN+ Int+3 Dex-3
                  | Slay+2}
228506 | Zig:7    | Identified the ring "Otaom" {rC+ SInv Stlth+}
228583 | Zig:7    | Identified the +0 chain mail of Jyr Ses {Rampage Will-
                  | Dex+7}
228584 | Zig:7    | Identified the +0 scale mail of Space {rPois rF+}
228629 | Zig:8    | Entered Level 8 of a ziggurat
228629 | Zig:8    | Noticed an ancient lich
228631 | Zig:8    | Noticed an ancient lich
228634 | Zig:8    | Killed an ancient lich
228635 | Zig:8    | Killed an ancient lich
228635 | Zig:8    | Noticed a dread lich
228635 | Zig:8    | Noticed a dread lich
228636 | Zig:8    | Noticed a dread lich
228637 | Zig:8    | Noticed a dread lich
228643 | Zig:8    | Killed a dread lich
228643 | Zig:8    | Killed a dread lich
228643 | Zig:8    | Killed a dread lich
228643 | Zig:8    | Killed a dread lich
228649 | Zig:8    | Identified the +9 flail of Reason {drain, rPois rF+ Str-2}
228656 | Zig:8    | Identified the amulet "Yskivuz" {RegenMP +Blink +Inv Will+}
228660 | Zig:8    | Identified the +6 falchion "Toruedd" {vamp, rElec}
228895 | Zig:9    | Entered Level 9 of a ziggurat
229160 | Zig:9    | Identified the ring "Pott" {MP+9 Int+2}
229168 | Zig:10   | Entered Level 10 of a ziggurat
229168 | Zig:10   | Noticed a royal mummy
229168 | Zig:10   | Noticed a royal mummy
229168 | Zig:10   | Noticed a royal mummy
229168 | Zig:10   | Noticed a royal mummy
229168 | Zig:10   | Noticed a royal mummy
229168 | Zig:10   | Noticed a royal mummy
229168 | Zig:10   | Noticed a royal mummy
229170 | Zig:10   | Killed a royal mummy
229170 | Zig:10   | Killed a royal mummy
229170 | Zig:10   | Killed a royal mummy
229170 | Zig:10   | Killed a royal mummy
229170 | Zig:10   | Noticed a royal mummy
229171 | Zig:10   | Killed a royal mummy
229172 | Zig:10   | Noticed a royal mummy
229172 | Zig:10   | Noticed a royal mummy
229174 | Zig:10   | Noticed a royal mummy
229174 | Zig:10   | Noticed a royal mummy
229174 | Zig:10   | Noticed a royal mummy
229174 | Zig:10   | Noticed a royal mummy
229175 | Zig:10   | Noticed a royal mummy
229175 | Zig:10   | Killed a royal mummy
229175 | Zig:10   | Noticed a royal mummy
229176 | Zig:10   | Noticed a royal mummy
229176 | Zig:10   | Noticed a royal mummy
229176 | Zig:10   | Killed a royal mummy
229177 | Zig:10   | Noticed a royal mummy
229177 | Zig:10   | Noticed a royal mummy
229178 | Zig:10   | Noticed a royal mummy
229178 | Zig:10   | Noticed a royal mummy
229178 | Zig:10   | Noticed a royal mummy
229178 | Zig:10   | Noticed a royal mummy
229179 | Zig:10   | Killed a royal mummy
229179 | Zig:10   | Killed a royal mummy
229179 | Zig:10   | Killed a royal mummy
229179 | Zig:10   | Killed a royal mummy
229179 | Zig:10   | Killed a royal mummy
229180 | Zig:10   | Killed a royal mummy
229180 | Zig:10   | Killed a royal mummy
229180 | Zig:10   | Killed a royal mummy
229180 | Zig:10   | Killed a royal mummy
229180 | Zig:10   | Killed a royal mummy
229180 | Zig:10   | Killed a royal mummy
229180 | Zig:10   | Killed a royal mummy
229181 | Zig:10   | Killed a royal mummy
229181 | Zig:10   | Killed a royal mummy
229181 | Zig:10   | Killed a royal mummy
229181 | Zig:10   | Noticed a royal mummy
229182 | Zig:10   | Killed a royal mummy
229186 | Zig:10   | Killed a royal mummy
229186 | Zig:10   | Killed a royal mummy
229544 | Zig:10   | Identified the +5 longbow "Odedgh" {vorpal, +Blink rC++
                  | Will- Int-4}
229553 | Zig:11   | Entered Level 11 of a ziggurat
229601 | Zig:11   | Identified the +11 mace "Silobai" {vorpal, rC+}
229603 | Zig:11   | Identified Sif Muna's Reference Book on Ignition and the
                  | Birds
229605 | Zig:11   | Identified Sif Muna's Almanac of Fetching Confrontation
229645 | Zig:11   | Identified the +7 quarterstaff of Uhopn {holy, rC+ Str+8}
229874 | Zig:11   | Identified the ring of Joy {AC+4 Str+3 Dex+3}
229879 | Zig:12   | Entered Level 12 of a ziggurat
229896 | Zig:12   | Found the ring of the Octopus King
230199 | Zig:12   | Identified the +4 executioner's axe "Tyimiat" {venom, +Rage
                  | +Fly rN+++ Dex-4}
230215 | Zig:12   | Identified a ring of the Octopus King {rC+ AC+1 EV+1 Str+1
                  | Int+1 Dex+1}
230260 | Zig:12   | Identified the ring "Zugoom" {+Inv Will++ EV+4 Str+5}
230328 | Zig:13   | Entered Level 13 of a ziggurat
230334 | Zig:13   | Noticed Voudiga the pandemonium lord
230336 | Zig:13   | Noticed Vouraz the pandemonium lord
230336 | Zig:13   | Noticed Rolec the pandemonium lord
230336 | Zig:13   | Noticed Hisal the pandemonium lord
230336 | Zig:13   | Noticed Loplo the pandemonium lord
230336 | Zig:13   | Noticed Puleuwus the pandemonium lord
230336 | Zig:13   | Noticed Zunkomar the pandemonium lord
230337 | Zig:13   | Noticed Vonoc the pandemonium lord
230337 | Zig:13   | Noticed Hofigis the pandemonium lord
230338 | Zig:13   | Noticed Hiry the pandemonium lord
230339 | Zig:13   | Noticed Xagy the pandemonium lord
230339 | Zig:13   | Noticed Ify Juo the pandemonium lord
230339 | Zig:13   | Noticed Norepnae the pandemonium lord
230340 | Zig:13   | Noticed Otacishri the pandemonium lord
230340 | Zig:13   | Noticed Wiarops the pandemonium lord
230340 | Zig:13   | Noticed Miota the pandemonium lord
230340 | Zig:13   | Noticed Sisianekh the pandemonium lord
230341 | Zig:13   | Noticed Piegiud the pandemonium lord
230341 | Zig:13   | Noticed Pextyupo the pandemonium lord
230341 | Zig:13   | Noticed Lebukil the pandemonium lord
230341 | Zig:13   | Noticed Fourphien the pandemonium lord
230341 | Zig:13   | Noticed Aneowufui the pandemonium lord
230341 | Zig:13   | Noticed Ysoifiul the pandemonium lord
230342 | Zig:13   | Killed Xagy the pandemonium lord
230342 | Zig:13   | Killed Kefror the pandemonium lord
230342 | Zig:13   | Killed Norepnae the pandemonium lord
230342 | Zig:13   | Killed Hisal the pandemonium lord
230342 | Zig:13   | Killed Voudiga the pandemonium lord
230342 | Zig:13   | Noticed Ridipaga the pandemonium lord
230342 | Zig:13   | Noticed Jarican the pandemonium lord
230342 | Zig:13   | Noticed Jeyhosuy the pandemonium lord
230343 | Zig:13   | Killed Piegiud the pandemonium lord
230343 | Zig:13   | Killed Sisianekh the pandemonium lord
230343 | Zig:13   | Killed Ify Juo the pandemonium lord
230343 | Zig:13   | Noticed Icib Cecu the pandemonium lord
230343 | Zig:13   | Noticed Atumiaw the pandemonium lord
230344 | Zig:13   | Noticed Egaum the pandemonium lord
230344 | Zig:13   | Killed Jarican the pandemonium lord
230344 | Zig:13   | Killed Rolec the pandemonium lord
230344 | Zig:13   | Killed Ridipaga the pandemonium lord
230344 | Zig:13   | Killed Hiry the pandemonium lord
230344 | Zig:13   | Killed Hofigis the pandemonium lord
230344 | Zig:13   | Killed Otacishri the pandemonium lord
230344 | Zig:13   | Killed Jeyhosuy the pandemonium lord
230344 | Zig:13   | Killed Puleuwus the pandemonium lord
230344 | Zig:13   | Killed Ysoifiul the pandemonium lord
230344 | Zig:13   | Noticed Areh the pandemonium lord
230344 | Zig:13   | Noticed Minwuargh the pandemonium lord
230344 | Zig:13   | Noticed Nuemn the pandemonium lord
230344 | Zig:13   | Noticed Xeczadox the pandemonium lord
230344 | Zig:13   | Noticed Bygesm the pandemonium lord
230344 | Zig:13   | Noticed Ficu the pandemonium lord
230344 | Zig:13   | Noticed Lunaadgh the pandemonium lord
230345 | Zig:13   | Killed Vonoc the pandemonium lord
230345 | Zig:13   | Killed Aneowufui the pandemonium lord
230345 | Zig:13   | Killed Zunkomar the pandemonium lord
230346 | Zig:13   | Noticed Wipnu the pandemonium lord
230347 | Zig:13   | Noticed Yheradgha the pandemonium lord
230347 | Zig:13   | Killed Wipnu the pandemonium lord
230347 | Zig:13   | Killed Fourphien the pandemonium lord
230347 | Zig:13   | Killed Lunaadgh the pandemonium lord
230349 | Zig:13   | Killed Loplo the pandemonium lord
230350 | Zig:13   | Noticed Lonaptos the pandemonium lord
230350 | Zig:13   | Killed Wiarops the pandemonium lord
230350 | Zig:13   | Killed Nuemn the pandemonium lord
230350 | Zig:13   | Killed Atumiaw the pandemonium lord
230350 | Zig:13   | Killed Pextyupo the pandemonium lord
230350 | Zig:13   | Killed Xeczadox the pandemonium lord
230350 | Zig:13   | Killed Miota the pandemonium lord
230351 | Zig:13   | Killed Bygesm the pandemonium lord
230352 | Zig:13   | Killed Yheradgha the pandemonium lord
230352 | Zig:13   | Noticed Ecutz the pandemonium lord
230352 | Zig:13   | Noticed Huyng the pandemonium lord
230354 | Zig:13   | Noticed Firulygg the pandemonium lord
230355 | Zig:13   | Noticed Uliphid the pandemonium lord
230355 | Zig:13   | Noticed Ecum the pandemonium lord
230355 | Zig:13   | Noticed Jismoily the pandemonium lord
230355 | Zig:13   | Killed Lebukil the pandemonium lord
230355 | Zig:13   | Killed Icib Cecu the pandemonium lord
230355 | Zig:13   | Killed Vouraz the pandemonium lord
230356 | Zig:13   | Noticed Duggouh the pandemonium lord
230357 | Zig:13   | Noticed Palaok the pandemonium lord
230358 | Zig:13   | Killed Ficu the pandemonium lord
230359 | Zig:13   | Killed Lonaptos the pandemonium lord
230359 | Zig:13   | Killed Firulygg the pandemonium lord
230359 | Zig:13   | Killed Duggouh the pandemonium lord
230360 | Zig:13   | Killed Huyng the pandemonium lord
230361 | Zig:13   | Killed Areh the pandemonium lord
230361 | Zig:13   | Killed Uliphid the pandemonium lord
230362 | Zig:13   | Killed Jismoily the pandemonium lord
230362 | Zig:13   | Killed Ecum the pandemonium lord
230362 | Zig:13   | Killed Egaum the pandemonium lord
230362 | Zig:13   | Killed Minwuargh the pandemonium lord
230366 | Zig:13   | Killed Ecutz the pandemonium lord
230368 | Zig:13   | Killed Palaok the pandemonium lord
230633 | Zig:13   | Identified the ring "Kixkeby" {*Slow rElec Int+6 Dex+2}
230638 | Zig:13   | Identified the Collected Works on Mutagenic Evil Rituals
230644 | Zig:14   | Entered Level 14 of a ziggurat
230666 | Zig:14   | Identified the +8 mace of Exaehimn {antimagic, rElec Str+6
                  | Dex-2}
231037 | Zig:14   | Identified the Volume of Stones and Calling
231175 | Zig:15   | Entered Level 15 of a ziggurat
231471 | Zig:15   | Identified the ring of Nakolara {+Fly Dex+3}
231501 | Zig:15   | Identified the +8 quarterstaff of Tortfeasance {speed,
                  | +Blink rElec rN++ Str-2}
231537 | Zig:15   | Identified the +6 falchion "Egg" {vorpal, rElec Int+2}
231540 | Zig:15   | Identified the +4 plate armour of Cenlisut {Str+5 Slay+3}
231542 | Zig:16   | Entered Level 16 of a ziggurat
231549 | Zig:16   | Noticed an ancient lich
231549 | Zig:16   | Noticed an ancient lich
231549 | Zig:16   | Noticed a dread lich
231549 | Zig:16   | Noticed an ancient lich
231549 | Zig:16   | Noticed a dread lich
231549 | Zig:16   | Noticed a dread lich
231549 | Zig:16   | Noticed an ancient lich
231550 | Zig:16   | Noticed an ancient lich
231550 | Zig:16   | Noticed an ancient lich
231550 | Zig:16   | Noticed a dread lich
231550 | Zig:16   | Noticed an ancient lich
231551 | Zig:16   | Killed a dread lich
231551 | Zig:16   | Killed an ancient lich
231551 | Zig:16   | Killed an ancient lich
231551 | Zig:16   | Killed an ancient lich
231551 | Zig:16   | Noticed an ancient lich
231551 | Zig:16   | Noticed a dread lich
231551 | Zig:16   | Noticed an ancient lich
231551 | Zig:16   | Noticed an ancient lich
231552 | Zig:16   | Killed an ancient lich
231552 | Zig:16   | Killed an ancient lich
231552 | Zig:16   | Killed an ancient lich
231552 | Zig:16   | Killed a dread lich
231552 | Zig:16   | Noticed an ancient lich
231553 | Zig:16   | Killed a dread lich
231553 | Zig:16   | Killed an ancient lich
231553 | Zig:16   | Killed a dread lich
231553 | Zig:16   | Killed an ancient lich
231553 | Zig:16   | Killed an ancient lich
231553 | Zig:16   | Killed an ancient lich
231554 | Zig:16   | Noticed a dread lich
231554 | Zig:16   | Noticed an ancient lich
231555 | Zig:16   | Noticed a dread lich
231555 | Zig:16   | Noticed a dread lich
231556 | Zig:16   | Noticed an ancient lich
231556 | Zig:16   | Killed a dread lich
231557 | Zig:16   | Noticed a dread lich
231557 | Zig:16   | Noticed a dread lich
231557 | Zig:16   | Noticed a dread lich
231557 | Zig:16   | Killed an ancient lich
231558 | Zig:16   | Noticed an ancient lich
231559 | Zig:16   | Noticed an ancient lich
231559 | Zig:16   | Killed a dread lich
231560 | Zig:16   | Killed a dread lich
231560 | Zig:16   | Killed a dread lich
231560 | Zig:16   | Killed a dread lich
231560 | Zig:16   | Killed an ancient lich
231560 | Zig:16   | Killed a dread lich
231560 | Zig:16   | Killed an ancient lich
231560 | Zig:16   | Killed a dread lich
231561 | Zig:16   | Killed an ancient lich
231561 | Zig:16   | Killed an ancient lich
231579 | Zig:16   | Identified the +5 flail of Ragnarok {flame, Dex+3}
231584 | Zig:16   | Identified the +6 executioner's axe of Certain Death
                  | {drain, *Slow rElec rPois rC++}
231586 | Zig:16   | Identified the amulet of Xaczagiar {Faith Dex+2 Slay+2}
231588 | Zig:16   | Identified the ring of Winter {rElec rF- EV+4 Stlth+}
231862 | Zig:16   | Identified the ring of Leaves {*Slow rElec rN+ Int+5}
231921 | Zig:17   | Entered Level 17 of a ziggurat
231921 | Zig:17   | Noticed a royal mummy
231921 | Zig:17   | Noticed a royal mummy
231921 | Zig:17   | Noticed a royal mummy
231921 | Zig:17   | Noticed a royal mummy
231923 | Zig:17   | Noticed a royal mummy
231923 | Zig:17   | Noticed a royal mummy
231923 | Zig:17   | Noticed a royal mummy
231923 | Zig:17   | Noticed an ancient lich
231923 | Zig:17   | Noticed a royal mummy
231923 | Zig:17   | Noticed a royal mummy
231925 | Zig:17   | Killed a royal mummy
231925 | Zig:17   | Killed a royal mummy
231925 | Zig:17   | Killed a royal mummy
231925 | Zig:17   | Killed a royal mummy
231925 | Zig:17   | Killed a royal mummy
231925 | Zig:17   | Killed a royal mummy
231925 | Zig:17   | Killed a royal mummy
231926 | Zig:17   | Killed an ancient lich
231926 | Zig:17   | Killed a royal mummy
231926 | Zig:17   | Killed a royal mummy
231926 | Zig:17   | Noticed a royal mummy
231926 | Zig:17   | Noticed a royal mummy
231926 | Zig:17   | Noticed a royal mummy
231926 | Zig:17   | Noticed a royal mummy
231927 | Zig:17   | Killed a royal mummy
231927 | Zig:17   | Killed a royal mummy
231927 | Zig:17   | Killed a royal mummy
231927 | Zig:17   | Noticed a royal mummy
231929 | Zig:17   | Noticed a royal mummy
231929 | Zig:17   | Noticed a royal mummy
231929 | Zig:17   | Noticed a royal mummy
231929 | Zig:17   | Noticed a royal mummy
231929 | Zig:17   | Noticed a royal mummy
231930 | Zig:17   | Noticed a royal mummy
231930 | Zig:17   | Noticed a royal mummy
231931 | Zig:17   | Noticed a royal mummy
231931 | Zig:17   | Noticed a royal mummy
231931 | Zig:17   | Killed a royal mummy
231931 | Zig:17   | Noticed a royal mummy
231932 | Zig:17   | Noticed a royal mummy
231932 | Zig:17   | Noticed a royal mummy
231933 | Zig:17   | Killed a royal mummy
231933 | Zig:17   | Killed a royal mummy
231933 | Zig:17   | Killed a royal mummy
231933 | Zig:17   | Killed a royal mummy
231933 | Zig:17   | Killed a royal mummy
231933 | Zig:17   | Killed a royal mummy
231933 | Zig:17   | Killed a royal mummy
231933 | Zig:17   | Noticed a royal mummy
231935 | Zig:17   | Noticed a royal mummy
231935 | Zig:17   | Noticed a royal mummy
231936 | Zig:17   | Noticed a royal mummy
231936 | Zig:17   | Noticed a royal mummy
231936 | Zig:17   | Noticed a royal mummy
231937 | Zig:17   | Killed a royal mummy
231937 | Zig:17   | Killed a royal mummy
231937 | Zig:17   | Killed a royal mummy
231937 | Zig:17   | Killed a royal mummy
231937 | Zig:17   | Killed a royal mummy
231937 | Zig:17   | Killed a royal mummy
231938 | Zig:17   | Killed a royal mummy
231938 | Zig:17   | Killed a royal mummy
231938 | Zig:17   | Killed a royal mummy
231938 | Zig:17   | Killed a royal mummy
231939 | Zig:17   | Killed a royal mummy
231939 | Zig:17   | Killed a royal mummy
231940 | Zig:17   | Noticed a royal mummy
231940 | Zig:17   | Noticed a royal mummy
231940 | Zig:17   | Noticed a royal mummy
231940 | Zig:17   | Noticed a royal mummy
231942 | Zig:17   | Killed a royal mummy
231942 | Zig:17   | Noticed a royal mummy
231943 | Zig:17   | Killed a royal mummy
231943 | Zig:17   | Killed a royal mummy
231943 | Zig:17   | Noticed a royal mummy
231946 | Zig:17   | Noticed a royal mummy
231949 | Zig:17   | Noticed a royal mummy
231950 | Zig:17   | Noticed a royal mummy
231951 | Zig:17   | Noticed a royal mummy
231953 | Zig:17   | Killed a royal mummy
231953 | Zig:17   | Killed a royal mummy
231953 | Zig:17   | Killed a royal mummy
231955 | Zig:17   | Killed a royal mummy
231957 | Zig:17   | Killed a royal mummy
231957 | Zig:17   | Killed a royal mummy
231962 | Zig:17   | Killed a royal mummy
232018 | Zig:17   | Identified the +10 shortbow of Disintegration {freeze, rC+
                  | rN++ Will+ Dex-4}
232028 | Zig:17   | Identified the amulet "Juzil" {Reflect rN+ Str+2 SH+5}
232035 | Zig:17   | Identified the +9 rapier "Uwurati" {drain, Fragile rPois
                  | rN++ Stlth+}
232462 | Zig:17   | Identified the amulet of Xeissiyts {Spirit Str+2}
232463 | Zig:17   | Identified the ring "Abre" {rN+ Will+ AC+4}
232467 | Zig:18   | Entered Level 18 of a ziggurat
232887 | Zig:18   | Identified the amulet of Jeomaomn {Reflect rF+ Will+ Dex+3
                  | SH+5}
233022 | Zig:18   | Identified the +11 hunting sling of the Equinox {freeze,
                  | rF+ rN+ Int+2}
233086 | Zig:19   | Entered Level 19 of a ziggurat
233579 | Zig:19   | Identified the ring "Lieb" {*Drain rPois rC+ Will+ Stlth+}
233591 | Zig:20   | Entered Level 20 of a ziggurat
233597 | Zig:20   | Noticed a juggernaut
233598 | Zig:20   | Noticed a juggernaut
233599 | Zig:20   | Noticed a juggernaut
233599 | Zig:20   | Noticed a juggernaut
233599 | Zig:20   | Noticed a juggernaut
233601 | Zig:20   | Killed a juggernaut
233601 | Zig:20   | Killed a juggernaut
233601 | Zig:20   | Killed a juggernaut
233601 | Zig:20   | Noticed a juggernaut
233601 | Zig:20   | Noticed a juggernaut
233601 | Zig:20   | Noticed a juggernaut
233601 | Zig:20   | Noticed a juggernaut
233602 | Zig:20   | Noticed a juggernaut
233602 | Zig:20   | Noticed a juggernaut
233603 | Zig:20   | Killed a juggernaut
233603 | Zig:20   | Noticed a juggernaut
233604 | Zig:20   | Noticed a juggernaut
233604 | Zig:20   | Noticed a juggernaut
233604 | Zig:20   | Noticed a juggernaut
233605 | Zig:20   | Noticed a juggernaut
233605 | Zig:20   | Noticed a juggernaut
233605 | Zig:20   | Killed a juggernaut
233605 | Zig:20   | Noticed a juggernaut
233606 | Zig:20   | Noticed a juggernaut
233606 | Zig:20   | Noticed a juggernaut
233606 | Zig:20   | Noticed a juggernaut
233607 | Zig:20   | Noticed a juggernaut
233609 | Zig:20   | Killed a juggernaut
233609 | Zig:20   | Killed a juggernaut
233609 | Zig:20   | Killed a juggernaut
233609 | Zig:20   | Killed a juggernaut
233610 | Zig:20   | Killed a juggernaut
233612 | Zig:20   | Killed a juggernaut
233612 | Zig:20   | Killed a juggernaut
233613 | Zig:20   | Noticed a juggernaut
233613 | Zig:20   | Killed a juggernaut
233613 | Zig:20   | Killed a juggernaut
233616 | Zig:20   | Killed a juggernaut
233616 | Zig:20   | Killed a juggernaut
233616 | Zig:20   | Killed a juggernaut
233616 | Zig:20   | Killed a juggernaut
233617 | Zig:20   | Killed a juggernaut
233618 | Zig:20   | Noticed a juggernaut
233622 | Zig:20   | Killed a juggernaut
233622 | Zig:20   | Killed a juggernaut
233622 | Zig:20   | Killed a juggernaut
233623 | Zig:20   | Killed a juggernaut
233624 | Zig:20   | Killed a juggernaut
234032 | Zig:20   | Identified A Thorough Guide to Witchcraft
234229 | Zig:20   | Identified the ring of Absolutism {*Corrode rPois rF- rN+
                  | Dex+7}
234233 | Zig:20   | Identified the ring of Conformity {rN+ Dex+4}
234238 | Zig:21   | Entered Level 21 of a ziggurat
234345 | Zig:21   | Identified the ring "Pumeveasm" {Int+6 Stlth+}
234351 | Zig:21   | Identified the Compendium of Moulding
234355 | Zig:21   | Identified the -5 pair of boots "Mixol Jup" {rElec rC++
                  | Will- Dex+3}
234906 | Zig:21   | Identified the ring "Dej Roqi" {rC+ Str+6 Dex-5 Stlth+}
234912 | Zig:22   | Entered Level 22 of a ziggurat
234968 | Zig:22   | Noticed Yfuo the pandemonium lord
234970 | Zig:22   | Killed Yfuo the pandemonium lord
235492 | Zig:22   | Identified the +1 dagger of the Fox {speed, *Slow Int+4
                  | SInv}
235604 | Zig:23   | Entered Level 23 of a ziggurat
235625 | Zig:23   | Noticed Jurevah the pandemonium lord
235636 | Zig:23   | Killed Jurevah the pandemonium lord
235820 | Zig:23   | Identified the +10 quarterstaff of Oozing Pus {holy, *Noise
                  | +Fly Dex+5 Stlth+}
235824 | Zig:23   | Identified the +4 plate armour "Qunas" {rF+ rC- Str+2}
236262 | Zig:23   | Identified the +1 scale mail of the Tired Queens {Will+
                  | Dex-3 Stlth+}
236324 | Zig:23   | Identified the ring "Nodum" {EV+4 Int+5}
236325 | Zig:23   | Identified the ring of Nepinn Qyrph {rPois Str+3}
236329 | Zig:24   | Entered Level 24 of a ziggurat
236780 | Zig:24   | Found the ring of the Octopus King
237105 | Zig:24   | Identified Ughol's Grimoire of Feathers
237106 | Zig:24   | Identified the +1 dagger of the Gnat {holy, Int+7}
237107 | Zig:24   | Identified the +8 lajatang of Jesewok {venom, rF+ Dex+5}
237119 | Zig:24   | Identified the +5 battleaxe of World's End {flame, Str+2}
237129 | Zig:24   | Identified the +4 hand axe of True Grit {flame, Int+4 SInv}
237202 | Zig:24   | Identified the Disquisition on Combat Magic
237211 | Zig:24   | Identified a ring of the Octopus King {+Fly AC+1 EV+1 Str+1
                  | Int+1 Dex+1}
237217 | Zig:24   | Identified the +6 scale mail of Nusaloohe {Int+3}
237218 | Zig:24   | Identified the ring "Rankicso" {rElec MP+9 Str+7 Dex-3
                  | Stlth+}
237225 | Zig:25   | Entered Level 25 of a ziggurat
237249 | Zig:25   | Identified the ring of Loecev {rF+ Dex+3 Slay+4 Stlth+}
237313 | Zig:25   | Identified the +8 hunting sling "Paetev" {vorpal, rC+}
237609 | Zig:25   | Identified the +7 plate armour "Peipnuh" {rElec Str-5 Dex+4
                  | Stlth+}
237634 | Zig:25   | Identified the +7 hand crossbow of the Final Decision
                  | {freeze, rPois rC+ rN++ Str-5}
237651 | Zig:25   | Identified the +0 leather armour of Qunk {*Contam Slay+5}
237657 | Zig:25   | Identified the +6 trident "Trog's Anger" {flame, Dex+3
                  | Stlth+}
237671 | Zig:25   | Identified the amulet of Jacw {Spirit rElec}
237677 | Zig:25   | Identified Orreqyoj's Guide on Evil Secrets and the
                  | Volcanoes
237679 | Zig:25   | Identified the +5 dagger "Zatoit" {vorpal, Str+2 Int+3}
237701 | Zig:25   | Identified the +1 chain mail "Huumaol" {rPois Int+4 Slay-2}
237713 | Zig:25   | Identified Erghiluw's Tome of Creative Ignition
237749 | Zig:25   | Identified the +6 whip "Ypni Aph" {holy, Dex+5}
237766 | Zig:25   | Identified the +0 scale mail "Winidwu" {rCorr Str+4}
237768 | Zig:25   | Identified the Guide on the Escort and Snow
238265 | Zig:25   | Identified the ring of Afytaxal {rPois Will+ Slay+2}
238273 | Zig:26   | Entered Level 26 of a ziggurat
238287 | Zig:26   | Noticed a dread lich
238289 | Zig:26   | Noticed an ancient lich
238289 | Zig:26   | Noticed an ancient lich
238293 | Zig:26   | Killed a dread lich
238293 | Zig:26   | Noticed an ancient lich
238294 | Zig:26   | Noticed a dread lich
238294 | Zig:26   | Noticed an ancient lich
238296 | Zig:26   | Noticed a dread lich
238297 | Zig:26   | Noticed a dread lich
238297 | Zig:26   | Noticed a dread lich
238298 | Zig:26   | Killed an ancient lich
238298 | Zig:26   | Killed an ancient lich
238298 | Zig:26   | Noticed an ancient lich
238298 | Zig:26   | Noticed an ancient lich
238298 | Zig:26   | Noticed an ancient lich
238299 | Zig:26   | Killed a dread lich
238299 | Zig:26   | Killed an ancient lich
238299 | Zig:26   | Killed an ancient lich
238299 | Zig:26   | Killed a dread lich
238299 | Zig:26   | Noticed an ancient lich
238300 | Zig:26   | Killed a dread lich
238301 | Zig:26   | Noticed a dread lich
238301 | Zig:26   | Noticed an ancient lich
238302 | Zig:26   | Noticed a dread lich
238302 | Zig:26   | Noticed a dread lich
238302 | Zig:26   | Noticed an ancient lich
238302 | Zig:26   | Noticed an ancient lich
238302 | Zig:26   | Noticed an ancient lich
238303 | Zig:26   | Noticed an ancient lich
238303 | Zig:26   | Noticed a dread lich
238303 | Zig:26   | Noticed a dread lich
238304 | Zig:26   | Noticed a dread lich
238304 | Zig:26   | Noticed a dread lich
238304 | Zig:26   | Noticed an ancient lich
238305 | Zig:26   | Noticed a dread lich
238305 | Zig:26   | Noticed an ancient lich
238306 | Zig:26   | Noticed an ancient lich
238306 | Zig:26   | Noticed an ancient lich
238306 | Zig:26   | Noticed an ancient lich
238306 | Zig:26   | Noticed an ancient lich
238306 | Zig:26   | Noticed a dread lich
238307 | Zig:26   | Killed an ancient lich
238307 | Zig:26   | Killed an ancient lich
238307 | Zig:26   | Killed an ancient lich
238307 | Zig:26   | Killed a dread lich
238307 | Zig:26   | Killed an ancient lich
238307 | Zig:26   | Killed an ancient lich
238307 | Zig:26   | Noticed a dread lich
238307 | Zig:26   | Noticed a dread lich
238307 | Zig:26   | Noticed an ancient lich
238307 | Zig:26   | Noticed a dread lich
238308 | Zig:26   | Killed an ancient lich
238308 | Zig:26   | Killed an ancient lich
238308 | Zig:26   | Killed a dread lich
238308 | Zig:26   | Killed a dread lich
238308 | Zig:26   | Killed a dread lich
238308 | Zig:26   | Killed an ancient lich
238308 | Zig:26   | Killed an ancient lich
238308 | Zig:26   | Killed a dread lich
238308 | Zig:26   | Killed a dread lich
238308 | Zig:26   | Killed an ancient lich
238308 | Zig:26   | Killed an ancient lich
238308 | Zig:26   | Killed a dread lich
238308 | Zig:26   | Killed a dread lich
238308 | Zig:26   | Noticed an ancient lich
238309 | Zig:26   | Killed a dread lich
238309 | Zig:26   | Killed an ancient lich
238309 | Zig:26   | Killed an ancient lich
238309 | Zig:26   | Killed a dread lich
238309 | Zig:26   | Killed a dread lich
238309 | Zig:26   | Killed a dread lich
238309 | Zig:26   | Killed an ancient lich
238309 | Zig:26   | Noticed an ancient lich
238310 | Zig:26   | Killed an ancient lich
238310 | Zig:26   | Killed an ancient lich
238310 | Zig:26   | Killed an ancient lich
238310 | Zig:26   | Killed a dread lich
238310 | Zig:26   | Killed an ancient lich
238310 | Zig:26   | Noticed an ancient lich
238310 | Zig:26   | Noticed an ancient lich
238311 | Zig:26   | Noticed a dread lich
238313 | Zig:26   | Noticed a dread lich
238313 | Zig:26   | Noticed a dread lich
238313 | Zig:26   | Noticed an ancient lich
238314 | Zig:26   | Noticed an ancient lich
238314 | Zig:26   | Noticed a dread lich
238315 | Zig:26   | Noticed a dread lich
238315 | Zig:26   | Noticed a dread lich
238318 | Zig:26   | Killed an ancient lich
238318 | Zig:26   | Killed an ancient lich
238318 | Zig:26   | Killed a dread lich
238318 | Zig:26   | Killed a dread lich
238318 | Zig:26   | Killed a dread lich
238319 | Zig:26   | Killed an ancient lich
238319 | Zig:26   | Killed a dread lich
238319 | Zig:26   | Killed a dread lich
238320 | Zig:26   | Killed an ancient lich
238326 | Zig:26   | Killed a dread lich
238776 | Zig:26   | Identified the ring of Goupoew {+Inv rC+}
238790 | Zig:26   | Identified the +8 scimitar of the Ageless Demons {vorpal,
                  | rC+ rN+ MP+9}
238792 | Zig:26   | Identified the +5 scimitar of Vomunk {drain, Str-2 Int+4}
238808 | Zig:26   | Identified the Reference Book on Twisted Lightness
238810 | Zig:26   | Identified the amulet "Foihiczash" {Faith +Blink Will+
                  | Dex-2}
238812 | Zig:26   | Identified Geull's Handbook of Attacks
238822 | Zig:26   | Identified the +10 arbalest of Darkness {vorpal, rElec rC+
                  | Will+ Str+5}
238826 | Zig:26   | Identified the +10 glaive of Doubt {flame, rPois Will+
                  | Dex+7}
238836 | Zig:26   | Identified the Compendium of Supportive Heat
238919 | Zig:26   | Identified the Reference Book on Flamy Illusion
239010 | Zig:26   | Identified the ring "Unnumom" {*Corrode MP+9 AC+4 Str+8
                  | Slay-6}
239014 | Zig:26   | Identified the ring "Funtugel" {rN+ Dex+5}
239020 | Zig:27   | Entered Level 27 of a ziggurat
239052 | Zig:27   | Found the +3 crown of Dyrovepreva {rElec Int+2 SInv}
239160 | Zig:27   | Identified the Reference Book on the Blaze
239174 | Zig:27   | Identified the +4 broad axe "Himodisi" {antimagic, +Blink
                  | rN++ Str-4}
239190 | Zig:27   | Identified the +5 arbalest of the Badger {flame, rC- Will+
                  | Int+9}
239204 | Zig:27   | Identified the ring of Surprise {rC- rN+ Str+7 SInv}
239212 | Zig:27   | Identified the +6 shortbow of Piria {vorpal, *Drain rF++
                  | Int+2 Dex+2}
239216 | Zig:27   | Identified the +1 leather armour of Disguise {rN+}
239222 | Zig:27   | Identified the +4 fustibalus "Octopus's Bane" {venom, rC++
                  | Dex+4}
239241 | Zig:27   | Identified the amulet of the Scavenger {RegenMP SInv}
239248 | Zig:27   | Identified the +2 double sword of Eraxirid {vorpal, Will+}
239252 | Zig:27   | Identified the +1 robe "Atuku" {Regen+ rCorr Int-3 Dex+7}
239763 | Zig:27   | Identified the amulet of Fauciz {Acrobat rF+}
239767 | Zig:27   | Acquired 847 gold pieces
239768 | Zig:27   | Acquired 1050 gold pieces
239769 | Zig:27   | Acquired 934 gold pieces
239770 | Zig:27   | Acquired 824 gold pieces
239785 | Zig:27   | Identified the ring "Parghef" {Ice *Slow +Blink Will+
                  | Stlth+}
239811 | Zig:27   | Identified the +8 dagger of Spores {pain, rN++ Will+}
239813 | Zig:27   | Identified the +3 leather armour of Makhleb's Generosity
                  | {Dex+4}
239824 | Zig:27   | Identified the +2 whip of Truncation {elec, Str+4}
239865 | Zig:27   | Identified the +1 leather armour of Zoxtuise {*Contam rC+
                  | Int+6}
240588 | Coc:2    | You fall into a shaft and drop 1 floor!
240750 | Coc:3    | You fall into a shaft and drop 1 floor!
240915 | Coc:5    | You fall into a shaft and drop 1 floor!
241115 | Coc:7    | Entered Level 7 of Cocytus
241392 | Coc:7    | Noticed Antaeus
241394 | Coc:7    | Killed Antaeus
241422 | Coc:7    | Got an icy rune of Zot
241438 | Coc:7    | Found the ring of Shadows {Umbra +Inv Stlth+}
241683 | Zig:1    | Entered Level 1 of a ziggurat
241746 | Zig:2    | Entered Level 2 of a ziggurat
241823 | Zig:3    | Entered Level 3 of a ziggurat
241823 | Zig:3    | Noticed Nisougg the pandemonium lord
241823 | Zig:3    | Noticed Taixzol the pandemonium lord
241823 | Zig:3    | Noticed Uggob the pandemonium lord
241823 | Zig:3    | Noticed Ohik the pandemonium lord
241823 | Zig:3    | Noticed Qiaq the pandemonium lord
241823 | Zig:3    | Noticed Oddum the pandemonium lord
241823 | Zig:3    | Noticed Puoqi the pandemonium lord
241824 | Zig:3    | Noticed Bolox the pandemonium lord
241824 | Zig:3    | Noticed Fudghuaf the pandemonium lord
241825 | Zig:3    | Noticed Lochup the pandemonium lord
241828 | Zig:3    | Killed Nisougg the pandemonium lord
241828 | Zig:3    | Killed Puoqi the pandemonium lord
241830 | Zig:3    | Killed Taixzol the pandemonium lord
241830 | Zig:3    | Killed Qiaq the pandemonium lord
241830 | Zig:3    | Killed Ohik the pandemonium lord
241839 | Zig:3    | Killed Bolox the pandemonium lord
241854 | Zig:3    | Killed Fudghuaf the pandemonium lord
241859 | Zig:3    | Killed Oddum the pandemonium lord
241864 | Zig:3    | Killed Lochup the pandemonium lord
241866 | Zig:3    | Killed Uggob the pandemonium lord
241963 | Zig:4    | Entered Level 4 of a ziggurat
241963 | Zig:4    | Noticed a dread lich
241963 | Zig:4    | Noticed a dread lich
241965 | Zig:4    | Killed a dread lich
241965 | Zig:4    | Killed a dread lich
241968 | Zig:4    | Noticed a dread lich
241978 | Zig:4    | Killed a dread lich
242085 | Zig:4    | Identified the +5 ring mail of Gluttony {Rampage rElec
                  | Int+2}
242087 | Zig:5    | Entered Level 5 of a ziggurat
242094 | Zig:5    | Noticed Girikhl Poyh the pandemonium lord
242098 | Zig:5    | Killed Girikhl Poyh the pandemonium lord
242239 | Zig:5    | Identified the +9 rapier of Kismet {venom, rElec MP+9}
242241 | Zig:6    | Entered Level 6 of a ziggurat
242484 | Zig:7    | Entered Level 7 of a ziggurat
242527 | Zig:7    | Identified the +10 short sword of the Final Chapter {flame,
                  | +Blink rN+ Dex+4}
242531 | Zig:7    | Identified the +9 fustibalus of Eptew {venom, Int+3}
242549 | Zig:7    | Identified the +6 flail of Fuetash {drain, Str+9 Int-2
                  | Stlth+}
242676 | Zig:8    | Entered Level 8 of a ziggurat
242885 | Zig:8    | Acquired 431 gold pieces
242886 | Zig:8    | Acquired 699 gold pieces
242890 | Zig:9    | Entered Level 9 of a ziggurat
242890 | Zig:9    | Noticed a dread lich
242890 | Zig:9    | Noticed a dread lich
242890 | Zig:9    | Noticed an ancient lich
242892 | Zig:9    | Noticed an ancient lich
242892 | Zig:9    | Noticed an ancient lich
242893 | Zig:9    | Noticed a dread lich
242893 | Zig:9    | Noticed an ancient lich
242894 | Zig:9    | Killed a dread lich
242895 | Zig:9    | Killed an ancient lich
242896 | Zig:9    | Killed an ancient lich
242896 | Zig:9    | Killed a dread lich
242896 | Zig:9    | Killed an ancient lich
242897 | Zig:9    | Killed a dread lich
242898 | Zig:9    | Killed an ancient lich
242909 | Zig:9    | Identified Futwagg's Reference Book on Hurtful Poison
242913 | Zig:9    | Identified the +2 scale mail of Anarchy {Rampage *Slow
                  | Str+4 Slay+4}
242915 | Zig:9    | Identified the +5 trident of the Sybil {speed, rN+}
242939 | Zig:9    | Identified the +8 long sword of Discomfort {vorpal, rC+
                  | rN+}
242963 | Zig:9    | Identified the +5 plate armour of Xoletz {Str+8}
242995 | Zig:9    | Identified the +6 quarterstaff of the Goat {vorpal, rElec
                  | rC- rN+}
243141 | Zig:10   | Entered Level 10 of a ziggurat
243385 | Zig:10   | Identified the ring of Vampiric Thralls {Wiz *Drain rElec
                  | rF+ Int+2}
243388 | Zig:10   | Identified the +5 quarterstaff "Zipn" {venom, Str+3}
243444 | Zig:11   | Entered Level 11 of a ziggurat
243455 | Zig:11   | Noticed Telafev the pandemonium lord
243463 | Zig:11   | Killed Telafev the pandemonium lord
243637 | Zig:11   | Identified the amulet of Okeytuun {RegenMP rF+ Int+2}
243726 | Zig:11   | Identified the ring "Aguerghup" {Ice +Inv rElec rPois
                  | Dex-4}
243731 | Zig:12   | Entered Level 12 of a ziggurat
243731 | Zig:12   | Noticed a juggernaut
243731 | Zig:12   | Noticed a juggernaut
243732 | Zig:12   | Killed a juggernaut
243732 | Zig:12   | Noticed a juggernaut
243733 | Zig:12   | Noticed a juggernaut
243734 | Zig:12   | Noticed a juggernaut
243736 | Zig:12   | Noticed a juggernaut
243737 | Zig:12   | Noticed a juggernaut
243738 | Zig:12   | Noticed a juggernaut
243743 | Zig:12   | Killed a juggernaut
243743 | Zig:12   | Killed a juggernaut
243746 | Zig:12   | Killed a juggernaut
243746 | Zig:12   | Killed a juggernaut
243747 | Zig:12   | Killed a juggernaut
243747 | Zig:12   | Killed a juggernaut
243747 | Zig:12   | Killed a juggernaut
243979 | Zig:12   | Identified the +7 trident "Ylloygep" {flame, Will+ Str+2}
243987 | Zig:12   | Identified the Tome of Poisoning and Cold
243996 | Zig:12   | Identified the Almanac of Clay
244002 | Zig:12   | Identified the ring "Xioda" {+Fly rPois}
244018 | Zig:12   | Identified the +6 flail of Ystreturi {vorpal, rPois rF-
                  | Str+2 Stlth+}
244026 | Zig:12   | Identified the +8 short sword of Turmoil {venom, Dex+3
                  | Stlth+}
244031 | Zig:12   | Identified the +8 great sword of Demy Coi {drain, +Fly rN+
                  | Int+4}
244035 | Zig:12   | Identified Vosor's Papyrus of Aerial Envenoming
244068 | Zig:12   | Identified the +2 ring mail of Pan-Flutes {rN+}
244071 | Zig:13   | Entered Level 13 of a ziggurat
244092 | Zig:13   | Noticed Oteefrez the pandemonium lord
244098 | Zig:13   | Killed Oteefrez the pandemonium lord
244174 | Zig:13   | Identified Zipuwec's Disquisition on the Warped Rocks
244234 | Zig:13   | Identified the +4 glaive "Roenocs" {protect, Will- Str+6
                  | Int+10}
244242 | Zig:13   | Identified the Reference Book on Feathers and Dark Arts
244374 | Zig:13   | Identified the ring "Oxum" {rElec Str+6}
244383 | Zig:14   | Entered Level 14 of a ziggurat
244383 | Zig:14   | Noticed a dread lich
244383 | Zig:14   | Noticed an ancient lich
244383 | Zig:14   | Noticed a dread lich
244383 | Zig:14   | Noticed a dread lich
244383 | Zig:14   | Noticed a dread lich
244383 | Zig:14   | Noticed an ancient lich
244384 | Zig:14   | Noticed an ancient lich
244384 | Zig:14   | Noticed an ancient lich
244385 | Zig:14   | Noticed an ancient lich
244385 | Zig:14   | Noticed a dread lich
244385 | Zig:14   | Noticed an ancient lich
244385 | Zig:14   | Noticed a dread lich
244388 | Zig:14   | Killed a dread lich
244388 | Zig:14   | Killed an ancient lich
244388 | Zig:14   | Killed an ancient lich
244388 | Zig:14   | Killed a dread lich
244388 | Zig:14   | Noticed an ancient lich
244389 | Zig:14   | Noticed a dread lich
244389 | Zig:14   | Killed an ancient lich
244389 | Zig:14   | Killed a dread lich
244389 | Zig:14   | Killed a dread lich
244389 | Zig:14   | Killed a dread lich
244389 | Zig:14   | Killed a dread lich
244389 | Zig:14   | Killed an ancient lich
244389 | Zig:14   | Killed an ancient lich
244389 | Zig:14   | Killed an ancient lich
244391 | Zig:14   | Noticed a dread lich
244391 | Zig:14   | Noticed an ancient lich
244392 | Zig:14   | Noticed a dread lich
244393 | Zig:14   | Noticed an ancient lich
244393 | Zig:14   | Noticed a dread lich
244393 | Zig:14   | Noticed a dread lich
244393 | Zig:14   | Killed a dread lich
244393 | Zig:14   | Noticed an ancient lich
244394 | Zig:14   | Noticed an ancient lich
244394 | Zig:14   | Noticed a dread lich
244394 | Zig:14   | Noticed an ancient lich
244394 | Zig:14   | Killed an ancient lich
244395 | Zig:14   | Noticed a dread lich
244396 | Zig:14   | Killed a dread lich
244396 | Zig:14   | Killed an ancient lich
244396 | Zig:14   | Killed a dread lich
244396 | Zig:14   | Noticed a dread lich
244397 | Zig:14   | Noticed a dread lich
244397 | Zig:14   | Killed an ancient lich
244397 | Zig:14   | Killed a dread lich
244397 | Zig:14   | Killed an ancient lich
244398 | Zig:14   | Killed a dread lich
244399 | Zig:14   | Noticed an ancient lich
244400 | Zig:14   | Killed an ancient lich
244400 | Zig:14   | Killed a dread lich
244401 | Zig:14   | Killed an ancient lich
244401 | Zig:14   | Killed a dread lich
244401 | Zig:14   | Killed an ancient lich
244402 | Zig:14   | Killed a dread lich
244405 | Zig:14   | Noticed an ancient lich
244411 | Zig:14   | Killed a dread lich
244415 | Zig:14   | Identified the +7 lajatang "Dotonaru" {spect, Str-2 Dex+3
                  | Stlth+}
244427 | Zig:14   | Killed an ancient lich
244683 | Zig:14   | Identified the +4 great sword "Jellybane" {distort, +Inv
                  | Int+3}
244714 | Zig:14   | Identified the +3 whip of Hospitality {freeze, rC+ Dex+2}
244768 | Zig:15   | Entered Level 15 of a ziggurat
244768 | Zig:15   | Noticed a royal mummy
244768 | Zig:15   | Noticed a royal mummy
244768 | Zig:15   | Noticed a royal mummy
244768 | Zig:15   | Noticed a royal mummy
244768 | Zig:15   | Noticed a royal mummy
244768 | Zig:15   | Noticed a royal mummy
244769 | Zig:15   | Killed a royal mummy
244769 | Zig:15   | Killed a royal mummy
244769 | Zig:15   | Killed a royal mummy
244769 | Zig:15   | Killed a royal mummy
244770 | Zig:15   | Noticed a royal mummy
244770 | Zig:15   | Noticed a royal mummy
244770 | Zig:15   | Noticed a royal mummy
244770 | Zig:15   | Noticed a royal mummy
244770 | Zig:15   | Noticed a royal mummy
244771 | Zig:15   | Noticed a royal mummy
244771 | Zig:15   | Noticed a royal mummy
244773 | Zig:15   | Noticed a royal mummy
244773 | Zig:15   | Noticed a royal mummy
244773 | Zig:15   | Noticed a royal mummy
244774 | Zig:15   | Noticed a royal mummy
244776 | Zig:15   | Killed a royal mummy
244776 | Zig:15   | Killed a royal mummy
244776 | Zig:15   | Killed a royal mummy
244776 | Zig:15   | Killed a royal mummy
244776 | Zig:15   | Killed a royal mummy
244776 | Zig:15   | Killed a royal mummy
244776 | Zig:15   | Killed a royal mummy
244776 | Zig:15   | Killed a royal mummy
244776 | Zig:15   | Killed a royal mummy
244776 | Zig:15   | Noticed a royal mummy
244777 | Zig:15   | Killed a royal mummy
244779 | Zig:15   | Noticed a royal mummy
244779 | Zig:15   | Noticed a royal mummy
244779 | Zig:15   | Noticed a royal mummy
244780 | Zig:15   | Noticed a royal mummy
244782 | Zig:15   | Killed a royal mummy
244782 | Zig:15   | Killed a royal mummy
244782 | Zig:15   | Killed a royal mummy
244782 | Zig:15   | Killed a royal mummy
244782 | Zig:15   | Killed a royal mummy
244783 | Zig:15   | Killed a royal mummy
244783 | Zig:15   | Killed a royal mummy
244783 | Zig:15   | Killed a royal mummy
244783 | Zig:15   | Noticed a royal mummy
244785 | Zig:15   | Noticed a royal mummy
244788 | Zig:15   | Killed a royal mummy
244789 | Zig:15   | Killed a royal mummy
244844 | Zig:15   | Identified the +3 buckler "Niepp" {Slay+3}
244848 | Zig:15   | Identified the Almanac of Unholy Hexes
245179 | Zig:16   | Entered Level 16 of a ziggurat
245208 | Zig:16   | Noticed Piridauq the pandemonium lord
245230 | Zig:16   | Killed Piridauq the pandemonium lord
245658 | Zig:17   | Entered Level 17 of a ziggurat
245719 | Zig:17   | Identified the +5 ring mail of Otugiwast {Rampage rElec
                  | rPois Int-5}
245725 | Zig:17   | Identified the amulet "Kadega" {Spirit rN++ Str-4}
245741 | Zig:17   | Identified the +10 scimitar "Fish" {freeze, rElec rPois
                  | Str-2 Dex+7}
246129 | Zig:17   | Identified the ring of the Jackalope {*Corrode rElec Will+
                  | Str+6 SInv}
246143 | Zig:18   | Entered Level 18 of a ziggurat
246143 | Zig:18   | Noticed a royal mummy
246143 | Zig:18   | Noticed a royal mummy
246143 | Zig:18   | Noticed a royal mummy
246143 | Zig:18   | Noticed a royal mummy
246143 | Zig:18   | Noticed a royal mummy
246143 | Zig:18   | Noticed a royal mummy
246143 | Zig:18   | Noticed a royal mummy
246143 | Zig:18   | Noticed a royal mummy
246143 | Zig:18   | Noticed a royal mummy
246143 | Zig:18   | Noticed a royal mummy
246143 | Zig:18   | Noticed a royal mummy
246143 | Zig:18   | Noticed a royal mummy
246143 | Zig:18   | Noticed a royal mummy
246143 | Zig:18   | Noticed a royal mummy
246143 | Zig:18   | Noticed a royal mummy
246143 | Zig:18   | Noticed a royal mummy
246145 | Zig:18   | Killed a royal mummy
246145 | Zig:18   | Killed a royal mummy
246145 | Zig:18   | Killed a royal mummy
246145 | Zig:18   | Killed a royal mummy
246145 | Zig:18   | Killed a royal mummy
246145 | Zig:18   | Killed a royal mummy
246145 | Zig:18   | Killed a royal mummy
246145 | Zig:18   | Killed a royal mummy
246145 | Zig:18   | Killed a royal mummy
246145 | Zig:18   | Killed a royal mummy
246145 | Zig:18   | Killed a royal mummy
246145 | Zig:18   | Noticed a royal mummy
246145 | Zig:18   | Noticed a royal mummy
246146 | Zig:18   | Killed a royal mummy
246146 | Zig:18   | Killed a royal mummy
246146 | Zig:18   | Killed a royal mummy
246146 | Zig:18   | Killed a royal mummy
246146 | Zig:18   | Killed a royal mummy
246146 | Zig:18   | Killed a royal mummy
246146 | Zig:18   | Killed a royal mummy
246146 | Zig:18   | Noticed a royal mummy
246147 | Zig:18   | Noticed a royal mummy
246147 | Zig:18   | Noticed a royal mummy
246149 | Zig:18   | Noticed a royal mummy
246149 | Zig:18   | Noticed a royal mummy
246149 | Zig:18   | Noticed a royal mummy
246150 | Zig:18   | Noticed a royal mummy
246150 | Zig:18   | Noticed a royal mummy
246150 | Zig:18   | Noticed a royal mummy
246152 | Zig:18   | Noticed a royal mummy
246152 | Zig:18   | Killed a royal mummy
246153 | Zig:18   | Noticed a royal mummy
246153 | Zig:18   | Noticed a royal mummy
246154 | Zig:18   | Noticed a royal mummy
246154 | Zig:18   | Noticed a royal mummy
246155 | Zig:18   | Killed a royal mummy
246155 | Zig:18   | Killed a royal mummy
246155 | Zig:18   | Killed a royal mummy
246155 | Zig:18   | Killed a royal mummy
246155 | Zig:18   | Killed a royal mummy
246155 | Zig:18   | Killed a royal mummy
246155 | Zig:18   | Noticed a royal mummy
246156 | Zig:18   | Noticed a royal mummy
246156 | Zig:18   | Noticed a royal mummy
246156 | Zig:18   | Noticed a royal mummy
246158 | Zig:18   | Noticed a royal mummy
246158 | Zig:18   | Noticed a royal mummy
246158 | Zig:18   | Noticed a royal mummy
246159 | Zig:18   | Noticed a royal mummy
246159 | Zig:18   | Killed a royal mummy
246160 | Zig:18   | Killed a royal mummy
246160 | Zig:18   | Killed a royal mummy
246160 | Zig:18   | Killed a royal mummy
246160 | Zig:18   | Killed a royal mummy
246160 | Zig:18   | Noticed a royal mummy
246161 | Zig:18   | Killed a royal mummy
246161 | Zig:18   | Killed a royal mummy
246161 | Zig:18   | Killed a royal mummy
246161 | Zig:18   | Killed a royal mummy
246161 | Zig:18   | Killed a royal mummy
246162 | Zig:18   | Killed a royal mummy
246162 | Zig:18   | Killed a royal mummy
246162 | Zig:18   | Killed a royal mummy
246162 | Zig:18   | Killed a royal mummy
246163 | Zig:18   | Noticed a royal mummy
246163 | Zig:18   | Noticed a royal mummy
246165 | Zig:18   | Killed a royal mummy
246168 | Zig:18   | Killed a royal mummy
246179 | Zig:18   | Killed a royal mummy
246186 | Zig:18   | Killed a royal mummy
246576 | Zig:18   | Identified the +9 hunting sling of the Shoals {speed, rF+
                  | rN+ Will+}
246577 | Zig:18   | Identified the ring of Qaxkoid {rCorr Str+5 Stlth+}
246618 | Zig:19   | Entered Level 19 of a ziggurat
246668 | Zig:19   | Identified the +5 hunting sling of Anon1729's Destruction
                  | {flame, *Corrode Dex+7}
246700 | Zig:19   | Identified the +2 robe "Noirr" {Will+ Str+4 Dex+2}
246708 | Zig:19   | Identified the amulet "Padghe" {Reflect +Inv rF+ Str-2
                  | SH+5}
246716 | Zig:19   | Identified the +1 scale mail of Okawaru's Whim {*Slow +Inv
                  | rF+}
246720 | Zig:19   | Identified the amulet of Equivalence {Reflect rN+ Str+3
                  | Int+4 SH+5}
246749 | Zig:19   | Identified the +0 morningstar of the Glowing Visionary
                  | {flame, rElec Will+++ Str-3 Dex+3}
246759 | Zig:19   | Identified the +7 rapier of Ytonac {speed, rN++ Will- MP+9}
246765 | Zig:19   | Identified the +0 robe "Pysuyttu" {rPois rF+ Str+3 Int-3}
247144 | Zig:19   | Identified the ring "Jaqeag" {rF+ Str+3}
247148 | Zig:19   | Identified the +8 flail of the Spheres {vorpal, rElec Str+3
                  | Dex+2}
247152 | Zig:20   | Entered Level 20 of a ziggurat
247152 | Zig:20   | Noticed Aturri the pandemonium lord
247152 | Zig:20   | Noticed Hafemaxu the pandemonium lord
247152 | Zig:20   | Noticed Viddi the pandemonium lord
247152 | Zig:20   | Noticed Bocim the pandemonium lord
247152 | Zig:20   | Noticed Bostag the pandemonium lord
247152 | Zig:20   | Noticed Geyqianyre the pandemonium lord
247152 | Zig:20   | Noticed Jajorec the pandemonium lord
247152 | Zig:20   | Noticed Quimeasev the pandemonium lord
247152 | Zig:20   | Noticed Fatid the pandemonium lord
247152 | Zig:20   | Noticed Cogiyves the pandemonium lord
247152 | Zig:20   | Noticed Mapaluc the pandemonium lord
247152 | Zig:20   | Noticed Kiedwap the pandemonium lord
247152 | Zig:20   | Noticed Koicuo the pandemonium lord
247152 | Zig:20   | Noticed Zannania the pandemonium lord
247152 | Zig:20   | Noticed Jadwe the pandemonium lord
247152 | Zig:20   | Noticed Puhet the pandemonium lord
247154 | Zig:20   | Noticed Borgh the pandemonium lord
247154 | Zig:20   | Noticed Lougausa the pandemonium lord
247154 | Zig:20   | Noticed Wagushrue the pandemonium lord
247156 | Zig:20   | Noticed Vunereu the pandemonium lord
247157 | Zig:20   | Noticed Jofuqiq the pandemonium lord
247157 | Zig:20   | Killed Koicuo the pandemonium lord
247157 | Zig:20   | Killed Puhet the pandemonium lord
247157 | Zig:20   | Killed Cogiyves the pandemonium lord
247157 | Zig:20   | Killed Viddi the pandemonium lord
247157 | Zig:20   | Noticed Faosso the pandemonium lord
247157 | Zig:20   | Noticed Qorch the pandemonium lord
247158 | Zig:20   | Killed Jajorec the pandemonium lord
247158 | Zig:20   | Killed Fatid the pandemonium lord
247158 | Zig:20   | Killed Aturri the pandemonium lord
247158 | Zig:20   | Killed Zannania the pandemonium lord
247158 | Zig:20   | Killed Kiedwap the pandemonium lord
247158 | Zig:20   | Noticed Ziucw the pandemonium lord
247158 | Zig:20   | Noticed Canadgho the pandemonium lord
247159 | Zig:20   | Killed Mapaluc the pandemonium lord
247159 | Zig:20   | Noticed Busmaosh the pandemonium lord
247159 | Zig:20   | Noticed Pootz the pandemonium lord
247159 | Zig:20   | Noticed Jotuiso the pandemonium lord
247159 | Zig:20   | Noticed Uliguc the pandemonium lord
247160 | Zig:20   | Killed Bocim the pandemonium lord
247160 | Zig:20   | Killed Geyqianyre the pandemonium lord
247160 | Zig:20   | Killed Vunereu the pandemonium lord
247160 | Zig:20   | Noticed Peal the pandemonium lord
247161 | Zig:20   | Killed Jofuqiq the pandemonium lord
247161 | Zig:20   | Killed Jotuiso the pandemonium lord
247161 | Zig:20   | Killed Faosso the pandemonium lord
247161 | Zig:20   | Killed Lougausa the pandemonium lord
247161 | Zig:20   | Killed Hafemaxu the pandemonium lord
247162 | Zig:20   | Killed Uliguc the pandemonium lord
247162 | Zig:20   | Killed Pootz the pandemonium lord
247162 | Zig:20   | Noticed Unotuur the pandemonium lord
247162 | Zig:20   | Noticed Heasikel the pandemonium lord
247163 | Zig:20   | Killed Jadwe the pandemonium lord
247163 | Zig:20   | Noticed Jotip the pandemonium lord
247163 | Zig:20   | Noticed Ogesip the pandemonium lord
247164 | Zig:20   | Killed Ziucw the pandemonium lord
247164 | Zig:20   | Noticed Dulyrph the pandemonium lord
247165 | Zig:20   | Killed Busmaosh the pandemonium lord
247165 | Zig:20   | Noticed Xagapn the pandemonium lord
247165 | Zig:20   | Noticed Dorchem the pandemonium lord
247166 | Zig:20   | Killed Borgh the pandemonium lord
247166 | Zig:20   | Killed Qorch the pandemonium lord
247166 | Zig:20   | Killed Unotuur the pandemonium lord
247167 | Zig:20   | Killed Quimeasev the pandemonium lord
247167 | Zig:20   | Noticed Afipip the pandemonium lord
247168 | Zig:20   | Noticed Leudove the pandemonium lord
247168 | Zig:20   | Noticed Wiung the pandemonium lord
247169 | Zig:20   | Noticed Quigim Fops the pandemonium lord
247171 | Zig:20   | Noticed Ochis the pandemonium lord
247171 | Zig:20   | Noticed Cih Nuss the pandemonium lord
247172 | Zig:20   | Killed Wagushrue the pandemonium lord
247172 | Zig:20   | Killed Peal the pandemonium lord
247172 | Zig:20   | Killed Xagapn the pandemonium lord
247172 | Zig:20   | Killed Afipip the pandemonium lord
247172 | Zig:20   | Killed Dorchem the pandemonium lord
247175 | Zig:20   | Killed Dulyrph the pandemonium lord
247175 | Zig:20   | Killed Cih Nuss the pandemonium lord
247175 | Zig:20   | Killed Wiung the pandemonium lord
247175 | Zig:20   | Killed Quigim Fops the pandemonium lord
247175 | Zig:20   | Noticed Askavux the pandemonium lord
247176 | Zig:20   | Killed Heasikel the pandemonium lord
247176 | Zig:20   | Noticed Ocoxaps the pandemonium lord
247176 | Zig:20   | Noticed Yffoq the pandemonium lord
247176 | Zig:20   | Noticed Wuovex the pandemonium lord
247178 | Zig:20   | Killed Ogesip the pandemonium lord
247179 | Zig:20   | Noticed Jilut the pandemonium lord
247180 | Zig:20   | Noticed Witauxoo the pandemonium lord
247180 | Zig:20   | Noticed Onoplek the pandemonium lord
247180 | Zig:20   | Noticed Wocseg the pandemonium lord
247180 | Zig:20   | Noticed Hitor the pandemonium lord
247180 | Zig:20   | Noticed Nylie the pandemonium lord
247181 | Zig:20   | Noticed Barutup the pandemonium lord
247181 | Zig:20   | Noticed Asonyacs the pandemonium lord
247181 | Zig:20   | Killed Canadgho the pandemonium lord
247181 | Zig:20   | Noticed Soilab the pandemonium lord
247182 | Zig:20   | Noticed Hixtuch the pandemonium lord
247182 | Zig:20   | Noticed Seibegis the pandemonium lord
247182 | Zig:20   | Noticed Xappeh the pandemonium lord
247182 | Zig:20   | Noticed Tonistrin the pandemonium lord
247182 | Zig:20   | Killed Ochis the pandemonium lord
247182 | Zig:20   | Noticed Kiun the pandemonium lord
247183 | Zig:20   | Noticed Bollei the pandemonium lord
247185 | Zig:20   | Killed Leudove the pandemonium lord
247186 | Zig:20   | Killed Wuovex the pandemonium lord
247189 | Zig:20   | Killed Onoplek the pandemonium lord
247189 | Zig:20   | Killed Ocoxaps the pandemonium lord
247189 | Zig:20   | Killed Kiun the pandemonium lord
247190 | Zig:20   | Killed Jotip the pandemonium lord
247192 | Zig:20   | Killed Barutup the pandemonium lord
247192 | Zig:20   | Killed Soilab the pandemonium lord
247192 | Zig:20   | Noticed Coxun the pandemonium lord
247192 | Zig:20   | Noticed Xebbimez the pandemonium lord
247195 | Zig:20   | Noticed Ginwilex the pandemonium lord
247195 | Zig:20   | Killed Xebbimez the pandemonium lord
247196 | Zig:20   | Noticed Podyd the pandemonium lord
247197 | Zig:20   | Noticed Jaaridiz the pandemonium lord
247198 | Zig:20   | Killed Ginwilex the pandemonium lord
247198 | Zig:20   | Killed Coxun the pandemonium lord
247198 | Zig:20   | Killed Bollei the pandemonium lord
247200 | Zig:20   | Noticed Lidd the pandemonium lord
247201 | Zig:20   | Killed Nylie the pandemonium lord
247202 | Zig:20   | Killed Xappeh the pandemonium lord
247204 | Zig:20   | Noticed Kehaej the pandemonium lord
247209 | Zig:20   | Killed Yffoq the pandemonium lord
247209 | Zig:20   | Noticed Asoablene the pandemonium lord
247209 | Zig:20   | Noticed Facrosum the pandemonium lord
247210 | Zig:20   | Noticed Quev the pandemonium lord
247211 | Zig:20   | Killed Bostag the pandemonium lord
247214 | Zig:20   | Noticed Curey the pandemonium lord
247215 | Zig:20   | Noticed Caocrac the pandemonium lord
247217 | Zig:20   | Noticed Dioly the pandemonium lord
247218 | Zig:20   | Noticed Okyan the pandemonium lord
247218 | Zig:20   | Noticed Onoegg the pandemonium lord
247218 | Zig:20   | Noticed Aguejane the pandemonium lord
247218 | Zig:20   | Noticed Qorchu the pandemonium lord
247219 | Zig:20   | Killed Asoablene the pandemonium lord
247219 | Zig:20   | Killed Aguejane the pandemonium lord
247219 | Zig:20   | Killed Hitor the pandemonium lord
247219 | Zig:20   | Killed Okyan the pandemonium lord
247219 | Zig:20   | Killed Kehaej the pandemonium lord
247219 | Zig:20   | Killed Curey the pandemonium lord
247219 | Zig:20   | Killed Witauxoo the pandemonium lord
247219 | Zig:20   | Noticed Weipy the pandemonium lord
247220 | Zig:20   | Noticed Luedoawo the pandemonium lord
247220 | Zig:20   | Noticed Bept the pandemonium lord
247220 | Zig:20   | Killed Podyd the pandemonium lord
247220 | Zig:20   | Noticed Goenwunt the pandemonium lord
247220 | Zig:20   | Noticed Selujud the pandemonium lord
247221 | Zig:20   | Noticed Buighuum the pandemonium lord
247221 | Zig:20   | Killed Askavux the pandemonium lord
247223 | Zig:20   | Killed Jaaridiz the pandemonium lord
247223 | Zig:20   | Killed Caocrac the pandemonium lord
247224 | Zig:20   | Killed Lidd the pandemonium lord
247224 | Zig:20   | Killed Tonistrin the pandemonium lord
247224 | Zig:20   | Killed Asonyacs the pandemonium lord
247224 | Zig:20   | Killed Fuihaaki the pandemonium lord
247224 | Zig:20   | Killed Facrosum the pandemonium lord
247225 | Zig:20   | Killed Qorchu the pandemonium lord
247225 | Zig:20   | Killed Buighuum the pandemonium lord
247225 | Zig:20   | Noticed Xozew the pandemonium lord
247225 | Zig:20   | Noticed Votue the pandemonium lord
247226 | Zig:20   | Killed Weipy the pandemonium lord
247226 | Zig:20   | Killed Votue the pandemonium lord
247226 | Zig:20   | Killed Xozew the pandemonium lord
247226 | Zig:20   | Noticed Bogap the pandemonium lord
247227 | Zig:20   | Noticed Oblij the pandemonium lord
247227 | Zig:20   | Noticed Komp the pandemonium lord
247228 | Zig:20   | Killed Bogap the pandemonium lord
247228 | Zig:20   | Killed Komp the pandemonium lord
247228 | Zig:20   | Killed Selujud the pandemonium lord
247228 | Zig:20   | Noticed Suiss the pandemonium lord
247228 | Zig:20   | Noticed Namo the pandemonium lord
247228 | Zig:20   | Noticed Yhenit the pandemonium lord
247232 | Zig:20   | Noticed Biseturef the pandemonium lord
247233 | Zig:20   | Killed Hixtuch the pandemonium lord
247234 | Zig:20   | Killed Seibegis the pandemonium lord
247234 | Zig:20   | Noticed Unuosel the pandemonium lord
247235 | Zig:20   | Noticed Jeasuacze the pandemonium lord
247235 | Zig:20   | Noticed Atavvyatul the pandemonium lord
247235 | Zig:20   | Noticed Onatwaz the pandemonium lord
247235 | Zig:20   | Noticed Soleleen the pandemonium lord
247236 | Zig:20   | Killed Unuosel the pandemonium lord
247236 | Zig:20   | Killed Onatwaz the pandemonium lord
247236 | Zig:20   | Killed Namo the pandemonium lord
247237 | Zig:20   | Killed Biseturef the pandemonium lord
247237 | Zig:20   | Killed Bept the pandemonium lord
247237 | Zig:20   | Killed Suiss the pandemonium lord
247237 | Zig:20   | Killed Wutu Podgha the pandemonium lord
247238 | Zig:20   | Killed Wocseg the pandemonium lord
247241 | Zig:20   | Noticed Ythrejijy the pandemonium lord
247242 | Zig:20   | Noticed Zeam the pandemonium lord
247242 | Zig:20   | Noticed Huumpyg the pandemonium lord
247243 | Zig:20   | Killed Goenwunt the pandemonium lord
247243 | Zig:20   | Killed Onoegg the pandemonium lord
247244 | Zig:20   | Killed Atavvyatul the pandemonium lord
247244 | Zig:20   | Killed Jeasuacze the pandemonium lord
247244 | Zig:20   | Killed Luedoawo the pandemonium lord
247245 | Zig:20   | Killed Yhenit the pandemonium lord
247245 | Zig:20   | Killed Zeam the pandemonium lord
247245 | Zig:20   | Killed Oblij the pandemonium lord
247245 | Zig:20   | Killed Dioly the pandemonium lord
247245 | Zig:20   | Killed Quev the pandemonium lord
247246 | Zig:20   | Killed Ythrejijy the pandemonium lord
247246 | Zig:20   | Killed Jilut the pandemonium lord
247247 | Zig:20   | Killed Huumpyg the pandemonium lord
247264 | Zig:20   | Killed Soleleen the pandemonium lord
247509 | Zig:20   | Identified Itiaty's Volume of Summoning and Enchantment
247527 | Zig:20   | Identified the +8 spear of Sanuewann {vorpal, +Blink rN+
                  | Str+5}
247529 | Zig:20   | Identified the +1 pair of gloves of Pantheism {rPois Int+6
                  | Dex+4}
247530 | Zig:20   | Identified the +0 scale mail of Rerout {rC++ rN+++ Str-3
                  | Int-3}
247583 | Zig:20   | Identified the ring "Haurojo" {rPois rN+ Will+ Dex-5
                  | Stlth+}
247586 | Zig:20   | Identified the +2 long sword of Irhiop {flame, rPois}
247587 | Zig:20   | Identified the +2 leather armour "Idupas" {-Tele Harm rPois
                  | Int+6}
247600 | Zig:21   | Entered Level 21 of a ziggurat
247600 | Zig:21   | Noticed a juggernaut
247600 | Zig:21   | Noticed a juggernaut
247601 | Zig:21   | Killed a juggernaut
247601 | Zig:21   | Killed a juggernaut
247601 | Zig:21   | Noticed a juggernaut
247602 | Zig:21   | Noticed a juggernaut
247603 | Zig:21   | Noticed a juggernaut
247603 | Zig:21   | Noticed a juggernaut
247603 | Zig:21   | Noticed a juggernaut
247603 | Zig:21   | Noticed a juggernaut
247603 | Zig:21   | Noticed a juggernaut
247603 | Zig:21   | Noticed a juggernaut
247603 | Zig:21   | Noticed a juggernaut
247603 | Zig:21   | Noticed a juggernaut
247603 | Zig:21   | Noticed a juggernaut
247604 | Zig:21   | Killed a juggernaut
247604 | Zig:21   | Killed a juggernaut
247604 | Zig:21   | Killed a juggernaut
247604 | Zig:21   | Killed a juggernaut
247604 | Zig:21   | Killed a juggernaut
247604 | Zig:21   | Killed a juggernaut
247604 | Zig:21   | Killed a juggernaut
247604 | Zig:21   | Killed a juggernaut
247606 | Zig:21   | Noticed a juggernaut
247607 | Zig:21   | Noticed a juggernaut
247607 | Zig:21   | Noticed a juggernaut
247608 | Zig:21   | Noticed a juggernaut
247609 | Zig:21   | Noticed a juggernaut
247609 | Zig:21   | Noticed a juggernaut
247609 | Zig:21   | Noticed a juggernaut
247610 | Zig:21   | Noticed a juggernaut
247610 | Zig:21   | Noticed a juggernaut
247610 | Zig:21   | Killed a juggernaut
247612 | Zig:21   | Noticed a juggernaut
247613 | Zig:21   | Noticed a juggernaut
247613 | Zig:21   | Killed a juggernaut
247613 | Zig:21   | Killed a juggernaut
247613 | Zig:21   | Killed a juggernaut
247613 | Zig:21   | Killed a juggernaut
247613 | Zig:21   | Killed a juggernaut
247613 | Zig:21   | Killed a juggernaut
247613 | Zig:21   | Killed a juggernaut
247613 | Zig:21   | Killed a juggernaut
247613 | Zig:21   | Killed a juggernaut
247613 | Zig:21   | Killed a juggernaut
247613 | Zig:21   | Killed a juggernaut
247615 | Zig:21   | Noticed a juggernaut
247618 | Zig:21   | Killed a juggernaut
247618 | Zig:21   | Killed a juggernaut
247619 | Zig:21   | Killed a juggernaut
247626 | Zig:21   | Identified the +8 short sword of Afemel {vorpal, rF+}
247636 | Zig:21   | Identified the +0 chain mail of the Blacksmith {*Corrode
                  | Str+7 Dex+6}
247654 | Zig:21   | Identified the +6 battleaxe of Hisia {venom, Str+4 SInv}
247900 | Zig:21   | Identified the ring of Yniaz {Wiz rPois}
247902 | Zig:21   | Identified the ring of Virtue {rF++ rC+ rN+ Int-4 Dex+6}
247923 | Zig:21   | Identified the ring "Rackiudgh" {AC+4 Int+3}
247928 | Zig:21   | Identified the +4 shortbow of Due Proportion {venom, rC+}
248261 | Zig:21   | Identified the ring "Hesuv" {rCorr Slay+5 Stlth+}
248273 | Zig:22   | Entered Level 22 of a ziggurat
248273 | Zig:22   | Noticed a juggernaut
248273 | Zig:22   | Noticed a juggernaut
248273 | Zig:22   | Noticed a juggernaut
248273 | Zig:22   | Noticed a juggernaut
248273 | Zig:22   | Noticed a juggernaut
248273 | Zig:22   | Noticed a juggernaut
248273 | Zig:22   | Noticed a juggernaut
248274 | Zig:22   | Killed a juggernaut
248274 | Zig:22   | Killed a juggernaut
248274 | Zig:22   | Killed a juggernaut
248274 | Zig:22   | Killed a juggernaut
248277 | Zig:22   | Noticed a juggernaut
248277 | Zig:22   | Noticed a juggernaut
248277 | Zig:22   | Noticed a juggernaut
248277 | Zig:22   | Noticed a juggernaut
248277 | Zig:22   | Noticed a juggernaut
248277 | Zig:22   | Noticed a juggernaut
248278 | Zig:22   | Noticed a juggernaut
248278 | Zig:22   | Noticed a juggernaut
248278 | Zig:22   | Noticed a juggernaut
248279 | Zig:22   | Noticed a juggernaut
248280 | Zig:22   | Killed a juggernaut
248280 | Zig:22   | Killed a juggernaut
248280 | Zig:22   | Killed a juggernaut
248280 | Zig:22   | Killed a juggernaut
248280 | Zig:22   | Killed a juggernaut
248280 | Zig:22   | Killed a juggernaut
248280 | Zig:22   | Killed a juggernaut
248280 | Zig:22   | Noticed a juggernaut
248280 | Zig:22   | Noticed a juggernaut
248281 | Zig:22   | Killed a juggernaut
248281 | Zig:22   | Killed a juggernaut
248281 | Zig:22   | Killed a juggernaut
248281 | Zig:22   | Killed a juggernaut
248281 | Zig:22   | Killed a juggernaut
248285 | Zig:22   | Noticed a juggernaut
248285 | Zig:22   | Noticed a juggernaut
248285 | Zig:22   | Noticed a juggernaut
248285 | Zig:22   | Noticed a juggernaut
248285 | Zig:22   | Noticed a juggernaut
248285 | Zig:22   | Noticed a juggernaut
248285 | Zig:22   | Noticed a juggernaut
248285 | Zig:22   | Noticed a juggernaut
248285 | Zig:22   | Noticed a juggernaut
248285 | Zig:22   | Noticed a juggernaut
248286 | Zig:22   | Killed a juggernaut
248286 | Zig:22   | Killed a juggernaut
248286 | Zig:22   | Killed a juggernaut
248286 | Zig:22   | Killed a juggernaut
248286 | Zig:22   | Killed a juggernaut
248286 | Zig:22   | Killed a juggernaut
248286 | Zig:22   | Killed a juggernaut
248287 | Zig:22   | Killed a juggernaut
248287 | Zig:22   | Killed a juggernaut
248287 | Zig:22   | Killed a juggernaut
248287 | Zig:22   | Noticed a juggernaut
248287 | Zig:22   | Noticed a juggernaut
248288 | Zig:22   | Noticed a juggernaut
248289 | Zig:22   | Noticed a juggernaut
248289 | Zig:22   | Noticed a juggernaut
248293 | Zig:22   | Noticed a juggernaut
248294 | Zig:22   | Killed a juggernaut
248294 | Zig:22   | Killed a juggernaut
248295 | Zig:22   | Killed a juggernaut
248295 | Zig:22   | Killed a juggernaut
248295 | Zig:22   | Killed a juggernaut
248295 | Zig:22   | Killed a juggernaut
248295 | Zig:22   | Killed a juggernaut
248295 | Zig:22   | Killed a juggernaut
248297 | Zig:22   | Killed a juggernaut
248316 | Zig:22   | Identified the +6 demon blade "Zoddocw" {freeze, rF++ rC+
                  | SInv Stlth+}
248326 | Zig:22   | Identified the +6 fustibalus "Ysimo" {venom, rC- Int+3
                  | SInv}
248328 | Zig:22   | Identified the ring of Galod {rF+ Dex+6}
248334 | Zig:22   | Identified the ring of Litijal {MP+9 Str+3 SInv}
248771 | Zig:22   | Identified the ring "Cyqun" {rElec Int+6 SInv}
248777 | Zig:22   | Identified the ring of Jelelib {rPois rF- MP+9 Int+2 Dex-4
                  | Stlth+}
248815 | Zig:22   | Identified the Guide on Conjuration
248891 | Zig:23   | Entered Level 23 of a ziggurat
248891 | Zig:23   | Noticed Xoer the pandemonium lord
248891 | Zig:23   | Noticed Sungelum the pandemonium lord
248891 | Zig:23   | Noticed Omuhymuc the pandemonium lord
248891 | Zig:23   | Noticed Aler the pandemonium lord
248891 | Zig:23   | Noticed Maselutz the pandemonium lord
248891 | Zig:23   | Noticed Iwasel the pandemonium lord
248891 | Zig:23   | Noticed Irec the pandemonium lord
248891 | Zig:23   | Noticed Reaty the pandemonium lord
248891 | Zig:23   | Noticed Moluon the pandemonium lord
248891 | Zig:23   | Noticed Hetaq the pandemonium lord
248891 | Zig:23   | Noticed Uqyja the pandemonium lord
248891 | Zig:23   | Noticed Woorao the pandemonium lord
248891 | Zig:23   | Noticed Uggassot the pandemonium lord
248891 | Zig:23   | Noticed Jeryvvor the pandemonium lord
248891 | Zig:23   | Noticed Pinukka the pandemonium lord
248891 | Zig:23   | Noticed Teishuw the pandemonium lord
248891 | Zig:23   | Noticed Riwaisiyc the pandemonium lord
248891 | Zig:23   | Noticed Deghick the pandemonium lord
248892 | Zig:23   | Noticed Plog the pandemonium lord
248892 | Zig:23   | Noticed Veem the pandemonium lord
248892 | Zig:23   | Noticed Nabbedu the pandemonium lord
248892 | Zig:23   | Noticed Bovubovu the pandemonium lord
248892 | Zig:23   | Noticed Suiw the pandemonium lord
248892 | Zig:23   | Noticed Geunla the pandemonium lord
248892 | Zig:23   | Noticed Betucan the pandemonium lord
248892 | Zig:23   | Noticed Vuqom the pandemonium lord
248892 | Zig:23   | Noticed Hoipy the pandemonium lord
248892 | Zig:23   | Noticed Sutigim the pandemonium lord
248892 | Zig:23   | Noticed Qoverph the pandemonium lord
248892 | Zig:23   | Noticed Vautwuatue the pandemonium lord
248892 | Zig:23   | Noticed Rouschal the pandemonium lord
248892 | Zig:23   | Noticed Hethruric the pandemonium lord
248892 | Zig:23   | Noticed Inikah the pandemonium lord
248892 | Zig:23   | Noticed Coruh the pandemonium lord
248892 | Zig:23   | Noticed Weciq the pandemonium lord
248892 | Zig:23   | Noticed Locimerph the pandemonium lord
248892 | Zig:23   | Noticed Berphocw the pandemonium lord
248892 | Zig:23   | Noticed Pong the pandemonium lord
248892 | Zig:23   | Noticed Ges Nusi the pandemonium lord
248892 | Zig:23   | Noticed Jyrghafink the pandemonium lord
248893 | Zig:23   | Noticed Emopixag the pandemonium lord
248894 | Zig:23   | Noticed Paeply the pandemonium lord
248894 | Zig:23   | Noticed Vabuisui the pandemonium lord
248894 | Zig:23   | Noticed Mociatei the pandemonium lord
248894 | Zig:23   | Killed Veem the pandemonium lord
248894 | Zig:23   | Killed Betucan the pandemonium lord
248894 | Zig:23   | Killed Coruh the pandemonium lord
248894 | Zig:23   | Killed Xoer the pandemonium lord
248894 | Zig:23   | Killed Omuhymuc the pandemonium lord
248894 | Zig:23   | Killed Iwasel the pandemonium lord
248894 | Zig:23   | Killed Teishuw the pandemonium lord
248894 | Zig:23   | Killed Locimerph the pandemonium lord
248894 | Zig:23   | Killed Moluon the pandemonium lord
248894 | Zig:23   | Killed Paeply the pandemonium lord
248894 | Zig:23   | Noticed Muraf the pandemonium lord
248894 | Zig:23   | Noticed Nantuhit the pandemonium lord
248894 | Zig:23   | Noticed Ruelouso the pandemonium lord
248894 | Zig:23   | Noticed Jiriynae the pandemonium lord
248894 | Zig:23   | Noticed Taac Gea the pandemonium lord
248894 | Zig:23   | Killed Maselutz the pandemonium lord
248894 | Zig:23   | Noticed Huareuvo the pandemonium lord
248895 | Zig:23   | Killed Uggassot the pandemonium lord
248895 | Zig:23   | Killed Weciq the pandemonium lord
248895 | Zig:23   | Killed Ges Nusi the pandemonium lord
248895 | Zig:23   | Killed Plog the pandemonium lord
248895 | Zig:23   | Noticed Nunajil the pandemonium lord
248895 | Zig:23   | Noticed Zoufer the pandemonium lord
248895 | Zig:23   | Noticed Waneps the pandemonium lord
248895 | Zig:23   | Noticed Gaaw Hiu the pandemonium lord
248896 | Zig:23   | Killed Aler the pandemonium lord
248896 | Zig:23   | Noticed Ciul the pandemonium lord
248896 | Zig:23   | Noticed Vuggotiu the pandemonium lord
248896 | Zig:23   | Noticed Fesual the pandemonium lord
248897 | Zig:23   | Noticed Oclaukoi the pandemonium lord
248897 | Zig:23   | Killed Berphocw the pandemonium lord
248897 | Zig:23   | Killed Hetaq the pandemonium lord
248897 | Zig:23   | Killed Woorao the pandemonium lord
248897 | Zig:23   | Killed Qoverph the pandemonium lord
248897 | Zig:23   | Killed Rouschal the pandemonium lord
248897 | Zig:23   | Killed Jyrghafink the pandemonium lord
248897 | Zig:23   | Killed Geunla the pandemonium lord
248897 | Zig:23   | Killed Pinukka the pandemonium lord
248897 | Zig:23   | Noticed Ziys the pandemonium lord
248897 | Zig:23   | Noticed Ydwa the pandemonium lord
248897 | Zig:23   | Noticed Fijafim the pandemonium lord
248897 | Zig:23   | Noticed Acruv the pandemonium lord
248897 | Zig:23   | Noticed Punaagats the pandemonium lord
248898 | Zig:23   | Killed Xamasaz the pandemonium lord
248898 | Zig:23   | Killed Jiriynae the pandemonium lord
248898 | Zig:23   | Killed Huareuvo the pandemonium lord
248898 | Zig:23   | Killed Gaaw Hiu the pandemonium lord
248898 | Zig:23   | Killed Inikah the pandemonium lord
248898 | Zig:23   | Killed Zoufer the pandemonium lord
248898 | Zig:23   | Killed Reaty the pandemonium lord
248898 | Zig:23   | Killed Jeryvvor the pandemonium lord
248898 | Zig:23   | Killed Irec the pandemonium lord
248898 | Zig:23   | Killed Deghick the pandemonium lord
248899 | Zig:23   | Killed Riwaisiyc the pandemonium lord
248899 | Zig:23   | Killed Uqyja the pandemonium lord
248899 | Zig:23   | Noticed Ylutur the pandemonium lord
248900 | Zig:23   | Killed Vautwuatue the pandemonium lord
248900 | Zig:23   | Killed Sungelum the pandemonium lord
248900 | Zig:23   | Killed Nantuhit the pandemonium lord
248900 | Zig:23   | Killed Muraf the pandemonium lord
248900 | Zig:23   | Killed Hethruric the pandemonium lord
248900 | Zig:23   | Killed Nabbedu the pandemonium lord
248901 | Zig:23   | Noticed Qajuj the pandemonium lord
248901 | Zig:23   | Noticed Zoodghade the pandemonium lord
248901 | Zig:23   | Killed Nunajil the pandemonium lord
248901 | Zig:23   | Killed Oclaukoi the pandemonium lord
248901 | Zig:23   | Killed Punaagats the pandemonium lord
248901 | Zig:23   | Killed Qajuj the pandemonium lord
248901 | Zig:23   | Killed Bovubovu the pandemonium lord
248901 | Zig:23   | Killed Ydwa the pandemonium lord
248901 | Zig:23   | Noticed Viox the pandemonium lord
248901 | Zig:23   | Noticed Rysinug the pandemonium lord
248901 | Zig:23   | Noticed Ajaph the pandemonium lord
248901 | Zig:23   | Noticed Wyxkazxa the pandemonium lord
248901 | Zig:23   | Noticed Udeusm the pandemonium lord
248902 | Zig:23   | Killed Ruelouso the pandemonium lord
248902 | Zig:23   | Killed Sutigim the pandemonium lord
248902 | Zig:23   | Noticed Copsi the pandemonium lord
248903 | Zig:23   | Killed Emopixag the pandemonium lord
248903 | Zig:23   | Killed Rysinug the pandemonium lord
248903 | Zig:23   | Killed Vuggotiu the pandemonium lord
248903 | Zig:23   | Killed Waneps the pandemonium lord
248903 | Zig:23   | Noticed Dodueroo the pandemonium lord
248904 | Zig:23   | Killed Pong the pandemonium lord
248904 | Zig:23   | Killed Ciul the pandemonium lord
248904 | Zig:23   | Noticed Veustu the pandemonium lord
248905 | Zig:23   | Noticed Turadwen the pandemonium lord
248905 | Zig:23   | Killed Zoodghade the pandemonium lord
248905 | Zig:23   | Killed Suiw the pandemonium lord
248905 | Zig:23   | Noticed Isolaaphas the pandemonium lord
248906 | Zig:23   | Noticed Uluaremn the pandemonium lord
248906 | Zig:23   | Killed Acruv the pandemonium lord
248906 | Zig:23   | Killed Vabuisui the pandemonium lord
248906 | Zig:23   | Killed Ziys the pandemonium lord
248906 | Zig:23   | Killed Isolaaphas the pandemonium lord
248906 | Zig:23   | Killed Ajaph the pandemonium lord
248906 | Zig:23   | Noticed Sestim the pandemonium lord
248906 | Zig:23   | Noticed Fukkeg the pandemonium lord
248906 | Zig:23   | Noticed Fuqiog the pandemonium lord
248907 | Zig:23   | Noticed a juggernaut
248908 | Zig:23   | Noticed Pasikk the pandemonium lord
248908 | Zig:23   | Killed Veustu the pandemonium lord
248908 | Zig:23   | Killed Dodueroo the pandemonium lord
248908 | Zig:23   | Killed Uluaremn the pandemonium lord
248908 | Zig:23   | Killed Copsi the pandemonium lord
248908 | Zig:23   | Killed Turadwen the pandemonium lord
248908 | Zig:23   | Noticed Oraaluat the pandemonium lord
248909 | Zig:23   | Killed Oraaluat the pandemonium lord
248909 | Zig:23   | Noticed Xova the pandemonium lord
248909 | Zig:23   | Noticed Veaxtato the pandemonium lord
248910 | Zig:23   | Noticed Mairoun the pandemonium lord
248910 | Zig:23   | Killed Vuqom the pandemonium lord
248910 | Zig:23   | Killed Hoipy the pandemonium lord
248910 | Zig:23   | Killed Pasikk the pandemonium lord
248910 | Zig:23   | Killed Fijafim the pandemonium lord
248910 | Zig:23   | Noticed Maereitiopt the pandemonium lord
248911 | Zig:23   | Noticed Qonoucs the pandemonium lord
248911 | Zig:23   | Noticed Niffeita the pandemonium lord
248911 | Zig:23   | Killed Wyxkazxa the pandemonium lord
248911 | Zig:23   | a juggernaut changed into an alligator snapping turtle
248911 | Zig:23   | Noticed Otoeb the pandemonium lord
248912 | Zig:23   | Killed Ylutur the pandemonium lord
248912 | Zig:23   | Killed Fesual the pandemonium lord
248912 | Zig:23   | Noticed Pyeti the pandemonium lord
248912 | Zig:23   | Noticed Ifigoss the pandemonium lord
248914 | Zig:23   | Noticed Asesewk the pandemonium lord
248914 | Zig:23   | Noticed Nanyggil the pandemonium lord
248914 | Zig:23   | Noticed Cemarit the pandemonium lord
248914 | Zig:23   | Noticed Watzi the pandemonium lord
248915 | Zig:23   | Noticed Ysidy the pandemonium lord
248915 | Zig:23   | Noticed Zeypango the pandemonium lord
248915 | Zig:23   | Noticed Fogh the pandemonium lord
248915 | Zig:23   | Noticed Qinneten the pandemonium lord
248915 | Zig:23   | Noticed Agidan the pandemonium lord
248915 | Zig:23   | Noticed Haabin the pandemonium lord
248915 | Zig:23   | Noticed Kenn the pandemonium lord
248916 | Zig:23   | Noticed Yfeteocs the pandemonium lord
248916 | Zig:23   | Noticed Xolif the pandemonium lord
248916 | Zig:23   | Noticed Qohekkod the pandemonium lord
248916 | Zig:23   | Noticed Cahamm the pandemonium lord
248916 | Zig:23   | Killed Mociatei the pandemonium lord
248917 | Zig:23   | Noticed Lodwun the pandemonium lord
248917 | Zig:23   | Noticed Eshreu the pandemonium lord
248917 | Zig:23   | Killed Pyeti the pandemonium lord
248917 | Zig:23   | Killed Xolif the pandemonium lord
248917 | Zig:23   | Killed Niffeita the pandemonium lord
248917 | Zig:23   | Killed Qohekkod the pandemonium lord
248917 | Zig:23   | Killed Otoeb the pandemonium lord
248917 | Zig:23   | Killed Yfeteocs the pandemonium lord
248917 | Zig:23   | Killed Mairoun the pandemonium lord
248917 | Zig:23   | Killed Fuqiog the pandemonium lord
248917 | Zig:23   | Killed Viox the pandemonium lord
248917 | Zig:23   | Noticed Ruteriat the pandemonium lord
248918 | Zig:23   | Killed Nanyggil the pandemonium lord
248918 | Zig:23   | Killed Ifigoss the pandemonium lord
248918 | Zig:23   | Killed Haabin the pandemonium lord
248918 | Zig:23   | Killed Kenn the pandemonium lord
248918 | Zig:23   | Killed Xova the pandemonium lord
248918 | Zig:23   | Noticed Yhujuola the pandemonium lord
248918 | Zig:23   | Noticed Lutuin the pandemonium lord
248919 | Zig:23   | Killed Veaxtato the pandemonium lord
248919 | Zig:23   | Killed Cemarit the pandemonium lord
248919 | Zig:23   | Killed Fukkeg the pandemonium lord
248919 | Zig:23   | Killed Cahamm the pandemonium lord
248919 | Zig:23   | Killed Maereitiopt the pandemonium lord
248919 | Zig:23   | Killed Qonoucs the pandemonium lord
248919 | Zig:23   | Noticed Wovvakh the pandemonium lord
248920 | Zig:23   | Killed Sestim the pandemonium lord
248920 | Zig:23   | Killed Fogh the pandemonium lord
248920 | Zig:23   | Killed Agidan the pandemonium lord
248920 | Zig:23   | Killed Zeypango the pandemonium lord
248920 | Zig:23   | Killed Watzi the pandemonium lord
248920 | Zig:23   | Killed Lodwun the pandemonium lord
248920 | Zig:23   | Noticed Vomybrif the pandemonium lord
248920 | Zig:23   | Noticed Eneasor the pandemonium lord
248921 | Zig:23   | Killed Asesewk the pandemonium lord
248921 | Zig:23   | Killed Eshreu the pandemonium lord
248921 | Zig:23   | Noticed Hatir the pandemonium lord
248922 | Zig:23   | Killed Qinneten the pandemonium lord
248922 | Zig:23   | Killed Eneasor the pandemonium lord
248922 | Zig:23   | Noticed Jejycloq the pandemonium lord
248922 | Zig:23   | Noticed Baejacaamp the pandemonium lord
248922 | Zig:23   | Noticed Igiofisu the pandemonium lord
248923 | Zig:23   | Killed Hatir the pandemonium lord
248923 | Zig:23   | Killed Yhujuola the pandemonium lord
248923 | Zig:23   | Killed Taac Gea the pandemonium lord
248923 | Zig:23   | Noticed Cyggo the pandemonium lord
248923 | Zig:23   | Noticed Asako the pandemonium lord
248923 | Zig:23   | Noticed Rilihuf the pandemonium lord
248923 | Zig:23   | Noticed Roysurat the pandemonium lord
248926 | Zig:23   | Killed Igiofisu the pandemonium lord
248927 | Zig:23   | Killed Udeusm the pandemonium lord
248927 | Zig:23   | Killed Ruteriat the pandemonium lord
248927 | Zig:23   | Killed Jejycloq the pandemonium lord
248928 | Zig:23   | Noticed Tuettegg the pandemonium lord
248928 | Zig:23   | Noticed Imaadoh the pandemonium lord
248929 | Zig:23   | Noticed Pusi Touts the pandemonium lord
248929 | Zig:23   | Noticed Zoerruh the pandemonium lord
248929 | Zig:23   | Noticed Ipuziuqe the pandemonium lord
248929 | Zig:23   | Noticed Seott the pandemonium lord
248929 | Zig:23   | Noticed Kazer the pandemonium lord
248929 | Zig:23   | Noticed Ydghepla the pandemonium lord
248930 | Zig:23   | Noticed Enea the pandemonium lord
248930 | Zig:23   | Noticed Rorphiafe the pandemonium lord
248930 | Zig:23   | Noticed Elaac the pandemonium lord
248932 | Zig:23   | Killed Kazer the pandemonium lord
248932 | Zig:23   | Killed Cyggo the pandemonium lord
248932 | Zig:23   | Killed Ipuziuqe the pandemonium lord
248932 | Zig:23   | Killed Tuettegg the pandemonium lord
248932 | Zig:23   | Killed Rorphiafe the pandemonium lord
248933 | Zig:23   | Noticed Veli the pandemonium lord
248933 | Zig:23   | Killed Baejacaamp the pandemonium lord
248933 | Zig:23   | Killed Ydghepla the pandemonium lord
248934 | Zig:23   | Killed Imaadoh the pandemonium lord
248934 | Zig:23   | Killed Vomybrif the pandemonium lord
248934 | Zig:23   | Killed Wovvakh the pandemonium lord
248934 | Zig:23   | Killed Elaac the pandemonium lord
248934 | Zig:23   | Killed Ysidy the pandemonium lord
248935 | Zig:23   | Killed Rilihuf the pandemonium lord
248935 | Zig:23   | Killed Asako the pandemonium lord
248936 | Zig:23   | Killed Pusi Touts the pandemonium lord
248939 | Zig:23   | Killed Seott the pandemonium lord
248940 | Zig:23   | Killed Roysurat the pandemonium lord
248940 | Zig:23   | Noticed Sareiro the pandemonium lord
248946 | Zig:23   | Killed Zoerruh the pandemonium lord
248958 | Zig:23   | Killed Veli the pandemonium lord
248959 | Zig:23   | Killed Sareiro the pandemonium lord
248959 | Zig:23   | Killed Lutuin the pandemonium lord
248970 | Zig:23   | Killed Enea the pandemonium lord
248999 | Zig:23   | Identified the +4 rapier "Gumix" {vamp, *Contam rC+ Str+2
                  | Dex+9}
249014 | Zig:23   | Identified the +4 rapier of Awkwardness {freeze, rPois}
249017 | Zig:23   | Identified the +6 mace of Xijumiel {drain, rF+ Will- Str+6
                  | Dex+3}
249027 | Zig:23   | Identified the +0 pair of gloves "Huxusan" {rN+++ Str+4
                  | Slay-6}
249383 | Zig:23   | Identified the +9 dagger "Wooron" {elec, rElec rF+}
249384 | Zig:23   | Identified the +0 helmet "Vyge" {rF+ Will+ MP+9}
249394 | Zig:24   | Entered Level 24 of a ziggurat
249394 | Zig:24   | Noticed a juggernaut
249394 | Zig:24   | Noticed a juggernaut
249394 | Zig:24   | Noticed a juggernaut
249394 | Zig:24   | Noticed a juggernaut
249394 | Zig:24   | Noticed a juggernaut
249394 | Zig:24   | Noticed a juggernaut
249394 | Zig:24   | Noticed a juggernaut
249394 | Zig:24   | Noticed a juggernaut
249394 | Zig:24   | Noticed a juggernaut
249394 | Zig:24   | Noticed a juggernaut
249394 | Zig:24   | Noticed a juggernaut
249394 | Zig:24   | Noticed a juggernaut
249394 | Zig:24   | Noticed a juggernaut
249394 | Zig:24   | Noticed a juggernaut
249394 | Zig:24   | Noticed a juggernaut
249394 | Zig:24   | Noticed a juggernaut
249394 | Zig:24   | Noticed a juggernaut
249395 | Zig:24   | Killed a juggernaut
249395 | Zig:24   | Killed a juggernaut
249395 | Zig:24   | Killed a juggernaut
249395 | Zig:24   | Killed a juggernaut
249395 | Zig:24   | Killed a juggernaut
249395 | Zig:24   | Killed a juggernaut
249395 | Zig:24   | Killed a juggernaut
249395 | Zig:24   | Killed a juggernaut
249395 | Zig:24   | Killed a juggernaut
249395 | Zig:24   | Killed a juggernaut
249396 | Zig:24   | Killed a juggernaut
249396 | Zig:24   | Killed a juggernaut
249396 | Zig:24   | Killed a juggernaut
249396 | Zig:24   | Killed a juggernaut
249396 | Zig:24   | Killed a juggernaut
249396 | Zig:24   | Noticed a juggernaut
249396 | Zig:24   | Noticed a juggernaut
249397 | Zig:24   | Noticed a juggernaut
249398 | Zig:24   | Noticed a juggernaut
249398 | Zig:24   | Noticed a juggernaut
249398 | Zig:24   | Noticed a juggernaut
249398 | Zig:24   | Noticed a juggernaut
249398 | Zig:24   | Noticed a juggernaut
249398 | Zig:24   | Noticed a juggernaut
249398 | Zig:24   | Noticed a juggernaut
249398 | Zig:24   | Noticed a juggernaut
249398 | Zig:24   | Noticed a juggernaut
249398 | Zig:24   | Noticed a juggernaut
249399 | Zig:24   | Killed a juggernaut
249399 | Zig:24   | Killed a juggernaut
249399 | Zig:24   | Killed a juggernaut
249399 | Zig:24   | Killed a juggernaut
249399 | Zig:24   | Killed a juggernaut
249399 | Zig:24   | Killed a juggernaut
249399 | Zig:24   | Killed a juggernaut
249399 | Zig:24   | Noticed a juggernaut
249399 | Zig:24   | Noticed a juggernaut
249400 | Zig:24   | Killed a juggernaut
249400 | Zig:24   | Killed a juggernaut
249400 | Zig:24   | Killed a juggernaut
249400 | Zig:24   | Killed a juggernaut
249400 | Zig:24   | Killed a juggernaut
249400 | Zig:24   | Killed a juggernaut
249400 | Zig:24   | Noticed a juggernaut
249401 | Zig:24   | Noticed a juggernaut
249401 | Zig:24   | Noticed a juggernaut
249401 | Zig:24   | Noticed a juggernaut
249402 | Zig:24   | Noticed a juggernaut
249402 | Zig:24   | Noticed a juggernaut
249402 | Zig:24   | Noticed a juggernaut
249403 | Zig:24   | Noticed a juggernaut
249403 | Zig:24   | Noticed a juggernaut
249404 | Zig:24   | Noticed a juggernaut
249404 | Zig:24   | Noticed a juggernaut
249405 | Zig:24   | Noticed a juggernaut
249405 | Zig:24   | Noticed a juggernaut
249405 | Zig:24   | Noticed a juggernaut
249406 | Zig:24   | Killed a juggernaut
249406 | Zig:24   | Killed a juggernaut
249406 | Zig:24   | Killed a juggernaut
249406 | Zig:24   | Noticed a juggernaut
249407 | Zig:24   | Killed a juggernaut
249407 | Zig:24   | Killed a juggernaut
249407 | Zig:24   | Killed a juggernaut
249407 | Zig:24   | Killed a juggernaut
249407 | Zig:24   | Killed a juggernaut
249407 | Zig:24   | Killed a juggernaut
249407 | Zig:24   | Killed a juggernaut
249407 | Zig:24   | Killed a juggernaut
249407 | Zig:24   | Killed a juggernaut
249407 | Zig:24   | Noticed a juggernaut
249408 | Zig:24   | Killed a juggernaut
249408 | Zig:24   | Killed a juggernaut
249408 | Zig:24   | Killed a juggernaut
249408 | Zig:24   | Killed a juggernaut
249408 | Zig:24   | Killed a juggernaut
249408 | Zig:24   | Killed a juggernaut
249408 | Zig:24   | Killed a juggernaut
249408 | Zig:24   | Noticed a juggernaut
249409 | Zig:24   | Noticed a juggernaut
249410 | Zig:24   | Noticed a juggernaut
249411 | Zig:24   | Noticed a juggernaut
249414 | Zig:24   | Noticed a juggernaut
249416 | Zig:24   | Killed a juggernaut
249416 | Zig:24   | Killed a juggernaut
249416 | Zig:24   | Killed a juggernaut
249416 | Zig:24   | Noticed a juggernaut
249417 | Zig:24   | Killed a juggernaut
249417 | Zig:24   | Killed a juggernaut
249418 | Zig:24   | Killed a juggernaut
249420 | Zig:24   | Killed a juggernaut
249951 | Zig:24   | Identified the +4 pair of gloves "Lahuel" {+Inv MP+9 Str-5
                  | Stlth+}
249961 | Zig:24   | Identified the +12 rapier "Gextac" {antimagic, rC++ Int+5}
250003 | Zig:24   | Identified the +11 scimitar of Lafaimo {drain, rF++ Int+4
                  | Dex-4}
250011 | Zig:24   | Identified the +10 war axe "Heler" {vorpal, Str+4}
250019 | Zig:24   | Identified the ring "Palotoum" {rPois rN+ Dex+6 Slay+4}
250020 | Zig:24   | Identified the +1 glaive of Syuqeter {holy, Dex+4}
250028 | Zig:24   | Identified the +9 arbalest "Roneelep" {penet, Str+6}
250031 | Zig:24   | Identified the ring "Tesch" {rF+ rN+ EV+4 SInv}
250037 | Zig:24   | Identified the ring "Xuerosm" {rPois rF+ rC+ Int+3 Slay+2}
250059 | Zig:25   | Entered Level 25 of a ziggurat
250252 | Zig:25   | Identified the +1 chain mail of Etoheb {rPois Will- Dex+3
                  | Slay+5}
250262 | Zig:25   | Identified the +7 short sword "Octopus's Curse" {vorpal,
                  | *Drain rPois Str+2 Dex+5}
250310 | Zig:25   | Identified the +8 rapier "Umamyan" {venom, rN+ Int+3}
250320 | Zig:25   | Identified the +3 quarterstaff "Joweucre" {flame, rC+
                  | Stlth+}
250336 | Zig:25   | Identified the Incunabulum of Sinister Rites and the
                  | Entourage
250773 | Zig:25   | Identified the ring "Put-Me-On" {Fire Slay+4}
250775 | Zig:25   | Identified the +2 leather armour "Mawk" {rC+ Will+ MP+9
                  | Dex-4}
250776 | Zig:25   | Identified the +11 hand crossbow of Intimidation {venom,
                  | Int+3 Dex+4}
250783 | Zig:26   | Entered Level 26 of a ziggurat
250798 | Zig:26   | Identified the +9 arbalest "Widwofe" {elec, SInv}
251372 | Zig:26   | Identified the +3 long sword "Kyastymi" {protect, rPois}
251386 | Zig:26   | Identified the +11 hand crossbow of Uxkusoch {venom, rElec
                  | rN+ Str+3 Int+4}
251412 | Zig:26   | Identified the +3 quarterstaff "Yshriniakh" {vorpal, +Inv
                  | rF+++ Str-5}
251430 | Zig:26   | Identified the +8 demon blade of Equivalence {venom, Str+5}
251542 | Zig:27   | Entered Level 27 of a ziggurat
251542 | Zig:27   | Noticed a royal mummy
251542 | Zig:27   | Noticed a royal mummy
251542 | Zig:27   | Noticed a royal mummy
251542 | Zig:27   | Noticed a royal mummy
251542 | Zig:27   | Noticed a royal mummy
251542 | Zig:27   | Noticed a royal mummy
251542 | Zig:27   | Noticed a royal mummy
251542 | Zig:27   | Noticed a royal mummy
251542 | Zig:27   | Noticed a royal mummy
251542 | Zig:27   | Noticed a royal mummy
251542 | Zig:27   | Noticed a royal mummy
251542 | Zig:27   | Noticed a royal mummy
251542 | Zig:27   | Noticed a royal mummy
251542 | Zig:27   | Noticed a royal mummy
251543 | Zig:27   | Killed a royal mummy
251543 | Zig:27   | Killed a royal mummy
251543 | Zig:27   | Killed a royal mummy
251543 | Zig:27   | Killed a royal mummy
251543 | Zig:27   | Killed a royal mummy
251543 | Zig:27   | Killed a royal mummy
251543 | Zig:27   | Killed a royal mummy
251543 | Zig:27   | Killed a royal mummy
251543 | Zig:27   | Killed a royal mummy
251543 | Zig:27   | Killed a royal mummy
251544 | Zig:27   | Killed a royal mummy
251544 | Zig:27   | Killed a royal mummy
251544 | Zig:27   | Killed a royal mummy
251544 | Zig:27   | Killed a royal mummy
251544 | Zig:27   | Noticed a royal mummy
251544 | Zig:27   | Noticed a royal mummy
251544 | Zig:27   | Noticed a royal mummy
251546 | Zig:27   | Noticed a royal mummy
251546 | Zig:27   | Noticed a royal mummy
251547 | Zig:27   | Noticed a royal mummy
251547 | Zig:27   | Noticed a royal mummy
251547 | Zig:27   | Noticed a royal mummy
251547 | Zig:27   | Noticed a royal mummy
251547 | Zig:27   | Noticed a royal mummy
251547 | Zig:27   | Noticed a royal mummy
251547 | Zig:27   | Noticed a royal mummy
251547 | Zig:27   | Noticed a royal mummy
251547 | Zig:27   | Noticed a royal mummy
251547 | Zig:27   | Noticed a royal mummy
251547 | Zig:27   | Noticed a royal mummy
251548 | Zig:27   | Killed a royal mummy
251548 | Zig:27   | Killed a royal mummy
251548 | Zig:27   | Killed a royal mummy
251548 | Zig:27   | Killed a royal mummy
251548 | Zig:27   | Killed a royal mummy
251548 | Zig:27   | Killed a royal mummy
251548 | Zig:27   | Killed a royal mummy
251548 | Zig:27   | Killed a royal mummy
251548 | Zig:27   | Killed a royal mummy
251548 | Zig:27   | Killed a royal mummy
251548 | Zig:27   | Noticed a royal mummy
251549 | Zig:27   | Killed a royal mummy
251549 | Zig:27   | Noticed a royal mummy
251550 | Zig:27   | Noticed a royal mummy
251551 | Zig:27   | Noticed a royal mummy
251551 | Zig:27   | Noticed a royal mummy
251551 | Zig:27   | Noticed a royal mummy
251551 | Zig:27   | Noticed a royal mummy
251553 | Zig:27   | Noticed an ancient lich
251553 | Zig:27   | Noticed a royal mummy
251553 | Zig:27   | Noticed a royal mummy
251553 | Zig:27   | Noticed a royal mummy
251554 | Zig:27   | Killed a royal mummy
251554 | Zig:27   | Killed a royal mummy
251555 | Zig:27   | Noticed a royal mummy
251555 | Zig:27   | Noticed a royal mummy
251555 | Zig:27   | Noticed a royal mummy
251555 | Zig:27   | Noticed a royal mummy
251555 | Zig:27   | Noticed a royal mummy
251556 | Zig:27   | Noticed a dread lich
251556 | Zig:27   | Noticed a royal mummy
251557 | Zig:27   | Noticed a royal mummy
251557 | Zig:27   | Noticed a royal mummy
251557 | Zig:27   | Noticed a royal mummy
251558 | Zig:27   | Killed a royal mummy
251558 | Zig:27   | Killed a royal mummy
251558 | Zig:27   | Killed a royal mummy
251558 | Zig:27   | Killed a royal mummy
251558 | Zig:27   | Killed a royal mummy
251558 | Zig:27   | Killed a royal mummy
251558 | Zig:27   | Killed a royal mummy
251558 | Zig:27   | Killed a dread lich
251558 | Zig:27   | Killed a royal mummy
251558 | Zig:27   | Killed a royal mummy
251558 | Zig:27   | Killed a royal mummy
251558 | Zig:27   | Killed a royal mummy
251558 | Zig:27   | Killed a royal mummy
251558 | Zig:27   | Noticed a royal mummy
251559 | Zig:27   | Killed a royal mummy
251559 | Zig:27   | Killed a royal mummy
251559 | Zig:27   | Killed an ancient lich
251559 | Zig:27   | Killed a royal mummy
251559 | Zig:27   | Killed a royal mummy
251559 | Zig:27   | Killed a royal mummy
251559 | Zig:27   | Killed a royal mummy
251559 | Zig:27   | Killed a royal mummy
251559 | Zig:27   | Noticed a royal mummy
251560 | Zig:27   | Killed a royal mummy
251560 | Zig:27   | Noticed a royal mummy
251560 | Zig:27   | Noticed a royal mummy
251560 | Zig:27   | Noticed a royal mummy
251561 | Zig:27   | Noticed a royal mummy
251561 | Zig:27   | Noticed a royal mummy
251562 | Zig:27   | Noticed a royal mummy
251562 | Zig:27   | Noticed a royal mummy
251562 | Zig:27   | Noticed a royal mummy
251562 | Zig:27   | Noticed a royal mummy
251563 | Zig:27   | Noticed a royal mummy
251563 | Zig:27   | Noticed a royal mummy
251564 | Zig:27   | Noticed a royal mummy
251564 | Zig:27   | Noticed a royal mummy
251564 | Zig:27   | Noticed a royal mummy
251564 | Zig:27   | Noticed a royal mummy
251564 | Zig:27   | Killed a royal mummy
251565 | Zig:27   | Killed a royal mummy
251565 | Zig:27   | Killed a royal mummy
251565 | Zig:27   | Killed a royal mummy
251565 | Zig:27   | Killed a royal mummy
251565 | Zig:27   | Killed a royal mummy
251565 | Zig:27   | Killed a royal mummy
251565 | Zig:27   | Killed a royal mummy
251565 | Zig:27   | Killed a royal mummy
251565 | Zig:27   | Killed a royal mummy
251565 | Zig:27   | Killed a royal mummy
251565 | Zig:27   | Killed a royal mummy
251565 | Zig:27   | Killed a royal mummy
251565 | Zig:27   | Noticed a royal mummy
251566 | Zig:27   | Killed a royal mummy
251566 | Zig:27   | Killed a royal mummy
251566 | Zig:27   | Killed a royal mummy
251566 | Zig:27   | Killed a royal mummy
251567 | Zig:27   | Killed a royal mummy
251567 | Zig:27   | Killed a royal mummy
251569 | Zig:27   | Noticed a royal mummy
251572 | Zig:27   | Killed a royal mummy
251578 | Zig:27   | Killed a royal mummy
251628 | Zig:27   | Identified the +1 scale mail of Guhasch {Rampage rN+ Dex-4
                  | Slay+4}
251642 | Zig:27   | Identified the +9 arbalest of Duty {penet, Will+}
251655 | Zig:27   | Identified The Lost Catalogue of the Blind Seer
251673 | Zig:27   | Identified the +6 hunting sling "Haapukie" {freeze, rPois
                  | Will++}
252201 | Zig:27   | Identified the ring "Hotsun" {rElec rN+++ Str+6 Int-3
                  | Slay+4}
252203 | Zig:27   | Identified the ring "Ecvuo" {EV+4 Dex+7}
252205 | Zig:27   | Identified the +3 troll leather armour "Gucvor" {+Blink
                  | rC+++ Regen+ Str-4 Stlth-}
252214 | Zig:27   | Identified the ring "Upeppy Ocokh" {rF++ Will+ SInv}
252219 | Zig:27   | Identified the +5 plate armour of Intercession {Rampage}
252353 | Zig:1    | Entered Level 1 of a ziggurat
252393 | Zig:2    | Entered Level 2 of a ziggurat
252485 | Zig:3    | Entered Level 3 of a ziggurat
252525 | Zig:3    | Identified the +9 hand axe of Light {chaos, rN+ MP+9 Str+3
                  | Stlth+}
252653 | Zig:4    | Entered Level 4 of a ziggurat
252653 | Zig:4    | Noticed a juggernaut
252653 | Zig:4    | Noticed a juggernaut
252653 | Zig:4    | Noticed a juggernaut
252653 | Zig:4    | Noticed a juggernaut
252654 | Zig:4    | Killed a juggernaut
252654 | Zig:4    | Killed a juggernaut
252654 | Zig:4    | Killed a juggernaut
252654 | Zig:4    | Noticed a juggernaut
252658 | Zig:4    | Noticed a juggernaut
252659 | Zig:4    | Killed a juggernaut
252660 | Zig:4    | Killed a juggernaut
252660 | Zig:4    | Killed a juggernaut
252874 | Zig:5    | Entered Level 5 of a ziggurat
252874 | Zig:5    | Noticed a dread lich
252874 | Zig:5    | Noticed an ancient lich
252874 | Zig:5    | Noticed a dread lich
252875 | Zig:5    | Noticed an ancient lich
252876 | Zig:5    | Noticed a dread lich
252876 | Zig:5    | Noticed a dread lich
252877 | Zig:5    | Noticed a dread lich
252877 | Zig:5    | Noticed a dread lich
252877 | Zig:5    | Noticed a dread lich
252877 | Zig:5    | Noticed an ancient lich
252878 | Zig:5    | Killed a dread lich
252879 | Zig:5    | Killed a dread lich
252879 | Zig:5    | Killed a dread lich
252879 | Zig:5    | Killed a dread lich
252879 | Zig:5    | Killed an ancient lich
252879 | Zig:5    | Killed an ancient lich
252879 | Zig:5    | Killed a dread lich
252880 | Zig:5    | Noticed an ancient lich
252881 | Zig:5    | Noticed an ancient lich
252884 | Zig:5    | Killed a dread lich
252884 | Zig:5    | Killed a dread lich
252884 | Zig:5    | Killed an ancient lich
252884 | Zig:5    | Killed an ancient lich
252886 | Zig:5    | Killed an ancient lich
252897 | Zig:5    | Identified the ring "Vonoro" {rPois Str-3 Int+4 SInv}
252949 | Zig:5    | Identified Jeops's Catalogue of Lightness and the Rocks
253016 | Zig:6    | Entered Level 6 of a ziggurat
253046 | Zig:7    | Entered Level 7 of a ziggurat
253046 | Zig:7    | Noticed a dread lich
253046 | Zig:7    | Noticed a dread lich
253046 | Zig:7    | Noticed a dread lich
253046 | Zig:7    | Noticed a dread lich
253046 | Zig:7    | Noticed an ancient lich
253046 | Zig:7    | Noticed a dread lich
253046 | Zig:7    | Noticed a dread lich
253047 | Zig:7    | Noticed an ancient lich
253047 | Zig:7    | Noticed a dread lich
253047 | Zig:7    | Noticed an ancient lich
253048 | Zig:7    | Noticed an ancient lich
253050 | Zig:7    | Noticed an ancient lich
253051 | Zig:7    | Noticed a dread lich
253051 | Zig:7    | Killed an ancient lich
253051 | Zig:7    | Killed an ancient lich
253051 | Zig:7    | Killed an ancient lich
253052 | Zig:7    | Killed a dread lich
253052 | Zig:7    | Killed a dread lich
253052 | Zig:7    | Killed a dread lich
253052 | Zig:7    | Killed a dread lich
253052 | Zig:7    | Killed a dread lich
253052 | Zig:7    | Killed an ancient lich
253052 | Zig:7    | Killed a dread lich
253052 | Zig:7    | Killed an ancient lich
253056 | Zig:7    | Killed a dread lich
253216 | Zig:7    | Identified Fyetzu's Collected Works on the Volcanoes and
                  | Stones
253268 | Zig:8    | Entered Level 8 of a ziggurat
253285 | Zig:8    | Identified the ring of Egiunoco {*Drain rPois Str+5 Int-5}
253293 | Zig:9    | Entered Level 9 of a ziggurat
253437 | Zig:9    | Identified the +0 hand crossbow "Ickungot" {vorpal,
                  | *Corrode rPois rF+}
253646 | Zig:10   | Entered Level 10 of a ziggurat
253646 | Zig:10   | Noticed a royal mummy
253646 | Zig:10   | Noticed a royal mummy
253646 | Zig:10   | Noticed a royal mummy
253646 | Zig:10   | Noticed a royal mummy
253646 | Zig:10   | Noticed a royal mummy
253646 | Zig:10   | Noticed a royal mummy
253646 | Zig:10   | Noticed a royal mummy
253646 | Zig:10   | Noticed a royal mummy
253646 | Zig:10   | Noticed a royal mummy
253646 | Zig:10   | Noticed a royal mummy
253647 | Zig:10   | Killed a royal mummy
253647 | Zig:10   | Killed a royal mummy
253647 | Zig:10   | Killed a royal mummy
253647 | Zig:10   | Killed a royal mummy
253647 | Zig:10   | Killed a royal mummy
253647 | Zig:10   | Killed a royal mummy
253647 | Zig:10   | Killed a royal mummy
253648 | Zig:10   | Killed a royal mummy
253648 | Zig:10   | Killed a royal mummy
253648 | Zig:10   | Killed a royal mummy
253651 | Zig:10   | Noticed a royal mummy
253651 | Zig:10   | Noticed a royal mummy
253651 | Zig:10   | Noticed a royal mummy
253651 | Zig:10   | Noticed a royal mummy
253651 | Zig:10   | Noticed a royal mummy
253651 | Zig:10   | Noticed a royal mummy
253651 | Zig:10   | Noticed a royal mummy
253652 | Zig:10   | Killed a royal mummy
253652 | Zig:10   | Killed a royal mummy
253652 | Zig:10   | Killed a royal mummy
253652 | Zig:10   | Killed a royal mummy
253652 | Zig:10   | Killed a royal mummy
253653 | Zig:10   | Killed a royal mummy
253653 | Zig:10   | Killed a royal mummy
253654 | Zig:10   | Noticed a royal mummy
253654 | Zig:10   | Noticed a royal mummy
253654 | Zig:10   | Noticed a royal mummy
253655 | Zig:10   | Noticed a royal mummy
253655 | Zig:10   | Noticed a royal mummy
253655 | Zig:10   | Noticed a royal mummy
253655 | Zig:10   | Noticed a royal mummy
253655 | Zig:10   | Noticed a royal mummy
253658 | Zig:10   | Killed a royal mummy
253658 | Zig:10   | Killed a royal mummy
253658 | Zig:10   | Killed a royal mummy
253658 | Zig:10   | Killed a royal mummy
253658 | Zig:10   | Killed a royal mummy
253659 | Zig:10   | Killed a royal mummy
253659 | Zig:10   | Killed a royal mummy
253660 | Zig:10   | Killed a royal mummy
253687 | Zig:10   | Identified the +8 gold dragon scales "Coocvos" {rPois rF+
                  | rC+ Str+2}
253915 | Zig:10   | Identified the +5 morningstar of Patience {flame, +Rage
                  | rF++ Str-4 Dex+2}
253929 | Zig:10   | Identified the +1 ring mail of Vukhez {*Contam Rampage
                  | rElec rN++}
254070 | Zig:11   | Entered Level 11 of a ziggurat
254070 | Zig:11   | Noticed a juggernaut
254070 | Zig:11   | Noticed a juggernaut
254070 | Zig:11   | Noticed a juggernaut
254070 | Zig:11   | Noticed a juggernaut
254070 | Zig:11   | Noticed a juggernaut
254070 | Zig:11   | Noticed a juggernaut
254070 | Zig:11   | Noticed a juggernaut
254071 | Zig:11   | Killed a juggernaut
254071 | Zig:11   | Killed a juggernaut
254071 | Zig:11   | Killed a juggernaut
254071 | Zig:11   | Killed a juggernaut
254071 | Zig:11   | Killed a juggernaut
254071 | Zig:11   | Killed a juggernaut
254071 | Zig:11   | Noticed a juggernaut
254073 | Zig:11   | Noticed a juggernaut
254074 | Zig:11   | Noticed a juggernaut
254074 | Zig:11   | Noticed a juggernaut
254075 | Zig:11   | Killed a juggernaut
254075 | Zig:11   | Killed a juggernaut
254075 | Zig:11   | Killed a juggernaut
254075 | Zig:11   | Killed a juggernaut
254075 | Zig:11   | Noticed a juggernaut
254078 | Zig:11   | Noticed a juggernaut
254078 | Zig:11   | Noticed a juggernaut
254078 | Zig:11   | Noticed a juggernaut
254079 | Zig:11   | Killed a juggernaut
254079 | Zig:11   | Noticed a juggernaut
254081 | Zig:11   | Killed a juggernaut
254081 | Zig:11   | Killed a juggernaut
254081 | Zig:11   | Noticed a juggernaut
254082 | Zig:11   | Killed a juggernaut
254082 | Zig:11   | Killed a juggernaut
254082 | Zig:11   | Noticed a juggernaut
254083 | Zig:11   | Killed a juggernaut
254087 | Zig:11   | Killed a juggernaut
254087 | Zig:11   | Killed a juggernaut
254135 | Zig:11   | Identified the Guide on Attacks and the Frostbite
254149 | Zig:11   | Identified the +3 hunting sling of the Whelk {flame, Str+3
                  | Dex-3 SInv}
254164 | Zig:11   | Identified the +5 hunting sling "Sarcophage" {flame, Str+3
                  | Int+3}
254598 | Zig:12   | Entered Level 12 of a ziggurat
254598 | Zig:12   | Noticed a juggernaut
254598 | Zig:12   | Noticed a juggernaut
254598 | Zig:12   | Noticed a juggernaut
254598 | Zig:12   | Noticed a juggernaut
254599 | Zig:12   | Killed a juggernaut
254599 | Zig:12   | Killed a juggernaut
254599 | Zig:12   | Killed a juggernaut
254599 | Zig:12   | Noticed a juggernaut
254600 | Zig:12   | Killed a juggernaut
254600 | Zig:12   | Noticed a juggernaut
254602 | Zig:12   | Noticed a juggernaut
254602 | Zig:12   | Noticed a juggernaut
254602 | Zig:12   | Noticed a juggernaut
254602 | Zig:12   | Noticed a juggernaut
254602 | Zig:12   | Noticed a juggernaut
254602 | Zig:12   | Noticed a juggernaut
254602 | Zig:12   | Noticed a juggernaut
254603 | Zig:12   | Killed a juggernaut
254603 | Zig:12   | Killed a juggernaut
254603 | Zig:12   | Killed a juggernaut
254603 | Zig:12   | Killed a juggernaut
254603 | Zig:12   | Killed a juggernaut
254603 | Zig:12   | Killed a juggernaut
254604 | Zig:12   | Killed a juggernaut
254604 | Zig:12   | Killed a juggernaut
254604 | Zig:12   | Killed a juggernaut
254604 | Zig:12   | Noticed a juggernaut
254605 | Zig:12   | Noticed a juggernaut
254607 | Zig:12   | Noticed a juggernaut
254607 | Zig:12   | Noticed a juggernaut
254608 | Zig:12   | Noticed a juggernaut
254609 | Zig:12   | Killed a juggernaut
254609 | Zig:12   | Killed a juggernaut
254610 | Zig:12   | Killed a juggernaut
254610 | Zig:12   | Killed a juggernaut
254611 | Zig:12   | Killed a juggernaut
254996 | Zig:12   | Identified the +1 chain mail "Tiexodd" {rC++ SInv}
255030 | Zig:12   | Identified the +11 scimitar of Governance {flame, Stlth+}
255041 | Zig:12   | Identified the +4 scale mail of the Original Sin {rC+ Str+6
                  | Dex+2}
255086 | Zig:13   | Entered Level 13 of a ziggurat
255134 | Zig:13   | Identified the +5 war axe of Dividends {drain, +Blink Str-4
                  | Int+6 Stlth+}
255142 | Zig:13   | Identified the +2 fire dragon scales of Anarchy {rElec rF++
                  | rC- Int+5 Stlth+}
255510 | Zig:14   | Entered Level 14 of a ziggurat
255525 | Zig:14   | Noticed Icazacse the pandemonium lord
255536 | Zig:14   | Killed Icazacse the pandemonium lord
255813 | Zig:14   | Identified the amulet "Qakluaho" {Faith Fragile rPois rN+
                  | Will+}
255841 | Zig:14   | Identified the +2 ring mail "Riequxitof" {-Cast Harm
                  | Slay+3}
255847 | Zig:14   | Identified the +5 ring mail of the Poles {Harm rF- Will+}
255851 | Zig:14   | Identified the +1 quarterstaff "Ygoacvat" {vorpal, rF+
                  | Str+3 Dex+2}
255962 | Zig:14   | Identified Kaolugh's Volume of the Gliding Glacier
255973 | Zig:14   | Acquired 536 gold pieces
255979 | Zig:15   | Entered Level 15 of a ziggurat
256106 | Zig:15   | Identified Amonites's Volume of the Burning Rocks
256131 | Zig:15   | Identified the Disquisition on Moulding
256133 | Zig:15   | Identified Nygest's Incunabulum of Burning Stones
256148 | Zig:15   | Identified the +0 chain mail "Uzokef" {Str+2}
256152 | Zig:15   | Identified the +1 plate armour of Incorporation {rPois rC+
                  | Will+ SInv}
256647 | Zig:15   | Identified the Almanac of Poisoning
256678 | Zig:16   | Entered Level 16 of a ziggurat
256680 | Zig:16   | Acquired the +11 lajatang of Bloody Death {chaos, *Slow rC+
                  | rN+}
256686 | Zig:16   | Noticed a dread lich
256686 | Zig:16   | Noticed a dread lich
256686 | Zig:16   | Noticed a dread lich
256688 | Zig:16   | Noticed a dread lich
256688 | Zig:16   | Noticed a dread lich
256688 | Zig:16   | Noticed an ancient lich
256688 | Zig:16   | Noticed a dread lich
256688 | Zig:16   | Noticed a dread lich
256688 | Zig:16   | Noticed an ancient lich
256688 | Zig:16   | Noticed a dread lich
256688 | Zig:16   | Noticed an ancient lich
256688 | Zig:16   | Noticed a dread lich
256688 | Zig:16   | Noticed an ancient lich
256689 | Zig:16   | Noticed a dread lich
256690 | Zig:16   | Noticed a dread lich
256690 | Zig:16   | Noticed an ancient lich
256690 | Zig:16   | Noticed an ancient lich
256691 | Zig:16   | Noticed a dread lich
256691 | Zig:16   | Noticed an ancient lich
256692 | Zig:16   | Killed an ancient lich
256692 | Zig:16   | Killed a dread lich
256694 | Zig:16   | Noticed an ancient lich
256694 | Zig:16   | Killed a dread lich
256695 | Zig:16   | Noticed a dread lich
256695 | Zig:16   | Killed a dread lich
256695 | Zig:16   | Killed a dread lich
256695 | Zig:16   | Killed an ancient lich
256695 | Zig:16   | Killed an ancient lich
256695 | Zig:16   | Killed an ancient lich
256695 | Zig:16   | Killed a dread lich
256695 | Zig:16   | Killed an ancient lich
256695 | Zig:16   | Killed a dread lich
256695 | Zig:16   | Killed a dread lich
256695 | Zig:16   | Killed a dread lich
256695 | Zig:16   | Killed an ancient lich
256695 | Zig:16   | Killed an ancient lich
256695 | Zig:16   | Killed a dread lich
256695 | Zig:16   | Killed a dread lich
256695 | Zig:16   | Noticed an ancient lich
256695 | Zig:16   | Noticed an ancient lich
256696 | Zig:16   | Noticed an ancient lich
256696 | Zig:16   | Noticed a dread lich
256696 | Zig:16   | Noticed an ancient lich
256697 | Zig:16   | Noticed a dread lich
256697 | Zig:16   | Noticed an ancient lich
256697 | Zig:16   | Noticed a dread lich
256697 | Zig:16   | Noticed an ancient lich
256697 | Zig:16   | Noticed a dread lich
256698 | Zig:16   | Killed a dread lich
256699 | Zig:16   | Killed an ancient lich
256699 | Zig:16   | Killed an ancient lich
256699 | Zig:16   | Killed a dread lich
256699 | Zig:16   | Noticed an ancient lich
256700 | Zig:16   | Killed an ancient lich
256700 | Zig:16   | Killed a dread lich
256700 | Zig:16   | Killed a dread lich
256700 | Zig:16   | Killed an ancient lich
256700 | Zig:16   | Killed an ancient lich
256700 | Zig:16   | Killed an ancient lich
256700 | Zig:16   | Killed an ancient lich
256700 | Zig:16   | Killed a dread lich
256700 | Zig:16   | Killed a dread lich
256700 | Zig:16   | Killed a dread lich
256700 | Zig:16   | Noticed an ancient lich
256700 | Zig:16   | Noticed a dread lich
256702 | Zig:16   | Noticed a dread lich
256703 | Zig:16   | Noticed an ancient lich
256704 | Zig:16   | Noticed a dread lich
256705 | Zig:16   | Noticed a dread lich
256706 | Zig:16   | Noticed a dread lich
256706 | Zig:16   | Killed an ancient lich
256706 | Zig:16   | Killed a dread lich
256706 | Zig:16   | Killed a dread lich
256706 | Zig:16   | Killed an ancient lich
256706 | Zig:16   | Killed a dread lich
256706 | Zig:16   | Killed a dread lich
256707 | Zig:16   | Killed an ancient lich
256707 | Zig:16   | Killed a dread lich
256710 | Zig:16   | Noticed a dread lich
256716 | Zig:16   | Noticed a dread lich
256718 | Zig:16   | Killed a dread lich
256718 | Zig:16   | Killed a dread lich
256901 | Zig:16   | Identified the Handbook of the Aerial Traveller
256915 | Zig:16   | Identified the +3 leather armour of Parts Unknown {+Fly
                  | Regen+}
256931 | Zig:16   | Identified the ring "Zomai" {rPois rF+}
256971 | Zig:16   | Identified the +9 quarterstaff of Zeihooha {antimagic, rN+}
256986 | Zig:16   | Identified the +9 shortbow of Semes {flame, rElec}
256987 | Zig:16   | Identified Gociyqec's Volume of the Fiery Snowflakes
257066 | Zig:16   | Identified the Disquisition on Gliding Flames
257072 | Zig:17   | Entered Level 17 of a ziggurat
257073 | Zig:17   | Noticed an orb of fire
257074 | Zig:17   | Noticed an orb of fire
257074 | Zig:17   | Noticed an orb of fire
257074 | Zig:17   | Noticed an orb of fire
257074 | Zig:17   | Noticed an orb of fire
257074 | Zig:17   | Noticed an orb of fire
257075 | Zig:17   | Noticed an orb of fire
257075 | Zig:17   | Noticed an orb of fire
257075 | Zig:17   | Noticed an orb of fire
257075 | Zig:17   | Noticed an orb of fire
257082 | Zig:17   | Killed an orb of fire
257083 | Zig:17   | Noticed an orb of fire
257083 | Zig:17   | Noticed an orb of fire
257083 | Zig:17   | Noticed an orb of fire
257083 | Zig:17   | Gained mutation: Your spells are a little easier to cast,
                  | but a little less powerful. [an orb of fire]
257083 | Zig:17   | Noticed an orb of fire
257084 | Zig:17   | Noticed an orb of fire
257084 | Zig:17   | Noticed an orb of fire
257084 | Zig:17   | Noticed an orb of fire
257084 | Zig:17   | Noticed an orb of fire
257084 | Zig:17   | Noticed an orb of fire
257084 | Zig:17   | Noticed an orb of fire
257084 | Zig:17   | Noticed an orb of fire
257084 | Zig:17   | Noticed an orb of fire
257084 | Zig:17   | Noticed an orb of fire
257084 | Zig:17   | Noticed an orb of fire
257084 | Zig:17   | Noticed an orb of fire
257084 | Zig:17   | Noticed an orb of fire
257084 | Zig:17   | Noticed an orb of fire
257084 | Zig:17   | Noticed an orb of fire
257084 | Zig:17   | Noticed an orb of fire
257084 | Zig:17   | Noticed an orb of fire
257085 | Zig:17   | Noticed an orb of fire
257085 | Zig:17   | Noticed an orb of fire
257085 | Zig:17   | Noticed an orb of fire
257085 | Zig:17   | Gained mutation: You are very frail. (-20% HP) [an orb of
                  | fire]
257086 | Zig:17   | Noticed an orb of fire
257086 | Zig:17   | Noticed an orb of fire
257086 | Zig:17   | Killed an orb of fire
257086 | Zig:17   | Killed an orb of fire
257086 | Zig:17   | Gained mutation: Scrolls take you a little longer to read.
                  | [an orb of fire]
257087 | Zig:17   | Noticed an orb of fire
257087 | Zig:17   | Killed an orb of fire
257087 | Zig:17   | Killed an orb of fire
257087 | Zig:17   | Killed an orb of fire
257087 | Zig:17   | Killed an orb of fire
257088 | Zig:17   | Noticed an orb of fire
257088 | Zig:17   | Noticed an orb of fire
257088 | Zig:17   | Noticed an orb of fire
257088 | Zig:17   | Killed an orb of fire
257088 | Zig:17   | Killed an orb of fire
257088 | Zig:17   | Killed an orb of fire
257088 | Zig:17   | Killed an orb of fire
257088 | Zig:17   | Noticed an orb of fire
257088 | Zig:17   | Lost mutation: You possess an exceptional clarity of mind.
                  | [an orb of fire]
257089 | Zig:17   | Noticed an orb of fire
257089 | Zig:17   | Killed an orb of fire
257089 | Zig:17   | Killed an orb of fire
257089 | Zig:17   | Gained mutation: Your spells are easier to cast, but less
                  | powerful. [an orb of fire]
257090 | Zig:17   | Noticed an orb of fire
257090 | Zig:17   | Killed an orb of fire
257091 | Zig:17   | Gained mutation: You are very clumsy. (Dex -4) [an orb of
                  | fire]
257093 | Zig:17   | Noticed an orb of fire
257093 | Zig:17   | Noticed an orb of fire
257093 | Zig:17   | Noticed an orb of fire
257093 | Zig:17   | Noticed an orb of fire
257093 | Zig:17   | Noticed an orb of fire
257093 | Zig:17   | Noticed an orb of fire
257093 | Zig:17   | Noticed an orb of fire
257093 | Zig:17   | Noticed an orb of fire
257094 | Zig:17   | Noticed an orb of fire
257097 | Zig:17   | Noticed an orb of fire
257098 | Zig:17   | Noticed an orb of fire
257098 | Zig:17   | Noticed an orb of fire
257098 | Zig:17   | Noticed an orb of fire
257098 | Zig:17   | Noticed an orb of fire
257100 | Zig:17   | Noticed an orb of fire
257101 | Zig:17   | Noticed an orb of fire
257101 | Zig:17   | Noticed an orb of fire
257101 | Zig:17   | Noticed an orb of fire
257101 | Zig:17   | Noticed an orb of fire
257101 | Zig:17   | Noticed an orb of fire
257101 | Zig:17   | Noticed an orb of fire
257103 | Zig:17   | Noticed an orb of fire
257104 | Zig:17   | Gained mutation: Your magical capacity is low. (-10% MP)
                  | [an orb of fire]
257107 | Zig:18   | Entered Level 18 of a ziggurat
257122 | Zig:18   | Gained mutation: You occasionally shout uncontrollably at
                  | your foes. [mutagenic glow]
257134 | Zig:18   | Gained mutation: Your magical capacity is very low. (-20%
                  | MP) [mutagenic glow]
257839 | Zig:19   | Entered Level 19 of a ziggurat
257895 | Zig:19   | Identified the ring "Jainaegh" {rElec rC+ Str+4 Int+6}
258053 | Zig:19   | Identified the +9 dagger of Kotzim {vorpal, rN+ Int-4
                  | Dex+2}
258055 | Zig:19   | Identified the +8 long sword of the Devouring Shark {vamp,
                  | *Rage rElec Int+2 SInv}
258059 | Zig:19   | Identified the +7 scimitar of a sewer {elec, *Slow +Rage
                  | Str+4 Dex+2}
258127 | Zig:19   | Identified the +2 robe of the Solstice {Str+3}
258135 | Zig:19   | Identified the ring of Buopsex {rC+ Str+3}
258639 | Zig:19   | Learned a level 7 spell: Ozocubu's Refrigeration
258647 | Zig:19   | Lost mutation: You are very frail. (-20% HP) [potion of
                  | mutation]
258647 | Zig:19   | Lost mutation: One of your tentacles bears a spike. [potion
                  | of mutation]
258647 | Zig:19   | Lost mutation: Your spells are easier to cast, but less
                  | powerful. [potion of mutation]
258647 | Zig:19   | Lost mutation: You occasionally shout uncontrollably at
                  | your foes. [potion of mutation]
258647 | Zig:19   | Gained mutation: Your flesh is cold resistant. (rC+)
                  | [potion of mutation]
258648 | Zig:19   | Lost mutation: Your magical capacity is very low. (-20% MP)
                  | [potion of mutation]
258648 | Zig:19   | Lost mutation: Your skin perfectly mimics your surroundings
                  | (Stealth+++). [potion of mutation]
258648 | Zig:19   | Lost mutation: Scrolls take you a little longer to read.
                  | [potion of mutation]
258648 | Zig:19   | Lost mutation: You are frail. (-10% HP) [potion of
                  | mutation]
258648 | Zig:19   | Lost mutation: You are very clumsy. (Dex -4) [potion of
                  | mutation]
258649 | Zig:19   | Lost mutation: Your flesh is cold resistant. (rC+) [potion
                  | of mutation]
258649 | Zig:19   | Lost mutation: Your magical capacity is low. (-10% MP)
                  | [potion of mutation]
258649 | Zig:19   | Lost mutation: Your spells are a little easier to cast, but
                  | a little less powerful. [potion of mutation]
258649 | Zig:19   | Lost mutation: You are clumsy. (Dex -2) [potion of
                  | mutation]
258649 | Zig:19   | Gained mutation: Your muscles are strong. (Str +2) [potion
                  | of mutation]
258649 | Zig:19   | Gained mutation: You expend magic power (3 MP) to
                  | strengthen your wands. [potion of mutation]
258649 | Zig:19   | Gained mutation: You evolve. [potion of mutation]
258684 | Zig:20   | Entered Level 20 of a ziggurat
258693 | Zig:20   | Noticed a juggernaut
258693 | Zig:20   | Noticed a juggernaut
258693 | Zig:20   | Noticed a juggernaut
258693 | Zig:20   | Noticed a juggernaut
258697 | Zig:20   | Noticed a juggernaut
258697 | Zig:20   | Noticed a juggernaut
258697 | Zig:20   | Noticed a juggernaut
258697 | Zig:20   | Noticed a juggernaut
258697 | Zig:20   | Noticed a juggernaut
258697 | Zig:20   | Noticed a juggernaut
258697 | Zig:20   | Noticed a juggernaut
258697 | Zig:20   | Noticed a juggernaut
258697 | Zig:20   | Noticed a juggernaut
258697 | Zig:20   | Noticed a juggernaut
258697 | Zig:20   | Noticed a juggernaut
258697 | Zig:20   | Noticed a juggernaut
258697 | Zig:20   | Noticed a juggernaut
258698 | Zig:20   | Killed a juggernaut
258698 | Zig:20   | Killed a juggernaut
258698 | Zig:20   | Killed a juggernaut
258698 | Zig:20   | Killed a juggernaut
258698 | Zig:20   | Killed a juggernaut
258698 | Zig:20   | Killed a juggernaut
258698 | Zig:20   | Killed a juggernaut
258698 | Zig:20   | Killed a juggernaut
258698 | Zig:20   | Killed a juggernaut
258698 | Zig:20   | Killed a juggernaut
258698 | Zig:20   | Killed a juggernaut
258698 | Zig:20   | Killed a juggernaut
258698 | Zig:20   | Noticed a juggernaut
258698 | Zig:20   | Noticed a juggernaut
258699 | Zig:20   | Noticed a juggernaut
258700 | Zig:20   | Killed a juggernaut
258700 | Zig:20   | Killed a juggernaut
258700 | Zig:20   | Killed a juggernaut
258700 | Zig:20   | Killed a juggernaut
258700 | Zig:20   | Killed a juggernaut
258700 | Zig:20   | Killed a juggernaut
258700 | Zig:20   | Noticed a juggernaut
258700 | Zig:20   | Noticed a juggernaut
258700 | Zig:20   | Noticed a juggernaut
258701 | Zig:20   | Noticed a juggernaut
258702 | Zig:20   | Noticed a juggernaut
258703 | Zig:20   | Noticed a juggernaut
258705 | Zig:20   | Noticed a juggernaut
258705 | Zig:20   | Noticed a juggernaut
258705 | Zig:20   | Noticed a juggernaut
258706 | Zig:20   | Noticed a juggernaut
258706 | Zig:20   | Noticed a juggernaut
258706 | Zig:20   | Noticed a juggernaut
258706 | Zig:20   | Noticed a juggernaut
258706 | Zig:20   | Noticed a juggernaut
258706 | Zig:20   | Noticed a juggernaut
258706 | Zig:20   | Noticed a juggernaut
258707 | Zig:20   | Killed a juggernaut
258707 | Zig:20   | Killed a juggernaut
258707 | Zig:20   | Killed a juggernaut
258707 | Zig:20   | Killed a juggernaut
258707 | Zig:20   | Killed a juggernaut
258707 | Zig:20   | Killed a juggernaut
258707 | Zig:20   | Killed a juggernaut
258707 | Zig:20   | Killed a juggernaut
258707 | Zig:20   | Noticed a juggernaut
258707 | Zig:20   | Noticed a juggernaut
258708 | Zig:20   | Noticed a juggernaut
258708 | Zig:20   | Noticed a juggernaut
258708 | Zig:20   | Noticed a juggernaut
258708 | Zig:20   | Noticed a juggernaut
258709 | Zig:20   | Noticed a juggernaut
258709 | Zig:20   | Killed a juggernaut
258709 | Zig:20   | Killed a juggernaut
258709 | Zig:20   | Killed a juggernaut
258709 | Zig:20   | Killed a juggernaut
258709 | Zig:20   | Killed a juggernaut
258709 | Zig:20   | Killed a juggernaut
258709 | Zig:20   | Killed a juggernaut
258709 | Zig:20   | Killed a juggernaut
258709 | Zig:20   | Killed a juggernaut
258710 | Zig:20   | Noticed a juggernaut
258710 | Zig:20   | Noticed a juggernaut
258711 | Zig:20   | Noticed a juggernaut
258712 | Zig:20   | Killed a juggernaut
258712 | Zig:20   | Killed a juggernaut
258712 | Zig:20   | Killed a juggernaut
258712 | Zig:20   | Killed a juggernaut
258712 | Zig:20   | Killed a juggernaut
258712 | Zig:20   | Killed a juggernaut
258712 | Zig:20   | Killed a juggernaut
258712 | Zig:20   | Noticed a juggernaut
258716 | Zig:20   | Killed a juggernaut
258716 | Zig:20   | Killed a juggernaut
258716 | Zig:20   | Killed a juggernaut
258716 | Zig:20   | Killed a juggernaut
258717 | Zig:20   | Killed a juggernaut
259081 | Zig:20   | Identified the ring of Eternal Harmony {Will++ Str-5 Int+6
                  | Dex+2 Slay+2}
259087 | Zig:20   | Identified the ring of Seffajuf {+Inv rElec rF++ Will-
                  | AC+4}
259103 | Zig:20   | Identified the ring "Ziakir" {rPois AC+4 Dex+2}
259109 | Zig:20   | Identified the ring of the Frog {*Slow rF+ rN+++ Str+2
                  | Dex+6}
259116 | Zig:20   | Identified the +5 fustibalus of Cataclysm {vorpal, *Contam
                  | rN+ Int+6}
259174 | Zig:20   | Identified the +11 plate armour of Lorou {*Contam *Slow
                  | rCorr Str+7}
259191 | Zig:20   | Identified the +6 flail "Enyleuq" {elec, Dex+8}
259198 | Zig:21   | Entered Level 21 of a ziggurat
259295 | Zig:21   | Identified the Volume of Transformation and Flames
259333 | Zig:21   | Identified the +3 scale mail of the Bagpipe {Dex+4}
259345 | Zig:21   | Identified the ring of the Princeling {rN+ Slay-6 SInv
                  | Stlth+}
259944 | Zig:22   | Entered Level 22 of a ziggurat
260030 | Zig:22   | Identified the +0 robe "Cotemi" {-Tele rPois rF+ Regen+}
260176 | Zig:23   | Entered Level 23 of a ziggurat
260244 | Zig:23   | Noticed Agrues the pandemonium lord
260248 | Zig:23   | Killed Agrues the pandemonium lord
260892 | Zig:23   | Identified the Reference Book on Orientation
260911 | Zig:23   | Identified the +1 robe "Jaaxzudgh" {+Inv rC+}
260918 | Zig:24   | Entered Level 24 of a ziggurat
260925 | Zig:24   | Noticed a dread lich
260932 | Zig:24   | Killed a dread lich
261514 | Zig:24   | Identified the +10 morningstar of Contradiction {vorpal,
                  | rPois rN+++ Will- Int-2}
261515 | Zig:24   | Identified the +3 halberd "Jygibliy" {elec, SInv}
261523 | Zig:24   | Identified the +4 pearl dragon scales of Depression {Harm
                  | *Drain rN+ rCorr}
261526 | Zig:24   | Identified the +2 pair of gloves "Ahurrovi" {rPois rF++
                  | Str-2}
261546 | Zig:25   | Entered Level 25 of a ziggurat
261734 | Zig:25   | Paralysed by accursed screaming for 1 turns
261797 | Zig:25   | Noticed an ancient lich
261806 | Zig:25   | Killed an ancient lich
261810 | Zig:25   | Noticed an ancient lich
261824 | Zig:25   | Killed a starcursed mass
261825 | Zig:25   | Killed an ancient lich
261867 | Zig:25   | Lost mutation: Your muscles are strong. (Str +2) [a
                  | neqoxec]
261883 | Zig:25   | Killed a starcursed mass
262023 | Zig:25   | Killed a starcursed mass
262108 | Zig:25   | Gained mutation: You are dopey. (Int -2) [a neqoxec]
262603 | Zig:25   | Identified the ring of Finality {+Inv rPois rC+ Will+}
262610 | Zig:25   | Identified the ring of Departure {Fire +Inv rElec Str-5
                  | Stlth-}
262629 | Zig:25   | Identified the +1 leather armour "Winysch" {+Inv rCorr}
262638 | Zig:26   | Entered Level 26 of a ziggurat
262648 | Zig:26   | Noticed a juggernaut
262651 | Zig:26   | Noticed a juggernaut
262651 | Zig:26   | Noticed a juggernaut
262651 | Zig:26   | Noticed a juggernaut
262652 | Zig:26   | Noticed a juggernaut
262652 | Zig:26   | Noticed a juggernaut
262653 | Zig:26   | Noticed a juggernaut
262653 | Zig:26   | Noticed a juggernaut
262654 | Zig:26   | Noticed a juggernaut
262654 | Zig:26   | Noticed a juggernaut
262654 | Zig:26   | Noticed a juggernaut
262655 | Zig:26   | Noticed a juggernaut
262655 | Zig:26   | Noticed a juggernaut
262655 | Zig:26   | Noticed a juggernaut
262656 | Zig:26   | Noticed a juggernaut
262656 | Zig:26   | Noticed a juggernaut
262656 | Zig:26   | Noticed a juggernaut
262656 | Zig:26   | Noticed a juggernaut
262656 | Zig:26   | Noticed a juggernaut
262657 | Zig:26   | Noticed a juggernaut
262657 | Zig:26   | Killed a juggernaut
262657 | Zig:26   | Killed a juggernaut
262657 | Zig:26   | Killed a juggernaut
262657 | Zig:26   | Killed a juggernaut
262657 | Zig:26   | Noticed a juggernaut
262657 | Zig:26   | Noticed a juggernaut
262657 | Zig:26   | Noticed a juggernaut
262658 | Zig:26   | Killed a juggernaut
262658 | Zig:26   | Killed a juggernaut
262658 | Zig:26   | Killed a juggernaut
262658 | Zig:26   | Killed a juggernaut
262658 | Zig:26   | Killed a juggernaut
262658 | Zig:26   | Killed a juggernaut
262658 | Zig:26   | Killed a juggernaut
262658 | Zig:26   | Killed a juggernaut
262658 | Zig:26   | Killed a juggernaut
262658 | Zig:26   | Killed a juggernaut
262658 | Zig:26   | Noticed a juggernaut
262658 | Zig:26   | Noticed a juggernaut
262658 | Zig:26   | Noticed a juggernaut
262658 | Zig:26   | Noticed a juggernaut
262658 | Zig:26   | Noticed a juggernaut
262659 | Zig:26   | Killed a juggernaut
262659 | Zig:26   | Killed a juggernaut
262659 | Zig:26   | Killed a juggernaut
262659 | Zig:26   | Killed a juggernaut
262659 | Zig:26   | Noticed a juggernaut
262659 | Zig:26   | Noticed a juggernaut
262660 | Zig:26   | Noticed a juggernaut
262661 | Zig:26   | Killed a juggernaut
262661 | Zig:26   | Noticed a juggernaut
262661 | Zig:26   | Noticed a juggernaut
262689 | Zig:26   | Noticed a juggernaut
262695 | Zig:26   | Noticed a juggernaut
262696 | Zig:26   | Killed a juggernaut
262696 | Zig:26   | Killed a juggernaut
262696 | Zig:26   | Killed a juggernaut
262697 | Zig:26   | Killed a juggernaut
262697 | Zig:26   | Killed a juggernaut
262697 | Zig:26   | Killed a juggernaut
262697 | Zig:26   | Killed a juggernaut
262697 | Zig:26   | Killed a juggernaut
262697 | Zig:26   | Killed a juggernaut
262697 | Zig:26   | Killed a juggernaut
262697 | Zig:26   | Killed a juggernaut
262697 | Zig:26   | Noticed a juggernaut
262698 | Zig:26   | Noticed a juggernaut
262698 | Zig:26   | Killed a juggernaut
262699 | Zig:26   | Noticed a juggernaut
262699 | Zig:26   | Killed a juggernaut
262699 | Zig:26   | Killed a juggernaut
262700 | Zig:26   | Killed a juggernaut
262700 | Zig:26   | Killed a juggernaut
262700 | Zig:26   | Killed a juggernaut
262700 | Zig:26   | Killed a juggernaut
262700 | Zig:26   | Noticed a juggernaut
262700 | Zig:26   | Noticed a juggernaut
262701 | Zig:26   | Noticed a juggernaut
262703 | Zig:26   | Noticed a juggernaut
262703 | Zig:26   | Noticed a juggernaut
262704 | Zig:26   | Killed a juggernaut
262705 | Zig:26   | Killed a juggernaut
262705 | Zig:26   | Killed a juggernaut
262705 | Zig:26   | Killed a juggernaut
262705 | Zig:26   | Killed a juggernaut
262705 | Zig:26   | Noticed a juggernaut
262705 | Zig:26   | Noticed a juggernaut
262705 | Zig:26   | Noticed a juggernaut
262706 | Zig:26   | Killed a juggernaut
262706 | Zig:26   | Noticed a juggernaut
262706 | Zig:26   | Noticed a juggernaut
262707 | Zig:26   | Killed a juggernaut
262707 | Zig:26   | Killed a juggernaut
262707 | Zig:26   | Killed a juggernaut
262707 | Zig:26   | Noticed a juggernaut
262708 | Zig:26   | Killed a juggernaut
262711 | Zig:26   | Noticed a juggernaut
262711 | Zig:26   | Noticed a juggernaut
262711 | Zig:26   | Noticed a juggernaut
262711 | Zig:26   | Noticed a juggernaut
262711 | Zig:26   | Noticed a juggernaut
262711 | Zig:26   | Noticed a juggernaut
262712 | Zig:26   | Noticed a juggernaut
262712 | Zig:26   | Killed a juggernaut
262712 | Zig:26   | Killed a juggernaut
262712 | Zig:26   | Killed a juggernaut
262713 | Zig:26   | Killed a juggernaut
262713 | Zig:26   | Killed a juggernaut
262713 | Zig:26   | Killed a juggernaut
262713 | Zig:26   | Killed a juggernaut
262713 | Zig:26   | Killed a juggernaut
262713 | Zig:26   | Noticed a juggernaut
262714 | Zig:26   | Killed a juggernaut
262714 | Zig:26   | Noticed a juggernaut
262715 | Zig:26   | Noticed a juggernaut
262717 | Zig:26   | Noticed a juggernaut
262717 | Zig:26   | Noticed a juggernaut
262717 | Zig:26   | Noticed a juggernaut
262719 | Zig:26   | Noticed a juggernaut
262719 | Zig:26   | Noticed a juggernaut
262719 | Zig:26   | Noticed a juggernaut
262719 | Zig:26   | Noticed a juggernaut
262721 | Zig:26   | Noticed a juggernaut
262722 | Zig:26   | Noticed a juggernaut
262723 | Zig:26   | Killed a juggernaut
262723 | Zig:26   | Killed a juggernaut
262723 | Zig:26   | Killed a juggernaut
262723 | Zig:26   | Killed a juggernaut
262723 | Zig:26   | Killed a juggernaut
262723 | Zig:26   | Killed a juggernaut
262723 | Zig:26   | Killed a juggernaut
262723 | Zig:26   | Killed a juggernaut
262723 | Zig:26   | Killed a juggernaut
262723 | Zig:26   | Killed a juggernaut
262724 | Zig:26   | Killed a juggernaut
262725 | Zig:26   | Killed a juggernaut
263259 | Zig:26   | Identified Sif Muna's Compendium of Cankerous Curses
263263 | Zig:26   | Identified the ring "Farrovod" {rPois rC- Int+10 SInv
                  | Stlth+}
263268 | Zig:26   | Identified the +1 leather armour of a Labyrinth {rC+ Dex+4}
263297 | Zig:26   | Identified the Catalogue of Destructive Air
263304 | Zig:26   | Identified the Handbook of the Oath
263311 | Zig:26   | Identified the ring "Semeonka" {Fire Dex+2}
263314 | Zig:26   | Identified the Collected Works on Cold and Moulding
263321 | Zig:26   | Identified the +0 dagger "Pomn" {pain, rN+ SInv}
263337 | Zig:26   | Lost mutation: Your skin blends seamlessly with your
                  | surroundings (Stealth++). [potion of mutation]
263337 | Zig:26   | Lost mutation: You are dopey. (Int -2) [potion of mutation]
263337 | Zig:26   | Lost mutation: You are mostly covered in rugged brown
                  | scales. (AC +2, +5% HP) [potion of mutation]
263337 | Zig:26   | Lost mutation: You evolve. [potion of mutation]
263337 | Zig:26   | Gained mutation: Your spells are a little harder to cast,
                  | but a little more powerful. [potion of mutation]
263337 | Zig:26   | Lost mutation: Your spells are a little harder to cast, but
                  | a little more powerful. [potion of mutation]
263337 | Zig:26   | Gained mutation: Your flesh is heat resistant. (rF+)
                  | [potion of mutation]
263337 | Zig:26   | Gained mutation: You have supernaturally acute eyesight.
                  | (SInv) [potion of mutation]
263338 | Zig:26   | Lost mutation: You are partially covered in rugged brown
                  | scales. (AC +1, +3% HP) [potion of mutation]
263338 | Zig:26   | Lost mutation: You expend magic power (3 MP) to strengthen
                  | your wands. [potion of mutation]
263338 | Zig:26   | Lost mutation: You have supernaturally acute eyesight.
                  | (SInv) [potion of mutation]
263338 | Zig:26   | Gained mutation: Your magical capacity is low. (-10% MP)
                  | [potion of mutation]
263338 | Zig:26   | Gained mutation: You are strong-willed. (Will+) [potion of
                  | mutation]
263339 | Zig:26   | Lost mutation: Your flesh is heat resistant. (rF+) [potion
                  | of mutation]
263339 | Zig:26   | Lost mutation: You are strong-willed. (Will+) [potion of
                  | mutation]
263339 | Zig:26   | Lost mutation: Your magical capacity is low. (-10% MP)
                  | [potion of mutation]
263339 | Zig:26   | Gained mutation: Your spells are a little harder to cast,
                  | but a little more powerful. [potion of mutation]
263339 | Zig:26   | Gained mutation: You are robust. (+10% HP) [potion of
                  | mutation]
263340 | Zig:26   | Lost mutation: You are partially covered in thin metallic
                  | scales. (AC +2) [potion of mutation]
263340 | Zig:26   | Lost mutation: Your spells are a little harder to cast, but
                  | a little more powerful. [potion of mutation]
263340 | Zig:26   | Lost mutation: You are robust. (+10% HP) [potion of
                  | mutation]
263340 | Zig:26   | Gained mutation: You possess an exceptional clarity of
                  | mind. [potion of mutation]
263340 | Zig:26   | Gained mutation: You have a pair of small antennae on your
                  | head. [potion of mutation]
263341 | Zig:26   | Lost mutation: You possess an exceptional clarity of mind.
                  | [potion of mutation]
263341 | Zig:26   | Lost mutation: You have a pair of small antennae on your
                  | head. [potion of mutation]
263341 | Zig:26   | Gained mutation: You possess an exceptional clarity of
                  | mind. [potion of mutation]
263341 | Zig:26   | Gained mutation: You are partially covered in iridescent
                  | scales. (AC +2) [potion of mutation]
263341 | Zig:26   | Gained mutation: Your flesh is cold resistant. (rC+)
                  | [potion of mutation]
263341 | Zig:26   | Gained mutation: You evolve. [potion of mutation]
263342 | Zig:26   | Lost mutation: You possess an exceptional clarity of mind.
                  | [potion of mutation]
263342 | Zig:26   | Lost mutation: You are partially covered in iridescent
                  | scales. (AC +2) [potion of mutation]
263342 | Zig:26   | Lost mutation: Your flesh is cold resistant. (rC+) [potion
                  | of mutation]
263342 | Zig:26   | Lost mutation: You evolve. [potion of mutation]
263342 | Zig:26   | Gained mutation: You have a pair of small antennae on your
                  | head. [potion of mutation]
263342 | Zig:26   | Gained mutation: You are clumsy. (Dex -2) [potion of
                  | mutation]
263342 | Zig:26   | Gained mutation: Your spells are a little harder to cast,
                  | but a little more powerful. [potion of mutation]
263343 | Zig:26   | Lost mutation: You are clumsy. (Dex -2) [potion of
                  | mutation]
263343 | Zig:26   | Lost mutation: Your spells are a little harder to cast, but
                  | a little more powerful. [potion of mutation]
263343 | Zig:26   | Gained mutation: You are dopey. (Int -2) [potion of
                  | mutation]
263343 | Zig:26   | Gained mutation: You are strong-willed. (Will+) [potion of
                  | mutation]
263344 | Zig:26   | Lost mutation: You are strong-willed. (Will+) [potion of
                  | mutation]
263344 | Zig:26   | Lost mutation: You are dopey. (Int -2) [potion of mutation]
263344 | Zig:26   | Gained mutation: Scrolls take you a little longer to read.
                  | [potion of mutation]
263344 | Zig:26   | Gained mutation: You are frail. (-10% HP) [potion of
                  | mutation]
263344 | Zig:26   | Gained mutation: You have a pair of antennae on your head.
                  | [potion of mutation]
263345 | Zig:26   | Lost mutation: You have a pair of antennae on your head.
                  | [potion of mutation]
263345 | Zig:26   | Lost mutation: You are frail. (-10% HP) [potion of
                  | mutation]
263345 | Zig:26   | Gained mutation: Your skin blends seamlessly with your
                  | surroundings (Stealth++). [potion of mutation]
263346 | Zig:26   | Lost mutation: Scrolls take you a little longer to read.
                  | [potion of mutation]
263346 | Zig:26   | Lost mutation: Your skin blends seamlessly with your
                  | surroundings (Stealth++). [potion of mutation]
263346 | Zig:26   | Lost mutation: You have a pair of small antennae on your
                  | head. [potion of mutation]
263346 | Zig:26   | Gained mutation: You are partially covered in large bone
                  | plates. (SH +4) [potion of mutation]
263346 | Zig:26   | Gained mutation: Scrolls take you a little longer to read.
                  | [potion of mutation]
263346 | Zig:26   | Gained mutation: You are weak. (Str -2) [potion of
                  | mutation]
263346 | Zig:26   | Gained mutation: You are strong-willed. (Will+) [potion of
                  | mutation]
263347 | Zig:26   | Lost mutation: Scrolls take you a little longer to read.
                  | [potion of mutation]
263347 | Zig:26   | Lost mutation: You are weak. (Str -2) [potion of mutation]
263347 | Zig:26   | Gained mutation: You have a beak for a mouth. [potion of
                  | mutation]
263347 | Zig:26   | Gained mutation: You tend to lose your temper in combat.
                  | [potion of mutation]
263347 | Zig:26   | Gained mutation: Your spells are a little harder to cast,
                  | but a little more powerful. [potion of mutation]
263348 | Zig:26   | Lost mutation: Your spells are a little harder to cast, but
                  | a little more powerful. [potion of mutation]
263348 | Zig:26   | Lost mutation: You tend to lose your temper in combat.
                  | [potion of mutation]
263348 | Zig:26   | Gained mutation: You are clumsy. (Dex -2) [potion of
                  | mutation]
263348 | Zig:26   | Gained mutation: Your muscles are strong. (Str +2) [potion
                  | of mutation]
263348 | Zig:26   | Gained mutation: One of your tentacles bears a spike.
                  | [potion of mutation]
263349 | Zig:26   | Lost mutation: One of your tentacles bears a spike. [potion
                  | of mutation]
263349 | Zig:26   | Lost mutation: Your muscles are strong. (Str +2) [potion of
                  | mutation]
263349 | Zig:26   | Lost mutation: You are clumsy. (Dex -2) [potion of
                  | mutation]
263349 | Zig:26   | Gained mutation: Your muscles are strong. (Str +2) [potion
                  | of mutation]
263349 | Zig:26   | Gained mutation: Your system is resistant to poisons.
                  | (rPois) [potion of mutation]
263349 | Zig:26   | Gained mutation: One of your tentacles bears a spike.
                  | [potion of mutation]
263349 | Zig:26   | Gained mutation: You are highly strong-willed. (Will++)
                  | [potion of mutation]
263350 | Zig:26   | Lost mutation: You are highly strong-willed. (Will++)
                  | [potion of mutation]
263350 | Zig:26   | Lost mutation: You are partially covered in large bone
                  | plates. (SH +4) [potion of mutation]
263350 | Zig:26   | Lost mutation: One of your tentacles bears a spike. [potion
                  | of mutation]
263350 | Zig:26   | Lost mutation: Your system is resistant to poisons. (rPois)
                  | [potion of mutation]
263350 | Zig:26   | Gained mutation: You are dopey. (Int -2) [potion of
                  | mutation]
263350 | Zig:26   | Gained mutation: You are somewhat resistant to further
                  | mutation. [potion of mutation]
263351 | Zig:26   | Lost mutation: You are strong-willed. (Will+) [potion of
                  | mutation]
263351 | Zig:26   | Lost mutation: Your muscles are strong. (Str +2) [potion of
                  | mutation]
263352 | Zig:26   | Lost mutation: You are dopey. (Int -2) [potion of mutation]
263352 | Zig:26   | Lost mutation: You are somewhat resistant to further
                  | mutation. [potion of mutation]
263352 | Zig:26   | Gained mutation: You are clumsy. (Dex -2) [potion of
                  | mutation]
263352 | Zig:26   | Gained mutation: You are frail. (-10% HP) [potion of
                  | mutation]
263352 | Zig:26   | Gained mutation: Your mind is acute. (Int +2) [potion of
                  | mutation]
263353 | Zig:26   | Lost mutation: You are frail. (-10% HP) [potion of
                  | mutation]
263353 | Zig:26   | Lost mutation: Your mind is acute. (Int +2) [potion of
                  | mutation]
263353 | Zig:26   | Lost mutation: You are clumsy. (Dex -2) [potion of
                  | mutation]
263353 | Zig:26   | Lost mutation: You have a beak for a mouth. [potion of
                  | mutation]
263353 | Zig:26   | Gained mutation: Your mind is acute. (Int +2) [potion of
                  | mutation]
263353 | Zig:26   | Gained mutation: You occasionally shout uncontrollably at
                  | your foes. [potion of mutation]
263353 | Zig:26   | Gained mutation: You are strong-willed. (Will+) [potion of
                  | mutation]
263354 | Zig:26   | Lost mutation: You occasionally shout uncontrollably at
                  | your foes. [potion of mutation]
263354 | Zig:26   | Lost mutation: Your mind is acute. (Int +2) [potion of
                  | mutation]
263354 | Zig:26   | Lost mutation: You are strong-willed. (Will+) [potion of
                  | mutation]
263354 | Zig:26   | Gained mutation: You do not regenerate when monsters are
                  | visible. [potion of mutation]
263354 | Zig:26   | Gained mutation: You tend to lose your temper in combat.
                  | [potion of mutation]
263354 | Zig:26   | Gained mutation: One of your tentacles bears a spike.
                  | [potion of mutation]
263354 | Zig:26   | Gained mutation: Your spells are a little harder to cast,
                  | but a little more powerful. [potion of mutation]
263355 | Zig:26   | Lost mutation: One of your tentacles bears a spike. [potion
                  | of mutation]
263355 | Zig:26   | Lost mutation: You tend to lose your temper in combat.
                  | [potion of mutation]
263355 | Zig:26   | Lost mutation: You do not regenerate when monsters are
                  | visible. [potion of mutation]
263355 | Zig:26   | Gained mutation: One of your tentacles bears a spike.
                  | [potion of mutation]
263355 | Zig:26   | Gained mutation: You are covered in fur. (AC +1) [potion of
                  | mutation]
263355 | Zig:26   | Gained mutation: You have supernaturally acute eyesight.
                  | (SInv) [potion of mutation]
263355 | Zig:26   | Gained mutation: Your mind is acute. (Int +2) [potion of
                  | mutation]
263356 | Zig:26   | Lost mutation: Your spells are a little harder to cast, but
                  | a little more powerful. [potion of mutation]
263356 | Zig:26   | Lost mutation: One of your tentacles bears a spike. [potion
                  | of mutation]
263356 | Zig:26   | Gained mutation: You have an increased reservoir of magic.
                  | (+10% MP) [potion of mutation]
263356 | Zig:26   | Gained mutation: You tend to lose your temper in combat.
                  | [potion of mutation]
263356 | Zig:26   | Gained mutation: Your mind is very acute. (Int +4) [potion
                  | of mutation]
263357 | Zig:26   | Lost mutation: You are covered in fur. (AC +1) [potion of
                  | mutation]
263357 | Zig:26   | Lost mutation: Your mind is very acute. (Int +4) [potion of
                  | mutation]
263357 | Zig:26   | Gained mutation: Potions are less effective at restoring
                  | your health. [potion of mutation]
263357 | Zig:26   | Gained mutation: You expend magic power (3 MP) to
                  | strengthen your wands. [potion of mutation]
263357 | Zig:26   | Gained mutation: One of your tentacles bears a spike.
                  | [potion of mutation]
263358 | Zig:26   | Lost mutation: You expend magic power (3 MP) to strengthen
                  | your wands. [potion of mutation]
263358 | Zig:26   | Lost mutation: One of your tentacles bears a spike. [potion
                  | of mutation]
263358 | Zig:26   | Lost mutation: Potions are less effective at restoring your
                  | health. [potion of mutation]
263358 | Zig:26   | Lost mutation: Your mind is acute. (Int +2) [potion of
                  | mutation]
263358 | Zig:26   | Gained mutation: Your body sometimes deteriorates upon
                  | taking damage. [potion of mutation]
263358 | Zig:26   | Gained mutation: You do not regenerate when monsters are
                  | visible. [potion of mutation]
263358 | Zig:26   | Gained mutation: One of your tentacles bears a spike.
                  | [potion of mutation]
263359 | Zig:26   | Lost mutation: Your body sometimes deteriorates upon taking
                  | damage. [potion of mutation]
263359 | Zig:26   | Lost mutation: You have an increased reservoir of magic.
                  | (+10% MP) [potion of mutation]
263359 | Zig:26   | Gained mutation: One of your tentacles bears a nasty spike.
                  | [potion of mutation]
263359 | Zig:26   | Gained mutation: One of your tentacles bears a large
                  | vicious spike. [potion of mutation]
263360 | Zig:26   | Lost mutation: You do not regenerate when monsters are
                  | visible. [potion of mutation]
263360 | Zig:26   | Lost mutation: One of your tentacles bears a large vicious
                  | spike. [potion of mutation]
263360 | Zig:26   | Lost mutation: You tend to lose your temper in combat.
                  | [potion of mutation]
263360 | Zig:26   | Lost mutation: One of your tentacles bears a nasty spike.
                  | [potion of mutation]
263360 | Zig:26   | Gained mutation: You are partially covered in slimy green
                  | scales. (AC +2) [potion of mutation]
263360 | Zig:26   | Gained mutation: Your spells are a little harder to cast,
                  | but a little more powerful. [potion of mutation]
263360 | Zig:26   | Gained mutation: You are robust. (+10% HP) [potion of
                  | mutation]
263360 | Zig:26   | Gained mutation: You are partially covered in iridescent
                  | scales. (AC +2) [potion of mutation]
263387 | Zig:27   | Entered Level 27 of a ziggurat
263396 | Zig:27   | Noticed a dread lich
263397 | Zig:27   | Noticed a dread lich
263397 | Zig:27   | Noticed an ancient lich
263397 | Zig:27   | Noticed a dread lich
263397 | Zig:27   | Noticed a dread lich
263397 | Zig:27   | Noticed a dread lich
263397 | Zig:27   | Noticed a dread lich
263397 | Zig:27   | Noticed an ancient lich
263398 | Zig:27   | Noticed a dread lich
263399 | Zig:27   | Noticed an ancient lich
263399 | Zig:27   | Noticed a dread lich
263399 | Zig:27   | Noticed a dread lich
263400 | Zig:27   | Noticed a dread lich
263400 | Zig:27   | Killed an ancient lich
263400 | Zig:27   | Killed a dread lich
263400 | Zig:27   | Killed a dread lich
263400 | Zig:27   | Killed a dread lich
263400 | Zig:27   | Killed a dread lich
263400 | Zig:27   | Killed an ancient lich
263400 | Zig:27   | Killed a dread lich
263400 | Zig:27   | Killed a dread lich
263400 | Zig:27   | Noticed a dread lich
263400 | Zig:27   | Noticed a dread lich
263401 | Zig:27   | Killed a dread lich
263401 | Zig:27   | Killed a dread lich
263401 | Zig:27   | Killed an ancient lich
263401 | Zig:27   | Killed a dread lich
263401 | Zig:27   | Noticed a dread lich
263402 | Zig:27   | Killed a dread lich
263402 | Zig:27   | Killed a dread lich
263402 | Zig:27   | Killed a dread lich
263402 | Zig:27   | Noticed a dread lich
263402 | Zig:27   | Noticed an ancient lich
263402 | Zig:27   | Noticed an ancient lich
263402 | Zig:27   | Noticed an ancient lich
263403 | Zig:27   | Noticed an ancient lich
263403 | Zig:27   | Noticed a dread lich
263404 | Zig:27   | Noticed an ancient lich
263404 | Zig:27   | Noticed a dread lich
263404 | Zig:27   | Noticed an ancient lich
263405 | Zig:27   | Noticed an ancient lich
263405 | Zig:27   | Noticed an ancient lich
263405 | Zig:27   | Noticed an ancient lich
263405 | Zig:27   | Killed a dread lich
263406 | Zig:27   | Noticed an ancient lich
263406 | Zig:27   | Noticed an ancient lich
263407 | Zig:27   | Noticed a dread lich
263407 | Zig:27   | Killed a dread lich
263407 | Zig:27   | Killed an ancient lich
263407 | Zig:27   | Killed an ancient lich
263407 | Zig:27   | Killed an ancient lich
263407 | Zig:27   | Killed an ancient lich
263407 | Zig:27   | Killed an ancient lich
263407 | Zig:27   | Noticed a dread lich
263408 | Zig:27   | Killed a dread lich
263408 | Zig:27   | Killed an ancient lich
263408 | Zig:27   | Killed an ancient lich
263408 | Zig:27   | Killed an ancient lich
263408 | Zig:27   | Killed an ancient lich
263408 | Zig:27   | Killed an ancient lich
263408 | Zig:27   | Killed a dread lich
263408 | Zig:27   | Noticed a dread lich
263408 | Zig:27   | Noticed an ancient lich
263408 | Zig:27   | Noticed a dread lich
263408 | Zig:27   | Noticed an ancient lich
263409 | Zig:27   | Killed an ancient lich
263409 | Zig:27   | Noticed a dread lich
263410 | Zig:27   | Noticed an ancient lich
263410 | Zig:27   | Noticed a dread lich
263411 | Zig:27   | Noticed a dread lich
263411 | Zig:27   | Noticed a dread lich
263411 | Zig:27   | Noticed an ancient lich
263411 | Zig:27   | Noticed an ancient lich
263412 | Zig:27   | Noticed a dread lich
263412 | Zig:27   | Noticed an ancient lich
263412 | Zig:27   | Noticed an ancient lich
263412 | Zig:27   | Noticed an ancient lich
263412 | Zig:27   | Noticed a dread lich
263412 | Zig:27   | Noticed an ancient lich
263413 | Zig:27   | Noticed an ancient lich
263413 | Zig:27   | Noticed an ancient lich
263413 | Zig:27   | Noticed a dread lich
263414 | Zig:27   | Killed a dread lich
263414 | Zig:27   | Killed an ancient lich
263414 | Zig:27   | Killed an ancient lich
263414 | Zig:27   | Killed an ancient lich
263414 | Zig:27   | Killed a dread lich
263414 | Zig:27   | Killed an ancient lich
263414 | Zig:27   | Killed an ancient lich
263414 | Zig:27   | Killed a dread lich
263414 | Zig:27   | Killed a dread lich
263415 | Zig:27   | Killed an ancient lich
263415 | Zig:27   | Killed an ancient lich
263415 | Zig:27   | Killed a dread lich
263415 | Zig:27   | Killed a dread lich
263415 | Zig:27   | Killed an ancient lich
263415 | Zig:27   | Killed a dread lich
263415 | Zig:27   | Killed an ancient lich
263415 | Zig:27   | Noticed an ancient lich
263415 | Zig:27   | Noticed a dread lich
263416 | Zig:27   | Killed a dread lich
263416 | Zig:27   | Killed an ancient lich
263416 | Zig:27   | Killed a dread lich
263416 | Zig:27   | Killed a dread lich
263416 | Zig:27   | Killed an ancient lich
263416 | Zig:27   | Killed an ancient lich
263416 | Zig:27   | Killed a dread lich
263417 | Zig:27   | Killed a dread lich
263417 | Zig:27   | Noticed an ancient lich
263417 | Zig:27   | Noticed a dread lich
263418 | Zig:27   | Noticed an ancient lich
263418 | Zig:27   | Noticed a dread lich
263418 | Zig:27   | Noticed a dread lich
263418 | Zig:27   | Noticed a dread lich
263419 | Zig:27   | Noticed an ancient lich
263419 | Zig:27   | Noticed a dread lich
263419 | Zig:27   | Noticed an ancient lich
263419 | Zig:27   | Noticed a dread lich
263419 | Zig:27   | Noticed a dread lich
263419 | Zig:27   | Noticed a dread lich
263419 | Zig:27   | Noticed a dread lich
263419 | Zig:27   | Noticed an ancient lich
263420 | Zig:27   | Noticed a dread lich
263420 | Zig:27   | Noticed an ancient lich
263420 | Zig:27   | Noticed a dread lich
263420 | Zig:27   | Noticed a dread lich
263420 | Zig:27   | Noticed an ancient lich
263422 | Zig:27   | Killed a dread lich
263422 | Zig:27   | Killed a dread lich
263422 | Zig:27   | Killed an ancient lich
263422 | Zig:27   | Killed a dread lich
263422 | Zig:27   | Killed an ancient lich
263422 | Zig:27   | Killed a dread lich
263423 | Zig:27   | Killed a dread lich
263423 | Zig:27   | Killed a dread lich
263423 | Zig:27   | Killed an ancient lich
263423 | Zig:27   | Killed a dread lich
263423 | Zig:27   | Killed an ancient lich
263423 | Zig:27   | Killed a dread lich
263423 | Zig:27   | Killed a dread lich
263423 | Zig:27   | Killed an ancient lich
263423 | Zig:27   | Killed a dread lich
263423 | Zig:27   | Killed a dread lich
263423 | Zig:27   | Killed a dread lich
263424 | Zig:27   | Killed an ancient lich
263424 | Zig:27   | Killed an ancient lich
263425 | Zig:27   | Noticed a dread lich
263425 | Zig:27   | Noticed a dread lich
263427 | Zig:27   | Killed a dread lich
263427 | Zig:27   | Killed a dread lich
263430 | Zig:27   | Noticed a dread lich
263432 | Zig:27   | Noticed a dread lich
263435 | Zig:27   | Killed a dread lich
263443 | Zig:27   | Killed a dread lich
263506 | Zig:27   | Identified the +7 mace of Ynunam {speed, Dex+4}
263510 | Zig:27   | Identified the ring "Kuemann" {rPois Dex+2}
264067 | Zig:27   | Identified the +10 halberd of Keow Full {freeze, rF+ rN+++
                  | Str-2 Dex+4}
264077 | Zig:27   | Identified the +3 hunting sling "Beast's Death" {venom,
                  | Int+2}
264083 | Zig:27   | Identified the ring "Uraiseh" {*Contam rC+ rN+++ Dex+7}
264158 | Dis:1    | Entered Level 1 of the Iron City of Dis
264344 | Dis:4    | You fall into a shaft and drop 2 floors!
264451 | Dis:7    | Entered Level 7 of the Iron City of Dis
264509 | Dis:7    | Identified the ring "Qiogeu" {rF+ Int+3 Dex+3 Slay+3}
264511 | Dis:7    | Identified the +8 great sword of Autumn {vorpal, *Corrode
                  | Str+4 Int+5}
264714 | Dis:7    | Identified the ring of Caclenei {rF++ rC- rN+++ Int-3
                  | Dex+6}
264806 | Dis:7    | Found the +4 staff of Dispater
264806 | Dis:7    | Noticed Dispater
264812 | Dis:7    | Killed Dispater
264838 | Dis:7    | Got an iron rune of Zot
264954 | Tar:1    | Entered Level 1 of Tartarus
265106 | Tar:4    | You fall into a shaft and drop 1 floor!
265148 | Tar:5    | You fall into a shaft and drop 1 floor!
265211 | Tar:7    | Entered Level 7 of Tartarus
265267 | Tar:7    | Noticed the Serpent of Hell
265271 | Tar:7    | Noticed Ereshkigal
265284 | Tar:7    | Killed the Serpent of Hell
265284 | Tar:7    | Killed Ereshkigal
265308 | Tar:7    | Got a bone rune of Zot
265310 | Tar:7    | Identified the +4 chain mail of Nunets {rN+++ Will++ Int-2}
265312 | Tar:7    | Identified the ring "Xusagr Suog" {+Fly rElec Will+ Dex-2}
265321 | Tar:7    | Identified the +6 great mace of Jogi {venom, Str+4}
265508 | Zig:1    | Entered Level 1 of a ziggurat
265508 | Zig:1    | Noticed a juggernaut
265509 | Zig:1    | Killed a juggernaut
265515 | Zig:2    | Entered Level 2 of a ziggurat
265515 | Zig:2    | Noticed Muecvaad the pandemonium lord
265517 | Zig:2    | Killed Muecvaad the pandemonium lord
265534 | Zig:3    | Entered Level 3 of a ziggurat
265543 | Zig:4    | Entered Level 4 of a ziggurat
265543 | Zig:4    | Noticed a juggernaut
265543 | Zig:4    | Noticed a juggernaut
265543 | Zig:4    | Noticed a juggernaut
265544 | Zig:4    | Killed a juggernaut
265545 | Zig:4    | Killed a juggernaut
265545 | Zig:4    | Killed a juggernaut
265557 | Zig:5    | Entered Level 5 of a ziggurat
265557 | Zig:5    | Noticed an ancient lich
265557 | Zig:5    | Noticed a dread lich
265557 | Zig:5    | Noticed a dread lich
265557 | Zig:5    | Noticed an ancient lich
265557 | Zig:5    | Noticed an ancient lich
265557 | Zig:5    | Noticed a dread lich
265557 | Zig:5    | Noticed a dread lich
265558 | Zig:5    | Killed an ancient lich
265558 | Zig:5    | Killed a dread lich
265559 | Zig:5    | Killed an ancient lich
265559 | Zig:5    | Killed an ancient lich
265559 | Zig:5    | Killed a dread lich
265559 | Zig:5    | Killed a dread lich
265563 | Zig:5    | Killed a dread lich
265571 | Zig:6    | Entered Level 6 of a ziggurat
265583 | Zig:6    | Identified The Incunabulum of Greatest Risks and Utility
265586 | Zig:6    | Identified the +10 war axe of Summertime {flame, *Contam
                  | *Drain rElec Str+8}
265589 | Zig:7    | Entered Level 7 of a ziggurat
265610 | Zig:8    | Entered Level 8 of a ziggurat
265629 | Zig:9    | Entered Level 9 of a ziggurat
265629 | Zig:9    | Noticed an orb of fire
265629 | Zig:9    | Noticed an orb of fire
265629 | Zig:9    | Noticed an orb of fire
265629 | Zig:9    | Noticed an orb of fire
265629 | Zig:9    | Noticed an orb of fire
265629 | Zig:9    | Noticed an orb of fire
265629 | Zig:9    | Noticed an orb of fire
265629 | Zig:9    | Noticed an orb of fire
265629 | Zig:9    | Noticed an orb of fire
265629 | Zig:9    | Noticed an orb of fire
265631 | Zig:9    | Noticed an orb of fire
265633 | Zig:9    | Noticed an orb of fire
265633 | Zig:9    | Noticed an orb of fire
265634 | Zig:9    | Noticed an orb of fire
265634 | Zig:9    | Noticed an orb of fire
265634 | Zig:9    | Noticed an orb of fire
265634 | Zig:9    | Noticed an orb of fire
265634 | Zig:9    | Noticed an orb of fire
265634 | Zig:9    | Noticed an orb of fire
265634 | Zig:9    | Killed an orb of fire
265635 | Zig:9    | Noticed an orb of fire
265635 | Zig:9    | Noticed an orb of fire
265635 | Zig:9    | Noticed an orb of fire
265635 | Zig:9    | Noticed an orb of fire
265636 | Zig:9    | Noticed an orb of fire
265636 | Zig:9    | Noticed an orb of fire
265636 | Zig:9    | Noticed an orb of fire
265636 | Zig:9    | Killed an orb of fire
265636 | Zig:9    | Killed an orb of fire
265637 | Zig:9    | Killed an orb of fire
265637 | Zig:9    | Killed an orb of fire
265638 | Zig:9    | Killed an orb of fire
265638 | Zig:9    | Killed an orb of fire
265638 | Zig:9    | Killed an orb of fire
265638 | Zig:9    | Noticed an orb of fire
265638 | Zig:9    | Noticed an orb of fire
265638 | Zig:9    | Noticed an orb of fire
265638 | Zig:9    | Noticed an orb of fire
265639 | Zig:9    | Noticed an orb of fire
265640 | Zig:9    | Noticed an orb of fire
265641 | Zig:9    | Killed an orb of fire
265641 | Zig:9    | Killed an orb of fire
265644 | Zig:9    | Noticed an orb of fire
265644 | Zig:9    | Killed an orb of fire
265644 | Zig:9    | Killed an orb of fire
265644 | Zig:9    | Killed an orb of fire
265645 | Zig:9    | Killed an orb of fire
265645 | Zig:9    | Killed an orb of fire
265645 | Zig:9    | Killed an orb of fire
265648 | Zig:9    | Killed an orb of fire
265648 | Zig:9    | Killed an orb of fire
265649 | Zig:9    | Killed an orb of fire
265649 | Zig:9    | Killed an orb of fire
265649 | Zig:9    | Killed an orb of fire
265650 | Zig:9    | Killed an orb of fire
265650 | Zig:9    | Killed an orb of fire
265651 | Zig:9    | Killed an orb of fire
265651 | Zig:9    | Killed an orb of fire
265651 | Zig:9    | Killed an orb of fire
265651 | Zig:9    | Killed an orb of fire
265652 | Zig:9    | Killed an orb of fire
265652 | Zig:9    | Killed an orb of fire
265654 | Zig:9    | Killed an orb of fire
265654 | Zig:9    | Killed an orb of fire
265655 | Zig:9    | Killed an orb of fire
265670 | Zig:9    | Identified the +8 quarterstaff of Exhibitionism {freeze,
                  | +Inv +Fly rElec Stlth-}
265672 | Zig:9    | Identified the +0 chain mail "Jellupn" {rF+ rN+}
265675 | Zig:9    | Killed an orb of fire
265727 | Zig:9    | Identified the +1 robe of Maaxoc {MP-9 Int+10 Dex+6 Stlth-}
265737 | Zig:9    | Identified the ring of the Iron Devil {*Drain rC++ Will+
                  | Str+3 Dex-4}
265934 | Zig:10   | Entered Level 10 of a ziggurat
265947 | Zig:10   | Identified the +1 leather armour "Zap Koim" {Str+2}
265951 | Zig:10   | Identified the +7 plate armour of Qaudy {rElec Regen+ Int+7
                  | Stlth+}
265961 | Zig:11   | Entered Level 11 of a ziggurat
266105 | Zig:12   | Entered Level 12 of a ziggurat
266126 | Zig:12   | Identified the +4 shortbow "Woant" {vorpal, rN++ Dex-5}
266136 | Zig:13   | Entered Level 13 of a ziggurat
266198 | Zig:13   | Identified the +5 flail of Risk Management {drain, +Blink
                  | rF+}
266750 | Zig:14   | Entered Level 14 of a ziggurat
266750 | Zig:14   | Noticed a royal mummy
266750 | Zig:14   | Noticed a royal mummy
266750 | Zig:14   | Noticed a royal mummy
266750 | Zig:14   | Noticed a royal mummy
266750 | Zig:14   | Noticed a royal mummy
266750 | Zig:14   | Noticed a royal mummy
266750 | Zig:14   | Noticed a royal mummy
266750 | Zig:14   | Noticed a royal mummy
266750 | Zig:14   | Noticed a royal mummy
266750 | Zig:14   | Noticed a royal mummy
266750 | Zig:14   | Noticed a royal mummy
266750 | Zig:14   | Noticed a royal mummy
266751 | Zig:14   | Killed a royal mummy
266751 | Zig:14   | Killed a royal mummy
266751 | Zig:14   | Killed a royal mummy
266751 | Zig:14   | Killed a royal mummy
266751 | Zig:14   | Killed a royal mummy
266751 | Zig:14   | Killed a royal mummy
266751 | Zig:14   | Killed a royal mummy
266751 | Zig:14   | Killed a royal mummy
266752 | Zig:14   | Noticed a royal mummy
266753 | Zig:14   | Noticed a royal mummy
266753 | Zig:14   | Noticed a royal mummy
266753 | Zig:14   | Noticed a royal mummy
266753 | Zig:14   | Noticed a royal mummy
266753 | Zig:14   | Noticed a royal mummy
266754 | Zig:14   | Noticed a royal mummy
266754 | Zig:14   | Noticed a royal mummy
266754 | Zig:14   | Noticed a royal mummy
266754 | Zig:14   | Noticed a royal mummy
266754 | Zig:14   | Noticed a royal mummy
266754 | Zig:14   | Noticed a royal mummy
266755 | Zig:14   | Noticed a royal mummy
266756 | Zig:14   | Killed a royal mummy
266756 | Zig:14   | Killed a royal mummy
266756 | Zig:14   | Killed a royal mummy
266756 | Zig:14   | Killed a royal mummy
266756 | Zig:14   | Killed a royal mummy
266756 | Zig:14   | Killed a royal mummy
266756 | Zig:14   | Killed a royal mummy
266756 | Zig:14   | Killed a royal mummy
266756 | Zig:14   | Killed a royal mummy
266756 | Zig:14   | Killed a royal mummy
266756 | Zig:14   | Killed a royal mummy
266756 | Zig:14   | Killed a royal mummy
266756 | Zig:14   | Noticed a royal mummy
266757 | Zig:14   | Killed a royal mummy
266757 | Zig:14   | Killed a royal mummy
266758 | Zig:14   | Killed a royal mummy
266759 | Zig:14   | Noticed a royal mummy
266759 | Zig:14   | Noticed a royal mummy
266761 | Zig:14   | Noticed a royal mummy
266761 | Zig:14   | Noticed a royal mummy
266761 | Zig:14   | Noticed a royal mummy
266761 | Zig:14   | Noticed a royal mummy
266762 | Zig:14   | Killed a royal mummy
266762 | Zig:14   | Killed a royal mummy
266763 | Zig:14   | Killed a royal mummy
266763 | Zig:14   | Killed a royal mummy
266763 | Zig:14   | Killed a royal mummy
266763 | Zig:14   | Killed a royal mummy
266764 | Zig:14   | Killed a royal mummy
266764 | Zig:14   | Noticed a royal mummy
266765 | Zig:14   | Noticed a royal mummy
266767 | Zig:14   | Noticed a royal mummy
266767 | Zig:14   | Noticed a royal mummy
266767 | Zig:14   | Noticed a royal mummy
266767 | Zig:14   | Noticed a royal mummy
266767 | Zig:14   | Noticed a royal mummy
266768 | Zig:14   | Killed a royal mummy
266768 | Zig:14   | Killed a royal mummy
266768 | Zig:14   | Killed a royal mummy
266768 | Zig:14   | Killed a royal mummy
266768 | Zig:14   | Killed a royal mummy
266768 | Zig:14   | Killed a royal mummy
266769 | Zig:14   | Killed a royal mummy
266769 | Zig:14   | Noticed a royal mummy
266769 | Zig:14   | Noticed a royal mummy
266772 | Zig:14   | Killed a royal mummy
266774 | Zig:14   | Killed a royal mummy
266775 | Zig:14   | Killed a royal mummy
266779 | Zig:14   | Killed a royal mummy
266884 | Zig:15   | Entered Level 15 of a ziggurat
266984 | Zig:15   | Identified the +4 quarterstaff "Dragonslayer" {flame, Will+
                  | MP+9 Int+4}
266990 | Zig:15   | Acquired 827 gold pieces
267057 | Zig:16   | Entered Level 16 of a ziggurat
267061 | Zig:16   | Noticed Jawain the pandemonium lord
267061 | Zig:16   | Noticed Ogautoh the pandemonium lord
267062 | Zig:16   | Noticed Zenaply the pandemonium lord
267062 | Zig:16   | Noticed Bik Zuc the pandemonium lord
267062 | Zig:16   | Noticed Xunetz the pandemonium lord
267067 | Zig:16   | Killed Xunetz the pandemonium lord
267067 | Zig:16   | Noticed Mamm the pandemonium lord
267067 | Zig:16   | Noticed Tuggeqarydgh the pandemonium lord
267071 | Zig:16   | Noticed Toitoin the pandemonium lord
267082 | Zig:16   | Noticed Joxag the pandemonium lord
267085 | Zig:16   | Noticed Hialudgh the pandemonium lord
267086 | Zig:16   | Killed Ogautoh the pandemonium lord
267089 | Zig:16   | Noticed Tipiwae Yjau the pandemonium lord
267089 | Zig:16   | Noticed Paophaing the pandemonium lord
267089 | Zig:16   | Noticed Ebeasawua the pandemonium lord
267090 | Zig:16   | Killed Hialudgh the pandemonium lord
267090 | Zig:16   | Killed Joxag the pandemonium lord
267091 | Zig:16   | Noticed Mol Irol the pandemonium lord
267092 | Zig:16   | Killed Toitoin the pandemonium lord
267095 | Zig:16   | Noticed Ruudebbu the pandemonium lord
267096 | Zig:16   | Noticed Joxoomosh the pandemonium lord
267097 | Zig:16   | Noticed Qydi the pandemonium lord
267097 | Zig:16   | Killed Tuggeqarydgh the pandemonium lord
267097 | Zig:16   | Noticed Dexyt the pandemonium lord
267098 | Zig:16   | Killed Tipiwae Yjau the pandemonium lord
267098 | Zig:16   | Noticed Ymutt the pandemonium lord
267099 | Zig:16   | Killed Paophaing the pandemonium lord
267099 | Zig:16   | Killed Mamm the pandemonium lord
267099 | Zig:16   | Paralysed by you for 7 turns
267099 | Zig:16   | Noticed Yshroteh the pandemonium lord
267099 | Zig:16   | Noticed Kistreo the pandemonium lord
267100 | Zig:16   | Noticed Omoblue the pandemonium lord
267100 | Zig:16   | Noticed Irycen the pandemonium lord
267102 | Zig:16   | Noticed Ruddib the pandemonium lord
267103 | Zig:16   | Noticed Nity the pandemonium lord
267106 | Zig:16   | Noticed Muyzo the pandemonium lord
267106 | Zig:16   | Noticed Eciehuni the pandemonium lord
267107 | Zig:16   | Noticed Arghymu the pandemonium lord
267107 | Zig:16   | Noticed Boplahai the pandemonium lord
267107 | Zig:16   | Noticed Weqiytu the pandemonium lord
267107 | Zig:16   | Noticed Rosegg the pandemonium lord
267107 | Zig:16   | Noticed Xoush the pandemonium lord
267107 | Zig:16   | Noticed Dilikk the pandemonium lord
267107 | Zig:16   | Noticed Wyr Kuggar the pandemonium lord
267108 | Zig:16   | Noticed Zeklaw the pandemonium lord
267108 | Zig:16   | Noticed Axtugyibb the pandemonium lord
267108 | Zig:16   | Noticed Biebles the pandemonium lord
267108 | Zig:16   | Noticed Menlie the pandemonium lord
267108 | Zig:16   | Noticed Maetir the pandemonium lord
267108 | Zig:16   | Noticed Saoppum the pandemonium lord
267109 | Zig:16   | Paralysed by a floating eye for 2 turns
267110 | Zig:16   | Noticed Xujok the pandemonium lord
267129 | Zig:16   | Killed Ymutt the pandemonium lord
267129 | Zig:16   | Noticed Una Bigro the pandemonium lord
267131 | Zig:16   | Noticed Xanioc the pandemonium lord
267131 | Zig:16   | Noticed Ekoshreg the pandemonium lord
267131 | Zig:16   | Killed Saoppum the pandemonium lord
267131 | Zig:16   | Killed Dilikk the pandemonium lord
267131 | Zig:16   | Noticed Figischih the pandemonium lord
267131 | Zig:16   | Noticed Okhifon the pandemonium lord
267131 | Zig:16   | Noticed Feloral the pandemonium lord
267131 | Zig:16   | Noticed Halesem the pandemonium lord
267131 | Zig:16   | Noticed Myigutis the pandemonium lord
267131 | Zig:16   | Noticed Ytoemout the pandemonium lord
267131 | Zig:16   | Noticed Nukiph the pandemonium lord
267131 | Zig:16   | Noticed Caiddol the pandemonium lord
267131 | Zig:16   | Noticed Demor the pandemonium lord
267131 | Zig:16   | Noticed Xowaux the pandemonium lord
267131 | Zig:16   | Noticed Ereruej the pandemonium lord
267132 | Zig:16   | Noticed Sagi the pandemonium lord
267132 | Zig:16   | Noticed Athrel the pandemonium lord
267132 | Zig:16   | Noticed Fogeupp the pandemonium lord
267132 | Zig:16   | Noticed Conen the pandemonium lord
267132 | Zig:16   | Noticed Geuna the pandemonium lord
267132 | Zig:16   | Noticed Ytifib the pandemonium lord
267132 | Zig:16   | Noticed Vabal the pandemonium lord
267132 | Zig:16   | Noticed Onwyceh the pandemonium lord
267132 | Zig:16   | Noticed Saihov the pandemonium lord
267132 | Zig:16   | Noticed Pomm the pandemonium lord
267132 | Zig:16   | Noticed Pearos the pandemonium lord
267132 | Zig:16   | Noticed Iddides the pandemonium lord
267132 | Zig:16   | Noticed Hipsusew the pandemonium lord
267132 | Zig:16   | Noticed Gathroun the pandemonium lord
267132 | Zig:16   | Noticed Cuefot the pandemonium lord
267132 | Zig:16   | Noticed Giot the pandemonium lord
267132 | Zig:16   | Noticed Mufumas the pandemonium lord
267132 | Zig:16   | Noticed Soddonn the pandemonium lord
267132 | Zig:16   | Noticed Vucuuda the pandemonium lord
267132 | Zig:16   | Noticed Vireemid the pandemonium lord
267132 | Zig:16   | Noticed Bafeklud the pandemonium lord
267132 | Zig:16   | Noticed Ari Uttu the pandemonium lord
267132 | Zig:16   | Noticed Care the pandemonium lord
267132 | Zig:16   | Noticed Zykh the pandemonium lord
267132 | Zig:16   | Identified the ring of Diapyeng {rC+ Will- AC+4 Str+4}
267132 | Zig:16   | Noticed Mixkippo the pandemonium lord
267132 | Zig:16   | Noticed Filyzaim the pandemonium lord
267132 | Zig:16   | Noticed Vasiro the pandemonium lord
267132 | Zig:16   | Noticed Bagh the pandemonium lord
267138 | Zig:16   | Killed Mufumas the pandemonium lord
267138 | Zig:16   | Killed Sagi the pandemonium lord
267138 | Zig:16   | Killed Okhifon the pandemonium lord
267138 | Zig:16   | Killed Xanioc the pandemonium lord
267138 | Zig:16   | Killed Conen the pandemonium lord
267138 | Zig:16   | Killed Vabal the pandemonium lord
267138 | Zig:16   | Killed Mixkippo the pandemonium lord
267138 | Zig:16   | Killed Ytoemout the pandemonium lord
267138 | Zig:16   | Killed Bagh the pandemonium lord
267138 | Zig:16   | Killed Demor the pandemonium lord
267138 | Zig:16   | Killed Athrel the pandemonium lord
267141 | Zig:17   | Entered Level 17 of a ziggurat
267231 | Zig:17   | Identified the ring "Bafeneat" {+Fly Int+4}
267233 | Zig:17   | Identified the amulet of Orthodoxy {rElec rPois rN+ Regen+
                  | Stlth+}
267246 | Zig:17   | Identified the Incunabulum of Ghastly Flames
267253 | Zig:17   | Identified the ring "Kouxtaureu" {rPois rF+ Slay+3}
267255 | Zig:17   | Identified the +3 robe of the Alphagorgon {Will++ Slay-2}
267312 | Zig:18   | Entered Level 18 of a ziggurat
267874 | Zig:18   | Identified the -3 hat of Chimes {rElec}
267922 | Zig:18   | Identified the amulet "Cemnitti" {Spirit *Drain rF+++
                  | Int+2}
267923 | Zig:18   | Identified the ring "Otzoqiumn" {Ice rPois Will+}
267927 | Zig:18   | Identified the +0 pair of gloves "Loemnuaso" {+Fly rF+}
267952 | Zig:18   | Identified the +3 giant club of Impatience {vorpal, rF+
                  | rC+}
267967 | Zig:19   | Entered Level 19 of a ziggurat
268087 | Zig:19   | Identified the amulet "Natsosu" {Reflect rC+ Str+3 SH+5}
268176 | Zig:19   | Identified the +1 quick blade of the Leaping Bear {vorpal,
                  | Dex+2}
268182 | Zig:19   | Identified the ring of the Middle {+Blink rC+++ rN+++ MP+9
                  | Int-4}
268195 | Zig:20   | Entered Level 20 of a ziggurat
268202 | Zig:20   | Noticed an ancient lich
268202 | Zig:20   | Noticed an ancient lich
268202 | Zig:20   | Noticed an ancient lich
268202 | Zig:20   | Noticed an ancient lich
268202 | Zig:20   | Noticed a dread lich
268202 | Zig:20   | Noticed a dread lich
268202 | Zig:20   | Noticed an ancient lich
268203 | Zig:20   | Noticed a dread lich
268203 | Zig:20   | Noticed a dread lich
268203 | Zig:20   | Noticed a dread lich
268203 | Zig:20   | Noticed an ancient lich
268203 | Zig:20   | Noticed a dread lich
268203 | Zig:20   | Noticed an ancient lich
268203 | Zig:20   | Noticed a dread lich
268203 | Zig:20   | Noticed a dread lich
268204 | Zig:20   | Killed a dread lich
268204 | Zig:20   | Killed an ancient lich
268204 | Zig:20   | Killed an ancient lich
268204 | Zig:20   | Killed an ancient lich
268204 | Zig:20   | Killed a dread lich
268204 | Zig:20   | Noticed an ancient lich
268205 | Zig:20   | Killed a dread lich
268205 | Zig:20   | Killed a dread lich
268205 | Zig:20   | Killed a dread lich
268205 | Zig:20   | Killed an ancient lich
268205 | Zig:20   | Killed a dread lich
268205 | Zig:20   | Killed a dread lich
268205 | Zig:20   | Killed an ancient lich
268206 | Zig:20   | Killed an ancient lich
268206 | Zig:20   | Noticed an ancient lich
268207 | Zig:20   | Noticed a dread lich
268207 | Zig:20   | Noticed an ancient lich
268207 | Zig:20   | Noticed an ancient lich
268207 | Zig:20   | Noticed an ancient lich
268207 | Zig:20   | Noticed an ancient lich
268207 | Zig:20   | Noticed a dread lich
268207 | Zig:20   | Noticed a dread lich
268207 | Zig:20   | Noticed an ancient lich
268207 | Zig:20   | Noticed a dread lich
268207 | Zig:20   | Noticed an ancient lich
268208 | Zig:20   | Killed a dread lich
268208 | Zig:20   | Killed an ancient lich
268208 | Zig:20   | Killed an ancient lich
268208 | Zig:20   | Killed a dread lich
268208 | Zig:20   | Killed an ancient lich
268209 | Zig:20   | Killed a dread lich
268209 | Zig:20   | Killed an ancient lich
268209 | Zig:20   | Killed an ancient lich
268209 | Zig:20   | Killed an ancient lich
268209 | Zig:20   | Killed an ancient lich
268209 | Zig:20   | Killed a dread lich
268209 | Zig:20   | Killed an ancient lich
268209 | Zig:20   | Killed a dread lich
268210 | Zig:20   | Killed an ancient lich
268210 | Zig:20   | Noticed a dread lich
268210 | Zig:20   | Noticed an ancient lich
268211 | Zig:20   | Noticed a dread lich
268212 | Zig:20   | Killed a dread lich
268213 | Zig:20   | Killed an ancient lich
268213 | Zig:20   | Killed a dread lich
268249 | Zig:20   | Identified Lehudib's Catalogue of Combat Magic and Clay
268255 | Zig:20   | Identified the +9 falchion of the Invisible Demons {vorpal,
                  | *Corrode +Rage Dex+5}
268377 | Zig:21   | Entered Level 21 of a ziggurat
268394 | Zig:21   | Identified the +6 shortbow "Embalmer" {freeze, +Inv rF-
                  | Int+2 Stlth+}
268469 | Zig:21   | Identified the +5 ring mail of Foolhardiness {Str+4}
268471 | Zig:21   | Identified the +5 scale mail of the Unseen Realm {Str+4}
268481 | Zig:21   | Identified the +1 long sword "Ceppelust" {vorpal, +Rage
                  | Str-5 SInv}
268487 | Zig:21   | Identified the amulet "Egoire" {Acrobat rElec rN+ Str+3}
268504 | Zig:21   | Identified the ring "Bepraned" {rC+ rN+ Dex+2 Slay-5}
268516 | Zig:21   | Identified the +1 pair of boots of Duck's Teeth {rN+}
268540 | Zig:21   | Identified the +1 broad axe of Xemu {freeze, +Rage Int+3}
268542 | Zig:21   | Identified the +1 leather armour of Cheibriados's Pride
                  | {Regen+ Int+6}
268567 | Zig:21   | Acquired 753 gold pieces
268583 | Zig:21   | Identified the +1 plate armour of Spite {Rampage +Inv Will-
                  | Regen+}
268585 | Zig:21   | Identified the ring "Veghuism" {rC+ Will+ Int+4}
268594 | Zig:21   | Identified the +12 arbalest of Parts Unknown {elec, rElec
                  | Dex+2}
268608 | Zig:21   | Identified the +2 helmet "Isivaile" {rC+}
268686 | Zig:21   | Identified the +10 fustibalus of Rotation {vorpal, rElec
                  | Will+ Str-2 Int+7}
268751 | Zig:21   | Identified the +10 shortbow of Incongruity {speed, rElec
                  | rN+ MP-9}
269369 | Zig:22   | Entered Level 22 of a ziggurat
270127 | Zig:22   | Identified the +1 scale mail "Reperoch" {rC+ Int+4}
270202 | Zig:22   | Identified the +8 flail of the Empty Page {vorpal, Dex+4}
270210 | Zig:22   | Identified Sif Muna's Catalogue of Floating Calling
270369 | Zig:23   | Entered Level 23 of a ziggurat
270501 | Zig:23   | Identified the amulet of Surprise {Spirit +Inv}
270503 | Zig:23   | Identified the amulet "Joer" {Reflect Will+ MP-9 Dex+5
                  | SH+5}
270505 | Zig:23   | Identified the +1 robe "Basmoe" {Rampage Will- Dex+4}
270533 | Zig:23   | Identified the +6 falchion of Asuosem {elec, rC++}
270567 | Zig:23   | Identified the +4 shortbow of Gewn {freeze, +Fly rN++}
271279 | Zig:23   | Identified the +5 falchion of Infinity {drain, rPois Str+3
                  | Int+4 Stlth+}
271323 | Zig:24   | Entered Level 24 of a ziggurat
271323 | Zig:24   | Noticed a royal mummy
271323 | Zig:24   | Noticed a royal mummy
271323 | Zig:24   | Noticed a royal mummy
271323 | Zig:24   | Noticed a royal mummy
271324 | Zig:24   | Noticed a royal mummy
271325 | Zig:24   | Noticed a royal mummy
271326 | Zig:24   | Noticed a royal mummy
271327 | Zig:24   | Noticed a royal mummy
271327 | Zig:24   | Noticed a royal mummy
271328 | Zig:24   | Noticed a royal mummy
271328 | Zig:24   | Noticed a royal mummy
271328 | Zig:24   | Noticed a royal mummy
271328 | Zig:24   | Noticed a royal mummy
271328 | Zig:24   | Noticed a royal mummy
271328 | Zig:24   | Noticed a royal mummy
271328 | Zig:24   | Noticed a royal mummy
271328 | Zig:24   | Noticed a royal mummy
271328 | Zig:24   | Noticed a royal mummy
271328 | Zig:24   | Noticed a royal mummy
271328 | Zig:24   | Noticed a royal mummy
271329 | Zig:24   | Killed a royal mummy
271329 | Zig:24   | Killed a royal mummy
271329 | Zig:24   | Killed a royal mummy
271329 | Zig:24   | Killed a royal mummy
271329 | Zig:24   | Killed a royal mummy
271329 | Zig:24   | Killed a royal mummy
271329 | Zig:24   | Killed a royal mummy
271329 | Zig:24   | Killed a royal mummy
271329 | Zig:24   | Killed a royal mummy
271329 | Zig:24   | Killed a royal mummy
271329 | Zig:24   | Killed a royal mummy
271329 | Zig:24   | Killed a royal mummy
271329 | Zig:24   | Killed a royal mummy
271330 | Zig:24   | Noticed a royal mummy
271330 | Zig:24   | Noticed a royal mummy
271331 | Zig:24   | Noticed a royal mummy
271331 | Zig:24   | Noticed a royal mummy
271331 | Zig:24   | Noticed a royal mummy
271332 | Zig:24   | Noticed a royal mummy
271332 | Zig:24   | Killed a royal mummy
271332 | Zig:24   | Killed a royal mummy
271332 | Zig:24   | Noticed a royal mummy
271333 | Zig:24   | Noticed a royal mummy
271333 | Zig:24   | Killed a royal mummy
271333 | Zig:24   | Noticed a royal mummy
271334 | Zig:24   | Noticed a royal mummy
271334 | Zig:24   | Noticed a royal mummy
271334 | Zig:24   | Killed a royal mummy
271335 | Zig:24   | Killed a royal mummy
271335 | Zig:24   | Killed a royal mummy
271335 | Zig:24   | Killed a royal mummy
271335 | Zig:24   | Killed a royal mummy
271335 | Zig:24   | Killed a royal mummy
271335 | Zig:24   | Killed a royal mummy
271335 | Zig:24   | Killed a royal mummy
271335 | Zig:24   | Noticed a royal mummy
271335 | Zig:24   | Noticed a royal mummy
271336 | Zig:24   | Noticed a royal mummy
271336 | Zig:24   | Noticed a royal mummy
271336 | Zig:24   | Noticed a royal mummy
271336 | Zig:24   | Noticed an ancient lich
271337 | Zig:24   | Killed a royal mummy
271337 | Zig:24   | Noticed a royal mummy
271337 | Zig:24   | Noticed a royal mummy
271337 | Zig:24   | Noticed a royal mummy
271337 | Zig:24   | Noticed a royal mummy
271337 | Zig:24   | Noticed a royal mummy
271337 | Zig:24   | Noticed a royal mummy
271337 | Zig:24   | Noticed a royal mummy
271338 | Zig:24   | Killed a royal mummy
271338 | Zig:24   | Noticed a royal mummy
271338 | Zig:24   | Noticed a royal mummy
271338 | Zig:24   | Noticed a royal mummy
271338 | Zig:24   | Noticed a royal mummy
271339 | Zig:24   | Killed a royal mummy
271339 | Zig:24   | Killed a royal mummy
271339 | Zig:24   | Killed a royal mummy
271339 | Zig:24   | Killed a royal mummy
271339 | Zig:24   | Killed a royal mummy
271339 | Zig:24   | Killed a royal mummy
271339 | Zig:24   | Killed a royal mummy
271339 | Zig:24   | Killed a royal mummy
271339 | Zig:24   | Killed a royal mummy
271339 | Zig:24   | Killed a royal mummy
271339 | Zig:24   | Killed an ancient lich
271339 | Zig:24   | Killed a royal mummy
271339 | Zig:24   | Noticed a royal mummy
271339 | Zig:24   | Noticed a royal mummy
271339 | Zig:24   | Noticed a royal mummy
271339 | Zig:24   | Noticed a royal mummy
271340 | Zig:24   | Killed a royal mummy
271340 | Zig:24   | Killed a royal mummy
271340 | Zig:24   | Killed a royal mummy
271341 | Zig:24   | Noticed a royal mummy
271341 | Zig:24   | Noticed a royal mummy
271342 | Zig:24   | Killed a royal mummy
271342 | Zig:24   | Killed a royal mummy
271342 | Zig:24   | Killed a royal mummy
271342 | Zig:24   | Killed a royal mummy
271342 | Zig:24   | Killed a royal mummy
271342 | Zig:24   | Killed a royal mummy
271342 | Zig:24   | Killed a royal mummy
271342 | Zig:24   | Killed a royal mummy
271342 | Zig:24   | Noticed a royal mummy
271342 | Zig:24   | Noticed a royal mummy
271342 | Zig:24   | Noticed a royal mummy
271342 | Zig:24   | Noticed a royal mummy
271342 | Zig:24   | Noticed a royal mummy
271342 | Zig:24   | Noticed a royal mummy
271343 | Zig:24   | Killed a royal mummy
271343 | Zig:24   | Killed a royal mummy
271343 | Zig:24   | Killed a royal mummy
271343 | Zig:24   | Killed a royal mummy
271343 | Zig:24   | Noticed a royal mummy
271343 | Zig:24   | Noticed a royal mummy
271344 | Zig:24   | Noticed a royal mummy
271344 | Zig:24   | Noticed a royal mummy
271344 | Zig:24   | Noticed a royal mummy
271344 | Zig:24   | Noticed a royal mummy
271344 | Zig:24   | Noticed a royal mummy
271344 | Zig:24   | Noticed a royal mummy
271345 | Zig:24   | Noticed a royal mummy
271345 | Zig:24   | Noticed a royal mummy
271345 | Zig:24   | Noticed a royal mummy
271345 | Zig:24   | Noticed a royal mummy
271346 | Zig:24   | Noticed a royal mummy
271346 | Zig:24   | Noticed a royal mummy
271346 | Zig:24   | Noticed a royal mummy
271347 | Zig:24   | Killed a royal mummy
271347 | Zig:24   | Killed a royal mummy
271347 | Zig:24   | Killed a royal mummy
271347 | Zig:24   | Killed a royal mummy
271347 | Zig:24   | Killed a royal mummy
271347 | Zig:24   | Killed a royal mummy
271347 | Zig:24   | Killed a royal mummy
271347 | Zig:24   | Killed a royal mummy
271347 | Zig:24   | Killed a royal mummy
271347 | Zig:24   | Killed a royal mummy
271347 | Zig:24   | Killed a royal mummy
271347 | Zig:24   | Killed a royal mummy
271347 | Zig:24   | Killed a royal mummy
271347 | Zig:24   | Killed a royal mummy
271347 | Zig:24   | Noticed a royal mummy
271348 | Zig:24   | Killed a royal mummy
271348 | Zig:24   | Killed a royal mummy
271348 | Zig:24   | Killed a royal mummy
271348 | Zig:24   | Killed a royal mummy
271349 | Zig:24   | Killed a royal mummy
271349 | Zig:24   | Killed a royal mummy
271350 | Zig:24   | Noticed a royal mummy
271351 | Zig:24   | Noticed a royal mummy
271351 | Zig:24   | Noticed a royal mummy
271351 | Zig:24   | Noticed a royal mummy
271352 | Zig:24   | Noticed a royal mummy
271353 | Zig:24   | Killed a royal mummy
271353 | Zig:24   | Killed a royal mummy
271353 | Zig:24   | Killed a royal mummy
271354 | Zig:24   | Killed a royal mummy
271354 | Zig:24   | Killed a royal mummy
271354 | Zig:24   | Killed a royal mummy
271354 | Zig:24   | Noticed a royal mummy
271354 | Zig:24   | Noticed a royal mummy
271355 | Zig:24   | Noticed a royal mummy
271356 | Zig:24   | Noticed a royal mummy
271356 | Zig:24   | Noticed a royal mummy
271356 | Zig:24   | Noticed a royal mummy
271356 | Zig:24   | Noticed a royal mummy
271356 | Zig:24   | Noticed a royal mummy
271356 | Zig:24   | Noticed a royal mummy
271356 | Zig:24   | Noticed a royal mummy
271356 | Zig:24   | Noticed a royal mummy
271356 | Zig:24   | Noticed a royal mummy
271356 | Zig:24   | Noticed a royal mummy
271356 | Zig:24   | Noticed a royal mummy
271356 | Zig:24   | Noticed a royal mummy
271356 | Zig:24   | Noticed a royal mummy
271357 | Zig:24   | Killed a royal mummy
271357 | Zig:24   | Killed a royal mummy
271357 | Zig:24   | Killed a royal mummy
271357 | Zig:24   | Killed a royal mummy
271357 | Zig:24   | Killed a royal mummy
271357 | Zig:24   | Killed a royal mummy
271357 | Zig:24   | Noticed a royal mummy
271357 | Zig:24   | Noticed a royal mummy
271358 | Zig:24   | Noticed a royal mummy
271359 | Zig:24   | Noticed a royal mummy
271359 | Zig:24   | Noticed a royal mummy
271359 | Zig:24   | Noticed a royal mummy
271360 | Zig:24   | Noticed a royal mummy
271361 | Zig:24   | Noticed a royal mummy
271361 | Zig:24   | Killed a royal mummy
271361 | Zig:24   | Killed a royal mummy
271362 | Zig:24   | Noticed a royal mummy
271362 | Zig:24   | Killed a royal mummy
271362 | Zig:24   | Killed a royal mummy
271363 | Zig:24   | Noticed a royal mummy
271363 | Zig:24   | Killed a royal mummy
271364 | Zig:24   | Killed a royal mummy
271364 | Zig:24   | Killed a royal mummy
271364 | Zig:24   | Killed a royal mummy
271364 | Zig:24   | Killed a royal mummy
271365 | Zig:24   | Killed a royal mummy
271365 | Zig:24   | Killed a royal mummy
271365 | Zig:24   | Killed a royal mummy
271365 | Zig:24   | Killed a royal mummy
271365 | Zig:24   | Killed a royal mummy
271365 | Zig:24   | Noticed a royal mummy
271366 | Zig:24   | Killed a royal mummy
271366 | Zig:24   | Killed a royal mummy
271366 | Zig:24   | Killed a royal mummy
271366 | Zig:24   | Killed a royal mummy
271366 | Zig:24   | Noticed a royal mummy
271366 | Zig:24   | Noticed a royal mummy
271369 | Zig:24   | Killed a royal mummy
271369 | Zig:24   | Killed a royal mummy
271369 | Zig:24   | Killed a royal mummy
271369 | Zig:24   | Killed a royal mummy
271369 | Zig:24   | Killed a royal mummy
271369 | Zig:24   | Killed a royal mummy
271369 | Zig:24   | Killed a royal mummy
271369 | Zig:24   | Noticed a royal mummy
271370 | Zig:24   | Noticed a royal mummy
271377 | Zig:24   | Identified the +0 chain mail "Jezibb" {Dex+2 Slay+4}
271381 | Zig:24   | Killed a royal mummy
271383 | Zig:24   | Killed a royal mummy
272062 | Zig:24   | Identified the +5 shortbow of the Extremes {freeze, rC+
                  | Str+5}
272068 | Zig:24   | Identified the +1 scale mail of Ymmarph {rElec Will+ Str+3}
272076 | Zig:24   | Identified the +6 chain mail of Supple Strength {-Cast
                  | Will+ rCorr}
272094 | Zig:24   | Identified the +0 robe "Fiebasse" {rPois}
272104 | Zig:24   | Identified the +3 quarterstaff of Dishonour {vorpal, rN+
                  | Str-4 Int+4}
272213 | Zig:24   | Identified the +1 mace of Byrrod {holy, Int+2}
272317 | Zig:24   | Identified the +2 morningstar of Balance {vorpal, Dex+4}
272331 | Zig:25   | Entered Level 25 of a ziggurat
272355 | Zig:25   | Noticed Zuuceust the pandemonium lord
272362 | Zig:25   | Killed Zuuceust the pandemonium lord
272366 | Zig:25   | Identified the +1 falchion "Enisor" {pain, +Blink Str-4
                  | Int+4 Dex+9}
272426 | Zig:25   | Identified the +9 mace of Fragile Peace {venom, +Inv}
272430 | Zig:25   | Identified the +2 robe "Yfupt" {rN+++ Regen+ Str+3 Int-4}
272435 | Zig:25   | Identified the +8 hunting sling "Cywuah" {freeze, +Blink}
272529 | Zig:26   | Entered Level 26 of a ziggurat
272535 | Zig:26   | Noticed a royal mummy
272535 | Zig:26   | Noticed a royal mummy
272535 | Zig:26   | Noticed a royal mummy
272536 | Zig:26   | Noticed a royal mummy
272538 | Zig:26   | Noticed an ancient lich
272538 | Zig:26   | Noticed a royal mummy
272538 | Zig:26   | Noticed a royal mummy
272539 | Zig:26   | Noticed a royal mummy
272539 | Zig:26   | Noticed a royal mummy
272539 | Zig:26   | Noticed a royal mummy
272539 | Zig:26   | Noticed a royal mummy
272539 | Zig:26   | Noticed a royal mummy
272539 | Zig:26   | Noticed a royal mummy
272539 | Zig:26   | Noticed a royal mummy
272539 | Zig:26   | Noticed a royal mummy
272539 | Zig:26   | Noticed a royal mummy
272539 | Zig:26   | Noticed a royal mummy
272539 | Zig:26   | Noticed a royal mummy
272540 | Zig:26   | Killed a royal mummy
272540 | Zig:26   | Killed a royal mummy
272540 | Zig:26   | Killed a royal mummy
272540 | Zig:26   | Killed a royal mummy
272540 | Zig:26   | Killed a royal mummy
272540 | Zig:26   | Killed a royal mummy
272540 | Zig:26   | Killed a royal mummy
272540 | Zig:26   | Killed a royal mummy
272540 | Zig:26   | Killed a royal mummy
272540 | Zig:26   | Killed a royal mummy
272540 | Zig:26   | Killed a royal mummy
272540 | Zig:26   | Noticed a royal mummy
272541 | Zig:26   | Killed a royal mummy
272541 | Zig:26   | Killed a royal mummy
272541 | Zig:26   | Killed an ancient lich
272541 | Zig:26   | Noticed a royal mummy
272541 | Zig:26   | Noticed a royal mummy
272542 | Zig:26   | Killed a royal mummy
272542 | Zig:26   | Killed a royal mummy
272542 | Zig:26   | Killed a royal mummy
272542 | Zig:26   | Noticed a royal mummy
272542 | Zig:26   | Noticed a royal mummy
272542 | Zig:26   | Noticed a royal mummy
272542 | Zig:26   | Noticed a royal mummy
272542 | Zig:26   | Noticed a royal mummy
272542 | Zig:26   | Noticed a royal mummy
272542 | Zig:26   | Noticed a royal mummy
272543 | Zig:26   | Killed a royal mummy
272543 | Zig:26   | Killed a royal mummy
272543 | Zig:26   | Noticed a royal mummy
272543 | Zig:26   | Noticed a royal mummy
272543 | Zig:26   | Noticed a royal mummy
272544 | Zig:26   | Noticed a royal mummy
272544 | Zig:26   | Noticed a royal mummy
272544 | Zig:26   | Noticed a royal mummy
272544 | Zig:26   | Noticed a royal mummy
272544 | Zig:26   | Noticed a royal mummy
272544 | Zig:26   | Noticed a royal mummy
272544 | Zig:26   | Noticed a royal mummy
272544 | Zig:26   | Noticed a royal mummy
272544 | Zig:26   | Noticed a royal mummy
272544 | Zig:26   | Noticed a royal mummy
272544 | Zig:26   | Noticed a royal mummy
272544 | Zig:26   | Noticed a royal mummy
272544 | Zig:26   | Noticed a royal mummy
272544 | Zig:26   | Noticed a royal mummy
272545 | Zig:26   | Killed a royal mummy
272545 | Zig:26   | Killed a royal mummy
272545 | Zig:26   | Killed a royal mummy
272545 | Zig:26   | Killed a royal mummy
272545 | Zig:26   | Killed a royal mummy
272545 | Zig:26   | Killed a royal mummy
272545 | Zig:26   | Killed a royal mummy
272545 | Zig:26   | Killed a royal mummy
272545 | Zig:26   | Killed a royal mummy
272545 | Zig:26   | Killed a royal mummy
272545 | Zig:26   | Killed a royal mummy
272545 | Zig:26   | Killed a royal mummy
272545 | Zig:26   | Killed a royal mummy
272545 | Zig:26   | Killed a royal mummy
272545 | Zig:26   | Killed a royal mummy
272545 | Zig:26   | Noticed a royal mummy
272545 | Zig:26   | Noticed a royal mummy
272545 | Zig:26   | Noticed a royal mummy
272546 | Zig:26   | Killed a royal mummy
272546 | Zig:26   | Killed a royal mummy
272546 | Zig:26   | Killed a royal mummy
272546 | Zig:26   | Killed a royal mummy
272546 | Zig:26   | Killed a royal mummy
272546 | Zig:26   | Killed a royal mummy
272546 | Zig:26   | Killed a royal mummy
272546 | Zig:26   | Killed a royal mummy
272546 | Zig:26   | Killed a royal mummy
272546 | Zig:26   | Noticed a royal mummy
272547 | Zig:26   | Killed a royal mummy
272547 | Zig:26   | Noticed a royal mummy
272548 | Zig:26   | Noticed a royal mummy
272549 | Zig:26   | Killed a royal mummy
272549 | Zig:26   | Noticed a royal mummy
272549 | Zig:26   | Noticed a royal mummy
272549 | Zig:26   | Noticed a royal mummy
272549 | Zig:26   | Noticed a royal mummy
272550 | Zig:26   | Noticed a royal mummy
272551 | Zig:26   | Noticed a royal mummy
272551 | Zig:26   | Noticed a royal mummy
272551 | Zig:26   | Noticed a royal mummy
272551 | Zig:26   | Noticed a royal mummy
272551 | Zig:26   | Noticed a royal mummy
272551 | Zig:26   | Noticed a royal mummy
272551 | Zig:26   | Noticed a royal mummy
272551 | Zig:26   | Noticed a royal mummy
272551 | Zig:26   | Noticed a royal mummy
272551 | Zig:26   | Noticed a royal mummy
272551 | Zig:26   | Noticed a royal mummy
272551 | Zig:26   | Noticed a royal mummy
272551 | Zig:26   | Noticed a royal mummy
272551 | Zig:26   | Noticed a royal mummy
272551 | Zig:26   | Noticed a royal mummy
272551 | Zig:26   | Noticed a royal mummy
272551 | Zig:26   | Noticed a royal mummy
272551 | Zig:26   | Noticed a royal mummy
272552 | Zig:26   | Killed a royal mummy
272552 | Zig:26   | Killed a royal mummy
272552 | Zig:26   | Killed a royal mummy
272552 | Zig:26   | Killed a royal mummy
272552 | Zig:26   | Killed a royal mummy
272552 | Zig:26   | Killed a royal mummy
272552 | Zig:26   | Killed a royal mummy
272552 | Zig:26   | Killed a royal mummy
272552 | Zig:26   | Killed a royal mummy
272552 | Zig:26   | Killed a royal mummy
272552 | Zig:26   | Killed a royal mummy
272552 | Zig:26   | Killed a royal mummy
272552 | Zig:26   | Killed a royal mummy
272552 | Zig:26   | Killed a royal mummy
272552 | Zig:26   | Killed a royal mummy
272552 | Zig:26   | Killed a royal mummy
272552 | Zig:26   | Killed a royal mummy
272552 | Zig:26   | Killed a royal mummy
272552 | Zig:26   | Noticed a royal mummy
272552 | Zig:26   | Noticed a royal mummy
272552 | Zig:26   | Noticed a royal mummy
272552 | Zig:26   | Noticed a royal mummy
272553 | Zig:26   | Killed a royal mummy
272553 | Zig:26   | Killed a royal mummy
272553 | Zig:26   | Killed a royal mummy
272553 | Zig:26   | Killed a royal mummy
272553 | Zig:26   | Killed a royal mummy
272553 | Zig:26   | Killed a royal mummy
272553 | Zig:26   | Killed a royal mummy
272553 | Zig:26   | Killed a royal mummy
272553 | Zig:26   | Killed a royal mummy
272553 | Zig:26   | Killed a royal mummy
272553 | Zig:26   | Killed a royal mummy
272553 | Zig:26   | Noticed a royal mummy
272553 | Zig:26   | Noticed a royal mummy
272553 | Zig:26   | Noticed a royal mummy
272553 | Zig:26   | Noticed a royal mummy
272554 | Zig:26   | Noticed a royal mummy
272554 | Zig:26   | Noticed a royal mummy
272554 | Zig:26   | Noticed a royal mummy
272554 | Zig:26   | Noticed a royal mummy
272554 | Zig:26   | Noticed a royal mummy
272554 | Zig:26   | Noticed a royal mummy
272554 | Zig:26   | Noticed a royal mummy
272555 | Zig:26   | Killed a royal mummy
272555 | Zig:26   | Killed a royal mummy
272555 | Zig:26   | Noticed a royal mummy
272555 | Zig:26   | Noticed a royal mummy
272555 | Zig:26   | Noticed a royal mummy
272555 | Zig:26   | Noticed a royal mummy
272555 | Zig:26   | Noticed a royal mummy
272555 | Zig:26   | Noticed a royal mummy
272555 | Zig:26   | Noticed a royal mummy
272556 | Zig:26   | Killed a royal mummy
272556 | Zig:26   | Killed a royal mummy
272556 | Zig:26   | Killed a royal mummy
272557 | Zig:26   | Killed a royal mummy
272557 | Zig:26   | Killed a royal mummy
272557 | Zig:26   | Killed a royal mummy
272557 | Zig:26   | Killed a royal mummy
272557 | Zig:26   | Killed a royal mummy
272557 | Zig:26   | Killed a royal mummy
272557 | Zig:26   | Killed a royal mummy
272557 | Zig:26   | Killed a royal mummy
272557 | Zig:26   | Noticed a royal mummy
272558 | Zig:26   | Killed a royal mummy
272558 | Zig:26   | Killed a royal mummy
272558 | Zig:26   | Killed a royal mummy
272558 | Zig:26   | Killed a royal mummy
272558 | Zig:26   | Killed a royal mummy
272558 | Zig:26   | Killed a royal mummy
272558 | Zig:26   | Killed a royal mummy
272558 | Zig:26   | Killed a royal mummy
272558 | Zig:26   | Killed a royal mummy
272558 | Zig:26   | Noticed a royal mummy
272559 | Zig:26   | Noticed a royal mummy
272559 | Zig:26   | Noticed a royal mummy
272559 | Zig:26   | Noticed a royal mummy
272560 | Zig:26   | Noticed a royal mummy
272560 | Zig:26   | Noticed a royal mummy
272560 | Zig:26   | Noticed a royal mummy
272561 | Zig:26   | Killed a royal mummy
272561 | Zig:26   | Killed a royal mummy
272561 | Zig:26   | Killed a royal mummy
272562 | Zig:26   | Killed a royal mummy
272562 | Zig:26   | Killed a royal mummy
272562 | Zig:26   | Killed a royal mummy
272563 | Zig:26   | Noticed a royal mummy
272564 | Zig:26   | Noticed a royal mummy
272564 | Zig:26   | Noticed a royal mummy
272565 | Zig:26   | Noticed a royal mummy
272566 | Zig:26   | Noticed a royal mummy
272566 | Zig:26   | Noticed a royal mummy
272567 | Zig:26   | Noticed a royal mummy
272572 | Zig:26   | Killed a royal mummy
272572 | Zig:26   | Killed a royal mummy
272572 | Zig:26   | Killed a royal mummy
272573 | Zig:26   | Killed a royal mummy
272573 | Zig:26   | Killed a royal mummy
272573 | Zig:26   | Killed a royal mummy
272573 | Zig:26   | Killed a royal mummy
272573 | Zig:26   | Killed a royal mummy
272573 | Zig:26   | Killed a royal mummy
273389 | Zig:26   | Acquired 625 gold pieces
273395 | Zig:26   | Identified the +6 spear of the Baking Butterfly {freeze,
                  | *Corrode +Blink rF+ rC++}
273416 | Zig:26   | Identified the +7 dagger "Xyehak" {vorpal, rF++ MP+9 Str-4
                  | Stlth+}
273420 | Zig:26   | Identified the +9 chain mail of Maum {rC++ Int-2}
273433 | Zig:26   | Identified the +6 hand axe of Bomuttu {speed, *Slow rElec
                  | Will++ Dex+4}
273434 | Zig:26   | Identified the ring of Egomania {Wiz Will+ Int+7}
273448 | Zig:26   | Identified the +9 great mace of Might {drain, rN+}
273636 | Zig:27   | Entered Level 27 of a ziggurat
273645 | Zig:27   | Noticed Zarith the pandemonium lord
273647 | Zig:27   | Killed Zarith the pandemonium lord
273647 | Zig:27   | Noticed Rufes the pandemonium lord
273653 | Zig:27   | Noticed Ugrer the pandemonium lord
273656 | Zig:27   | Killed Ugrer the pandemonium lord
273665 | Zig:27   | Noticed Qolyud the pandemonium lord
273666 | Zig:27   | Noticed Razit the pandemonium lord
273667 | Zig:27   | Killed Rufes the pandemonium lord
273667 | Zig:27   | Noticed Cytoqom the pandemonium lord
273671 | Zig:27   | Killed Cytoqom the pandemonium lord
273674 | Zig:27   | Killed Razit the pandemonium lord
273675 | Zig:27   | Killed Qolyud the pandemonium lord
273681 | Zig:27   | Noticed Xelas the pandemonium lord
273682 | Zig:27   | Noticed Latef the pandemonium lord
273683 | Zig:27   | Noticed Nihux the pandemonium lord
273683 | Zig:27   | Noticed Xufa the pandemonium lord
273684 | Zig:27   | Noticed Paashrara the pandemonium lord
273686 | Zig:27   | Noticed Zicogg the pandemonium lord
273687 | Zig:27   | Killed Latef the pandemonium lord
273687 | Zig:27   | Noticed Liewn the pandemonium lord
273688 | Zig:27   | Killed Xelas the pandemonium lord
273688 | Zig:27   | Noticed Plog the pandemonium lord
273689 | Zig:27   | Noticed Umeitzyd the pandemonium lord
273689 | Zig:27   | Noticed Naestrota the pandemonium lord
273689 | Zig:27   | Noticed Vucus the pandemonium lord
273690 | Zig:27   | Noticed Vagikh the pandemonium lord
273690 | Zig:27   | Noticed Athroruka the pandemonium lord
273690 | Zig:27   | Noticed Tyikk the pandemonium lord
273692 | Zig:27   | Killed Liewn the pandemonium lord
273692 | Zig:27   | Noticed Dafiquuz the pandemonium lord
273692 | Zig:27   | Noticed Ticaixzamm the pandemonium lord
273695 | Zig:27   | Killed Naestrota the pandemonium lord
273696 | Zig:27   | Killed Vagikh the pandemonium lord
273696 | Zig:27   | Noticed Zojuon the pandemonium lord
273696 | Zig:27   | Noticed Neriw the pandemonium lord
273696 | Zig:27   | Noticed Hienat the pandemonium lord
273697 | Zig:27   | Killed Xufa the pandemonium lord
273698 | Zig:27   | Killed Dafiquuz the pandemonium lord
273698 | Zig:27   | Noticed Peos the pandemonium lord
273701 | Zig:27   | Killed Vucus the pandemonium lord
273706 | Zig:27   | Killed Neriw the pandemonium lord
273710 | Zig:27   | Killed Umeitzyd the pandemonium lord
273711 | Zig:27   | Killed Peos the pandemonium lord
273712 | Zig:27   | Killed Zicogg the pandemonium lord
273712 | Zig:27   | Noticed Tyel the pandemonium lord
273713 | Zig:27   | Killed Paashrara the pandemonium lord
273716 | Zig:27   | Noticed Haidaih the pandemonium lord
273716 | Zig:27   | Killed Zojuon the pandemonium lord
273717 | Zig:27   | Noticed Pithre the pandemonium lord
273718 | Zig:27   | Noticed Lamor the pandemonium lord
273720 | Zig:27   | Killed Hienat the pandemonium lord
273720 | Zig:27   | Killed Pithre the pandemonium lord
273720 | Zig:27   | Noticed Ixkif the pandemonium lord
273722 | Zig:27   | Killed Plog the pandemonium lord
273722 | Zig:27   | Killed Ticaixzamm the pandemonium lord
273722 | Zig:27   | Killed Lamor the pandemonium lord
273722 | Zig:27   | Noticed Joudd the pandemonium lord
273722 | Zig:27   | Noticed Ramum the pandemonium lord
273723 | Zig:27   | Killed Athroruka the pandemonium lord
273723 | Zig:27   | Noticed Eneqo the pandemonium lord
273723 | Zig:27   | Noticed Ownaij the pandemonium lord
273723 | Zig:27   | Noticed Veuz the pandemonium lord
273724 | Zig:27   | Killed Tyikk the pandemonium lord
273724 | Zig:27   | Noticed Papaa the pandemonium lord
273725 | Zig:27   | Noticed Cevidgh the pandemonium lord
273725 | Zig:27   | Noticed Sulagh the pandemonium lord
273725 | Zig:27   | Noticed Ymics the pandemonium lord
273725 | Zig:27   | Noticed Todump Uheu the pandemonium lord
273725 | Zig:27   | Noticed Jilogh the pandemonium lord
273725 | Zig:27   | Noticed Ylawn the pandemonium lord
273725 | Zig:27   | Noticed Aqamezoo the pandemonium lord
273726 | Zig:27   | Killed Joudd the pandemonium lord
273726 | Zig:27   | Killed Nihux the pandemonium lord
273726 | Zig:27   | Noticed Zyah the pandemonium lord
273727 | Zig:27   | Noticed Favoff the pandemonium lord
273727 | Zig:27   | Killed Ramum the pandemonium lord
273727 | Zig:27   | Noticed Vyalum the pandemonium lord
273728 | Zig:27   | Noticed Taploergh the pandemonium lord
273728 | Zig:27   | Killed Veuz the pandemonium lord
273728 | Zig:27   | Killed Sulagh the pandemonium lord
273728 | Zig:27   | Killed Zyah the pandemonium lord
273728 | Zig:27   | Killed Favoff the pandemonium lord
273728 | Zig:27   | Killed Ixkif the pandemonium lord
273728 | Zig:27   | Killed Ymics the pandemonium lord
273728 | Zig:27   | Noticed Tumnyuv the pandemonium lord
273728 | Zig:27   | Noticed Dokoofit the pandemonium lord
273728 | Zig:27   | Noticed Zianu the pandemonium lord
273729 | Zig:27   | Killed Papaa the pandemonium lord
273729 | Zig:27   | Killed Tyel the pandemonium lord
273729 | Zig:27   | Noticed Amaipne the pandemonium lord
273730 | Zig:27   | Killed Eneqo the pandemonium lord
273730 | Zig:27   | Killed Ownaij the pandemonium lord
273730 | Zig:27   | Noticed Gituw the pandemonium lord
273730 | Zig:27   | Noticed Adashot the pandemonium lord
273731 | Zig:27   | Killed Haidaih the pandemonium lord
273731 | Zig:27   | Killed Todump Uheu the pandemonium lord
273731 | Zig:27   | Noticed Otiut the pandemonium lord
273732 | Zig:27   | Noticed Xaroumoe the pandemonium lord
273732 | Zig:27   | Killed Vyalum the pandemonium lord
273732 | Zig:27   | Killed Aqamezoo the pandemonium lord
273732 | Zig:27   | Killed Adashot the pandemonium lord
273732 | Zig:27   | Killed Amaipne the pandemonium lord
273732 | Zig:27   | Killed Jilogh the pandemonium lord
273732 | Zig:27   | Killed Otiut the pandemonium lord
273732 | Zig:27   | Noticed Filoox the pandemonium lord
273732 | Zig:27   | Noticed Duonis the pandemonium lord
273733 | Zig:27   | Killed Filoox the pandemonium lord
273733 | Zig:27   | Killed Xaroumoe the pandemonium lord
273733 | Zig:27   | Noticed Alioz the pandemonium lord
273734 | Zig:27   | Noticed Nyfoifobb the pandemonium lord
273734 | Zig:27   | Noticed Jydohur the pandemonium lord
273735 | Zig:27   | Noticed Mofio the pandemonium lord
273736 | Zig:27   | Killed Taploergh the pandemonium lord
273736 | Zig:27   | Killed Duonis the pandemonium lord
273736 | Zig:27   | Noticed Vilac the pandemonium lord
273736 | Zig:27   | Noticed Agupnos the pandemonium lord
273737 | Zig:27   | Killed Vilac the pandemonium lord
273738 | Zig:27   | Killed Cevidgh the pandemonium lord
273738 | Zig:27   | Killed Dokoofit the pandemonium lord
273738 | Zig:27   | Noticed Dog Wyet the pandemonium lord
273739 | Zig:27   | Killed Gituw the pandemonium lord
273739 | Zig:27   | Killed Agupnos the pandemonium lord
273739 | Zig:27   | Noticed Zynaerhu the pandemonium lord
273739 | Zig:27   | Noticed Atiunlug the pandemonium lord
273739 | Zig:27   | Noticed Miolejal the pandemonium lord
273740 | Zig:27   | Noticed Kibbari the pandemonium lord
273740 | Zig:27   | Noticed Paluide the pandemonium lord
273740 | Zig:27   | Noticed Hypn the pandemonium lord
273740 | Zig:27   | Noticed Kaomimud the pandemonium lord
273740 | Zig:27   | Noticed Quff the pandemonium lord
273740 | Zig:27   | Noticed Deneak the pandemonium lord
273741 | Zig:27   | Killed Ylawn the pandemonium lord
273741 | Zig:27   | Killed Mofio the pandemonium lord
273741 | Zig:27   | Killed Zynaerhu the pandemonium lord
273742 | Zig:27   | Noticed Entygh the pandemonium lord
273742 | Zig:27   | Noticed Guts the pandemonium lord
273743 | Zig:27   | Killed Nyfoifobb the pandemonium lord
273743 | Zig:27   | Killed Deneak the pandemonium lord
273743 | Zig:27   | Killed Quff the pandemonium lord
273743 | Zig:27   | Killed Kibbari the pandemonium lord
273743 | Zig:27   | Noticed Bohoboqewae the pandemonium lord
273743 | Zig:27   | Noticed Jyenuy the pandemonium lord
273743 | Zig:27   | Noticed Viropnorph the pandemonium lord
273743 | Zig:27   | Noticed Nabofax the pandemonium lord
273744 | Zig:27   | Killed Zianu the pandemonium lord
273744 | Zig:27   | Killed Dog Wyet the pandemonium lord
273744 | Zig:27   | Killed Viropnorph the pandemonium lord
273744 | Zig:27   | Killed Jyenuy the pandemonium lord
273744 | Zig:27   | Noticed Sycafo the pandemonium lord
273744 | Zig:27   | Noticed Abokkama the pandemonium lord
273744 | Zig:27   | Noticed Aqagharuni the pandemonium lord
273744 | Zig:27   | Noticed Itecveut the pandemonium lord
273744 | Zig:27   | Noticed Ewonour the pandemonium lord
273745 | Zig:27   | Noticed Enawnebu the pandemonium lord
273745 | Zig:27   | Noticed Qudiocut the pandemonium lord
273745 | Zig:27   | Noticed Waps the pandemonium lord
273745 | Zig:27   | Noticed Zodicoss the pandemonium lord
273746 | Zig:27   | Killed Jydohur the pandemonium lord
273746 | Zig:27   | Killed Guts the pandemonium lord
273746 | Zig:27   | Killed Kaomimud the pandemonium lord
273746 | Zig:27   | Killed Hypn the pandemonium lord
273746 | Zig:27   | Killed Aqagharuni the pandemonium lord
273746 | Zig:27   | Killed Alioz the pandemonium lord
273746 | Zig:27   | Noticed Daff the pandemonium lord
273746 | Zig:27   | Killed Houvil the pandemonium lord
273747 | Zig:27   | Noticed Dimpyxin the pandemonium lord
273747 | Zig:27   | Killed Tumnyuv the pandemonium lord
273747 | Zig:27   | Noticed Plog the pandemonium lord
273748 | Zig:27   | Noticed Isal the pandemonium lord
273749 | Zig:27   | Noticed Saseonaikey the pandemonium lord
273749 | Zig:27   | Noticed Qettavva the pandemonium lord
273749 | Zig:27   | Killed Zodicoss the pandemonium lord
273749 | Zig:27   | Killed Atiunlug the pandemonium lord
273749 | Zig:27   | Killed Miolejal the pandemonium lord
273749 | Zig:27   | Killed Isal the pandemonium lord
273749 | Zig:27   | Killed Dimpyxin the pandemonium lord
273749 | Zig:27   | Noticed Usicwois the pandemonium lord
273749 | Zig:27   | Noticed Disal the pandemonium lord
273749 | Zig:27   | Noticed Emoruase the pandemonium lord
273749 | Zig:27   | Noticed Omnaam the pandemonium lord
273749 | Zig:27   | Noticed Emues the pandemonium lord
273750 | Zig:27   | Noticed Doeluw the pandemonium lord
273750 | Zig:27   | Killed Ewonour the pandemonium lord
273750 | Zig:27   | Killed Abokkama the pandemonium lord
273750 | Zig:27   | Noticed Wupeesch the pandemonium lord
273750 | Zig:27   | Noticed Soponemeqaaf the pandemonium lord
273751 | Zig:27   | Killed Enawnebu the pandemonium lord
273751 | Zig:27   | Killed Entygh the pandemonium lord
273751 | Zig:27   | Killed Paluide the pandemonium lord
273751 | Zig:27   | Killed Waps the pandemonium lord
273751 | Zig:27   | Killed Plog the pandemonium lord
273751 | Zig:27   | Killed Wupeesch the pandemonium lord
273751 | Zig:27   | Killed Daff the pandemonium lord
273751 | Zig:27   | Noticed Poum the pandemonium lord
273752 | Zig:27   | Killed Qudiocut the pandemonium lord
273752 | Zig:27   | Killed Qettavva the pandemonium lord
273752 | Zig:27   | Killed Nabofax the pandemonium lord
273752 | Zig:27   | Killed Emues the pandemonium lord
273752 | Zig:27   | Killed Sycafo the pandemonium lord
273752 | Zig:27   | Killed Usicwois the pandemonium lord
273752 | Zig:27   | Noticed Tonuquga the pandemonium lord
273752 | Zig:27   | Noticed Paha the pandemonium lord
273752 | Zig:27   | Noticed Zuqec the pandemonium lord
273753 | Zig:27   | Killed Saseonaikey the pandemonium lord
273753 | Zig:27   | Killed Bohoboqewae the pandemonium lord
273753 | Zig:27   | Killed Ferr the pandemonium lord
273753 | Zig:27   | Killed Emoruase the pandemonium lord
273753 | Zig:27   | Killed Disal the pandemonium lord
273753 | Zig:27   | Noticed Wueheph the pandemonium lord
273753 | Zig:27   | Noticed Gecest the pandemonium lord
273754 | Zig:27   | Noticed Nunn the pandemonium lord
273755 | Zig:27   | Noticed Putoleta the pandemonium lord
273756 | Zig:27   | Killed Soponemeqaaf the pandemonium lord
273756 | Zig:27   | Killed Wueheph the pandemonium lord
273756 | Zig:27   | Killed Cisitied the pandemonium lord
273757 | Zig:27   | Killed Itecveut the pandemonium lord
273757 | Zig:27   | Killed Gecest the pandemonium lord
273757 | Zig:27   | Killed Zuqec the pandemonium lord
273757 | Zig:27   | Noticed Ziqeleid the pandemonium lord
273757 | Zig:27   | Noticed Nastriy the pandemonium lord
273758 | Zig:27   | Noticed Jerobosh the pandemonium lord
273758 | Zig:27   | Noticed Jetam the pandemonium lord
273758 | Zig:27   | Killed Nastriy the pandemonium lord
273758 | Zig:27   | Killed Paha the pandemonium lord
273758 | Zig:27   | Killed Jerobosh the pandemonium lord
273758 | Zig:27   | Killed Poum the pandemonium lord
273758 | Zig:27   | Noticed Ullifati the pandemonium lord
273758 | Zig:27   | Noticed Focsag the pandemonium lord
273759 | Zig:27   | Noticed Ulomn the pandemonium lord
273759 | Zig:27   | Noticed Riterpho the pandemonium lord
273761 | Zig:27   | Killed Ziqeleid the pandemonium lord
273761 | Zig:27   | Noticed Qotail the pandemonium lord
273761 | Zig:27   | Noticed Domales the pandemonium lord
273762 | Zig:27   | Killed Doeluw the pandemonium lord
273762 | Zig:27   | Noticed Houwor the pandemonium lord
273763 | Zig:27   | Killed Omnaam the pandemonium lord
273763 | Zig:27   | Killed Ulomn the pandemonium lord
273763 | Zig:27   | Killed Icihuyga the pandemonium lord
273763 | Zig:27   | Killed Jetam the pandemonium lord
273763 | Zig:27   | Noticed Ekhlovvi the pandemonium lord
273763 | Zig:27   | Noticed Kupnit the pandemonium lord
273764 | Zig:27   | Killed Domales the pandemonium lord
273764 | Zig:27   | Killed Houwor the pandemonium lord
273764 | Zig:27   | Noticed Burouj the pandemonium lord
273764 | Zig:27   | Noticed Plog the pandemonium lord
273764 | Zig:27   | Noticed Qitocw the pandemonium lord
273765 | Zig:27   | Killed Focsag the pandemonium lord
273765 | Zig:27   | Killed Ekhlovvi the pandemonium lord
273766 | Zig:27   | Noticed Ceosavoi the pandemonium lord
273767 | Zig:27   | Noticed Oshitec the pandemonium lord
273767 | Zig:27   | Killed Putoleta the pandemonium lord
273767 | Zig:27   | Noticed Weir the pandemonium lord
273768 | Zig:27   | Killed Plog the pandemonium lord
273768 | Zig:27   | Killed Qotail the pandemonium lord
273769 | Zig:27   | Killed Ceosavoi the pandemonium lord
273769 | Zig:27   | Noticed Ocotoh the pandemonium lord
273770 | Zig:27   | Noticed Pihasemm the pandemonium lord
273770 | Zig:27   | Noticed Querung the pandemonium lord
273773 | Zig:27   | Noticed Poconad the pandemonium lord
273773 | Zig:27   | Noticed Ohyckoc the pandemonium lord
273774 | Zig:27   | Noticed Kyistreu the pandemonium lord
273775 | Zig:27   | Killed Nunn the pandemonium lord
273775 | Zig:27   | Noticed Ciunk the pandemonium lord
273777 | Zig:27   | Killed Kupnit the pandemonium lord
273777 | Zig:27   | Killed Qitocw the pandemonium lord
273777 | Zig:27   | Killed Weir the pandemonium lord
273778 | Zig:27   | Noticed Taklek the pandemonium lord
273778 | Zig:27   | Killed Ullifati the pandemonium lord
273778 | Zig:27   | Killed Taklek the pandemonium lord
273778 | Zig:27   | Killed Querung the pandemonium lord
273779 | Zig:27   | Killed Poconad the pandemonium lord
273780 | Zig:27   | Noticed Laeren Heg the pandemonium lord
273780 | Zig:27   | Killed Oshitec the pandemonium lord
273780 | Zig:27   | Noticed Osuejis the pandemonium lord
273781 | Zig:27   | Noticed Jeothraith the pandemonium lord
273781 | Zig:27   | Noticed Dunej the pandemonium lord
273782 | Zig:27   | Noticed Putun the pandemonium lord
273782 | Zig:27   | Noticed Kioscherph the pandemonium lord
273783 | Zig:27   | Noticed Buirr the pandemonium lord
273784 | Zig:27   | Noticed Amnamm the pandemonium lord
273784 | Zig:27   | Noticed Zoejiyh the pandemonium lord
273785 | Zig:27   | Noticed Xighepoa the pandemonium lord
273785 | Zig:27   | Noticed Ciludyo the pandemonium lord
273786 | Zig:27   | Killed Ohyckoc the pandemonium lord
273786 | Zig:27   | Killed Jeothraith the pandemonium lord
273786 | Zig:27   | Killed Ciunk the pandemonium lord
273786 | Zig:27   | Noticed Sufae the pandemonium lord
273787 | Zig:27   | Noticed Taofont the pandemonium lord
273787 | Zig:27   | Killed Buirr the pandemonium lord
273787 | Zig:27   | Killed Burouj the pandemonium lord
273787 | Zig:27   | Killed Osuejis the pandemonium lord
273788 | Zig:27   | Noticed Mogaipus the pandemonium lord
273788 | Zig:27   | Killed Tonuquga the pandemonium lord
273788 | Zig:27   | Noticed Upuphee the pandemonium lord
273788 | Zig:27   | Noticed Nifisk the pandemonium lord
273789 | Zig:27   | Noticed Qioconomn the pandemonium lord
273789 | Zig:27   | Noticed Gat Uqoast the pandemonium lord
273790 | Zig:27   | Noticed Igoirun the pandemonium lord
273790 | Zig:27   | Killed Ciludyo the pandemonium lord
273790 | Zig:27   | Killed Qioconomn the pandemonium lord
273790 | Zig:27   | Killed Kioscherph the pandemonium lord
273790 | Zig:27   | Killed Nifisk the pandemonium lord
273790 | Zig:27   | Killed Xighepoa the pandemonium lord
273790 | Zig:27   | Noticed Dimp the pandemonium lord
273791 | Zig:27   | Killed Riterpho the pandemonium lord
273791 | Zig:27   | Killed Sufae the pandemonium lord
273791 | Zig:27   | Killed Taofont the pandemonium lord
273791 | Zig:27   | Killed Zoejiyh the pandemonium lord
273791 | Zig:27   | Noticed Lichap the pandemonium lord
273791 | Zig:27   | Noticed Wisadiag the pandemonium lord
273792 | Zig:27   | Killed Putun the pandemonium lord
273792 | Zig:27   | Killed Ocotoh the pandemonium lord
273792 | Zig:27   | Killed Dunej the pandemonium lord
273792 | Zig:27   | Killed Amnamm the pandemonium lord
273792 | Zig:27   | Noticed Laseq the pandemonium lord
273793 | Zig:27   | Noticed Cuudgh the pandemonium lord
273793 | Zig:27   | Noticed Yjurit the pandemonium lord
273794 | Zig:27   | Noticed Qeirekk the pandemonium lord
273795 | Zig:27   | Noticed Woiwit the pandemonium lord
273795 | Zig:27   | Killed Laeren Heg the pandemonium lord
273795 | Zig:27   | Killed Wisadiag the pandemonium lord
273795 | Zig:27   | Killed Igoirun the pandemonium lord
273795 | Zig:27   | Killed Kyistreu the pandemonium lord
273795 | Zig:27   | Noticed Seghipao the pandemonium lord
273796 | Zig:27   | Noticed Naatuhas the pandemonium lord
273796 | Zig:27   | Killed Seghipao the pandemonium lord
273796 | Zig:27   | Killed Yjurit the pandemonium lord
273797 | Zig:27   | Noticed Jyplur the pandemonium lord
273798 | Zig:27   | Noticed Qifir the pandemonium lord
273798 | Zig:27   | Noticed Xefakk the pandemonium lord
273800 | Zig:27   | Killed Xefakk the pandemonium lord
273800 | Zig:27   | Killed Qifir the pandemonium lord
273801 | Zig:27   | Killed Cuudgh the pandemonium lord
273801 | Zig:27   | Killed Dimp the pandemonium lord
273801 | Zig:27   | Killed Gat Uqoast the pandemonium lord
273801 | Zig:27   | Killed Pihasemm the pandemonium lord
273802 | Zig:27   | Noticed Juzof the pandemonium lord
273802 | Zig:27   | Killed Mogaipus the pandemonium lord
273802 | Zig:27   | Killed Upuphee the pandemonium lord
273803 | Zig:27   | Killed Jyplur the pandemonium lord
273803 | Zig:27   | Killed Laseq the pandemonium lord
273803 | Zig:27   | Noticed Geqesiy the pandemonium lord
273803 | Zig:27   | Noticed Ziana the pandemonium lord
273804 | Zig:27   | Noticed Ocaycrur the pandemonium lord
273804 | Zig:27   | Noticed Lesuozet the pandemonium lord
273804 | Zig:27   | Noticed Siaz the pandemonium lord
273804 | Zig:27   | Noticed Bontoler the pandemonium lord
273805 | Zig:27   | Killed Naatuhas the pandemonium lord
273805 | Zig:27   | Killed Woiwit the pandemonium lord
273805 | Zig:27   | Killed Geqesiy the pandemonium lord
273805 | Zig:27   | Killed Bontoler the pandemonium lord
273805 | Zig:27   | Killed Raoz the pandemonium lord
273805 | Zig:27   | Killed Juzof the pandemonium lord
273807 | Zig:27   | Noticed Pihif the pandemonium lord
273807 | Zig:27   | Noticed Ixixkoehai the pandemonium lord
273808 | Zig:27   | Noticed Ruidy the pandemonium lord
273809 | Zig:27   | Killed Qeirekk the pandemonium lord
273809 | Zig:27   | Killed Pihif the pandemonium lord
273809 | Zig:27   | Killed Lesuozet the pandemonium lord
273809 | Zig:27   | Killed Ixixkoehai the pandemonium lord
273809 | Zig:27   | Noticed Qomim the pandemonium lord
273809 | Zig:27   | Noticed Lehepyips the pandemonium lord
273810 | Zig:27   | Killed Ruidy the pandemonium lord
273811 | Zig:27   | Killed Lichap the pandemonium lord
273811 | Zig:27   | Killed Qomim the pandemonium lord
273811 | Zig:27   | Noticed Fitoampo the pandemonium lord
273812 | Zig:27   | Killed Ocaycrur the pandemonium lord
273814 | Zig:27   | Killed Ziana the pandemonium lord
273814 | Zig:27   | Noticed Buorch the pandemonium lord
273815 | Zig:27   | Killed Lehepyips the pandemonium lord
273815 | Zig:27   | Killed Buorch the pandemonium lord
273816 | Zig:27   | Noticed Woburutips the pandemonium lord
273818 | Zig:27   | Killed Woburutips the pandemonium lord
273818 | Zig:27   | Noticed Ubrusic the pandemonium lord
273821 | Zig:27   | Noticed Omevasche the pandemonium lord
273821 | Zig:27   | Noticed Kiducs the pandemonium lord
273822 | Zig:27   | Noticed Noureuwk the pandemonium lord
273825 | Zig:27   | Killed Siaz the pandemonium lord
273825 | Zig:27   | Killed Noureuwk the pandemonium lord
273826 | Zig:27   | Killed Ubrusic the pandemonium lord
273826 | Zig:27   | Noticed Biucugg the pandemonium lord
273826 | Zig:27   | Noticed Helimaf the pandemonium lord
273828 | Zig:27   | Killed Kiducs the pandemonium lord
273828 | Zig:27   | Noticed Celet the pandemonium lord
273830 | Zig:27   | Killed Fitoampo the pandemonium lord
273830 | Zig:27   | Noticed Ceimajyrch the pandemonium lord
273832 | Zig:27   | Killed Celet the pandemonium lord
273832 | Zig:27   | Killed Biucugg the pandemonium lord
273832 | Zig:27   | Noticed Qiaj the pandemonium lord
273833 | Zig:27   | Killed Helimaf the pandemonium lord
273834 | Zig:27   | Killed Omevasche the pandemonium lord
273835 | Zig:27   | Killed Qiaj the pandemonium lord
273835 | Zig:27   | Killed Ceimajyrch the pandemonium lord
273837 | Zig:27   | Noticed Dangoudi the pandemonium lord
273837 | Zig:27   | Noticed Cearaet the pandemonium lord
273841 | Zig:27   | Killed Dangoudi the pandemonium lord
273841 | Zig:27   | Noticed Juydough the pandemonium lord
273843 | Zig:27   | Noticed Piazi Kuda the pandemonium lord
273845 | Zig:27   | Killed Piazi Kuda the pandemonium lord
273847 | Zig:27   | Killed Cearaet the pandemonium lord
273847 | Zig:27   | Noticed Xefap the pandemonium lord
273848 | Zig:27   | Killed Juydough the pandemonium lord
273855 | Zig:27   | Noticed Fiaveam the pandemonium lord
273856 | Zig:27   | Noticed Mihuuhom the pandemonium lord
273857 | Zig:27   | Killed Xefap the pandemonium lord
273857 | Zig:27   | Killed Mihuuhom the pandemonium lord
273861 | Zig:27   | Killed Fiaveam the pandemonium lord
273932 | Zig:27   | Gained mutation: You are clumsy. (Dex -2) [mutagenic glow]
274011 | Zig:27   | Identified the +1 cloak of Tomorrow {rElec rC- rN+}
274014 | Zig:27   | Identified the +7 quarterstaff of the Moon {venom, rN+
                  | Dex+2}
274022 | Zig:27   | Identified the +2 quarterstaff of Ashenzari's Scorn {drain,
                  | rPois}
274131 | Zig:27   | Identified the ring of the Trilobite {*Drain rPois rF+++
                  | rC+ Will+++ Stlth-}
274200 | Zig:27   | Identified the ring of Knowledge {+Fly rElec rN+ Will-
                  | Dex+2}
274202 | Zig:27   | Identified the Almanac of the Frostbite and Confrontation
274226 | Zig:27   | Identified Sif Muna's Catalogue of Enchantment and
                  | Confrontation
274574 | Zig:27   | Identified the amulet of Doirgh Egukh {Spirit rElec Str+2}
274815 | Zot:5    | Got the Orb of Zot
274958 | D:10     | Noticed Waing the pandemonium lord
275033 | D:$      | Escaped with the Orb!

Illustrated notes

Levels and vault maps discovered:
D:1:      lemuel_arrival_lava_pool, layout_loops_corners,
          chequers_serial_rivers_small_3
D:2:      layout_loops_corners, nicolae_qazlal_eye_of_the_storm, uniq_natasha
D:3:      layout_rooms, serial_bayou_pond_c, uniq_ijyb
D:4:      layout_loops_cross, nicolae_overflow_crystal_walls, minivault_23
D:5:      layout_layer_cave, grunt_temple_overflow_open, general_overflow_altar,
          st_stairs_12, uniq_sigmund
D:6:      layout_basic, chequers_temple_overflow_statue_of_worship,
          minmay_temple_entry_butterflies, minmay_misc_feat_plants,
          nicolae_water_bricks, kennysheep_generic_room_3
D:7:      layout_rooms, serial_shops, shop, chequers_garden
D:8:      layout_loops_ring, grunt_gozag_statues, uniq_harold, uniq_erica
D:9:      layout_long_grid, old_standard_altar, dpeg_lair_monsters,
          enter_bailey_6
D:10:     layout_small_grid, uniq_sonja
D:11:     layout_loops_ring, minmay_orc_entry_temple_small,
          nicolae_trove_entry_crystal, minmay_misc_feat_tower
D:12:     layout_stronghold, kennysheep_decorative_pillar
D:13:     layout_loops_ring, basic_altar, uniq_rupert, uniq_kirke
D:14:     layout_rooms, david_vaults_1, chequers_mini_garden
D:15:     grunt_enter_depths_giant_problem, layout_cave_pools,
          serial_park_fountain, basic_altar, serial_shops, shop
Lair:1:   layout_long_grid, uniq_joseph
Lair:2:   layout_cellular_growth, spider_nest_entry_web_field,
          gauntlet_entry_generic, uniq_fannar
Lair:3:   layout_gridlike, minmay_shoals_entry_hut, basic_altar,
          nicolae_quartered_pool_medium, lemuel_fruit_fields
Lair:4:   layout_cave_shapes, portal_ice_cave_demonic_guard, roderic_batcave,
          nzn_masters_of_martial_movement
Lair:5:   layout_regular_city, serial_bayou_crossing
Lair:6:   due_jungle_book, layout_long_grid, dpeg_slime_entry_enclosed_altar,
          uniq_snorg
Shoals:1: layout_shoals, serial_shops, shop_statue, st_cyclops
Shoals:2: layout_shoals
Shoals:3: layout_shoals
Shoals:4: shoals_end_grunt_ice, layout_shoals, gammafunk_ghost_grave
Spider:1: layout_spider_delve, uniq_donald
Spider:2: layout_chambers, nicolae_spider_cling_halls
Spider:3: layout_spider_delve, einodemon_crawler_minivault
Spider:4: spider_rune_water, uniq_agnes
Slime:1:  layout_caves
Slime:2:  layout_caves
Slime:3:  layout_caves, cheibrodos_slime_lost_civilization_5
Slime:4:  layout_caves
Slime:5
Orc:1:    layout_caves, basic_altar, mines5_lemuel, uniq_jorgrun
Orc:2:    st_orc_mages, layout_caves, mines4_lemuel
Elf:1:    eino_elf_arrival_altar, layout_geoelf_octagon, serial_shops,
          shop_statue, hangedman_elven_crosses_minicolossus, grunt_ministairs_7
Elf:2:    layout_geoelf_octagon, uniq_louise
Elf:3:    elf_hall, layout_loops_ring, palyth_stone_intersect,
          grunt_ministairs_5
Vaults:1: v_pattern_2, hangedman_vaults_trim, v_misc_23, hangedman_vaults_slice,
          nicolae_vaults_alarming, ontoclasm_vaults_gallery,
          dpeg_vaults_monster_row, ontoclasm_vaults_ligature,
          nicolae_vaults_what_the_h, nicolae_vaults_big_angled_halls,
          ontoclasm_vaults_idyll, nicolae_vaults_little_squares_3,
          ontoclasm_vaults_twist, layout_vaults_maze
Vaults:2: nicolae_vaults_statue_guard, vaults_dpeg_encased_lava,
          nicolae_vaults_theta, nicolae_vaults_little_squares_3, v_misc_29,
          hangedman_vaults_cutoff, v_misc_5, vaults_dpeg_spiral, v_misc_1,
          nicolae_vaults_specimen_jars, hangedman_vaults_stretched_pinwheel,
          vaults_room_fours, layout_vaults_omnicross
Vaults:3: hangedman_vaults_stream, nicolae_vaults_little_squares_5,
          grunt_vaults_diagonal, vaults_dpeg_diagonal, v_misc_24,
          vaults_room_grid, layout_vaults_omnigrid, uniq_bai_suzhen
Vaults:4: vaults_room_grid, vaults_room_ringed_pool,
          ontoclasm_vaults_ring_small, v_rooms_6, grunt_vaults_funnel,
          v_misc_10, hangedman_vaults_nails, vaults_room_door_hall,
          nicolae_vaults_minivaults, nicolae_vaults_little_squares_5,
          layout_vaults_ring, uniq_aizul
Vaults:5: serial_shops, uniq_margery, uniq_boris, uniq_jory
Crypt:1:  layout_chaotic_city, minmay_misc_feat_five, grunt_megastairs_5
Crypt:2:  layout_rooms, uniq_saint_roka, uniq_khufu
Crypt:3:  due_elkab, layout_chaotic_city, tomb_entry_simple_bobbens,
          st_shrine_of_skulls
Tomb:1
Tomb:2
Tomb:3
Depths:1: evilmike_inaccessible_box, layout_gridlike, serial_bayou,
          serial_bayou_pond_e, serial_bayou_ford_a, serial_bayou_pond_c,
          serial_bayou_pond_d, abyss_entry, special_room
          [special_room_mythical_zoo], pf_hell_entry_tar_spiral,
          minmay_misc_feat_x, grunt_pan_entry_in_and_out, kennysheep_flooded_box
Depths:2: hangedman_pleasuredromes, hell_entry, pan_entry
Depths:3: minmay_glassy_protrusions, layout_twisted_cross, hellmouth_3,
          grunt_pan_entry_spiral, minmay_shop_grove
Depths:4: minmay_expanding_circles, layout_gridlike, roderic_roman_lattice,
          hell_entry, minmay_room_of_horrors, grunt_decor_arrowhead,
          infiniplex_staircase_pool_1, uniq_xtahua
Depths:5: lemuel_castle_with_subvaults [lemuel_castle_interior_carwin_3],
          layout_honeycomb, hell_entry, grunt_megastairs_2, serial_bayou_shore_a
Hell
Dis:1:    layout_chaotic_city, hangedman_dis_decor_tower
Dis:2:    layout_chaotic_city
Dis:3:    layout_gridville, nicolae_dis_strange_trophy_room
Dis:4:    layout_jigsaw
Dis:6:    layout_subdivisions, lemuel_elevator
Dis:7:    iron_city_of_dis [dis_grunt, dis_wall_5], layout_chaotic_city
Geh:1:    layout_gehenna_pools_triple
Geh:2:    layout_gehenna_pools_box
Geh:3:    layout_gehenna_lava_caves
Geh:4:    layout_gehenna_pools_box
Geh:5:    layout_gehenna_lava_caves
Geh:6:    layout_gehenna_pools_triple, door_vault
Geh:7:    geh_hangedman
Coc:1:    layout_cocytus_water_paths
Coc:2:    grunt_deathspiral_small, layout_cocytus_water_paths
Coc:3:    layout_ice_bergs
Coc:4:    layout_cocytus_water_paths
Coc:5:    layout_ice_bergs
Coc:6:    layout_cocytus_water_paths
Coc:7:    coc_old
Tar:1:    layout_catacombs
Tar:2:    layout_grid_maze, evilmike_ambush [evilmike_ambush_outer_basic,
          evilmike_ambush_inner_basic]
Tar:3:    layout_cathedral_of_symmetry
Tar:4:    layout_grid_maze, nicolae_tar_cuneiform_to_be
Tar:5:    layout_grid_maze
Tar:6:    layout_grid_maze
Tar:7:    tar_minmay_river
Zot:1:    layout_misc_corridors, grunt_ministairs_6
Zot:2:    layout_concentric_octagons, grunt_megastairs_1
Zot:3:    grunt_zot_stairs_mandelzot, layout_basic, grunt_megastairs_4
Zot:4:    grunt_twist_and_shout, layout_onion_interference
Zot:5:    layout_basic

Skill      XL: |  1  2  3  4  5  6  7  8  9 10 11 12 13 14 15 16 17 18 19 20 21 22 23 24 25 26 27 |
---------------+----------------------------------------------------------------------------------+-----
Stealth        | 3 4 5 6 7 9 10 11 12 13 14 27 | 27.0
Poison Magic   | 4 5 6 7 9 11 12 13 14 16 27 | 27.0
Transmutations | 2 3 4 5 6 7 8 9 10 11 13 14 15 16 17 27 | 27.0
Unarmed Combat | 1 4 5 27 | 27.0
Spellcasting   | 3 4 5 6 7 8 9 10 11 12 13 14 27 | 27.0
Shields        | 1 2 3 4 6 7 9 11 12 14 15 27 | 27.0
Dodging        | 3 4 5 6 7 8 9 10 11 27 | 27.0
Fire Magic     | 1 27 | 27.0
Slings         | 1 2 4 5 7 8 9 27 | 27.0
Translocations | 2 3 27 | 27.0
Earth Magic    | 4 7 9 10 11 12 13 14 16 18 20 27 | 27.0
Conjurations   | 1 2 6 9 11 13 14 15 16 18 19 20 27 | 27.0
Air Magic      | 1 27 | 27.0
Evocations     | 3 6 8 9 10 27 | 27.0
Staves         | 2 6 9 10 27 | 27.0
Fighting       | 8 12 27 | 27.0
Necromancy     | 27 | 27.0
Polearms       | 27 | 27.0
Ice Magic      | 27 | 27.0
Summonings     | 27 | 27.0
Invocations    | 27 | 27.0
Throwing       | 27 | 27.0
Bows           | 27 | 27.0
Hexes          | 27 | 27.0
Axes           | 27 | 27.0
Maces & Flails | 27 | 27.0
Crossbows      | 27 | 27.0
Short Blades   | 27 | 27.0
Long Blades    | 27 | 27.0

Action                   |  1- 3 |  4- 6 |  7- 9 | 10-12 | 13-15 | 16-18 | 19-21 | 22-24 | 25-27 || total
-------------------------+-------+-------+-------+-------+-------+-------+-------+-------+-------++-------
Melee: Unarmed           |    60 |    88 |    12 |       |       |    69 |   645 |   379 |   458 ||  1711
       Tentacles         |    10 |    22 |     2 |     2 |    14 |    89 |   154 |   189 |  2877 ||  3359
       Constrict         |    15 |    24 |     2 |     3 |     9 |    41 |    36 |    44 |   632 ||   806
       Hunting sling     |       |       |       |     5 |       |       |       |       |       ||     5
       Battleaxe         |       |       |       |     4 |       |       |       |       |       ||     4
       Staff             |       |       |       |       |    85 |   571 |    51 |   437 |  2385 ||  3529
       Punch             |       |       |       |       |     1 |    11 |    31 |    46 |  1611 ||  1700
       Kick              |       |       |       |       |       |       |    24 |   294 |  1942 ||  2260
       Lance             |       |       |       |       |       |       |       |       |  6417 ||  6417
       Demon trident     |       |       |       |       |       |       |       |       |   870 ||   870
       Great mace        |       |       |       |       |       |       |       |       |    53 ||    53
       Broad axe         |       |       |       |       |       |       |       |       |    51 ||    51
       Executioner's axe |       |       |       |       |       |       |       |       |    41 ||    41
       Double sword      |       |       |       |       |       |       |       |       |    23 ||    23
       Rapier            |       |       |       |       |       |       |       |       |    20 ||    20
       Demon whip        |       |       |       |       |       |       |       |       |    17 ||    17
       Maul              |       |       |       |       |       |       |       |       |    13 ||    13
       Quarterstaff      |       |       |       |       |       |       |       |       |    10 ||    10
       Scythe            |       |       |       |       |       |       |       |       |     7 ||     7
       Pair of quick bla |       |       |       |       |       |       |       |       |     4 ||     4
       Heavy crossbow    |       |       |       |       |       |       |       |       |     1 ||     1
       Arbalest          |       |       |       |       |       |       |       |       |     1 ||     1
 Fire: Hunting sling     |       |       |   119 |   223 |   311 |     9 |       |       |       ||   662
Throw: Javelin           |       |       |       |       |       |       |       |       |   447 ||   447
 Cast: Sting             |    37 |    70 |    33 |    16 |   101 |     9 |       |       |     2 ||   268
       Ignite Poison     |       |     4 |    14 |    68 |   232 |   237 |   252 |   115 |   180 ||  1102
       Poisonous Vapours |       |     4 |    15 |    11 |    17 |    11 |    10 |     2 |     3 ||    73
       Olgreb's Toxic Ra |       |     1 |    10 |    49 |   173 |   180 |   175 |    81 |   132 ||   801
       Mephitic Cloud    |       |       |       |    14 |    76 |    15 |     1 |       |       ||   106
       Call Imp          |       |       |       |     1 |     7 |       |       |       |       ||     8
       Blink             |       |       |       |       |     2 |     6 |     7 |       |    43 ||    58
       Apportation       |       |       |       |       |     3 |       |       |    43 |  5107 ||  5153
       Eringya's Noxious |       |       |       |       |     1 |     7 |    34 |    28 |    41 ||   111
       Statue Form       |       |       |       |       |       |    32 |    54 |    53 |   226 ||   365
       Irradiate         |       |       |       |       |       |    31 |    70 |    89 |   258 ||   448
       Iron Shot         |       |       |       |       |       |       |       |     1 |   490 ||   491
       Shatter           |       |       |       |       |       |       |       |       |  1962 ||  1962
       Ignition          |       |       |       |       |       |       |       |       |  1046 ||  1046
       Tornado           |       |       |       |       |       |       |       |       |   440 ||   440
       Necromutation     |       |       |       |       |       |       |       |       |   232 ||   232
       Absolute Zero     |       |       |       |       |       |       |       |       |   150 ||   150
       Passage of Golubr |       |       |       |       |       |       |       |       |   130 ||   130
       Manifold Assault  |       |       |       |       |       |       |       |       |    96 ||    96
       Ozocubu's Refrige |       |       |       |       |       |       |       |       |    70 ||    70
       Discord           |       |       |       |       |       |       |       |       |    46 ||    46
       Infestation       |       |       |       |       |       |       |       |       |     3 ||     3
       Disjunction       |       |       |       |       |       |       |       |       |     1 ||     1
       Passwall          |       |       |       |       |       |       |       |       |     1 ||     1
Invok: Potion Petition   |       |       |       |       |       |     3 |     5 |     1 |   473 ||   482
       Call Merchant     |       |       |       |       |       |       |       |     8 |     3 ||    11
 Abil: End Transformatio |       |       |       |       |       |       |     2 |       |    10 ||    12
       Evoke Invisibilit |       |       |       |       |       |       |       |       |    23 ||    23
       Evoke Blink       |       |       |       |       |       |       |       |       |     3 ||     3
Evoke: Wand              |       |       |       |     2 |     9 |     1 |     3 |     7 |     8 ||    30
       Tin of tremorston |       |       |       |       |       |       |     2 |       |    34 ||    36
       Condenser vane    |       |       |       |       |       |       |       |       |    14 ||    14
       Figurine of a zig |       |       |       |       |       |       |       |       |    13 ||    13
       Box of beasts     |       |       |       |       |       |       |       |       |     5 ||     5
       Staff of Olgreb   |       |       |       |       |       |       |       |       |     2 ||     2
  Use: Scroll            |       |       |       |     7 |    16 |     9 |     4 |     3 |   248 ||   287
       Potion            |       |       |       |       |     2 |     5 |     5 |     2 |   193 ||   207
 Stab: Sleeping          |     8 |     6 |     1 |       |     1 |     8 |     1 |     6 |    44 ||    75
       Distracted        |       |       |       |       |       |     4 |     7 |     5 |   971 ||   987
       Confused          |       |       |       |       |       |       |       |       |     2 ||     2
       Invisible         |       |       |       |       |       |       |       |       |   114 ||   114
       Petrified         |       |       |       |       |       |       |       |       |     4 ||     4
Armor: Skin              |    11 |     3 |     1 |     3 |     4 |   237 |   226 |   217 |  1276 ||  1978
Dodge: Dodged            |    56 |    81 |    63 |    78 |   319 |   920 |  1196 |  1173 | 11698 || 15584
       Repelled          |       |       |       |       |    10 |    23 |    22 |    22 |   221 ||   298
Block: Kite shield       |       |       |       |       |   150 |   671 |   824 |   912 |  9041 || 11598
       Rpst.: Double sword |       |       |       |       |       |       |       |       |     1 ||     1

Table legend: (Time is in decaauts)
 A = Elapsed time spent in this place.
 B = Non-inter-level travel time spent in this place.
 C = Inter-level travel time spent in this place.
 D = Time resting spent in this place.
 E = Time spent auto-exploring this place.
 F = Levels seen in this place.
 G = Mean time per level.
                   A        B        C        D        E       F      G
               +--------+--------+--------+--------+--------+-----+--------+
         Total | 279480 | 272048 |   7432 |  35689 | 154736 | 488 |  572.7 |
       Dungeon |  23665 |  21749 |   1916 |   3928 |  14627 |  15 | 1577.7 |
          Lair |  12146 |  11159 |    987 |   2513 |   7130 |   6 | 2024.3 |
        Shoals |   8924 |   8782 |    142 |   1163 |   6288 |   4 | 2231.0 |
   Spider Nest |   7288 |   7078 |    210 |   1374 |   4706 |   4 | 1822.0 |
    Slime Pits |   2425 |   2418 |      7 |   1016 |    656 |   5 |  485.0 |
  Orcish Mines |   5215 |   4900 |    315 |   1713 |   2345 |   2 | 2607.5 |
   Elven Halls |   7045 |   6844 |    201 |   1206 |   4082 |   3 | 2348.3 |
        Vaults |  15067 |  13778 |   1289 |   3614 |   7092 |   5 | 3013.4 |
         Crypt |   5256 |   4940 |    316 |    391 |   3453 |   3 | 1752.0 |
          Tomb |   6934 |   6376 |    558 |   1508 |   3720 |   3 | 2311.3 |
        Depths |  15713 |  14968 |    745 |   3038 |   7808 |   5 | 3142.6 |
          Hell |   5194 |   4947 |    247 |    717 |    823 |   1 | 5194.0 |
           Dis |    632 |    632 |      0 |      0 |     33 |   6 |  105.3 |
       Gehenna |   3180 |   3148 |     32 |    697 |    843 |   7 |  454.3 |
       Cocytus |   1890 |   1854 |     36 |    172 |    551 |   7 |  270.0 |
      Tartarus |    408 |    408 |      0 |     22 |      0 |   7 |   58.3 |
           Zot |  15097 |  14672 |    425 |   3852 |   8018 |   5 | 3019.4 |
         Abyss |    250 |    250 |      0 |     31 |     21 |   2 |  125.0 |
   Pandemonium |   7256 |   7256 |      0 |    172 |   4275 |  17 |  426.8 |
      Ziggurat | 132708 | 132708 |      0 |   7629 |  76998 | 378 |  351.1 |
        Bailey |    626 |    626 |      0 |    137 |    255 |   1 |  626.0 |
      Ice Cave |   1398 |   1398 |      0 |    380 |    514 |   1 | 1398.0 |
      Gauntlet |   1152 |   1152 |      0 |    409 |    495 |   1 | 1152.0 |
               +--------+--------+--------+--------+--------+-----+--------+

Top non-repeatable levels by time:
  Zig:26: 9154 daAuts
  Zig:24: 8335 daAuts
  Zig:27: 8217 daAuts
  Zig:23: 8086 daAuts
  Zig:25: 7784 daAuts
  Zig:21: 7769 daAuts
  Zig:22: 7120 daAuts
  Zig:19: 6882 daAuts
  Zig:20: 6453 daAuts
  Zig:18: 6439 daAuts
  Zig:15: 5388 daAuts
    Hell: 5194 daAuts
Vaults:4: 5161 daAuts
  Zig:14: 5003 daAuts
  Zig:17: 4965 daAuts
